 Dungeon Crawl Stone Soup version 0.30-a0-808-g6e0788376e (webtiles) character file.

Game seed: 941604995037006491

9401071 Valamore the Plane Walker (level 27, 298/298 HPs)
             Began as a Demonspawn Conjurer on Feb 26, 2023.
             Was an Initiate of Gozag.
             Escaped with the Orb
             ... and 15 runes on Feb 27, 2023!
             The game lasted 11:56:35 (194311 turns).

Valamore the Plane Walker (Demonspawn Conjurer)   Turns: 194311, Time: 11:56:36

Health: 298/298    AC: 67    Str: 13    XL:     27
Magic:  63/63      EV: 20    Int: 36    God:    Gozag
Gold:   287216     SH: 34    Dex: 19    Spells: 0/80 levels left

rFire   + + +      SeeInvis +    u - +3 Elemental Staff {rElec rF++ rC++ AC+5}
rCold   + + +      Faith    .    V - +8 tower shield {AC+3}
rNeg    + + +      Spirit   +    B - +16 storm dragon scales of Dogmatism {rElec Will+ Str-3 Dex+2 Stlth+}
rPois   ∞          Reflect  .    (helmet unavailable)
rElec   +          Harm     .    s - +1 cloak of Gozag, Gazing {+Blink Int+2 Stlth+}
rCorr   .          Rampage  .    a - +2 pair of gloves {Str+3}
Will    +++++      Archmagi +    v - +2 pair of boots of Ciurealu {Str+3 Dex+3}
Stlth   +++                      f - amulet of Vitality {RegenMP++ Regen++}
HPRegen 2.29/turn                k - ring of the Mage {Wiz Archmagi}
MPRegen 1.56/turn                T - ring "Vakidaak" {rF++ MP+9 Int+5}

@: lich-form, studying 2 skills
A: draining attack, torment immunity, no potions, antennae 3, thin metallic
scales 3, hurl damnation, powered by death 3, torment resistance 1, magic
shield, magic regeneration, magic link, demonic willpower, robust 2, wild magic
1
0: Orb of Zot
}: 15/15 runes: barnacled, slimy, silver, golden, iron, obsidian, icy, bone,
abyssal, demonic, glowing, magical, fiery, dark, gossamer
a: Hurl Damnation, End Transformation, Renounce Religion, Evoke Blink, Potion
Petition, Call Merchant, Bribe Branch


You escaped.
You worshipped Gozag.
Gozag was exalted by your worship.
You were an undead lich.
You visited 18 branches of the dungeon, and saw 88 of its levels.
You visited Pandemonium 1 time, and saw 15 of its levels.
You visited the Abyss 2 times.
You completed 13 ziggurats, and saw 351 of their levels.
You also visited: Trove, Gauntlet and Ice Cave.

You collected 440298 gold pieces.
You spent 8458 gold pieces at shops.
You paid 144624 gold pieces to Gozag.

Inventory:

Hand Weapons
 u - the +3 Elemental Staff (weapon) {rElec rF++ rC++ AC+5}
   (You found it on level 27 of a ziggurat)

   It enhances your fire, ice, earth and air magic.
   AC:        It affects your AC (+5).
   rF:        It greatly protects you from fire.
   rC:        It greatly protects you from cold.
   rElec:     It insulates you from electricity.
 y - a +2 morningstar of distortion
Missiles
 d - 88 throwing nets
 X - 502 silver javelins (quivered)
Armour
 a - a +2 pair of gloves of strength (worn)
 s - the +1 cloak of Gozag, Gazing (worn) {+Blink Int+2 Stlth+}
   (You found it on level 15 of a ziggurat)

   Int:       It affects your intelligence (+2).
   +Blink:    It lets you blink.
   Stlth:     It makes you more stealthy.
 v - the +2 pair of boots of Ciurealu (worn) {Str+3 Dex+3}
   (You found it on level 8 of a ziggurat)

   Str:       It affects your strength (+3).
   Dex:       It affects your dexterity (+3).
 B - the +16 storm dragon scales of Dogmatism (worn) {rElec Will+ Str-3 Dex+2 Stlth+}
   (You found it on level 20 of a ziggurat)

   Str:       It affects your strength (-3).
   Dex:       It affects your dexterity (+2).
   rElec:     It insulates you from electricity.
   Will:      It increases your willpower.
   Stlth:     It makes you more stealthy.
 V - a +8 tower shield of protection (worn)
Jewellery
 f - the amulet of Vitality (around neck) {RegenMP++ Regen++}
   (You found it on level 21 of a ziggurat)

   [amulet of magic regeneration]

   It increases your rate of magic regeneration.
   Regen:     It increases your rate of health regeneration.
 k - the ring of the Mage (left hand) {Wiz Archmagi}
   (You found it on level 12 of a ziggurat)

   [ring of wizardry]

   It improves your spell success rate.
   Archmagi:  It increases the power of your magical spells.
 T - the ring "Vakidaak" (right hand) {rF++ MP+9 Int+5}
   (You acquired it on level 20 of a ziggurat)

   [ring of magical power]

   Int:       It affects your intelligence (+5).
   rF:        It greatly protects you from fire.
   MP:        It affects your magic capacity (+9).
Wands
 D - a wand of roots (151)
Scrolls
 g - 116 scrolls of enchant armour
 l - 16 scrolls of summoning
 t - 347 scrolls of teleportation
 z - 148 scrolls of blinking
 A - 4 scrolls of amnesia
 E - 4 scrolls of acquirement
 G - 214 scrolls of fog
 M - 31 scrolls of fear
Potions
 b - 81 potions of magic
 h - 70 potions of haste
 j - 22 potions of ambrosia
 m - 6 potions of might
 o - 80 potions of curing
 q - 55 potions of cancellation
 r - 15 potions of resistance
 w - 91 potions of heal wounds
 F - 31 potions of brilliance
 I - 116 potions of experience
 K - 16 potions of invisibility
 U - 317 potions of mutation
Miscellaneous
 c - a condenser vane
 e - a phial of floods
 x - a tin of tremorstones (2/2)
 C - a phantom mirror
 J - 2 +13 figurines of a ziggurat
 R - a box of beasts


   Skills:
 O Level 27 Fighting
 O Level 27 Short Blades
 O Level 27 Long Blades
 O Level 27 Axes
 O Level 27 Maces & Flails
 O Level 27 Polearms
 O Level 27 Staves
 O Level 27 Ranged Weapons
 O Level 27 Throwing
 O Level 27 Armour
 O Level 27 Dodging
 O Level 27 Stealth
 O Level 27 Shields
 O Level 27 Unarmed Combat
 O Level 27 Spellcasting
 O Level 27 Conjurations
 O Level 27 Hexes
 O Level 27 Summonings
 O Level 27 Necromancy
 O Level 27 Translocations
 O Level 27 Transmutations
 O Level 27 Fire Magic
 O Level 27 Ice Magic
 O Level 27 Air Magic
 O Level 27 Earth Magic
 O Level 27 Poison Magic
 O Level 27 Invocations
 O Level 27 Evocations


You couldn't memorise any spells.
You knew the following spells:

 Your Spells              Type           Power      Damage    Failure   Level
a - Lehudib's Crystal Sp  Conj/Erth      98%        10d21     1%          8
b - Fire Storm            Conj/Fire      98%        8d25      1%          9
c - Chain Lightning       Conj/Air       98%        3d130     1%          9
d - Shatter               Erth           98%        3d70*     1%          9
e - Necromutation         Tmut/Necr      98%        N/A       1%          8
f - Dragon's Call         Summ           84%        N/A       1%          9
h - Blink                 Tloc           100%       N/A       1%          2
i - Death's Door          Necr           98%        N/A       1%          9
k - Ignition              Fire           98%        3d25      1%          8
l - Polar Vortex          Ice            98%        N/A       1%          9

Your spell library contained the following spells:

 Spells                   Type           Power      Damage    Failure   Level
 Apportation              Tloc           100%       N/A       1%          1
 Beastly Appendage        Tmut           100%       N/A       1%          1
 Foxfire                  Conj/Fire      100%       2x1d9     1%          1
 Freeze                   Ice            100%       1d10      1%          1
 Kiss of Death            Conj/Necr      100%       2d13      1%          1
 Magic Dart               Conj           100%       1d8       1%          1
 Necrotise                Necr           100%       1d9       1%          1
 Sandblast                Erth           100%       2d20      1%          1
 Shock                    Conj/Air       100%       1d9       1%          1
 Slow                     Hex            100%       N/A       1%          1
 Sting                    Tmut/Pois      100%       1d8       1%          1
 Summon Small Mammal      Summ           100%       N/A       1%          1
 Call Imp                 Summ           100%       N/A       1%          2
 Cigotuvi's Dreadful Rot  Necr/Pois/Air  100%       N/A       1%          2
 Ensorcelled Hibernation  Hex/Ice        100%       N/A       1%          2
 Lesser Beckoning         Tloc           100%       N/A       1%          2
 Momentum Strike          Conj/Tloc      100%       3d10      1%          2
 Passwall                 Tmut/Erth      100%       N/A       1%          2
 Poisonous Vapours        Pois/Air       100%       N/A       1%          2
 Scorch                   Fire           100%       2d10      1%          2
 Searing Ray              Conj           100%       2d8       1%          2
 Static Discharge         Conj/Air       100%       2-7/arc   1%          2
 Sublimation of Blood     Necr           100%       N/A       1%          2
 Wereblood                Tmut           100%       N/A       1%          2
 Call Canine Familiar     Summ           100%       N/A       1%          3
 Confusing Touch          Hex            100%       N/A       1%          3
 Dazzling Flash           Conj/Hex       100%       N/A       1%          3
 Frozen Ramparts          Ice            100%       1d16      1%          3
 Gell's Gravitas          Tloc           100%       N/A       1%          3
 Hailstorm                Conj/Ice       100%       3d20      1%          3
 Ignite Poison            Fire/Tmut/Pois 100%       N/A       1%          3
 Inner Flame              Hex/Fire       100%       N/A       1%          3
 Kindle Blastsparks       Fire/Tloc/Air  100%       2d18      1%          3
 Mephitic Cloud           Conj/Pois/Air  100%       N/A       1%          3
 Ozocubu's Armour         Ice            100%       N/A       1%          3
 Portal Projectile        Hex/Tloc       100%       N/A       1%          3
 Spider Form              Tmut/Pois      100%       N/A       1%          3
 Stone Arrow              Conj/Erth      100%       3d13      1%          3
 Summon Guardian Golem    Hex/Summ       100%       N/A       1%          3
 Swiftness                Air            100%       N/A       1%          3
 Teleport Other           Tloc           100%       N/A       1%          3
 Tukima's Dance           Hex            100%       N/A       1%          3
 Vampiric Draining        Necr           100%       2d13      1%          3
 Vhi's Electric Charge    Tloc/Air       100%       N/A       1%          3
 Airstrike                Air            98%        2d(14-30) 1%          4
 Anguish                  Hex/Necr       98%        N/A       1%          4
 Animate Armour           Summ/Erth      100%       N/A       1%          4
 Cause Fear               Hex            84%        N/A       1%          4
 Dispel Undead            Necr           100%       3d31      1%          4
 Flame Wave               Conj/Fire      100%       2d21      1%          4
 Fulminant Prism          Conj/Hex       84%        3d33      1%          4
 Ice Form                 Ice/Tmut       100%       N/A       1%          4
 Iskenderun's Mystic Bla  Conj/Tloc      100%       2d19      1%          4
 Leda's Liquefaction      Hex/Erth       98%        N/A       1%          4
 Manifold Assault         Tloc           100%       N/A       1%          4
 Olgreb's Toxic Radiance  Pois           100%       N/A       1%          4
 Passage of Golubria      Tloc           100%       N/A       1%          4
 Petrify                  Tmut/Erth      100%       N/A       1%          4
 Sticky Flame             Conj/Fire      100%       2d11      1%          4
 Summon Ice Beast         Ice/Summ       100%       N/A       1%          4
 Summon Lightning Spire   Summ/Air       100%       N/A       1%          4
 Agony                    Necr           100%       N/A       1%          5
 Alistair's Intoxication  Tmut/Pois      100%       N/A       1%          5
 Arcjolt                  Conj/Air       98%        1d108     1%          5
 Blade Hands              Tmut           84%        N/A       1%          5
 Borgnjor's Vile Clutch   Necr/Erth      100%       N/A       1%          5
 Fireball                 Conj/Fire      98%        3d36      1%          5
 Freezing Cloud           Conj/Ice/Air   100%       6-21      1%          5
 Irradiate                Conj/Tmut      84%        3d39      1%          5
 Iskenderun's Battlesphe  Conj           100%       2d15      1%          5
 Lee's Rapid Deconstruct  Erth           98%        3d43*     1%          5
 Lightning Bolt           Conj/Air       98%        1d128     1%          5
 Metabolic Englaciation   Hex/Ice        98%        N/A       1%          5
 Silence                  Hex/Air        98%        N/A       1%          5
 Summon Forest            Summ/Tloc      84%        N/A       1%          5
 Summon Mana Viper        Hex/Summ       100%       N/A       1%          5
 Yara's Violent Unravell  Hex/Tmut       84%        3d31      1%          5
 Conjure Ball Lightning   Conj/Air       98%        3x3d37    1%          6
 Death Channel            Necr           98%        N/A       1%          6
 Dispersal                Tloc           84%        N/A       1%          6
 Eringya's Noxious Bog    Tmut/Pois      84%        N/A       1%          6
 Iron Shot                Conj/Erth      98%        9d18      1%          6
 Starburst                Conj/Fire      98%        6d24      1%          6
 Statue Form              Tmut/Erth      100%       N/A       1%          6
 Summon Cactus Giant      Summ           84%        N/A       1%          6
 Dragon Form              Tmut           84%        N/A       1%          7
 Enfeeble                 Hex            84%        N/A       1%          7
 Haunt                    Necr/Summ      98%        N/A       1%          7
 Malign Gateway           Summ/Tloc      84%        N/A       1%          7
 Monstrous Menagerie      Summ           84%        N/A       1%          7
 Orb of Destruction       Conj           84%        9d19      1%          7
 Ozocubu's Refrigeration  Ice            98%        4d29      1%          7
 Spellforged Servitor     Conj/Summ      84%        N/A       1%          7
 Storm Form               Tmut/Air       98%        N/A       1%          7
 Summon Hydra             Summ           84%        N/A       1%          7
 Borgnjor's Revivificati  Necr           98%        N/A       1%          8
 Discord                  Hex            84%        N/A       1%          8
 Disjunction              Tloc           84%        N/A       1%          8
 Infestation              Necr           98%        N/A       1%          8
 Maxwell's Capacitive Co  Air            98%        ∞         1%          8
 Summon Horrible Things   Summ           84%        N/A       1%          8
 Animate Dead             Necr           Unusable   N/A       N/A         4
 Simulacrum               Ice/Necr       Unusable   N/A       N/A         6

Dungeon Overview and Level Annotations

Branches:
Dungeon (15/15)            Temple (1/1) D:7            Lair (5/5) D:11
 Shoals (4/4) Lair:2       Spider (4/4) Lair:3        Slime (5/5) Lair:4
    Orc (2/2) D:11            Elf (3/3) Orc:2        Vaults (5/5) D:13
  Crypt (3/3) Vaults:3       Tomb (3/3) Crypt:3      Depths (4/4) D:15
   Hell (visited)             Dis (7/7) Hell            Geh (7/7) Hell
    Coc (7/7) Hell            Tar (7/7) Hell            Zot (5/5) Depths:4
  IceCv (visited)         Gauntlet (visited)

Altars:
Ashenzari
Cheibriados
Dithmenos
Fedhas
Gozag
Hepliaklqana
Kikubaaqudgha
Makhleb
Nemelex Xobeh
Okawaru
Qazlal
Ru
Sif Muna
Trog
Uskayaw
Vehumet
Wu Jian
Xom
Yredelemnul
Jiyva
Lugonu

Shops:
D:8 (   D:11 ?   Orc:1 !   Orc:2 *=?(*[   Elf:1 !:[=::   Shoals:1 [![(=
Spider:4 =*:[   Vaults:1 *?*   Vaults:4 =   Vaults:5 *   Depths:1 [(*[[
Depths:2 *

Portals:
Hell: Depths:1 Depths:2 Depths:3 Depths:4
Abyss: Slime:2 Depths:2 Depths:3 Depths:4
Pandemonium: Orc:2 Depths:1 Depths:2 Depths:4

Annotations:
D:3 Terence
D:11 1 runed translucent door
D:12 2 transporters
D:13 Snorg
Lair:5 exclusion: obsidian statue
Shoals:1 Roxanne
Elf:2 3 runed translucent doors
Vaults:2 1 runed translucent door, cforsyth's ghost, veteran KoBr
Vaults:3 2 transporters, Luiw's ghost, veteran HOBe
Crypt:2 2 transporters
Crypt:3 1 runed translucent door, Weuw's ghost, adept GrFi
Depths:4 6 runed translucent doors
Zot:5 1 exclusion


Innate Abilities, Weirdness & Mutations

You are an undead lich.
Your unarmed attacks are suffused with negative energy.
You are immune to unholy pain and torment.
Your necromantic spells are more powerful.
You cannot drink.
You are immune to poison.
You have a pair of large antennae on your head. (SInv)
You are completely covered in thin metallic scales. (AC +4, rElec)
You can hurl damnation.
You regenerate a lot of health from kills.
You are resistant to unholy torment.
When hurt, damage is shared between your health and your magic reserves.
You regenerate magic rapidly.
When low on magic, you restore magic in place of health.
You punish those that try to bend your will. (Will+)
You are very robust. (+20% HP)
Your spells are a little harder to cast, but a little more powerful.


Message History

Muschait is almost dead.
The bolt of lightning hits you but does no damage.
The bolt of lightning hits the chaos spawn!!!!!
You kill the chaos spawn!
The chaos spawn degenerates into a cloud of primal chaos!
Muschait gestures at you. The bolt of lightning hits you. You resist.
Casting: Chain Lightning (mildly dangerous; 1% risk of failure)
Confirm with . or Enter, or press ? or * to list all spells.
You feel a huge surge of power! Lightning arcs from your hands!
The bolt of lightning hits Muschait!!!!
Muschait resists.
You kill Muschait!
The bolt of lightning hits you! You resist.
You start resting.
HP restored.
You start resting.
Magic restored.
You start waiting.
You feel a little less clever now.
You start waiting.
Your transformation is almost over.
You sense a monster nearby.
You start waiting.
You feel yourself come back to life.
You sense a monster nearby.
Casting: Chain Lightning (mildly dangerous; 1% risk of failure)
Confirm with . or Enter, or press ? or * to list all spells.
You feel a surge of power!
Your body is suffused with negative energy!
You start resting.
Magic restored.
You see here 18 gold pieces.
X - 502 silver javelins (gained 1)
You see here 18 gold pieces.
You now have 287196 gold pieces (gained 18).
A hell beast comes into view.
There is a staircase leading out of the dungeon here.
You see here 20 gold pieces.
You now have 287216 gold pieces (gained 20).
There is a staircase leading out of the dungeon here.
You have escaped!

#.##.......##.......(#.#
#.#.........#######.##.#
#.#....⌠....##.......#.#
..#................###.#
####.......######### #.#
###...######...####.#
####.### ##.......##.#
###...### #.........#.#
#.......####....L∩...#.#
.........##..........#.#
....⌠...2..##.......##.#
.........######...###..#
#.......## ##### #.##
###...### #.# ##### #.#
#.# ##### #.#


There were no monsters in sight!

Vanquished Creatures
  Cerebov (Pan)
  Antaeus (Coc:7)
  Asmodeus (Geh:7)
  the Royal Jelly (Slime:5)
  Dissolution (Slime:2)
  The ghost of Dalot the Archmage, a legendary OpCj of Gozag (Zig:15)
  Ereshkigal (Tar:7)
  Ignacio (Pan)
  Gloorx Vloq (Pan)
  A seraph (Zig:8)
  The ghost of Motirgh the Ruinous, a legendary DgHW (Zig:11)
  Lom Lobon (Pan)
  the Serpent of Hell (Geh:7)
  Mnoleg (Pan)
  Khufu (Tomb:3)
  274 dread liches
  The ghost of Teaz Xo Upt the Hoplite, a legendary GnFE of Ashenzari (Zig:15)
  Tiamat (Zot:2)
  116 orbs of fire
  The ghost of Manman the Conqueror, a legendary HOGl of Makhleb (Zig:15)
  The ghost of Manman the Conqueror, a legendary HOGl of Makhleb (Zig:11)
  The ghost of Rueful the Heavyweight Champion, a legendary TrWr of Qazlal (Zig:11)
  The ghost of Valamore the Ruinous, a legendary OpTm of Jiyva (Zig:15)
  The ghost of Dittersdorf the Conqueror, a legendary MiBe of Trog (Zig:11)
  The ghost of Sext the Conqueror, a legendary MiFi of the Shining One (Zig:11)
  The ghost of Bojavazo the Meteorologist, a legendary OpWn of Gozag (Zig:15)
  358 ancient liches
  The ghost of Xatwola the Axe Maniac, a legendary DDFi of Makhleb (Zig:11)
  The ghost of agentgt the Executioner, a legendary MiCK of Xom (Zig:11)
  The ghost of strangelove the Metallomancer, a master GrEE of Vehumet (Zig:15)
  The ghost of Likado the Gnoll Barricade, a legendary GnSk of the Shining One (Zig:11)
  The ghost of Totuz the Messenger, a legendary HOFi of Beogh (Zig:11)
  The ghost of grandjackal the Rhythm of Life and Death, a legendary DsGl of Uskayaw (Zig:11)
  The ghost of grandjackal the Rhythm of Life and Death, a legendary DsGl of Uskayaw (Zig:11)
  330 juggernauts
  The ghost of Zoplarin the Conqueror, a legendary BaSk of Cheibriados (Zig:15)
  The ghost of Zachydoop the Conqueror, a veteran MiMo of Ru (Zig:11)
  The ghost of Qupubruts the Slayer, a master HOFi of Okawaru (Zig:11)
  The ghost of Talannal the Sharpshooter, a legendary GnHW of Cheibriados (Zig:15)
  The ghost of dialectric the Slayer, a master DsFi of Qazlal (Zig:15)
  The ghost of Xocw the Executioner, a legendary GrMo of the Shining One (Zig:15)
  535 royal mummies
  The ghost of Zonian the Warrior, a legendary VSBr of Ashenzari (Zig:11)
  The ghost of Rirumasy the Octopoid Blade, a legendary OpWn of Gozag (Zig:15)
  The ghost of Kufiz the Slayer, a master GrCK of Xom (Zig:11)
  The ghost of heteroy the Invulnerable, a legendary DsHu of Uskayaw (Zig:11)
  Boris (thrice) (Vaults:4 Crypt:2 Depths:4)
  The ghost of lukano the Imperceptible, a legendary GrFi of the Shining One (Zig:11)
  355 Killer Klowns
  142 shard shrikes
  The ghost of yaoilover the Conqueror, a veteran MiBe of Trog (Zig:15)
  The ghost of lmSkywalker the Warrior, an adept DrTm of Okawaru (Zig:11)
  The ghost of meatyocre the Brawler, a veteran TrFi of Uskayaw (Zig:15)
  240 caustic shrikes
  14 curse toes
  The ghost of Janeylunn the Struggler, a veteran GnWn of Okawaru (Zig:11)
  556 golden dragons
  1113 pandemonium lords
  8 caustic shrikes (shapeshifter)
  The ghost of Gemnonof the Warrior, an adept DgCj (Zig:11)
  Geryon (Hell)
  6 golden dragons (shapeshifter)
  417 bone dragons
  The ghost of Ebassic the Hoplite, a veteran GrFi of the Shining One (Zig:11)
  Jory (Crypt:2)
  137 profane servitors
  Arachne (Spider:2)
  59 pearl dragons
  254 iron giants
  114 Tzitzimimeh
  249 Brimstone Fiends
  287 hellephants
  3 iron giants (shapeshifter)
  55 doom hounds
  A shard shrike zombie (Crypt:3)
  26 electric golems
  A spectral shard shrike (Tar:5)
  345 Hell Sentinels
  Jorgrun (Spider:2)
  2 shard shrike skeletons
  313 liches
  319 Ice Fiends
  7 walking earthen tomes
  482 titans
  40 Orb Guardians
  456 tentacled monstrosities
  51 tainted leviathans
  8 walking crystal tomes
  4 walking divine tomes
  205 searing wretches
  33 quicksilver dragons (shapeshifter)
  Grunn (Depths:2)
  7 walking frostbound tomes
  143 quicksilver dragons
  292 acid blobs
  337 deep elf blademasters
  336 deep elf master archers
  7 eldritch tentacles
  272 ancient champions
  2 krakens (Shoals:2)
  7 death cobs
  7 acid blobs (shapeshifter)
  142 Executioners
  27 sphinxes (shapeshifter)
  282 tentacled starspawn
  The ghost of Viocziel the Brawler, an adept TrMo of Nemelex Xobeh (Zig:11)
  The ghost of Polaczum the Brawler, an adept TrMo of Nemelex Xobeh (Zig:11)
  The ghost of Amikeex the Brawler, an adept TrMo of Nemelex Xobeh (Zig:11)
  The ghost of Ubraesch the Brawler, an adept TrMo of Nemelex Xobeh (Zig:15)
  116 sphinxes
  Agnes (D:13)
  161 tengu reavers
  2 storm dragons (shapeshifter)
  Kirke (D:13)
  72 daevas
  24 thorn hunters
  242 draconian monks
  90 storm dragons
  349 draconian knights
  88 rockslimes
  76 shadow dragons
  32 azure jellies (shapeshifter)
  18 shadow dragons (shapeshifter)
  Ilsuiw (Shoals:2)
  213 frost giants
  209 revenants
  672 nagarajas
  161 narguns
  21 fenstrider witches (shapeshifter)
  76 azure jellies
  26 fire giants (shapeshifter)
  114 demonspawn warmongers
  18 fenstrider witches
  20 frost giants (shapeshifter)
  5 emperor scorpions (shapeshifter)
  312 fire giants
  127 deep elf sorcerers
  302 draconian scorchers
  3 spectral juggernauts
  13 juggernaut zombies
  101 iron dragons
  189 emperor scorpions
  Louise (D:14)
  3 iron dragons (shapeshifter)
  340 ghost moths
  132 quicksilver elementals
  22 caustic shrike zombies
  82 vault wardens
  Aizul (Spider:2)
  539 balrugs
  10 shard shrike simulacra
  162 curse skulls
  238 draconian shifters
  20 deep elf elementalists
  8 ghost moths (shapeshifter)
  36 ghouls
  351 draconian annihilators
  51 angels
  58 ironbound preservers
  3 spectral caustic shrikes
  495 orc warlords
  66 quicksilver oozes
  2 spriggan defenders (Depths:3)
  2 broodmothers (shapeshifter)
  133 reapers
  23 stone giants (shapeshifter)
  5 ironbound thunderhulks
  121 cacodemons
  7 quicksilver oozes (shapeshifter)
  224 draconian stormcallers
  273 very ugly things
  263 deep elf demonologists
  423 demonspawn corrupters
  12 caustic shrike skeletons
  209 demonspawn blood saints
  362 stone giants
  29 elemental wellsprings
  21 juggernaut skeletons
  224 war gargoyles
  34 broodmothers
  35 ophanim
  24 apis
  32 eleionomae (shapeshifter)
  59 putrid mouths
  106 vampire knights
  A starflower (Abyss:2)
  A spark wasp (shapeshifter) (Zig:23)
  128 green draconians
  101 black draconians
  161 wendigos
  7 bunyips (shapeshifter)
  311 deep elf annihilators
  160 bennus
  88 dire elephants
  2 minotaurs
  112 purple draconians
  135 red draconians
  4 spectral titans
  109 yellow draconians
  4 minotaurs (shapeshifter)
  A yellow draconian (shapeshifter) (Zig:25)
  70 eleionomae
  80 bunyips
  122 demonspawn black suns
  120 lorocyprocas
  584 starcursed masses
  93 white draconians
  142 eidola
  20 dire elephants (shapeshifter)
  35 spark wasps
  A spectral quicksilver dragon (Tar:6)
  98 deep elf death magi
  298 blizzard demons
  8 ettins (shapeshifter)
  151 fire dragons
  182 iron golems
  19 jiangshi
  406 mummy priests
  134 ettins
  3 spectral golden dragons
  43 crystal guardians
  4 fire dragons (shapeshifter)
  415 green deaths
  265 merfolk javelineers
  96 yaktaur captains
  5 quicksilver dragon zombies
  339 deep elf high priests
  227 entropy weavers
  46 great orbs of eyes
  388 shambling mangroves
  A pearl dragon skeleton (Crypt:1)
  Fannar (Lair:1)
  6 entropy weavers (shapeshifter)
  5 ice dragons (shapeshifter)
  139 merfolk impalers
  A great orb of eyes (shapeshifter) (Zig:16)
  97 ice dragons
  10 rakshasas
  2 spectral tengu
  99 hell beasts
  9 spectral spriggans
  24 spriggan zombies
  5 hydras (shapeshifter)
  490 salamander tyrants
  360 hydras
  5 quicksilver dragon skeletons
  2 peacekeepers
  40 ghost crabs
  25 caustic shrike simulacra
  97 anacondas
  39 vault guards
  3 catoblepae (shapeshifter)
  7 ironbound frosthearts
  97 spriggan air magi
  3 jorogumos (shapeshifter)
  70 catoblepae
  34 centaur warriors
  23 juggernaut simulacra
  43 ogre magi
  23 spriggan skeletons
  43 merfolk avatars
  21 alligator snapping turtles (shapeshifter)
  12 two-headed ogres (shapeshifter)
  19 jorogumos
  46 alligator snapping turtles
  43 radroaches
  2 boulder beetles (shapeshifter)
  626 merfolk aquamancers
  19 anacondas (shapeshifter)
  50 satyrs
  101 naga warriors
  7 death yaks
  24 stokers
  56 alligators
  6 satyrs (shapeshifter)
  481 dancing weapons
  4 tengu warriors
  41 boulder beetles
  2 radroaches (shapeshifter)
  4 spectral dire elephants
  28 two-headed ogres
  183 death scarabs
  23 titan zombies
  134 vampire magi
  5 deep troll shamans
  3 alligators (shapeshifter)
  14 deep troll earth magi
  5 spectral nagas
  A spectral storm dragon (Zig:19)
  270 thrashing horrors
  64 hell hogs
  8 death yaks (shapeshifter)
  12 skysharks (shapeshifter)
  20 skysharks
  465 orc high priests
  8 spriggan berserkers
  18 shock serpents (shapeshifter)
  An emperor scorpion zombie (Crypt:1)
  160 naga sharpshooters
  172 shock serpents
  107 crystal echidnas
  59 hell knights
  A hellephant skeleton (Crypt:1)
  Nergalle (D:12)
  Sonja (Lair:1)
  21 storm dragon zombies
  115 sun demons
  153 iron trolls
  10 fire crabs (shapeshifter)
  31 iron trolls (shapeshifter)
  89 soul eaters
  Lodul (D:10)
  17 titan skeletons
  333 deep elf knights
  484 large abominations
  89 pharaoh ants
  10 deep trolls (shapeshifter)
  44 fire crabs
  87 sixfirhies
  553 wretched stars
  37 cherubim
  18 storm dragon skeletons
  9 golden dragon zombies
  116 shadow wraiths
  45 salamander mystics
  4 spark wasp zombies
  107 spatial maelstroms
  10 death drakes (shapeshifter)
  7 goliath frogs (shapeshifter)
  40 goliath frogs
  22 skeletal warriors
  128 spriggan druids
  8 glowing orange brains (shapeshifter)
  7 quicksilver dragon simulacra
  17 sea snakes (shapeshifter)
  3 spectral anacondas
  232 death drakes
  62 glowing orange brains
  2 spectral iron dragons
  220 orb spiders
  86 flayed ghosts
  22 bog bodies
  334 deep elf archers
  25 sun moths
  83 shadow demons
  14 tengu zombies
  137 sea snakes
  73 naga ritualists
  22 obsidian statues
  28 orange crystal statues
  A lindwurm (Vaults:4)
  34 deep trolls
  12 swamp dragons (shapeshifter)
  15 orb spiders (shapeshifter)
  17 spriggan simulacra
  12 steelbarb worms (shapeshifter)
  58 wizards
  A fenstrider witch simulacrum (Coc:1)
  26 golden dragon skeletons
  62 ironbound convokers
  60 steelbarb worms
  151 orc knights
  107 phantasmal warriors
  271 swamp dragons
  4 harpies (shapeshifter)
  16 lindwurms (shapeshifter)
  233 harpies
  10 iron dragon zombies
  4 spectral ettins
  543 deep elf zephyrmancers
  A stone giant zombie (Vaults:3)
  18 wolf spiders (shapeshifter)
  52 necromancers
  12 shadow dragon zombies
  69 will-o-the-wisps
  2 fire giant zombies
  65 mana vipers
  466 deep elf pyromancers
  An anaconda skeleton (Pan)
  14 sphinx zombies
  9 shining eyes (shapeshifter)
  151 manticores
  152 ugly things
  17 mana vipers (shapeshifter)
  19 shadow dragon skeletons
  3 glowing shapeshifters
  67 shining eyes
  14 sphinx skeletons
  10 manticores (shapeshifter)
  32 worldbinders
  37 salamanders
  7 fauns (shapeshifter)
  19 oklob plants (Zig:21)
  250 orc sorcerers
  9 salamanders (shapeshifter)
  51 fauns
  346 moths of wrath
  100 wolf spiders
  14 cyclopes (shapeshifter)
  27 tengu skeletons
  14 elephants (shapeshifter)
  12 black mambas (shapeshifter)
  4 fire giant skeletons
  2 frost giant zombies
  5 guardian serpents (shapeshifter)
  7 moths of wrath (shapeshifter)
  38 elephants
  86 merfolk sirens
  218 naga magi
  23 rust devils
  19 iron dragon skeletons
  A stone giant skeleton (Depths:2)
  8 water nymphs (shapeshifter)
  37 eyes of devastation
  5 frost giant skeletons
  116 demonic crawlers
  109 cyclopes
  162 guardian serpents
  34 ice statues
  13 molten gargoyles
  396 black mambas
  235 torpor snails
  300 apocalypse crabs
  65 orange demons
  3 toenail golems
  54 vault sentinels
  15 eyes of devastation (shapeshifter)
  555 water nymphs
  14 gargoyles
  75 cane toads
  332 smoke demons
  2 storm dragon simulacra
  7 torpor snails (shapeshifter)
  3 cane toads (shapeshifter)
  A white draconian zombie (Crypt:3)
  2 nameless horrors
  A sea snake zombie (Hell)
  4 kobold demonologists
  8 komodo dragons (shapeshifter)
  40 freezing wraiths
  17 titan simulacra
  266 tormentors
  4 rime drakes (shapeshifter)
  A spark wasp simulacrum (Zig:8)
  An alligator snapping turtle zombie (Tomb:1)
  10 yaktaurs (shapeshifter)
  270 hellions
  3 dire elephant skeletons
  67 rime drakes
  2 unseen horrors (D:12)
  8 golden dragon simulacra
  77 efreet
  50 komodo dragons
  258 ancient zymes
  6 unseen horrors (shapeshifter)
  7 anaconda simulacra
  29 yaktaurs
  An alligator snapping turtle skeleton (Crypt:1)
  A hydra zombie (Hell)
  A bunyip simulacrum (Coc:1)
  3 queen bees (shapeshifter)
  A death yak skeleton (Crypt:1)
  692 guardian mummies
  46 ice devils
  2 spectral glowing shapeshifters (Zig:19)
  14 silent spectres
  5 tyrant leeches (shapeshifter)
  32 bloated husks
  8 polar bears (shapeshifter)
  17 meliai
  A catoblepas skeleton (Crypt:2)
  7 meliai (shapeshifter)
  3 harpy zombies
  4 spectral harpies (Tar:3)
  15 merfolk (shapeshifter)
  7 shadow dragon simulacra
  65 hellwings
  22 polar bears
  4 trolls (shapeshifter)
  7 iron giant simulacra
  574 merfolk
  10 wind drakes (shapeshifter)
  40 tyrant leeches
  162 trolls
  36 red devils
  95 wind drakes
  6 hornets (shapeshifter)
  7 tengu simulacra
  A raiju (shapeshifter) (Zig:25)
  3 harpy skeletons
  69 tarantellas
  8 sphinx simulacra
  8 tarantellas (shapeshifter)
  152 raiju
  19 dream sheep (shapeshifter)
  9 iron dragon simulacra
  112 snapping turtles
  594 hornets
  A hydra skeleton (Pan)
  5 fire giant simulacra
  39 blink frogs
  10 dream sheep
  281 flying skulls
  3 blink frogs (shapeshifter)
  14 snapping turtles (shapeshifter)
  259 slime creatures
  An alligator skeleton (Hell)
  2 frost giant simulacra
  6 jumping spiders (shapeshifter)
  A tarantella zombie (Crypt:2)
  A guardian serpent skeleton (Crypt:1)
  47 spriggans
  An ettin skeleton (Tomb:1)
  77 jumping spiders
  11 slime creatures (shapeshifter)
  2 alligator zombies (Hell)
  2 centaur simulacra (Gauntlet)
  5 vampires
  4 stone giant simulacra
  155 air elementals
  3 culicivoras (shapeshifter)
  6 shadows
  9 dire elephant simulacra
  308 ushabtiu
  120 ynoxinuls
  4 spriggans (shapeshifter)
  4 naga simulacra
  16 wraiths
  6 hogs
  54 culicivoras
  234 water elementals
  2 wyverns (shapeshifter)
  15 basilisks
  81 yaks
  3 yaks (shapeshifter)
  30 wyverns
  4 fire bats (Pan)
  174 fire elementals
  3 hogs (shapeshifter)
  20 humans (D:13)
  3 humans (shapeshifter)
  18 redbacks (shapeshifter)
  A golden eye (shapeshifter) (Zig:17)
  2 elf skeletons
  A minotaur simulacrum (IceCv)
  19 vampire mosquitoes
  A yaktaur simulacrum (Vaults:3)
  A wind drake skeleton (Crypt:3)
  65 golden eyes
  A spectral cane toad (Lair:5)
  140 chaos spawn
  2 basilisks (shapeshifter)
  226 neqoxecs
  A warg (shapeshifter) (Zig:23)
  A death yak simulacrum (Lair:5)
  32 steam dragons
  14 swamp worms (shapeshifter)
  4 swamp worms (D:12)
  114 redbacks
  A human zombie (Zig:9)
  155 wargs
  8 spatial vortices
  4 hydra simulacra
  A cane toad zombie (Crypt:1)
  9 glowing shapeshifter zombies
  19 harpy simulacra
  2 acid dragons (shapeshifter)
  136 nagas
  23 acid dragons
  A naga zombie (Crypt:3)
  99 water moccasins
  18 floating eyes (shapeshifter)
  31 floating eyes
  74 hell hounds
  26 swamp drakes
  679 orc warriors
  18 glowing shapeshifter skeletons
  3 sky beasts (shapeshifter) (Zig:23)
  A dream sheep zombie (Crypt:3)
  An elephant zombie (Lair:5)
  A swamp drake (shapeshifter) (Zig:15)
  42 ice beasts
  4 black bears
  4 black bears (shapeshifter)
  5 ettin simulacra
  A swamp dragon zombie (Crypt:3)
  2 alligator simulacra (IceCv)
  3 sky beasts
  27 wolves
  14 boggarts
  30 centaurs
  2 human skeletons
  4 ogres (shapeshifter)
  314 ogres
  The ghost of oldplebian the Charlatan, an amateur HuAr (D:3)
  2 elephant skeletons (Lair:5)
  3 phantoms
  A wolf (shapeshifter) (Zig:24)
  A swamp dragon skeleton (Abyss:2)
  A centaur (shapeshifter) (Zig:20)
  6 kobold brigands
  10 bullfrogs
  3 bullfrogs (shapeshifter)
  2 deep troll simulacra (IceCv)
  A two-headed ogre simulacrum (Coc:1)
  A human simulacrum (Zig:6)
  4 gnoll sergeants
  A cane toad simulacrum (Lair:5)
  110 earth elementals
  3 glowing shapeshifter simulacra
  A scorpion (D:6)
  20 wights
  3 killer bees (D:6)
  3 lindwurm simulacra (IceCv)
  A troll skeleton (Crypt:2)
  4 electric eels
  6 howler monkeys
  15 crimson imps
  2 quasits
  9 gnoll boudas
  4 hounds
  2 jellies
  129 orc priests
  4 iron imps
  4 iguanas
  16 hell rats
  12 lightning spires
  107 orc wizards
  12 small abominations
  1094 mummies
  35 gnolls
  2 swamp drake zombies
  11 adders
  2 shadow imps
  7 white imps
  5 ufetubi
  A worm (D:3)
  A worm (shapeshifter) (Zig:17)
  8 dart slugs
  72 orcs
  6 bats
  A bat zombie (Crypt:2)
  11 endoplasms
  4 giant cockroaches
  6 goblins
  9 hobgoblins
  2 jackals (D:5)
  4 quokkas
  7 ball pythons
  An endoplasm zombie (Crypt:2)
  4 frilled lizards
  A gnoll skeleton (Crypt:1)
  A jackal skeleton (Crypt:1)
  A jackal zombie (Crypt:3)
  45 kobolds
  A quokka skeleton (Crypt:1)
  7 rats
  7 ball lightnings
  117 briar patches
  7 creeping infernos
  65 fire vortices
  A lurking horror (Slime:2)
  75 starspawn tentacles
  5 tentacles (Shoals:2)
50932 creatures vanquished.

Vanquished Creatures (collateral kills)
  Dispater (Dis:7)
  A dread lich (Tar:7)
  2 orbs of fire (Zot:5)
  Mennas (Depths:3)
  A royal mummy (Zig:8)
  2 shard shrikes
  A curse toe (Zot:4)
  A caustic shrike (Depths:3)
  3 golden dragons
  4 doom hounds
  2 pandemonium lords
  9 bone dragons
  A spectral shard shrike (Tar:3)
  2 tentacled monstrosities
  A shard shrike zombie (Crypt:3)
  An Ice Fiend (Coc:7)
  Mlioglotl (Shoals:2)
  A lich (IceCv)
  A walking frostbound tome (Depths:3)
  A deep elf blademaster (Elf:3)
  A deep elf master archer (Elf:3)
  A quicksilver dragon (Zot:3)
  5 ancient champions
  2 acid blobs
  4 sphinxes
  2 storm dragons
  A draconian monk (Zot:5)
  2 tengu reavers
  8 fire giants
  2 revenants
  3 rockslimes
  6 emperor scorpions
  2 azure jellies
  3 deep elf sorcerers (Elf:3)
  3 curse skulls
  3 frost giants
  A draconian shifter (Zot:4)
  A deep elf elementalist (Elf:3)
  5 vault wardens
  A draconian scorcher (Depths:4)
  2 orc warlords
  2 cacodemons
  A draconian annihilator (Zot:4)
  A ghoul (Crypt:2)
  An ironbound thunderhulk (Vaults:1)
  3 stone giants
  2 war gargoyles
  3 broodmothers
  A caustic shrike skeleton (Depths:2)
  2 green draconians (Depths:4)
  3 quicksilver oozes
  A reaper (Zig:25)
  7 ironbound preservers
  22 very ugly things
  A vampire knight (Crypt:2)
  2 deep elf demonologists
  4 putrid mouths
  A yellow draconian (Zot:4)
  6 purple draconians
  4 black draconians
  3 deep elf annihilators (Elf:3)
  8 dire elephants
  A red draconian (Depths:4)
  3 spark wasps
  An ettin (Depths:2)
  An eidolon (Crypt:3)
  A blizzard demon (Zig:25)
  3 deep elf death magi
  A crystal guardian (Vaults:2)
  A mummy priest (Zig:8)
  4 jiangshi
  A merfolk javelineer (Shoals:2)
  A green death (Zig:14)
  4 entropy weavers
  A great orb of eyes (Vaults:4)
  A yaktaur captain (Depths:4)
  An ice dragon (shapeshifter) (Depths:4)
  2 deep elf high priests (Elf:3)
  A quicksilver dragon skeleton (Depths:2)
  2 rakshasas
  4 ice dragons
  4 vault guards
  3 spriggan air magi
  2 peacekeepers
  3 radroaches
  3 demonspawn (Orc:2)
  An ironbound frostheart (Vaults:4)
  An alligator snapping turtle (Shoals:2)
  4 boulder beetles
  2 satyrs
  A tengu warrior (D:14)
  A dancing weapon (Zig:15)
  6 centaur warriors
  A death yak (D:15)
  3 deep troll shamans (Depths:3)
  4 orc high priests (Orc:2)
  2 deep troll earth magi (Depths:3)
  A soul eater (Depths:2)
  2 spriggans
  4 spriggan berserkers
  3 sun demons
  7 iron trolls
  3 deep elf knights
  3 wretched stars
  7 hell knights
  2 pharaoh ants
  21 skeletal warriors
  2 sun moths
  6 sea snakes
  5 flayed ghosts
  2 glowing orange brains
  4 harpies
  2 orb spiders (Spider:4)
  3 bog bodies
  38 deep trolls
  A spriggan simulacrum (Coc:7)
  4 deep elf archers (Elf:3)
  4 ironbound convokers
  2 deep elf pyromancers
  2 tengu zombies
  2 lindwurms (Vaults:4)
  5 orc knights
  3 wizards
  6 deep elf zephyrmancers (Elf:3)
  2 obsidian statues
  3 steelbarb worms
  An iron dragon zombie (Crypt:3)
  7 necromancers
  6 phantasmal warriors
  An oklob plant (Zig:21)
  A tengu skeleton (Depths:2)
  A cyclops (Shoals:2)
  6 orc sorcerers (Orc:2)
  6 manticores
  A sphinx skeleton (Vaults:3)
  A stone giant zombie (D:15)
  3 shining eyes (Slime:2)
  14 ugly things
  A shadow dragon skeleton (Depths:2)
  8 wolf spiders
  5 merfolk sirens
  5 moths of wrath
  9 fauns
  2 large abominations (Pan)
  2 fire giant skeletons (Depths:2)
  A moth of wrath (shapeshifter) (Vaults:5)
  2 frost giant skeletons (Depths:2)
  3 stone giant skeletons
  6 demonic crawlers
  An iron dragon skeleton (Depths:2)
  An apocalypse crab (Abyss:3)
  A water nymph (Shoals:1)
  4 vault sentinels (Vaults:4)
  4 torpor snails
  A centaur skeleton (Crypt:1)
  2 human zombies (Vaults:3)
  2 titan simulacra
  A cane toad (Zig:27)
  3 smoke demons
  An orange demon (Pan)
  A yaktaur zombie (Vaults:3)
  4 nameless horrors (D:15)
  An anaconda simulacrum (IceCv)
  A kobold demonologist (D:14)
  A spectral naga (Tar:3)
  27 yaktaurs
  14 freezing wraiths
  2 guardian mummies
  2 golden dragon simulacra (IceCv)
  A purple draconian skeleton (Crypt:3)
  A tengu conjurer (D:14)
  A polar bear (D:15)
  A wind drake (Shoals:3)
  A harpy skeleton (Crypt:1)
  13 tarantellas
  18 merfolk
  2 hornets
  4 snapping turtles
  3 dream sheep (Shoals:2)
  31 slime creatures
  An air elemental (Elf:3)
  18 jumping spiders
  A centaur simulacrum (D:15)
  A ynoxinul (Zig:21)
  2 spriggan skeletons (Depths:2)
  7 water elementals
  6 flying skulls
  12 culicivoras
  A guardian serpent skeleton (Crypt:2)
  A spriggan (shapeshifter) (Abyss:2)
  A wraith (Vaults:3)
  A black mamba skeleton (Crypt:1)
  2 dire elephant simulacra (IceCv)
  A neqoxec (Zig:18)
  3 golden eyes
  23 redbacks
  6 chaos spawn
  A warg (Orc:2)
  A hydra simulacrum (IceCv)
  A harpy simulacrum (Coc:4)
  A glowing shapeshifter skeleton (Vaults:4)
  A human simulacrum (Vaults:4)
  3 human skeletons
  5 orc warriors
  2 alligator simulacra (IceCv)
  4 ogres
  A wolf (D:15)
  2 starcursed masses (Zig:21)
  An elephant skeleton (Crypt:2)
  A boggart (D:14)
  A salamander skeleton (Crypt:1)
  2 necrophages (Crypt:2)
  A warg skeleton (Crypt:2)
  A lindwurm simulacrum (IceCv)
  A troll skeleton (Crypt:3)
  4 orc priests
  3 mummies
  A white imp (D:15)
  A jelly zombie (Crypt:2)
  5 orcs
  An endoplasm (Slime:4)
  2 briar patches (Zig:16)
  A starspawn tentacle (Zig:25)
774 creatures vanquished.

Vanquished Creatures (others)
  24 pandemonium lords
  An ancient lich (Zig:15)
  A juggernaut (Zig:25)
  A shard shrike (shapeshifter) (Zig:24)
  15 Killer Klowns
  A caustic shrike (shapeshifter) (Zig:25)
  A curse toe (Zig:15)
  9 golden dragons
  3 Tzitzimimeh
  A hellephant (Geh:3)
  An Orb Guardian (Zig:24)
  A searing wretch (Zig:13)
  8 tentacled monstrosities
  A titan (Zig:25)
  A deep elf master archer (Zig:20)
  3 eldritch tentacles
  2 sphinxes (shapeshifter)
  2 shadow dragons (shapeshifter)
  2 shadow dragons (Zig:15)
  A nagaraja (Zig:16)
  2 revenants (Zig:15)
  A fenstrider witch (shapeshifter) (Zig:23)
  2 draconian knights
  2 frost giants (shapeshifter)
  2 fire giants
  A frost giant (Zig:25)
  A ghost moth (Zig:16)
  A curse skull (Zig:15)
  4 demonspawn corrupters
  A cacodemon (Zig:26)
  8 very ugly things
  A stone giant (shapeshifter) (Zig:24)
  A quicksilver ooze (shapeshifter) (Zig:25)
  2 eleionomae (shapeshifter)
  A lorocyproca (Zig:11)
  2 bunyips
  An eleionoma (Zig:17)
  A dire elephant (shapeshifter) (Zig:23)
  A deep elf annihilator (Zig:26)
  2 green deaths
  An eidolon (Zig:15)
  A blizzard demon (Zig:21)
  2 fire dragons
  7 shambling mangroves
  5 hydras
  A catoblepas (shapeshifter) (Zig:16)
  2 deep elf high priests
  A juggernaut simulacrum (Zig:18)
  A ghost crab (Zig:16)
  An anaconda (shapeshifter) (Zig:24)
  A two-headed ogre (Zig:26)
  A two-headed ogre (shapeshifter) (Zig:23)
  2 soul eaters
  An orc high priest (Zig:17)
  A deep elf knight (Elf:3)
  2 sixfirhies
  3 death drakes
  4 goliath frogs
  A shadow demon (Zig:26)
  A spriggan druid (Zig:12)
  An orb spider (shapeshifter) (Zig:18)
  A spatial maelstrom (Zig:20)
  9 swamp dragons
  An obsidian statue (Zig:16)
  A lindwurm (shapeshifter) (Zig:23)
  A harpy (Zig:27)
  A wolf spider (Spider:4)
  6 ugly things
  3 will-o-the-wisps
  12 apocalypse crabs
  An elephant (shapeshifter) (Zig:23)
  2 smoke demons (Pan)
  A hellion (Zig:21)
  A rime drake (shapeshifter) (Zig:17)
  An efreet (Zot:1)
  A merfolk (Zig:1)
  A polar bear (shapeshifter) (Zig:18)
  2 bloated husks (Zig:12)
  3 hellwings (Pan)
  A sphinx simulacrum (Zig:18)
  A wind drake (Zig:27)
  26 hornets
  A dream sheep (shapeshifter) (Zig:17)
  A ynoxinul (Zig:10)
  An air elemental (Zig:15)
  11 water elementals
  A human (shapeshifter) (Zig:23)
  2 golden eyes (shapeshifter)
  6 chaos spawn
  A vampire mosquito (Zig:12)
  2 neqoxecs
  2 floating eyes (shapeshifter)
  An orc warrior (Zig:8)
  A glowing shapeshifter simulacrum (Zig:13)
  34 ball lightnings
  A briar patch (Zig:8)
  A creeping inferno (Geh:2)
  1412 fire vortices
  26 foxfires
  104 fulminant prisms
  34 fungi
  133 plants
  66 starspawn tentacles
  2 tentacles (Shoals:2)
  38 withered plants
2113 creatures vanquished.

Grand Total: 53819 creatures vanquished

Notes
Turn   | Place    | Note
-------+----------+-------------------------------------------
     0 | D:1      | Valamore the Demonspawn Conjurer began the quest for the
                  | Orb.
     0 | D:1      | Reached XP level 1. HP: 13/13 MP: 3/3
   214 | D:1      | Gained mutation: You regenerate magic rapidly. [demonic
                  | ancestry]
   214 | D:1      | Reached XP level 2. HP: 19/19 MP: 3/5
   509 | D:1      | Gained mutation: You have a pair of small antennae on your
                  | head. [demonic ancestry]
   509 | D:1      | Reached XP level 3. HP: 24/24 MP: 1/7
   942 | D:2      | Learned a level 2 spell: Searing Ray
  1720 | D:2      | Gained mutation: You have a pair of antennae on your head.
                  | [demonic ancestry]
  1720 | D:2      | Reached XP level 4. HP: 30/30 MP: 3/8
  1818 | D:3      | Reached skill level 5 in Conjurations
  1934 | D:3      | Noticed Terence
  2088 | D:3      | Gained mutation: You have a pair of large antennae on your
                  | head. (SInv) [demonic ancestry]
  2088 | D:3      | Reached XP level 5. HP: 31/35 MP: 5/10
  2558 | D:3      | Found a faded altar of an unknown god.
  2808 | D:3      | Found a runed translucent gate.
  2809 | D:3      | Found a runed translucent gate.
  2810 | D:3      | Found a runed translucent gate.
  2811 | D:3      | Noticed oldplebian's ghost (amateur HuAr)
  3495 | D:4      | Reached XP level 6. HP: 38/41 MP: 6/12
  4443 | D:5      | Entered Level 5 of the Dungeon
  4503 | D:5      | Reached skill level 1 in Translocations
  4579 | D:5      | Noticed an orc warrior
  4621 | D:5      | Killed an orc warrior
  4622 | D:5      | Gained mutation: You regenerate a little health from kills.
                  | [demonic ancestry]
  4622 | D:5      | Reached XP level 7. HP: 20/46 MP: 0/13
  5089 | D:5      | Reached XP level 8. HP: 32/52 MP: 7/14
  5873 | D:6      | Reached skill level 5 in Translocations
  6400 | D:6      | Gained mutation: When hurt, damage is shared between your
                  | health and your magic reserves. [demonic ancestry]
  6400 | D:6      | Reached XP level 9. HP: 22/57 MP: 10/15
  6634 | D:6      | Learned a level 4 spell: Iskenderun's Mystic Blast
  7170 | D:6      | Reached skill level 1 in Fighting
  8077 | D:6      | Identified a scroll of acquirement
  8105 | D:7      | Found a sacrificial altar of Ru.
  8275 | D:7      | Reached skill level 5 in Stealth
  8506 | D:7      | Reached skill level 5 in Fighting
  8653 | D:7      | Reached XP level 10. HP: 72/74 MP: 11/16
  8654 | D:7      | Reached skill level 1 in Summonings
  8979 | D:7      | Found a shadowy altar of Dithmenos.
  9188 | D:7      | Found a staircase to the Ecumenical Temple.
  9284 | Temple   | Entered the Ecumenical Temple
  9296 | Temple   | Became a worshipper of Gozag Ym Sagoz the Greedy
  9573 | D:3      | Killed oldplebian's ghost
 10112 | D:8      | Learned a level 5 spell: Iskenderun's Battlesphere
 10120 | D:8      | Acquired the +1 demon blade of Temperance {flame, rF+ MP+9
                  | Int-3 Stlth+}
 10452 | D:8      | Reached skill level 1 in Hexes
 10690 | D:8      | Found a shimmering blue altar of Sif Muna.
 10754 | D:8      | Reached skill level 5 in Spellcasting
 10939 | D:8      | Found Boeh's Weapon Boutique.
 11679 | D:9      | Reached skill level 5 in Dodging
 11712 | D:9      | Found an ornate altar of the Wu Jian Council.
 11770 | D:10     | Entered Level 10 of the Dungeon
 11909 | D:10     | Reached skill level 1 in Armour
 11909 | D:10     | Gained mutation: You are partially covered in thin metallic
                  | scales. (AC +2) [demonic ancestry]
 11909 | D:10     | Reached XP level 11. HP: 79/79 MP: 20/20
 12153 | D:10     | Found an iron altar of Okawaru.
 12227 | D:10     | Noticed a two-headed ogre
 12340 | D:10     | Reached skill level 5 in Hexes
 12544 | D:10     | Noticed Lodul
 12730 | D:10     | Killed Lodul
 12844 | D:10     | Killed a two-headed ogre
 12871 | D:10     | Learned a level 4 spell: Fulminant Prism
 13021 | D:11     | Noticed a two-headed ogre
 13031 | D:11     | Killed a two-headed ogre
 13080 | D:11     | Noticed a two-headed ogre
 13096 | D:11     | Killed a two-headed ogre
 13167 | D:11     | Found a staircase to the Lair.
 13482 | D:11     | Found a staircase to the Orcish Mines.
 13648 | D:11     | Reached skill level 5 in Summonings
 13964 | D:11     | Found a runed translucent door.
 13964 | D:11     | Noticed a boulder beetle
 13977 | D:11     | Killed a boulder beetle
 13978 | D:11     | Gained mutation: You are mostly covered in thin metallic
                  | scales. (AC +3) [demonic ancestry]
 13978 | D:11     | Reached XP level 12. HP: 86/86 MP: 22/24
 14098 | D:11     | Found Relec's Magic Scroll Shoppe.
 14104 | D:11     | Bought a scroll of identify for 22 gold pieces
 14104 | D:11     | Bought a scroll of identify for 22 gold pieces
 14226 | D:11     | Identified the +6 shortbow "Poru" {antimagic, rN++ Int-5}
 14226 | D:11     | Noticed a centaur warrior
 14565 | D:12     | Found a runed translucent door.
 14565 | D:12     | Noticed a merfolk impaler
 14566 | D:12     | Noticed a merfolk avatar
 14579 | D:12     | Found a runed translucent door.
 14579 | D:12     | Found a runed translucent door.
 14687 | D:12     | Found a transporter.
 14700 | D:12     | Noticed a two-headed ogre
 14710 | D:12     | Killed a two-headed ogre
 14793 | D:12     | Found the +1 cloak of Starlight {*Dazzle EV+4 Stlth--}
 14837 | D:12     | Noticed Nergalle
 14885 | D:12     | Killed Nergalle
 14979 | D:12     | Found a transporter.
 15122 | D:12     | Reached skill level 1 in Shields
 15484 | Lair:1   | Entered Level 1 of the Lair of Beasts
 15528 | Lair:1   | Noticed Sonja
 15538 | Lair:1   | Killed Sonja
 15547 | Lair:1   | Noticed Fannar
 15560 | Lair:1   | Killed Fannar
 15561 | Lair:1   | Reached skill level 10 in Conjurations
 15576 | Lair:1   | Found a gate leading to a gauntlet.
 15592 | Gauntlet | Entered a Gauntlet
 15592 | Gauntlet | Found a large runed translucent door.
 15592 | Gauntlet | Found a large runed translucent door.
 15592 | Gauntlet | Found a large runed translucent door.
 15592 | Gauntlet | Found a large runed translucent door.
 15592 | Gauntlet | Found a runed translucent door.
 15592 | Gauntlet | Found a large runed translucent door.
 15592 | Gauntlet | Found a large runed translucent door.
 15592 | Gauntlet | Found a transporter.
 15592 | Gauntlet | Found a transporter.
 15592 | Gauntlet | Found a large runed translucent door.
 15592 | Gauntlet | Found a large runed translucent door.
 15592 | Gauntlet | Found a runed translucent gate.
 15592 | Gauntlet | Found a runed translucent gate.
 15592 | Gauntlet | Found a transporter.
 15660 | Gauntlet | Found a transporter.
 15663 | Gauntlet | Found a transporter.
 15663 | Gauntlet | Found a transporter.
 15665 | Gauntlet | Noticed a catoblepas
 15668 | Gauntlet | Noticed a death scarab
 15677 | Gauntlet | Found a transporter.
 15677 | Gauntlet | Found a transporter.
 15689 | Gauntlet | Found a transporter.
 15694 | Gauntlet | Found a transporter.
 15713 | Gauntlet | Found a transporter.
 15715 | Gauntlet | Found a transporter.
 15731 | Gauntlet | Found a runed translucent gate.
 15732 | Gauntlet | Found a large runed translucent door.
 15732 | Gauntlet | Found a large runed translucent door.
 15733 | Gauntlet | Found a large runed translucent door.
 15734 | Gauntlet | Found a large runed translucent door.
 15735 | Gauntlet | Found a large runed translucent door.
 15735 | Gauntlet | Found a large runed translucent door.
 15735 | Gauntlet | Found a runed translucent door.
 15736 | Gauntlet | Found a large runed translucent door.
 15737 | Gauntlet | Found a large runed translucent door.
 15878 | Gauntlet | a swamp dragon changed into a two-headed ogre
 15878 | Gauntlet | Noticed a two-headed ogre (shapeshifter)
 15930 | Gauntlet | a two-headed ogre changed into a glowing orange brain
 15959 | Gauntlet | Identified the ring of Cumoy {Ice rElec Str-3 Int+4 Stlth+}
 15991 | Gauntlet | Killed a catoblepas
 16168 | Gauntlet | Reached skill level 5 in Shields
 16255 | Gauntlet | Identified the +1 war axe of Osoa {venom, Fragile rC++
                  | Dex-3 Stlth+}
 16255 | Gauntlet | Identified the +6 ring mail of the Lute {rCorr Int+4}
 16255 | Gauntlet | Noticed a minotaur
 16272 | Gauntlet | Killed a minotaur
 16480 | Gauntlet | Identified the +0 hat of Nusera Niox {Rampage *Corrode
                  | rN+++ Int-5}
 16604 | Lair:1   | Reached XP level 13. HP: 80/91 MP: 24/25
 18025 | Lair:2   | Found a staircase to the Shoals.
 18492 | Lair:3   | Found a hole to the Spider Nest.
 19384 | Lair:4   | Reached skill level 10 in Summonings
 19586 | Lair:4   | You fall into a shaft and drop 1 floor!
 19586 | Lair:5   | Entered Level 5 of the Lair of Beasts
 19917 | Lair:5   | Gained mutation: You are completely covered in thin
                  | metallic scales. (AC +4, rElec) [demonic ancestry]
 19917 | Lair:5   | Reached XP level 14. HP: 81/98 MP: 9/26
 21193 | Lair:4   | Found a staircase to the Slime Pits.
 22881 | Lair:5   | Learned a level 7 spell: Spellforged Servitor
 23403 | D:13     | Noticed a tengu reaver
 23419 | D:13     | Killed a tengu reaver
 24302 | D:13     | Reached XP level 15. HP: 105/105 MP: 17/28
 24305 | D:13     | Identified the +1 flail of the Teaching Gods {heavy, rC-
                  | Int+4}
 24347 | D:13     | Found a gate to the Vaults.
 24420 | D:13     | Noticed Snorg
 25245 | D:13     | Reached skill level 10 in Spellcasting
 25693 | D:14     | Noticed Kirke
 25693 | D:14     | Noticed Louise
 25996 | D:14     | Noticed Agnes
 26241 | D:13     | Killed Kirke
 26276 | D:14     | Killed Louise
 26284 | D:14     | Learned a level 6 spell: Iron Shot
 26919 | D:15     | Entered Level 15 of the Dungeon
 27006 | D:15     | Found a staircase to the Depths.
 27207 | D:15     | Found a frozen archway.
 27215 | IceCv    | Entered an ice cave
 27920 | IceCv    | Found an ancient bone altar of Kikubaaqudgha.
 28246 | IceCv    | Noticed a lich
 28254 | IceCv    | Killed a lich
 28268 | IceCv    | Got the Quarto of Reformed Jinxing
 28270 | IceCv    | Got the Octavo of Productive Spectres
 28759 | D:15     | Reached XP level 16. HP: 113/120 MP: 19/31
 28938 | D:15     | Reached skill level 10 in Dodging
 29093 | D:15     | Reached skill level 1 in Earth Magic
 29628 | Orc:1    | Entered Level 1 of the Orcish Mines
 29698 | Orc:1    | Gained mutation: You are dopey. (Int -2) [a neqoxec]
 29807 | Orc:1    | Found Fokeiv's Distillery.
 29821 | Orc:1    | Bought a potion of brilliance for 72 gold pieces
 29821 | Orc:1    | Bought a potion of haste for 180 gold pieces
 29821 | Orc:1    | Bought a potion of curing for 54 gold pieces
 30259 | Orc:2    | Entered Level 2 of the Orcish Mines
 30386 | Orc:2    | Found Qiurur's Antique Armour Shoppe.
 30582 | Orc:2    | Found Opesmo Segu's General Store.
 30584 | Orc:2    | Found Zod Esit's Magic Scroll Emporium.
 30675 | Orc:2    | Bought a scroll of fear for 52 gold pieces
 30675 | Orc:2    | Bought a scroll of amnesia for 52 gold pieces
 30707 | Orc:2    | Bought a scroll of magic mapping for 112 gold pieces
 30707 | Orc:2    | Bought 2 scrolls of teleportation for 90 gold pieces
 30707 | Orc:2    | Bought a scroll of teleportation for 45 gold pieces
 30707 | Orc:2    | Bought a scroll of fog for 60 gold pieces
 31082 | Orc:2    | Paralysed by an orc sorcerer for 2 turns
 31138 | Orc:2    | Reached skill level 15 in Conjurations
 31155 | Orc:2    | Reached skill level 5 in Earth Magic
 31190 | Orc:2    | Found Uvuuhigi's Antique Weapon Shop.
 31190 | Orc:2    | Found Tisumnig's Jewellery Boutique.
 31191 | Orc:2    | Found a one-way gate leading to the halls of Pandemonium.
 31251 | Orc:2    | Found a staircase to the Elven Halls.
 31310 | Orc:2    | Found Loynaus's CLEARANCE SALE!.
 31910 | Shoals:1 | Entered Level 1 of the Shoals
 31975 | Shoals:1 | Found Nixzapt's Armour Emporium.
 31984 | Shoals:1 | Found Wanozish's Jewellery Shoppe.
 32140 | Shoals:1 | Found Zeissapo's Distillery.
 32169 | Shoals:1 | Identified Roxanne's Volume of the Body
 32169 | Shoals:1 | Noticed Roxanne
 32222 | Shoals:1 | Bought a potion of haste for 160 gold pieces
 32222 | Shoals:1 | Bought a potion of cancellation for 128 gold pieces
 32222 | Shoals:1 | Bought 2 potions of curing for 96 gold pieces
 32222 | Shoals:1 | Bought a potion of curing for 48 gold pieces
 32289 | Shoals:1 | Found Wiumilod's Armour Shop.
 32292 | Shoals:1 | Bought a +0 cloak of preservation for 149 gold pieces
 32411 | Shoals:1 | Found Yczoogu's Weapon Emporium.
 32799 | Shoals:2 | Reached skill level 1 in Long Blades
 33193 | Shoals:2 | Noticed Mlioglotl
 33200 | Shoals:2 | Killed Mlioglotl
 33327 | Shoals:2 | Noticed Ilsuiw
 33371 | Shoals:2 | Killed Ilsuiw
 33384 | Shoals:2 | Gained mutation: You regenerate health from kills. [demonic
                  | ancestry]
 33384 | Shoals:2 | Reached XP level 17. HP: 75/125 MP: 7/32
 34102 | Shoals:3 | Gained mutation: You punish those that try to bend your
                  | will. (Will+) [demonic ancestry]
 34102 | Shoals:3 | Reached XP level 18. HP: 132/132 MP: 33/33
 34758 | Shoals:4 | Entered Level 4 of the Shoals
 36866 | Shoals:4 | Paralysed by a sphinx for 2 turns
 37112 | Shoals:4 | Reached skill level 10 in Earth Magic
 37575 | Shoals:4 | Got a barnacled rune of Zot
 38048 | Spider:1 | Entered Level 1 of the Spider Nest
 39129 | Spider:2 | Noticed Arachne
 39135 | Spider:2 | Killed Arachne
 39848 | Spider:2 | Reached XP level 19. HP: 136/138 MP: 34/34
 40019 | Spider:2 | Noticed Jorgrun
 40024 | Spider:2 | Noticed Aizul
 40025 | Spider:2 | Killed Jorgrun
 40031 | Spider:2 | Killed Aizul
 40032 | Spider:2 | Reached skill level 1 in Necromancy
 41055 | Spider:3 | Reached skill level 5 in Necromancy
 41426 | Spider:4 | Entered Level 4 of the Spider Nest
 42993 | Spider:4 | Learned a level 5 spell: Borgnjor's Vile Clutch
 43156 | Spider:4 | Got a gossamer rune of Zot
 43190 | Spider:4 | Bought a potion of haste for 140 gold pieces
 43190 | Spider:4 | Bought a scroll of blinking for 105 gold pieces
 43192 | Spider:4 | Bought the ring "Poanwukul" {rElec rN+ Will+ Int+6 SInv}
                  | for 1088 gold pieces
 43480 | Vaults:1 | Entered Level 1 of the Vaults
 43509 | Vaults:1 | Reached skill level 1 in Fire Magic
 43800 | Vaults:1 | Found Titeis's Assorted Antiques.
 43815 | Vaults:1 | Reached skill level 10 in Fighting
 43828 | Vaults:1 | Bought a potion of brilliance for 96 gold pieces
 44233 | Vaults:1 | Found Sisaaw Nient's General Store.
 44380 | Vaults:1 | Found Pithuaw's Magic Scroll Boutique.
 44395 | Vaults:1 | Bought a scroll of summoning for 180 gold pieces
 44470 | Vaults:1 | Gained mutation: When low on magic, you restore magic in
                  | place of health. [demonic ancestry]
 44470 | Vaults:1 | Reached XP level 20. HP: 145/146 MP: 37/37
 44691 | Vaults:2 | Reached skill level 5 in Fire Magic
 46112 | Vaults:2 | Got Loahiogul's Papyrus of the Ghoulish Wendigo
 46204 | Vaults:2 | Found a runed translucent door.
 46204 | Vaults:2 | Found a shimmering altar of Xom.
 46204 | Vaults:2 | Noticed cforsyth's ghost (veteran KoBr)
 47491 | Vaults:3 | Reached skill level 10 in Fire Magic
 47547 | Vaults:3 | Noticed Luiw's ghost (veteran HOBe)
 47549 | Vaults:3 | Found a transporter.
 47941 | Vaults:3 | Found a staircase to the Crypt.
 48117 | Vaults:3 | Found a transporter.
 48731 | Vaults:4 | Reached XP level 21. HP: 159/159 MP: 38/38
 49716 | Vaults:4 | Noticed Boris
 49725 | Vaults:4 | Killed Boris
 50009 | Vaults:4 | Found Wohahe Xumer's Jewellery Shoppe.
 50327 | Vaults:4 | Lost mutation: You are dopey. (Int -2) [potion of mutation]
 50327 | Vaults:4 | Gained mutation: You expend magic power (3 MP) to
                  | strengthen your wands. [potion of mutation]
 50327 | Vaults:4 | Gained mutation: Your natural rate of healing is unusually
                  | fast. [potion of mutation]
 50553 | Elf:1    | Entered Level 1 of the Elven Halls
 50557 | Elf:1    | Paralysed by an air elemental for 1 turns
 50627 | Elf:1    | Found Buemiduz's Book Emporium.
 50627 | Elf:1    | Found Wuenn's Jewellery Shop.
 50628 | Elf:1    | Found Owurom's Book Emporium.
 50689 | Elf:1    | Reached skill level 15 in Fire Magic
 50776 | Elf:1    | Found Pugocrah's Distillery.
 50785 | Elf:1    | Bought a potion of haste for 150 gold pieces
 50785 | Elf:1    | Bought a potion of haste for 150 gold pieces
 50835 | Elf:1    | Identified the +2 war axe of the Shrike {vamp, *Corrode
                  | MP+9 Str+5}
 50890 | Elf:1    | Found Uted's Vocational Training.
 51344 | Elf:1    | Found Yjixtit's Antique Armour Emporium.
 51647 | Elf:2    | Found a runed translucent gate.
 51648 | Elf:2    | Found a runed translucent gate.
 51648 | Elf:2    | Found a runed translucent gate.
 52210 | Elf:3    | Entered Level 3 of the Elven Halls
 52271 | Elf:3    | Paralysed by an air elemental for 1 turns
 52446 | Elf:3    | Reached XP level 22. HP: 165/165 MP: 25/39
 52569 | Elf:3    | Identified the +3 great sword "Qunk" {flame, Will+ Dex+2
                  | Stlth+}
 52606 | Elf:3    | Identified the +0 triple sword of Gaon {protect, Fly Int-4
                  | Dex+8}
 52667 | Elf:3    | Identified the +1 ring mail "Mefas" {+Blink rPois Str+4
                  | Dex-5}
 52857 | Elf:3    | Identified the +11 whip of Vaid {spect, *Rage rPois Dex+3}
 52990 | Elf:3    | Identified the +5 dagger "Brush" {freeze, rC+ rN+ Dex+3}
 53024 | Elf:3    | Identified the +1 cloak of the Leaf {Harm rC- rCorr MP+9}
 53026 | Elf:3    | Identified the +1 storm dragon scales of Robu {Rampage
                  | *Corrode rElec rPois rN+}
 53683 | Elf:1    | Bought a manual of Evocations for 1520 gold pieces
 53994 | Spider:4 | Bought a book of Annihilations for 720 gold pieces
 54384 | Crypt:1  | Entered Level 1 of the Crypt
 55574 | Crypt:1  | Identified the +3 hand axe of Nimp {holy, rCorr Int+4}
 56182 | Crypt:2  | Noticed Boris
 56200 | Crypt:2  | Killed Boris
 56298 | Crypt:2  | Noticed Jory
 56319 | Crypt:2  | Killed Jory
 56470 | Crypt:2  | Gained mutation: You regenerate a lot of health from kills.
                  | [demonic ancestry]
 56470 | Crypt:2  | Reached XP level 23. HP: 171/171 MP: 35/40
 56514 | Crypt:2  | Found a transporter.
 56631 | Crypt:2  | Noticed a dread lich
 56637 | Crypt:2  | Found a transporter.
 56830 | Crypt:2  | Noticed an ancient lich
 56984 | Crypt:1  | Found an ancient bone altar of Kikubaaqudgha.
 57028 | Crypt:3  | Entered Level 3 of the Crypt
 57121 | Crypt:3  | Found a runed translucent door.
 57122 | Crypt:3  | Noticed Weuw's ghost (adept GrFi)
 57513 | Crypt:3  | Found a staircase to the Tomb.
 57799 | Crypt:3  | Found the +5 scythe "Finisher" {speed, eviscerate}
 58104 | Crypt:3  | Noticed an ancient lich
 58110 | Crypt:3  | Killed an ancient lich
 58117 | Crypt:3  | Identified the +7 broad axe of Megalomania {heavy, Will+}
 58118 | Crypt:3  | Identified the +9 falchion of Greed {heavy, rN+ Str+3}
 58581 | Depths:1 | Entered Level 1 of the Depths
 58615 | Depths:1 | Gained mutation: Your spells are a little easier to cast,
                  | but a little less powerful. [mutagenic glow]
 58631 | Depths:1 | Gained mutation: You occasionally shout uncontrollably at
                  | your foes. [mutagenic glow]
 58642 | Depths:1 | Gained mutation: You are dopey. (Int -2) [mutagenic glow]
 58828 | Depths:1 | Found Vuoken's Armour Boutique.
 58903 | Depths:1 | Found a gateway to Hell.
 59146 | Depths:1 | Reached skill level 15 in Fighting
 59223 | Depths:1 | Found Ceddielun's Armour Boutique.
 59223 | Depths:1 | Found Oprophee's Antique Weapon Shop.
 59223 | Depths:1 | Found Bexyv Asioz's General Store.
 59225 | Depths:1 | Found Woluq's Armour Emporium.
 59283 | Depths:1 | Bought a potion of magic for 144 gold pieces
 59789 | Depths:2 | Noticed Grunn
 59803 | Depths:1 | HP: 8/172 [poisoned by a putrid mouth (foul vapour)]
 60137 | Depths:2 | Killed Grunn
 60267 | Depths:2 | Found Etuo's Assorted Antiques.
 60276 | Depths:2 | Bought a potion of curing for 111 gold pieces
 60276 | Depths:2 | Bought a scroll of fear for 148 gold pieces
 60464 | Depths:2 | Gained mutation: You are resistant to unholy torment.
                  | [demonic ancestry]
 60464 | Depths:2 | Reached XP level 24. HP: 193/193 MP: 40/40
 61447 | Depths:2 | Found a one-way gate to the infinite horrors of the Abyss.
 61607 | Depths:2 | Learned a level 9 spell: Fire Storm
 61647 | Depths:3 | Noticed Mennas
 61652 | Depths:3 | Killed Mennas
 61860 | Depths:3 | Found a one-way gateway to a ziggurat.
 62524 | Depths:3 | Found a bloodstained altar of Trog.
 62952 | Depths:4 | Entered Level 4 of the Depths
 62955 | Depths:4 | Noticed Boris
 62962 | Depths:4 | Killed Boris
 63008 | Depths:4 | Found a stormy altar of Qazlal.
 63445 | Depths:4 | Found a portal to a secret trove of treasure.
 64031 | Depths:4 | Identified the +2 buckler of Soju {rPois rN+ Str-3}
 64081 | Depths:4 | Gained mutation: You can hurl damnation. [demonic ancestry]
 64081 | Depths:4 | Reached XP level 25. HP: 193/202 MP: 39/40
 64132 | Depths:4 | Found a runed translucent door.
 64146 | Depths:4 | Found a runed translucent door.
 64146 | Depths:4 | Found a runed translucent door.
 64168 | Depths:4 | Found a runed translucent door.
 64372 | Depths:4 | Found a gate to the Realm of Zot.
 64465 | Depths:4 | Found a runed translucent door.
 64501 | Depths:4 | Found a runed translucent door.
 64830 | Slime:1  | Entered Level 1 of the Pits of Slime
 65891 | Slime:2  | Gained mutation: You are occasionally teleported next to
                  | monsters. [a shining eye]
 65894 | Slime:2  | Noticed Dissolution
 65908 | Slime:2  | Killed Dissolution
 65918 | Slime:1  | Lost mutation: Your natural rate of healing is unusually
                  | fast. [potion of mutation]
 65918 | Slime:1  | Lost mutation: Your spells are a little easier to cast, but
                  | a little less powerful. [potion of mutation]
 65918 | Slime:1  | Lost mutation: You expend magic power (3 MP) to strengthen
                  | your wands. [potion of mutation]
 65918 | Slime:1  | Gained mutation: You occasionally lose the ability to read
                  | scrolls when taking damage. [potion of mutation]
 65918 | Slime:1  | Gained mutation: You have a somewhat thin skeletal
                  | structure. (Dex +2, Stealth+) [potion of mutation]
 65919 | Slime:1  | Lost mutation: You are occasionally teleported next to
                  | monsters. [potion of mutation]
 65919 | Slime:1  | Lost mutation: You occasionally lose the ability to read
                  | scrolls when taking damage. [potion of mutation]
 65919 | Slime:1  | Gained mutation: You are somewhat resistant to further
                  | mutation. [potion of mutation]
 66030 | Slime:2  | Found a corrupted altar of Lugonu.
 67915 | Slime:5  | Entered Level 5 of the Pits of Slime
 67969 | Slime:5  | Found a viscous altar of Jiyva.
 67969 | Slime:5  | Noticed the Royal Jelly
 67995 | Slime:5  | Killed the Royal Jelly
 68099 | Slime:5  | Identified the ring "Samin" {rElec MP+9 EV+5 Stlth+}
 68105 | Slime:5  | Got the Octavo of Solid Pollution
 68113 | Slime:5  | Identified the +2 robe of Fedhas's Felicitations {rPois
                  | SInv}
 68118 | Slime:5  | Got the Guidebook on Teratogeny and the Volcano
 68126 | Slime:5  | Got a slimy rune of Zot
 68148 | Slime:5  | Got the Incunable of Destiny
 68170 | Slime:5  | Identified the +0 leather armour of the Orb {rC+ Will+
                  | Regen+ Stlth-}
 68175 | Slime:5  | Identified the +7 hand axe of Kanafof {flame, rF+ Str+3}
 68228 | Slime:5  | Identified the +11 great sword "Xodosus" {freeze, *Noise
                  | Int+7 Dex+3}
 68947 | Vaults:5 | Entered Level 5 of the Vaults
 69014 | Vaults:5 | Noticed an ancient lich
 69018 | Vaults:5 | Killed an ancient lich
 69051 | Vaults:5 | Reached skill level 15 in Spellcasting
 69195 | Vaults:5 | Noticed an ancient lich
 69197 | Vaults:5 | Killed an ancient lich
 69217 | Vaults:5 | Reached XP level 26. HP: 179/209 MP: 21/42
 69237 | Vaults:5 | Gained mutation: You frequently scream uncontrollably at
                  | your foes. [mutagenic glow]
 69288 | Vaults:5 | Gained mutation: You are weak. (Str -2) [mutagenic glow]
 69321 | Vaults:5 | Gained mutation: You occasionally lose the ability to read
                  | scrolls when taking damage. [mutagenic glow]
 69375 | Vaults:5 | Acquired 785 gold pieces
 69544 | Vaults:5 | Got a silver rune of Zot
 69547 | Vaults:5 | Got Sif Muna's Lectures on Bolts and Transmutation
 69799 | Vaults:5 | Got Fotib's Directory of Feathers
 69800 | Vaults:5 | Found the ring of the Hare {EV+10}
 69803 | Vaults:5 | Identified the +9 dagger of Ashenzari's Envy {drain, Fly
                  | Will+ Int+2 Dex+2}
 69943 | Vaults:5 | Identified the +0 buckler of the Guilds {Will++}
 70014 | Vaults:5 | Identified the ring of Suqenyedd {rPois Int+5 Dex+4 Slay+2}
 70148 | Vaults:5 | Identified the +3 mace "Newtslayer" {drain, Int+2}
 70323 | Vaults:5 | Bought a manual of Spellcasting for 1600 gold pieces
 70646 | Zot:1    | Entered Level 1 of the Realm of Zot
 70793 | Zot:1    | Gained mutation: Armour fits poorly on your strangely
                  | shaped body. [mutagenic glow]
 71088 | Zot:1    | You are sucked into a shaft and drop 1 floor!
 71088 | Zot:2    | Found the +4 dragonskin cloak
 71088 | Zot:2    | Noticed Tiamat
 71098 | Zot:2    | Killed Tiamat
 71530 | Zot:2    | Reached skill level 15 in Earth Magic
 72490 | Zot:1    | Reached XP level 27. HP: 211/215 MP: 22/47
 73524 | Zot:3    | Identified the +1 chain mail of Agnosticism {rElec rF+
                  | Will- Int+3}
 74915 | Zot:5    | Entered Level 5 of the Realm of Zot
 75115 | Zot:5    | Acquired the +6 chain mail of Sif Muna's Inspiration {rN+
                  | Regen+ Stlth+}
 75574 | Zot:5    | Noticed a dread lich
 75579 | Zot:5    | Killed a dread lich
 75589 | Zot:5    | Noticed an orb of fire
 75605 | Zot:5    | Killed an orb of fire
 75605 | Zot:5    | Noticed an orb of fire
 75617 | Zot:5    | Gained mutation: You occasionally lose the ability to drink
                  | potions when taking damage. [an orb of fire]
 75620 | Zot:5    | Killed an orb of fire
 75628 | Zot:5    | Lost mutation: You have a somewhat thin skeletal structure.
                  | (Dex +2, Stealth+) [potion of mutation]
 75628 | Zot:5    | Lost mutation: Armour fits poorly on your strangely shaped
                  | body. [potion of mutation]
 75628 | Zot:5    | Lost mutation: You occasionally lose the ability to drink
                  | potions when taking damage. [potion of mutation]
 75629 | Zot:5    | Lost mutation: You are somewhat resistant to further
                  | mutation. [potion of mutation]
 75629 | Zot:5    | Lost mutation: You frequently scream uncontrollably at your
                  | foes. [potion of mutation]
 75629 | Zot:5    | Lost mutation: You are weak. (Str -2) [potion of mutation]
 75630 | Zot:5    | Lost mutation: You occasionally lose the ability to read
                  | scrolls when taking damage. [potion of mutation]
 75630 | Zot:5    | Lost mutation: You occasionally shout uncontrollably at
                  | your foes. [potion of mutation]
 75630 | Zot:5    | Gained mutation: You expend magic power (3 MP) to
                  | strengthen your wands. [potion of mutation]
 75630 | Zot:5    | Gained mutation: Your magical capacity is low. (-10% MP)
                  | [potion of mutation]
 75631 | Zot:5    | Lost mutation: You expend magic power (3 MP) to strengthen
                  | your wands. [potion of mutation]
 75631 | Zot:5    | Lost mutation: Your magical capacity is low. (-10% MP)
                  | [potion of mutation]
 75631 | Zot:5    | Gained mutation: Your flesh is heat resistant. (rF+)
                  | [potion of mutation]
 75725 | Zot:5    | Noticed an orb of fire
 75728 | Zot:5    | Noticed an orb of fire
 75731 | Zot:5    | Killed an orb of fire
 75737 | Zot:5    | Killed an orb of fire
 75884 | Zot:5    | Noticed an orb of fire
 75894 | Zot:5    | Killed an orb of fire
 76187 | Zot:5    | Noticed an orb of fire
 76191 | Zot:5    | Noticed an orb of fire
 76191 | Zot:5    | Gained mutation: You sometimes lose your temper in combat.
                  | [an orb of fire]
 76192 | Zot:5    | Killed an orb of fire
 76203 | Zot:5    | Killed an orb of fire
 76394 | Zot:5    | Identified the +8 spear of the Traitor {pain, rF+ rC+ rN+
                  | Dex-4}
 76529 | Zot:5    | Learned a level 9 spell: Shatter
 76538 | Zot:5    | Learned a level 8 spell: Ignition
 76547 | Zot:5    | Learned a level 8 spell: Lehudib's Crystal Spear
 76861 | Depths:4 | Voluntarily entered the Abyss.
 76862 | Abyss:1  | Found a corrupted altar of Lugonu.
 76865 | Abyss:1  | Found a corrupted altar of Lugonu.
 77077 | Abyss:2  | Found a corrupted altar of Lugonu.
 77119 | Abyss:2  | Found a corrupted altar of Lugonu.
 77304 | Abyss:2  | Found a corrupted altar of Lugonu.
 77304 | Abyss:2  | Found a corrupted altar of Lugonu.
 77418 | Abyss:2  | Found a blossoming altar of Fedhas.
 77494 | Abyss:2  | Lost mutation: You sometimes lose your temper in combat.
                  | [potion of mutation]
 77494 | Abyss:2  | Lost mutation: Your flesh is heat resistant. (rF+) [potion
                  | of mutation]
 77494 | Abyss:2  | Lost mutation: You are dopey. (Int -2) [potion of mutation]
 77494 | Abyss:2  | Gained mutation: You are agile. (Dex +4, Str/Int -1)
                  | [potion of mutation]
 77507 | Abyss:2  | Gained mutation: You occasionally lose the ability to read
                  | scrolls when taking damage. [a neqoxec]
 77509 | Abyss:2  | Lost mutation: You are agile. (Dex +4, Str/Int -1) [potion
                  | of mutation]
 77509 | Abyss:2  | Lost mutation: You occasionally lose the ability to read
                  | scrolls when taking damage. [potion of mutation]
 77509 | Abyss:2  | Gained mutation: You are robust. (+10% HP) [potion of
                  | mutation]
 77509 | Abyss:2  | Gained mutation: You expend magic power (3 MP) to
                  | strengthen your wands. [potion of mutation]
 77509 | Abyss:2  | Gained mutation: Your spells are a little harder to cast,
                  | but a little more powerful. [potion of mutation]
 77678 | Abyss:2  | Found a corrupted altar of Lugonu.
 77707 | Abyss:2  | Found a corrupted altar of Lugonu.
 77872 | Abyss:3  | Found a corrupted altar of Lugonu.
 78238 | Abyss:3  | Got an abyssal rune of Zot
 78287 | Depths:4 | Escaped the Abyss
 78341 | Zig:1    | Entered Level 1 of a ziggurat
 78357 | Zig:2    | Entered Level 2 of a ziggurat
 78384 | Zig:3    | Entered Level 3 of a ziggurat
 78406 | Zig:4    | Entered Level 4 of a ziggurat
 78440 | Zig:5    | Entered Level 5 of a ziggurat
 78448 | Zig:5    | Found the +8 mithril axe "Arga" {speed, Will+}
 78458 | Zig:5    | Identified the ring of the Falcon {rN+ Str+6 Stlth+}
 78459 | Zig:5    | Identified the amulet "Miaqibol" {Acrobat rN+ Str-3 Int+2}
 78476 | Zig:6    | Entered Level 6 of a ziggurat
 78496 | Zig:6    | Identified the +7 dagger of Action {elec, rC+}
 78499 | Zig:6    | Acquired 760 gold pieces
 78505 | Zig:6    | Acquired the +4 buckler of the Comet {MP+9}
 78522 | Zig:6    | Acquired the Verses on Undead Bruises
 78526 | Zig:6    | Acquired the ring of Lucidity {rC+ Int+5}
 78542 | Zig:7    | Entered Level 7 of a ziggurat
 78548 | Zig:7    | Reached skill level 1 in Transmutations
 78600 | Zig:8    | Entered Level 8 of a ziggurat
 78627 | Zig:8    | Identified the +0 chain mail of Makhleb's Generosity {rF+
                  | Will+}
 78667 | Zig:9    | Entered Level 9 of a ziggurat
 78672 | Zig:9    | Found the +4 Cigotuvi's embrace {Corpsefed rMiasma Drain
                  | rN+}
 78703 | Zig:9    | Identified the ring "Esauteh" {rF+ rC- rN+ Will+ Dex+4}
 78735 | Zig:10   | Entered Level 10 of a ziggurat
 78765 | Zig:10   | Identified the amulet "Joryigyi" {Faith Str+3 Stlth+}
 78777 | Zig:10   | Identified the +3 quarterstaff "Kaojoch" {holy, Int+3}
 78826 | Zig:11   | Entered Level 11 of a ziggurat
 78835 | Zig:11   | Found the +8 lance "Wyrmbane" {slay drac, rPois rF+ rC+
                  | AC+3}
 78836 | Zig:11   | Noticed Sigracko the pandemonium lord
 78837 | Zig:11   | Noticed Plog the pandemonium lord
 78838 | Zig:11   | Noticed Sem Buj the pandemonium lord
 78840 | Zig:11   | Killed Plog the pandemonium lord
 78841 | Zig:11   | Reached skill level 10 in Necromancy
 78845 | Zig:11   | Killed Sem Buj the pandemonium lord
 78846 | Zig:11   | Reached skill level 5 in Transmutations
 78848 | Zig:11   | Killed Sigracko the pandemonium lord
 78849 | Zig:11   | Gained mutation: Your magical capacity is low. (-10% MP) [a
                  | cacodemon]
 78877 | Zig:11   | Identified the +2 falchion of the Unliving {drain, SInv}
 78889 | Zig:11   | Identified the +3 halberd of Mutixubb {holy, *Noise +Blink
                  | rC+}
 78925 | Zig:11   | Lost mutation: Your spells are a little harder to cast, but
                  | a little more powerful. [potion of mutation]
 78925 | Zig:11   | Lost mutation: Your magical capacity is low. (-10% MP)
                  | [potion of mutation]
 78925 | Zig:11   | Gained mutation: You are weak. (Str -2) [potion of
                  | mutation]
 78925 | Zig:11   | Gained mutation: Your mind is acute. (Int +4, Str/Dex -1)
                  | [potion of mutation]
 78925 | Zig:11   | Gained mutation: You are very robust. (+20% HP) [potion of
                  | mutation]
 78925 | Zig:11   | Gained mutation: You have large cloven feet. [potion of
                  | mutation]
 78972 | Zig:11   | Learned a level 8 spell: Necromutation
 78973 | Zig:12   | Entered Level 12 of a ziggurat
 78982 | Zig:12   | Found the +7 captain's cutlass {speed, disarm}
 78984 | Zig:12   | Found the ring of the Mage {Wiz Archmagi}
 79087 | Zig:13   | Entered Level 13 of a ziggurat
 79094 | Zig:13   | Paralysed by a wendigo for 1 turns
 79133 | Zig:13   | Found the +9 scales of the Dragon King {rPois rF+ rC+
                  | Will+}
 79152 | Zig:13   | Identified the ring "Ifeic" {rPois rF+++ Str-3 Int+6}
 79159 | Zig:13   | Identified the +1 plate armour of Shielding {rF+ rCorr
                  | Dex+2}
 79239 | Zig:14   | Entered Level 14 of a ziggurat
 79249 | Zig:14   | Noticed Loyfoh the pandemonium lord
 79258 | Zig:14   | Killed Loyfoh the pandemonium lord
 79262 | Zig:14   | Reached skill level 10 in Transmutations
 79321 | Zig:14   | Identified the ring of Existentialism {Ice Dex+3 Stlth+}
 79324 | Zig:14   | Identified the +7 morningstar of Grace {protect, Fly rPois
                  | rC- Dex+6}
 79383 | Zig:15   | Entered Level 15 of a ziggurat
 79432 | Zig:15   | Identified the +1 plate armour of Zini {+Inv rF- MP-9 SInv}
 79512 | Zig:16   | Entered Level 16 of a ziggurat
 79524 | Zig:16   | Noticed a juggernaut
 79525 | Zig:16   | Noticed a juggernaut
 79527 | Zig:16   | Killed a juggernaut
 79529 | Zig:16   | Killed a juggernaut
 79530 | Zig:16   | Noticed a juggernaut
 79532 | Zig:16   | Killed a juggernaut
 79569 | Zig:16   | Found the macabre finger necklace {Finger+ rN+}
 79637 | Zig:16   | Identified the +11 dagger "Yzoi" {freeze, rN+}
 79672 | Zig:16   | Identified the +0 dagger of Hospitality {vamp, rCorr SInv
                  | Stlth+}
 79720 | Zig:17   | Entered Level 17 of a ziggurat
 79814 | Zig:17   | Identified the +0 lajatang of the Sage {pain, Dex+3}
 79819 | Zig:17   | Identified the ring "Sononamp" {rCorr Str+3 Int+3 Dex+6
                  | Slay-4}
 79890 | Zig:18   | Entered Level 18 of a ziggurat
 79912 | Zig:18   | Reached skill level 15 in Necromancy
 79977 | Zig:18   | Identified the +2 longbow "Obraaj" {heavy, Int+4 Stlth+}
 80050 | Zig:19   | Entered Level 19 of a ziggurat
 80067 | Zig:19   | Noticed an ancient lich
 80067 | Zig:19   | Noticed an ancient lich
 80068 | Zig:19   | Noticed an ancient lich
 80069 | Zig:19   | Killed an ancient lich
 80069 | Zig:19   | Killed an ancient lich
 80069 | Zig:19   | Killed an ancient lich
 80071 | Zig:19   | Reached skill level 15 in Transmutations
 80071 | Zig:19   | Noticed an ancient lich
 80072 | Zig:19   | Reached skill level 1 in Air Magic
 80073 | Zig:19   | Killed an ancient lich
 80109 | Zig:19   | Identified the amulet "Isuph" {Spirit Harm Fly rElec
                  | Slay-5}
 80113 | Zig:19   | Identified the ring of Darkness {Will+ SInv}
 80124 | Zig:19   | Identified the +6 plate armour "Urinuer" {Str+2 Dex+4}
 80131 | Zig:19   | Acquired the +2 pair of boots of Amelioration {Str+6}
 80144 | Zig:19   | Identified the +8 broad axe of the Endless Expanse {drain,
                  | Dex+3}
 80258 | Zig:20   | Entered Level 20 of a ziggurat
 80274 | Zig:20   | Noticed a juggernaut
 80275 | Zig:20   | Noticed a juggernaut
 80276 | Zig:20   | Reached skill level 5 in Evocations
 80278 | Zig:20   | Killed a juggernaut
 80280 | Zig:20   | Noticed a juggernaut
 80281 | Zig:20   | Killed a juggernaut
 80284 | Zig:20   | Killed a juggernaut
 80285 | Zig:20   | Reached skill level 5 in Air Magic
 80290 | Zig:20   | Found the +8 autumn katana {manifold assault}
 80291 | Zig:20   | Found the +5 glaive of the Guard {elec, spectral, AC+5}
 80323 | Zig:20   | Identified the ring of Immorality {rPois Will++ rCorr
                  | Str+2}
 80335 | Zig:20   | Identified the ring "Wilearen" {rC+ Stlth+}
 80378 | Zig:20   | Identified the +6 great sword "Most" {spect, rElec rPois
                  | rN+++ Str-3}
 80588 | Zig:21   | Entered Level 21 of a ziggurat
 80608 | Zig:21   | Noticed an ancient lich
 80611 | Zig:21   | Killed an ancient lich
 80612 | Zig:21   | Reached skill level 10 in Evocations
 80614 | Zig:21   | Noticed a dread lich
 80614 | Zig:21   | Noticed a dread lich
 80615 | Zig:21   | Killed a dread lich
 80617 | Zig:21   | Killed a dread lich
 80803 | Zig:21   | Got the Omnibus of Wild Spellbinding
 80806 | Zig:21   | Identified the +9 long sword "Laerghyi" {venom, rElec MP+9}
 80942 | Zig:22   | Entered Level 22 of a ziggurat
 80962 | Zig:22   | Reached skill level 10 in Air Magic
 81085 | Zig:22   | Got the Compendium of the Sinister Throng
 81099 | Zig:22   | Identified the +10 falchion of Disarray {heavy, rC- Dex+8
                  | Stlth+}
 81101 | Zig:22   | Identified the +8 rapier "Namaup" {holy, Int+3}
 81104 | Zig:22   | Identified the +0 plate armour of Gestures {Dex+2}
 81188 | Zig:23   | Entered Level 23 of a ziggurat
 81197 | Zig:23   | Noticed a royal mummy
 81197 | Zig:23   | Noticed a royal mummy
 81200 | Zig:23   | Noticed a royal mummy
 81200 | Zig:23   | Noticed a royal mummy
 81202 | Zig:23   | Noticed a royal mummy
 81205 | Zig:23   | Killed a royal mummy
 81205 | Zig:23   | Killed a royal mummy
 81205 | Zig:23   | Killed a royal mummy
 81205 | Zig:23   | Killed a royal mummy
 81205 | Zig:23   | Noticed a royal mummy
 81206 | Zig:23   | Noticed a royal mummy
 81207 | Zig:23   | Noticed a royal mummy
 81208 | Zig:23   | Killed a royal mummy
 81208 | Zig:23   | Killed a royal mummy
 81208 | Zig:23   | Noticed a royal mummy
 81209 | Zig:23   | Noticed a royal mummy
 81209 | Zig:23   | Noticed a royal mummy
 81210 | Zig:23   | Killed a royal mummy
 81211 | Zig:23   | Killed a royal mummy
 81213 | Zig:23   | Killed a royal mummy
 81213 | Zig:23   | Killed a royal mummy
 81213 | Zig:23   | Killed a royal mummy
 81213 | Zig:23   | Noticed a royal mummy
 81214 | Zig:23   | Noticed a royal mummy
 81214 | Zig:23   | Noticed a royal mummy
 81219 | Zig:23   | Killed a royal mummy
 81219 | Zig:23   | Killed a royal mummy
 81225 | Zig:23   | Killed a royal mummy
 81354 | Zig:23   | Identified the ring "Bunih" {rCorr MP+9 Int-4 Dex+2 SInv}
 81361 | Zig:23   | Identified the +2 robe "Pausmucu" {Will+ rCorr Str+3 Int-2}
 81362 | Zig:23   | Identified the ring of Ozeh {rPois rC+ Will+}
 81384 | Zig:23   | Learned a level 9 spell: Chain Lightning
 81403 | Zig:23   | Identified the +9 hand axe of Diuck {freeze, Int+3}
 81404 | Zig:23   | Identified the +1 leather armour of Xuoss {*Slow rPois
                  | Regen+ Str+4 Int-2}
 81411 | Zig:23   | Identified the +7 dire flail of Termination {freeze, Dex+4}
 81597 | Zig:24   | Entered Level 24 of a ziggurat
 81613 | Zig:24   | Reached skill level 15 in Air Magic
 81873 | Zig:25   | Entered Level 25 of a ziggurat
 82077 | Zig:25   | Identified the ring of Acsedd {rC+ Int+7 Slay-2}
 82088 | Zig:25   | Identified the ring of Jaqaxuit {rElec rN+ Slay+4}
 82183 | Zig:26   | Entered Level 26 of a ziggurat
 82197 | Zig:26   | Noticed a juggernaut
 82200 | Zig:26   | Noticed a juggernaut
 82201 | Zig:26   | Noticed a juggernaut
 82202 | Zig:26   | Noticed a juggernaut
 82203 | Zig:26   | Killed a juggernaut
 82203 | Zig:26   | Killed a juggernaut
 82204 | Zig:26   | Noticed a juggernaut
 82205 | Zig:26   | Noticed a juggernaut
 82205 | Zig:26   | Noticed a juggernaut
 82205 | Zig:26   | Noticed a juggernaut
 82206 | Zig:26   | Noticed a juggernaut
 82206 | Zig:26   | Noticed a juggernaut
 82207 | Zig:26   | Killed a juggernaut
 82207 | Zig:26   | Killed a juggernaut
 82207 | Zig:26   | Killed a juggernaut
 82207 | Zig:26   | Killed a juggernaut
 82207 | Zig:26   | Killed a juggernaut
 82207 | Zig:26   | Noticed a juggernaut
 82208 | Zig:26   | Killed a juggernaut
 82209 | Zig:26   | Killed a juggernaut
 82209 | Zig:26   | Killed a juggernaut
 82209 | Zig:26   | Noticed a juggernaut
 82210 | Zig:26   | Killed a juggernaut
 82212 | Zig:26   | Killed a juggernaut
 82358 | Zig:26   | Identified the ring of the Tuna {Fly Str+3}
 82364 | Zig:26   | Identified the +1 long sword of Melee {heavy, Str+3 Dex+2
                  | Stlth+}
 82481 | Zig:27   | Entered Level 27 of a ziggurat
 82728 | Zig:27   | Found the +10 dark maul {heavy}
 82739 | Zig:27   | Identified the +3 ring mail of Puib Walyv {Str+3 Dex+3}
 82744 | Zig:27   | Identified the +11 trident of Exquisite Death {spect,
                  | Dex+3}
 82745 | Zig:27   | Identified the +1 ring mail of the Goldsmith {*Slow rC++
                  | rCorr Str+2}
 82750 | Zig:27   | Got the Essays on Fetching Angles
 82927 | Pan      | Entered Pandemonium
 83153 | Pan      | Identified the +10 hand axe "Piqeat" {elec, rElec rN+
                  | Int+2}
 83314 | Pan      | Noticed Uzxodaja the pandemonium lord
 83317 | Pan      | Killed Uzxodaja the pandemonium lord
 83362 | Pan      | Got a demonic rune of Zot
 83451 | Pan      | Noticed Qibbel the pandemonium lord
 83456 | Pan      | Killed Qibbel the pandemonium lord
 83540 | Pan      | Entered the realm of Mnoleg.
 83628 | Pan      | Gained mutation: You have hidden genetic defects. [a
                  | neqoxec]
 83628 | Pan      | Gained mutation: You occasionally shout uncontrollably at
                  | your foes. [a cacodemon]
 83705 | Pan      | Noticed Mnoleg
 83710 | Pan      | Killed Mnoleg
 83721 | Pan      | Noticed Ignacio
 83725 | Pan      | Killed Ignacio
 83983 | Pan      | Got a glowing rune of Zot
 84127 | Pan      | Found an exit through the horrors of the Abyss.
 84167 | Pan      | Noticed Coorr the pandemonium lord
 84167 | Pan      | Found a runed translucent door.
 84183 | Pan      | Lost mutation: Your mind is acute. (Int +4, Str/Dex -1)
                  | [hidden defects]
 84215 | Pan      | Killed Coorr the pandemonium lord
 84434 | Pan      | Noticed Xirriorgh the pandemonium lord
 84464 | Pan      | Killed Xirriorgh the pandemonium lord
 84507 | Pan      | Identified the +1 falchion "Backscratcher" {heavy, rElec
                  | rPois rCorr Int-2}
 84761 | Pan      | Noticed Simpe the pandemonium lord
 84764 | Pan      | Killed Simpe the pandemonium lord
 84795 | Pan      | Entered the realm of Lom Lobon.
 85008 | Pan      | Noticed Lom Lobon
 85017 | Pan      | Killed Lom Lobon
 85087 | Pan      | Got a magical rune of Zot
 85405 | Pan      | Entered the realm of Gloorx Vloq.
 85512 | Pan      | Noticed Gloorx Vloq
 85522 | Pan      | Killed Gloorx Vloq
 85546 | Pan      | Got a dark rune of Zot
 85784 | Pan      | Entered the realm of Cerebov.
 85789 | Pan      | Reached skill level 15 in Dodging
 86155 | Pan      | Found the +6 sword of Cerebov {flame}
 86155 | Pan      | Noticed Cerebov
 86169 | Pan      | Killed Cerebov
 86362 | Pan      | Got a fiery rune of Zot
 86449 | Pan      | Identified the amulet "Femom" {Spirit rPois SInv}
 86572 | Pan      | Reached skill level 1 in Throwing
 86931 | Pan      | Identified the +4 mace of Intimidation {heavy, Fly}
 87574 | Pan      | Identified the +6 long sword of Pitihoes {pain, Will++
                  | Str+3}
 87737 | Pan      | Noticed Niugazuo the pandemonium lord
 87741 | Pan      | Killed Niugazuo the pandemonium lord
 88551 | Pan      | Reached skill level 1 in Polearms
 88719 | Pan      | Noticed Haluakk the pandemonium lord
 88721 | Pan      | Reached skill level 5 in Throwing
 88723 | Pan      | Killed Haluakk the pandemonium lord
 88789 | Depths:2 | Escaped Pandemonium
 88896 | Depths:2 | Lost mutation: You expend magic power (3 MP) to strengthen
                  | your wands. [potion of mutation]
 88896 | Depths:2 | Lost mutation: You are weak. (Str -2) [potion of mutation]
 88896 | Depths:2 | Gained mutation: You are weak. (Str -2) [potion of
                  | mutation]
 88896 | Depths:2 | Gained mutation: You passively dampen the noise of your
                  | surroundings. [potion of mutation]
 88896 | Depths:2 | Gained mutation: You expend magic power (3 MP) to
                  | strengthen your wands. [potion of mutation]
 88897 | Depths:2 | Lost mutation: You are very robust. (+20% HP) [potion of
                  | mutation]
 88897 | Depths:2 | Lost mutation: You passively dampen the noise of your
                  | surroundings. [potion of mutation]
 88897 | Depths:2 | Lost mutation: You expend magic power (3 MP) to strengthen
                  | your wands. [potion of mutation]
 88897 | Depths:2 | Gained mutation: You are strong-willed. (Will+) [potion of
                  | mutation]
 88897 | Depths:2 | Gained mutation: You have hoof-like feet. [potion of
                  | mutation]
 88897 | Depths:2 | Gained mutation: You sometimes lose your temper in combat.
                  | [potion of mutation]
 88898 | Depths:2 | Lost mutation: You occasionally shout uncontrollably at
                  | your foes. [potion of mutation]
 88898 | Depths:2 | Lost mutation: You are weak. (Str -2) [potion of mutation]
 88898 | Depths:2 | Gained mutation: You are partially covered in large bone
                  | plates. (SH +4) [potion of mutation]
 88898 | Depths:2 | Gained mutation: You occasionally lose the ability to read
                  | scrolls when taking damage. [potion of mutation]
 88899 | Depths:2 | Lost mutation: You are robust. (+10% HP) [potion of
                  | mutation]
 88899 | Depths:2 | Lost mutation: You are strong-willed. (Will+) [potion of
                  | mutation]
 88899 | Depths:2 | Gained mutation: You occasionally shout uncontrollably at
                  | your foes. [potion of mutation]
 88899 | Depths:2 | Lost mutation: You sometimes lose your temper in combat.
                  | [potion of mutation]
 88900 | Depths:2 | Lost mutation: You have hidden genetic defects. [potion of
                  | mutation]
 88900 | Depths:2 | Lost mutation: You are partially covered in large bone
                  | plates. (SH +4) [potion of mutation]
 88900 | Depths:2 | Gained mutation: Your mind is acute. (Int +4, Str/Dex -1)
                  | [potion of mutation]
 88901 | Depths:2 | Lost mutation: You have hoof-like feet. [potion of
                  | mutation]
 88901 | Depths:2 | Lost mutation: Your mind is acute. (Int +4, Str/Dex -1)
                  | [potion of mutation]
 88901 | Depths:2 | Lost mutation: You occasionally lose the ability to read
                  | scrolls when taking damage. [potion of mutation]
 88901 | Depths:2 | Gained mutation: You are agile. (Dex +4, Str/Int -1)
                  | [potion of mutation]
 90524 | D:13     | Killed Agnes
 91758 | Tomb:1   | Entered Level 1 of the Tomb of the Ancients
 91930 | Tomb:1   | Noticed a royal mummy
 91933 | Tomb:1   | Killed a royal mummy
 92386 | Tomb:1   | Noticed a royal mummy
 92389 | Tomb:1   | Noticed a royal mummy
 92394 | Tomb:1   | Killed a royal mummy
 92395 | Tomb:1   | Reached skill level 5 in Polearms
 92399 | Tomb:1   | Killed a royal mummy
 92704 | Tomb:2   | Noticed a royal mummy
 92705 | Tomb:2   | Noticed a royal mummy
 92705 | Tomb:2   | Noticed a royal mummy
 92707 | Tomb:2   | Noticed a royal mummy
 92711 | Tomb:2   | Killed a royal mummy
 92712 | Tomb:2   | Killed a royal mummy
 92712 | Tomb:2   | Killed a royal mummy
 92715 | Tomb:2   | Killed a royal mummy
 93493 | Tomb:3   | Entered Level 3 of the Tomb of the Ancients
 93518 | Tomb:3   | Noticed a royal mummy
 93522 | Tomb:3   | Killed a royal mummy
 93522 | Tomb:3   | Noticed a royal mummy
 93524 | Tomb:3   | Killed a royal mummy
 93526 | Tomb:3   | Noticed a royal mummy
 93526 | Tomb:3   | Noticed a royal mummy
 93528 | Tomb:3   | Noticed a royal mummy
 93529 | Tomb:3   | Killed a royal mummy
 93529 | Tomb:3   | Killed a royal mummy
 93529 | Tomb:3   | Noticed a royal mummy
 93529 | Tomb:3   | Noticed a royal mummy
 93530 | Tomb:3   | Killed a royal mummy
 93531 | Tomb:3   | Killed a royal mummy
 93531 | Tomb:3   | Killed a royal mummy
 93531 | Tomb:3   | Noticed Khufu
 93535 | Tomb:3   | Killed Khufu
 93536 | Tomb:3   | Noticed a royal mummy
 93539 | Tomb:3   | Killed a royal mummy
 93539 | Tomb:3   | Paralysed by a Zot trap for 3 turns
 93723 | Tomb:3   | Identified the +0 pair of boots "Jiw Igai" {rPois Will-
                  | MP+9}
 93780 | Tomb:3   | Identified the +2 longbow of Qazlal's Fury {elec, rN+
                  | Will++}
 93935 | Tomb:3   | Got a golden rune of Zot
 93998 | Tomb:3   | Identified the +0 rapier of Colaq {heavy, Dex+4}
 94018 | Tomb:3   | Identified the +11 quick blade of Sequestration {heavy,
                  | Will+ MP-9 Dex+2}
 94019 | Tomb:3   | Identified the ring "Konno" {Dex+6 SInv Stlth+}
 94026 | Tomb:3   | Identified the amulet "Weciq" {Acrobat rPois rC++ Str-2
                  | SInv}
 94028 | Tomb:3   | Identified the +4 long sword of the End {distort, rF+}
 94030 | Tomb:3   | Identified the +7 war axe of Amorality {elec, Dex+3}
 94031 | Tomb:3   | Identified the +5 war axe of Mourning {pain, rF++}
 94302 | Tomb:1   | Noticed a royal mummy
 94302 | Tomb:1   | Noticed a royal mummy
 94302 | Tomb:1   | Noticed a royal mummy
 94305 | Tomb:1   | Killed a royal mummy
 94305 | Tomb:1   | Killed a royal mummy
 94305 | Tomb:1   | Noticed a royal mummy
 94306 | Tomb:1   | Killed a royal mummy
 94311 | Tomb:1   | Killed a royal mummy
 94311 | Tomb:1   | Noticed a royal mummy
 94312 | Tomb:1   | Reached skill level 10 in Throwing
 94317 | Tomb:1   | Killed a royal mummy
 94321 | Tomb:1   | Noticed a royal mummy
 94323 | Tomb:1   | Killed a royal mummy
 94323 | Tomb:1   | Noticed a royal mummy
 94327 | Tomb:1   | Killed a royal mummy
 94412 | Tomb:1   | Noticed a royal mummy
 94421 | Tomb:1   | Killed a royal mummy
 94550 | Tomb:1   | Noticed a royal mummy
 94550 | Tomb:1   | Noticed a royal mummy
 94550 | Tomb:1   | Noticed a royal mummy
 94550 | Tomb:1   | Noticed a royal mummy
 94553 | Tomb:1   | Killed a royal mummy
 94553 | Tomb:1   | Killed a royal mummy
 94555 | Tomb:1   | Killed a royal mummy
 94555 | Tomb:1   | Killed a royal mummy
 94556 | Tomb:1   | Reached skill level 10 in Polearms
 94618 | Tomb:1   | Noticed a royal mummy
 94619 | Tomb:1   | Noticed a royal mummy
 94631 | Tomb:1   | Killed a royal mummy
 94638 | Tomb:1   | Killed a royal mummy
 95097 | Depths:1 | Bought the +0 pair of gloves "Lion Uno" {Will- MP+9 Dex+3}
                  | for 422 gold pieces
 95161 | Hell     | Entered the Vestibule of Hell
 95164 | Hell     | Noticed Geryon
 95169 | Hell     | Killed Geryon
 95317 | Hell     | Found a gateway to the ashen valley of Gehenna.
 95439 | Hell     | Found a gateway to the Iron City of Dis.
 95553 | Hell     | Found a gateway to the decaying netherworld of Tartarus.
 95645 | Hell     | Found a gateway to the freezing wastes of Cocytus.
 95795 | Geh:1    | Entered Level 1 of Gehenna
 95940 | Geh:1    | You are sucked into a shaft and drop 1 floor!
 97502 | Geh:6    | Reached skill level 5 in Armour
 97733 | Geh:7    | Entered Level 7 of Gehenna
 98617 | Geh:7    | Noticed the Serpent of Hell
 98626 | Geh:7    | Killed the Serpent of Hell
 99026 | Geh:7    | Found the +7 sceptre of Asmodeus
 99026 | Geh:7    | Noticed Asmodeus
 99032 | Geh:7    | Killed Asmodeus
 99067 | Geh:7    | Got an obsidian rune of Zot
 99085 | Geh:7    | Identified the +3 spear "Hellblazer" {protect, rN+ rCorr}
 99544 | Geh:7    | Identified the ring "Dijov" {rN+ Int+2}
 99824 | Coc:1    | Entered Level 1 of Cocytus
100108 | Coc:2    | Reached skill level 15 in Throwing
100128 | Coc:2    | Paralysed by a wendigo for 1 turns
100403 | Coc:3    | Noticed a dread lich
100408 | Coc:3    | Killed a dread lich
101446 | Coc:6    | Reached skill level 10 in Armour
101647 | Coc:7    | Entered Level 7 of Cocytus
102523 | Coc:7    | Noticed Antaeus
102540 | Coc:7    | Killed Antaeus
102658 | Coc:7    | Got an icy rune of Zot
102675 | Coc:7    | Identified the ring "Ushrol" {rPois rF- Will+ Int+3 Dex+6}
103081 | Dis:1    | Entered Level 1 of the Iron City of Dis
104557 | Dis:7    | Entered Level 7 of the Iron City of Dis
104635 | Dis:7    | Noticed a juggernaut
104638 | Dis:7    | Killed a juggernaut
104640 | Dis:7    | Noticed a juggernaut
104642 | Dis:7    | Killed a juggernaut
104661 | Dis:7    | Noticed a dread lich
104663 | Dis:7    | Killed a dread lich
104785 | Dis:7    | Reached skill level 10 in Shields
104831 | Dis:7    | Noticed a juggernaut
104835 | Dis:7    | Killed a juggernaut
104847 | Dis:7    | Reached skill level 15 in Armour
105806 | Dis:7    | Found the +4 robe of Folly {Brill Will-∞ Int+8}
105819 | Dis:7    | Identified the ring of Accord {Ice Int+2 Dex+3}
106000 | Dis:7    | Found the +4 staff of Dispater
106000 | Dis:7    | Noticed Dispater
106008 | Dis:7    | Killed Dispater
106024 | Dis:7    | Identified the +6 falchion of Impermanence {freeze, rPois
                  | Will++ rCorr Str+2 Int-3}
106029 | Dis:7    | Got an iron rune of Zot
106046 | Dis:7    | Identified the +1 longbow of Dominance {flame, Int+3}
106378 | Tar:1    | Entered Level 1 of Tartarus
106909 | Tar:2    | You are sucked into a shaft and drop 1 floor!
108094 | Tar:6    | Found a huge runed gate.
108094 | Tar:6    | Found a huge runed gate.
108094 | Tar:6    | Found a huge runed gate.
108094 | Tar:6    | Found a huge runed gate.
108094 | Tar:6    | Found a huge runed gate.
108094 | Tar:6    | Found a huge runed gate.
108095 | Tar:6    | Found a huge runed gate.
108096 | Tar:6    | Found a huge runed gate.
108096 | Tar:6    | Found a huge runed gate.
108100 | Tar:6    | Found a huge runed gate.
108100 | Tar:6    | Found a huge runed gate.
108100 | Tar:6    | Found a huge runed gate.
108100 | Tar:6    | Found a huge runed gate.
108100 | Tar:6    | Found a huge runed gate.
108100 | Tar:6    | Found a huge runed gate.
108101 | Tar:6    | Found a huge runed gate.
108102 | Tar:6    | Found a huge runed gate.
108103 | Tar:6    | Found a huge runed gate.
108110 | Tar:6    | Reached skill level 15 in Shields
108157 | Tar:6    | Found a huge runed gate.
108157 | Tar:6    | Found a huge runed gate.
108157 | Tar:6    | Found a huge runed gate.
108157 | Tar:6    | Found a huge runed gate.
108157 | Tar:6    | Found a huge runed gate.
108172 | Tar:6    | Found a huge runed gate.
108172 | Tar:6    | Found a huge runed gate.
108172 | Tar:6    | Found a huge runed gate.
108173 | Tar:6    | Found a huge runed gate.
108189 | Tar:6    | Found a huge runed gate.
108190 | Tar:6    | Found a huge runed gate.
108190 | Tar:6    | Found a huge runed gate.
108206 | Tar:6    | Found a huge runed gate.
108206 | Tar:6    | Found a huge runed gate.
108206 | Tar:6    | Found a huge runed gate.
108206 | Tar:6    | Found a huge runed gate.
108206 | Tar:6    | Found a huge runed gate.
108216 | Tar:6    | Found a huge runed gate.
108420 | Tar:6    | Noticed an ancient lich
108420 | Tar:6    | Noticed a dread lich
108420 | Tar:6    | Noticed a dread lich
108422 | Tar:6    | Killed a dread lich
108423 | Tar:6    | Killed a dread lich
108423 | Tar:6    | Killed an ancient lich
108618 | Tar:7    | Entered Level 7 of Tartarus
109114 | Tar:7    | Noticed a dread lich
109118 | Tar:7    | Killed a dread lich
109151 | Tar:7    | Noticed a dread lich
109153 | Tar:7    | Killed a dread lich
109418 | Tar:7    | Reached skill level 15 in Evocations
109541 | Tar:7    | Noticed a dread lich
109541 | Tar:7    | Noticed an ancient lich
109544 | Tar:7    | Killed an ancient lich
109544 | Tar:7    | Killed a dread lich
109755 | Tar:7    | Noticed Ereshkigal
109765 | Tar:7    | Killed Ereshkigal
110080 | Tar:7    | Identified the +1 great mace of Emyokk {flame, +Blink
                  | Str+2}
110223 | Tar:7    | Identified the +9 hand axe of the Bruised Spines {flame,
                  | Will+}
110379 | Tar:7    | Got a bone rune of Zot
111145 | Zig:1    | Entered Level 1 of a ziggurat
111168 | Zig:2    | Entered Level 2 of a ziggurat
111196 | Zig:3    | Entered Level 3 of a ziggurat
111228 | Zig:3    | Identified the +1 trident "Nonwuvyi" {drain, rF+ rC+}
111249 | Zig:4    | Entered Level 4 of a ziggurat
111310 | Zig:5    | Entered Level 5 of a ziggurat
111315 | Zig:5    | Noticed Jumag the pandemonium lord
111317 | Zig:5    | Killed Jumag the pandemonium lord
111340 | Zig:5    | Identified the +9 halberd of Misery {flame, rC- Str+3 SInv
                  | Stlth+}
111346 | Zig:5    | Identified the +9 morningstar of Dujiesal {flame, rElec rN+
                  | rCorr Str-4}
111363 | Zig:6    | Entered Level 6 of a ziggurat
111368 | Zig:6    | Noticed an ancient lich
111370 | Zig:6    | Killed an ancient lich
111370 | Zig:6    | Noticed a dread lich
111373 | Zig:6    | Killed a dread lich
111401 | Zig:6    | Identified the +7 trident "Koycyly" {venom, rElec rPois
                  | Will- Int+8}
111428 | Zig:7    | Entered Level 7 of a ziggurat
111481 | Zig:7    | Identified the +2 shortbow of the Grey Skies {flame, rF+
                  | Int+3 Stlth-}
111519 | Zig:8    | Entered Level 8 of a ziggurat
111561 | Zig:8    | Identified the ring of Finuq {rPois Int+2}
111615 | Zig:9    | Entered Level 9 of a ziggurat
111626 | Zig:9    | Noticed Qoybbixa the pandemonium lord
111628 | Zig:9    | Killed Qoybbixa the pandemonium lord
111688 | Zig:9    | Identified the +0 pair of gloves of the Locust {Dex+3}
111698 | Zig:9    | Identified the +7 shortbow of the Riding Bear {elec, Will-
                  | Str+6}
111737 | Zig:10   | Entered Level 10 of a ziggurat
111743 | Zig:10   | Noticed an ancient lich
111745 | Zig:10   | Found the +2 Maxwell's thermic engine {flame, freeze}
111747 | Zig:10   | Killed an ancient lich
111747 | Zig:10   | Noticed an ancient lich
111748 | Zig:10   | Noticed an ancient lich
111749 | Zig:10   | Killed an ancient lich
111750 | Zig:10   | Killed an ancient lich
111792 | Zig:10   | Identified the +7 war axe of the Devouring Asp {elec, Dex+3
                  | SInv}
111807 | Zig:10   | Identified the +3 demon whip of Destruction {pain, rF++
                  | Str+2 Int+4}
111821 | Zig:10   | Identified the +0 ring mail "Tuhody Kimu" {rC++ Int+2}
111856 | Zig:11   | Entered Level 11 of a ziggurat
111966 | Zig:12   | Entered Level 12 of a ziggurat
111973 | Zig:12   | Noticed an ancient lich
111975 | Zig:12   | Killed an ancient lich
111975 | Zig:12   | Noticed an ancient lich
111976 | Zig:12   | Noticed a dread lich
111978 | Zig:12   | Killed an ancient lich
111978 | Zig:12   | Killed a dread lich
112056 | Zig:12   | Identified the +2 mace of Nuefepp {protect, Fragile Int+2
                  | Dex+5}
112057 | Zig:12   | Identified the amulet "Pyiw Jym" {*Corrode rF++ Regen+
                  | Dex+4}
112096 | Zig:13   | Entered Level 13 of a ziggurat
112150 | Zig:13   | Identified the +8 rapier "Zaiples" {vamp, rPois Str+5
                  | Int-2}
112162 | Zig:13   | Identified the +1 cloak "Juetihutz" {rElec rPois Dex+6}
112163 | Zig:13   | Identified the +3 battleaxe of the Imbibing Gods {freeze,
                  | rF+}
112308 | Zig:14   | Entered Level 14 of a ziggurat
112419 | Zig:14   | Identified the +2 leather armour "Yjuzuirr" {Contam rPois
                  | Dex-3 Stlth+}
112455 | Zig:15   | Entered Level 15 of a ziggurat
112511 | Zig:15   | Found the +2 hat of the Bear Spirit {Spirit, Bear, *Rage
                  | Will++}
112513 | Zig:15   | Found the +10 Black Knight's barding {ponderous, rPois rN+}
112598 | Zig:15   | Identified the amulet "Loytoon" {RegenMP Dex+3}
112599 | Zig:15   | Identified the +1 cloak of Gozag, Gazing {+Blink Int+2
                  | Stlth+}
112600 | Zig:15   | Identified the +8 flail of the Orcish Mines {distort,
                  | Dex+2}
112617 | Zig:16   | Entered Level 16 of a ziggurat
112635 | Zig:16   | Found the amulet of the Four Winds {rN+ Will+++ Clar}
112843 | Zig:17   | Entered Level 17 of a ziggurat
112919 | Zig:17   | Identified the +6 mace "Besuuv" {chaos, Str+3}
112928 | Zig:17   | Identified the +1 rapier of Qeplal {distort, Will+}
112966 | Zig:17   | Identified the ring "Onimnuwn" {EV+5 Int+4}
113028 | Zig:18   | Entered Level 18 of a ziggurat
113142 | Zig:18   | Identified the ring of Ypnuo {rPois Will+ Slay+2}
113152 | Zig:18   | Identified the +5 lajatang "Ceotaur" {holy, Will+ Int+2}
113163 | Zig:18   | Identified the ring of Qaroutt {rC+ rN+ Dex+4}
113218 | Zig:19   | Entered Level 19 of a ziggurat
113237 | Zig:19   | Noticed a dread lich
113238 | Zig:19   | Noticed a dread lich
113238 | Zig:19   | Killed a dread lich
113239 | Zig:19   | Killed a dread lich
113240 | Zig:19   | Noticed an ancient lich
113240 | Zig:19   | Noticed an ancient lich
113240 | Zig:19   | Noticed a dread lich
113241 | Zig:19   | Noticed a dread lich
113242 | Zig:19   | Reached skill level 10 in Translocations
113242 | Zig:19   | Killed an ancient lich
113242 | Zig:19   | Killed an ancient lich
113242 | Zig:19   | Killed a dread lich
113242 | Zig:19   | Noticed an ancient lich
113243 | Zig:19   | Noticed an ancient lich
113243 | Zig:19   | Killed a dread lich
113243 | Zig:19   | Killed an ancient lich
113245 | Zig:19   | Noticed an ancient lich
113245 | Zig:19   | Killed an ancient lich
113246 | Zig:19   | Killed an ancient lich
113263 | Zig:19   | Found the +0 mask of the Dragon {Will+ Slay+3 SInv}
113288 | Zig:19   | Identified the +1 scale mail of Gluttony {rPois MP-9 Dex+3
                  | Stlth+}
113297 | Zig:19   | Identified the +7 demon whip "Udawk" {flame, Fragile rN+
                  | Dex+4 Stlth+}
113317 | Zig:19   | Identified the +5 arbalest of Bashing Death {drain, rElec
                  | rPois Int+2}
113396 | Zig:20   | Entered Level 20 of a ziggurat
113415 | Zig:20   | Noticed a royal mummy
113415 | Zig:20   | Noticed a royal mummy
113415 | Zig:20   | Noticed a royal mummy
113417 | Zig:20   | Noticed a royal mummy
113417 | Zig:20   | Noticed a royal mummy
113418 | Zig:20   | Noticed a royal mummy
113418 | Zig:20   | Noticed a royal mummy
113419 | Zig:20   | Killed a royal mummy
113419 | Zig:20   | Killed a royal mummy
113420 | Zig:20   | Noticed a royal mummy
113420 | Zig:20   | Noticed a royal mummy
113421 | Zig:20   | Killed a royal mummy
113421 | Zig:20   | Killed a royal mummy
113421 | Zig:20   | Killed a royal mummy
113421 | Zig:20   | Noticed a royal mummy
113422 | Zig:20   | Killed a royal mummy
113422 | Zig:20   | Killed a royal mummy
113423 | Zig:20   | Killed a royal mummy
113425 | Zig:20   | Killed a royal mummy
113428 | Zig:20   | Killed a royal mummy
113561 | Zig:20   | Identified the +8 halberd of the Extremes {flame, Contam
                  | rElec rF+}
113562 | Zig:20   | Identified the +2 mace of Disgust {freeze, Str+3 Dex+4}
113564 | Zig:20   | Identified the +2 great mace of Ygimeybi {freeze, Str+5}
113568 | Zig:20   | Acquired a manual of Conjurations
113570 | Zig:20   | Identified the ring "Hagro" {Wiz rC- rCorr Int+2}
113634 | Zig:21   | Entered Level 21 of a ziggurat
113664 | Zig:21   | Reached skill level 15 in Translocations
113683 | Zig:21   | Identified the +1 demon trident of Blood-Lust {freeze, rC+
                  | Will+ Int+3}
113699 | Zig:21   | Identified the +7 glaive of Torool {venom, Fly Will+++
                  | rCorr Str-3}
113702 | Zig:21   | Identified the ring of Checkmate {Will+ EV+5}
113705 | Zig:21   | Identified the +0 leather armour of Dramatic Exits {+Inv
                  | rPois}
113836 | Zig:22   | Entered Level 22 of a ziggurat
113912 | Zig:22   | Identified the ring "Qeahoapp" {rElec rN++ Str+6 Dex+2
                  | SInv}
113924 | Zig:22   | Identified the +2 great mace of Impatience {antimagic,
                  | Str+4 Dex-2}
114097 | Zig:23   | Entered Level 23 of a ziggurat
114313 | Zig:23   | Identified the +3 shadow dragon scales "Mysurghimi" {Regen+
                  | Dex+3 Stlth++++}
114342 | Zig:23   | Identified the +5 sling of Zotyiwn {flame, rC++ Stlth-}
114355 | Zig:23   | Identified the +1 robe of Recklessness {Int+4 Dex+7}
114427 | Zig:24   | Entered Level 24 of a ziggurat
114714 | Zig:24   | Identified the ring "Gotzaan" {Fire Dex+3}
114715 | Zig:24   | Identified the +3 mace of Big Damage {heavy, rN++ rCorr}
114723 | Zig:24   | Identified the +3 glaive of Subjectivity {vamp, +Blink
                  | rPois rC++ Dex-5}
114729 | Zig:24   | Identified the +1 chain mail of Untold Secrets {rC+ Dex+2}
114730 | Zig:24   | Identified the +0 chain mail of Zaenif {rF+ rC++ Int-5
                  | Stlth+}
114733 | Zig:24   | Identified the +1 robe of Lust {Will++ Dex+3}
114778 | Zig:25   | Entered Level 25 of a ziggurat
115080 | Zig:25   | Found the +3 warlock's mirror {omnireflect}
115093 | Zig:25   | Identified the +2 ring mail of the Summoning Gods {rCorr
                  | Dex+4 SInv}
115115 | Zig:25   | Identified the +3 gold dragon scales of Fatza {rPois rF+
                  | rC+ Will+ Str+5}
115118 | Zig:25   | Identified the +6 dagger "Pegefoul" {freeze, rPois Dex+5}
115251 | Zig:26   | Entered Level 26 of a ziggurat
115470 | Zig:26   | Identified the +6 chain mail of the New World {Dex+3}
115471 | Zig:26   | Identified the +1 chain mail of the Big Bang {MP+9 Dex+3}
115483 | Zig:26   | Identified the ring of Dogromo {rC+ Str-2 Dex+7}
115487 | Zig:26   | Identified the ring "Duruts" {Will+ Str+6 Dex-4 Stlth+}
115499 | Zig:26   | Identified the +0 arbalest "Jaifihes" {heavy, rPois}
115652 | Zig:27   | Entered Level 27 of a ziggurat
115683 | Zig:27   | Reached skill level 27 in Translocations
115878 | Zig:27   | Identified the +10 plate armour "Xodick" {+Blink rF+ rC+}
115882 | Zig:27   | Identified the amulet of Yfocsawn {Acrobat rCorr Int+4
                  | Dex-4 Slay+4}
115883 | Zig:27   | Identified the amulet "Cupsag" {Reflect rPois rF+ MP-9
                  | SH+5}
115887 | Zig:27   | Identified the +5 halberd "Xuep" {freeze, rElec rPois rF++
                  | rN+}
115889 | Zig:27   | Identified the +0 robe "Igybox" {Harm Int+3 SInv Archmagi}
115890 | Zig:27   | Identified the +8 hand axe of the Purple Skies {heavy,
                  | rElec rPois Str+4}
115891 | Zig:27   | Identified the +3 scale mail of the Maze {Int-5 Dex+4}
115899 | Zig:27   | Identified the ring of Dipn {rF++ Will- Str+4 SInv}
115902 | Zig:27   | Reached skill level 27 in Fighting
116404 | Depths:1 | Bought the +0 scale mail "Legrex" {Regen+ Int+6} for 542
                  | gold pieces
116997 | Zig:1    | Entered Level 1 of a ziggurat
117016 | Zig:2    | Entered Level 2 of a ziggurat
117084 | Zig:3    | Entered Level 3 of a ziggurat
117116 | Zig:3    | Identified the +8 sling "Kaiwn" {drain, Drain rF+ Int+4
                  | Stlth+}
117132 | Zig:4    | Entered Level 4 of a ziggurat
117132 | Zig:4    | Noticed a juggernaut
117135 | Zig:4    | Killed a juggernaut
117166 | Zig:4    | Identified the ring of the Assorted Portals {rPois Dex+3
                  | Slay+2}
117192 | Zig:5    | Entered Level 5 of a ziggurat
117195 | Zig:5    | Found the +8 longbow "Zephyr" {speed, Dex+3 SInv}
117247 | Zig:6    | Entered Level 6 of a ziggurat
117250 | Zig:6    | Noticed an ancient lich
117251 | Zig:6    | Noticed an ancient lich
117251 | Zig:6    | Noticed a dread lich
117252 | Zig:6    | Noticed a dread lich
117253 | Zig:6    | Killed an ancient lich
117253 | Zig:6    | Killed an ancient lich
117253 | Zig:6    | Killed a dread lich
117255 | Zig:6    | Killed a dread lich
117299 | Zig:7    | Entered Level 7 of a ziggurat
117307 | Zig:7    | Found the +7 great mace "Firestarter" {flame, inner flame,
                  | rFlCloud rF++}
117371 | Zig:8    | Entered Level 8 of a ziggurat
117450 | Zig:8    | Identified the +2 pair of boots of Ciurealu {Str+3 Dex+3}
117511 | Zig:9    | Entered Level 9 of a ziggurat
117515 | Zig:9    | Noticed Nixeanas the pandemonium lord
117518 | Zig:9    | Killed Nixeanas the pandemonium lord
117519 | Zig:9    | Noticed Gevau the pandemonium lord
117519 | Zig:9    | Noticed Vutu the pandemonium lord
117521 | Zig:9    | Reached skill level 27 in Spellcasting
117522 | Zig:9    | Killed Vutu the pandemonium lord
117525 | Zig:9    | Killed Gevau the pandemonium lord
117564 | Zig:9    | Identified the +5 broad axe of Havoc {spect, rElec rC+
                  | Str+3 Int+4}
117621 | Zig:10   | Entered Level 10 of a ziggurat
117629 | Zig:10   | Found the brooch of Shielding {Spirit SH+8}
117671 | Zig:10   | Identified the amulet "Asitynitz" {Acrobat rElec rPois rC-}
117736 | Zig:11   | Entered Level 11 of a ziggurat
117788 | Zig:11   | Identified the +1 arbalest "Xiucw" {penet, rCorr SInv}
117789 | Zig:11   | Identified the ring of Uqoitill {*Corrode rF+ Str+6 SInv}
117797 | Zig:11   | Identified the ring of the Histrionic Coconut {rElec rN+
                  | Str-5 Dex+2 Slay+4}
117837 | Zig:11   | Identified the +4 halberd of Wu Jian's Castigation {holy,
                  | Str+4}
117878 | Zig:12   | Entered Level 12 of a ziggurat
117960 | Zig:12   | Identified the +6 gold dragon scales "Umaimp" {+Blink Fly
                  | rPois rF+ rC+ Will+ Stlth+}
117996 | Zig:13   | Entered Level 13 of a ziggurat
118060 | Zig:13   | Identified the +0 ring mail of Bociasoe {SInv}
118064 | Zig:13   | Identified the +4 ring mail of the Thoughtful Hosts {Str+3}
118150 | Zig:14   | Entered Level 14 of a ziggurat
118250 | Zig:14   | Identified the +1 long sword "Sest" {spect, rC+ rN++ Str+2
                  | Int-5}
118255 | Zig:14   | Identified the +6 arbalest "Nawoqitehy" {heavy, Dex+5}
118256 | Zig:14   | Identified the +5 great sword of Hacking and Slashing
                  | {flame, Dex+3}
118340 | Zig:15   | Entered Level 15 of a ziggurat
118367 | Zig:15   | Found the +3 giant club "Skullcrusher" {speed, Str+7}
118421 | Zig:15   | Identified the ring of Riczewk {rN+ Str-5 Int+3 Dex+6}
118422 | Zig:15   | Identified the +2 pair of gloves of the Hills {Str+3}
118426 | Zig:15   | Identified the +4 trident "Pashilor" {distort, Dex+5}
118428 | Zig:15   | Identified the +1 cloak of Mutualism {Int+2 Dex+3}
118547 | Zig:15   | Acquired 845 gold pieces
118555 | Zig:16   | Entered Level 16 of a ziggurat
118567 | Zig:16   | Noticed an ancient lich
118567 | Zig:16   | Noticed a dread lich
118568 | Zig:16   | Killed an ancient lich
118569 | Zig:16   | Killed a dread lich
118570 | Zig:16   | Noticed a dread lich
118570 | Zig:16   | Noticed a dread lich
118574 | Zig:16   | Killed a dread lich
118576 | Zig:16   | Noticed an ancient lich
118577 | Zig:16   | Killed a dread lich
118581 | Zig:16   | Killed an ancient lich
118586 | Zig:16   | Found the ring of the Octopus King
118645 | Zig:16   | Identified the ring of Suspicion {rC++ rCorr}
118657 | Zig:16   | Identified a ring of the Octopus King {rC+ HP+2 AC+2 EV+2
                  | SH+2}
118660 | Zig:16   | Identified the +8 dagger of Jeggaq {freeze, rPois rC+ rCorr
                  | Str-5}
118744 | Zig:17   | Entered Level 17 of a ziggurat
118784 | Zig:17   | Found the +3 greatsling "Punk" {acid, rCorr}
118805 | Zig:17   | Identified the +8 battleaxe of Discretion {freeze, rF- rN+
                  | Dex+3 SInv}
118811 | Zig:17   | Identified the +10 short sword of Fate {venom, rC+ Int+2}
118815 | Zig:17   | Identified the +2 rapier of Truncation {venom, rPois rC++
                  | Str+2 Stlth-}
118829 | Zig:17   | Identified the ring of the Jolly Visionaries {*Corrode
                  | rPois rN++ Will+++ SInv}
118845 | Zig:17   | Identified the +2 shortbow "Wumous" {freeze, Dex+6}
118893 | Zig:17   | Learned a level 2 spell: Wereblood
118908 | Zig:18   | Entered Level 18 of a ziggurat
118929 | Zig:18   | Noticed a dread lich
118932 | Zig:18   | Killed a dread lich
118935 | Zig:18   | Found the +8 demon blade "Leech" {evervamp, Harm Drain rN+}
119032 | Zig:18   | Identified the +3 whip of the Unkillable {elec, MP+9}
119036 | Zig:18   | Identified the +0 leather armour of Ythicene {Int+3}
119039 | Zig:18   | Identified the +1 scimitar of the Unliving {heavy, Contam
                  | Dex+3 SInv}
119116 | Zig:19   | Entered Level 19 of a ziggurat
119151 | Zig:19   | Noticed Lazxucait the pandemonium lord
119154 | Zig:19   | Killed Lazxucait the pandemonium lord
119318 | Zig:19   | Identified the +3 ring mail "Bexoeg" {rElec}
119320 | Zig:19   | Identified the amulet "Loabur" {RegenMP Drain Str+7 SInv}
119367 | Zig:20   | Entered Level 20 of a ziggurat
119389 | Zig:20   | Reached skill level 27 in Dodging
119396 | Zig:20   | Paralysed by accursed screaming for 1 turns
119575 | Zig:20   | Identified the +5 whip of the Inviting Gods {heavy, Dex+3}
119581 | Zig:20   | Identified the amulet "Cil Tenk" {Reflect rF++ SH+5}
119584 | Zig:20   | Identified the +10 great mace of Pokkitsu {holy, Contam
                  | Int+4 SInv}
119586 | Zig:20   | Identified the +3 flail of Sharkskin {flame, *Corrode rF+
                  | Will++ Dex+2}
119593 | Zig:20   | Identified the +8 arbalest of Ewnalu {flame, rF+ rN+}
119595 | Zig:20   | Identified the ring "Piahimib" {rPois Slay+3}
119598 | Zig:20   | Identified the amulet "Yngaefedamy" {Reflect rPois Dex+6
                  | SH+5}
119600 | Zig:20   | Identified the +10 sling "Opnok" {heavy, rF+ Str+3}
119692 | Zig:21   | Entered Level 21 of a ziggurat
119880 | Zig:21   | Reached skill level 27 in Evocations
119880 | Zig:21   | Found the amulet of Vitality {RegenMP++ Regen++}
119919 | Zig:21   | Found the +8 orange crystal plate armour {Archmagi, Int+3
                  | Clar}
119919 | Zig:21   | Found the +9 sword of Zonguldrok {reap}
119928 | Zig:21   | Noticed a dread lich
119930 | Zig:21   | Killed a dread lich
120120 | Zig:21   | Identified the +1 dagger "Ybagats" {vamp, rPois SInv}
120148 | Zig:21   | Identified the +9 plate armour of Lisibreh {-Cast rElec
                  | rPois rC+++}
120273 | Zig:22   | Entered Level 22 of a ziggurat
120291 | Zig:22   | Noticed a royal mummy
120291 | Zig:22   | Noticed a royal mummy
120291 | Zig:22   | Noticed a royal mummy
120292 | Zig:22   | Noticed a royal mummy
120292 | Zig:22   | Noticed a royal mummy
120292 | Zig:22   | Noticed a royal mummy
120292 | Zig:22   | Noticed a royal mummy
120292 | Zig:22   | Noticed a royal mummy
120292 | Zig:22   | Noticed a royal mummy
120294 | Zig:22   | Noticed a royal mummy
120295 | Zig:22   | Killed a royal mummy
120295 | Zig:22   | Killed a royal mummy
120295 | Zig:22   | Killed a royal mummy
120295 | Zig:22   | Killed a royal mummy
120295 | Zig:22   | Killed a royal mummy
120295 | Zig:22   | Noticed a royal mummy
120296 | Zig:22   | Killed a royal mummy
120296 | Zig:22   | Killed a royal mummy
120296 | Zig:22   | Killed a royal mummy
120296 | Zig:22   | Noticed a royal mummy
120296 | Zig:22   | Noticed a royal mummy
120297 | Zig:22   | Killed a royal mummy
120297 | Zig:22   | Killed a royal mummy
120297 | Zig:22   | Noticed a royal mummy
120297 | Zig:22   | Noticed a royal mummy
120298 | Zig:22   | Noticed a royal mummy
120298 | Zig:22   | Noticed a royal mummy
120299 | Zig:22   | Killed a royal mummy
120300 | Zig:22   | Killed a royal mummy
120300 | Zig:22   | Killed a royal mummy
120300 | Zig:22   | Killed a royal mummy
120300 | Zig:22   | Noticed a royal mummy
120301 | Zig:22   | Killed a royal mummy
120301 | Zig:22   | Killed a royal mummy
120301 | Zig:22   | Killed a royal mummy
120303 | Zig:22   | Noticed a royal mummy
120303 | Zig:22   | Noticed a royal mummy
120306 | Zig:22   | Killed a royal mummy
120306 | Zig:22   | Killed a royal mummy
120309 | Zig:22   | Killed a royal mummy
120465 | Zig:22   | Identified the +1 dagger "Fifeetu" {venom, *Noise rC+++
                  | SInv Stlth+}
120469 | Zig:22   | Identified the +4 quarterstaff of the Realm of Zot
                  | {protect, rElec rC+ Will+++ Int-3}
120480 | Zig:22   | Identified the +7 long sword of the Augurer {flame, rC-
                  | Int+5 Dex+2}
120481 | Zig:22   | Identified the +4 hand axe "Ishryis" {spect, rF- rCorr
                  | Int+5}
120485 | Zig:22   | Identified the +0 plate armour of Ytoeng {rElec}
120486 | Zig:22   | Identified the +2 robe of Ignis's Condemnation {rC++}
120567 | Zig:22   | Learned a level 2 spell: Blink
120580 | Zig:23   | Entered Level 23 of a ziggurat
120594 | Zig:23   | Noticed a royal mummy
120595 | Zig:23   | Noticed a royal mummy
120596 | Zig:23   | Noticed a royal mummy
120597 | Zig:23   | Noticed a royal mummy
120600 | Zig:23   | Killed a royal mummy
120600 | Zig:23   | Noticed a royal mummy
120601 | Zig:23   | Killed a royal mummy
120601 | Zig:23   | Killed a royal mummy
120601 | Zig:23   | Killed a royal mummy
120602 | Zig:23   | Noticed a royal mummy
120604 | Zig:23   | Noticed a royal mummy
120605 | Zig:23   | Killed a royal mummy
120606 | Zig:23   | Noticed a royal mummy
120606 | Zig:23   | Noticed a royal mummy
120607 | Zig:23   | Killed a royal mummy
120607 | Zig:23   | Noticed a royal mummy
120608 | Zig:23   | Noticed a royal mummy
120610 | Zig:23   | Killed a royal mummy
120610 | Zig:23   | Killed a royal mummy
120611 | Zig:23   | Killed a royal mummy
120611 | Zig:23   | Killed a royal mummy
120612 | Zig:23   | Noticed a royal mummy
120613 | Zig:23   | Killed a royal mummy
120613 | Zig:23   | Noticed a royal mummy
120615 | Zig:23   | Noticed a royal mummy
120617 | Zig:23   | Killed a royal mummy
120618 | Zig:23   | Killed a royal mummy
120620 | Zig:23   | Killed a royal mummy
120828 | Zig:23   | Identified the +9 scimitar "Giantslayer" {drain, Str+3
                  | Int+2}
120829 | Zig:23   | Identified the +8 quarterstaff of Omaeh {flame, rElec}
120841 | Zig:23   | Identified the +1 leather armour of Whack-A-Mole {rC+
                  | Str+3}
120854 | Zig:23   | Identified the amulet "Plog" {Reflect Harm +Blink Int-2
                  | Dex+5 SH+5}
120923 | Zig:24   | Entered Level 24 of a ziggurat
120978 | Zig:24   | Noticed Puuhicvo the pandemonium lord
120982 | Zig:24   | Killed Puuhicvo the pandemonium lord
121148 | Zig:24   | Found the ring of Shadows {Umbra +Inv Stlth+}
121158 | Zig:24   | Identified the +7 rapier of Intuition {distort, Int+6}
121160 | Zig:24   | Identified the +5 long sword of Internal Strife {heavy,
                  | Will+ MP+9}
121188 | Zig:24   | Identified the ring "Totocon" {Ice Int+8}
121234 | Zig:25   | Entered Level 25 of a ziggurat
121255 | Zig:25   | Reached skill level 27 in Conjurations
121263 | Zig:25   | Noticed an ancient lich
121265 | Zig:25   | Killed an ancient lich
121309 | Zig:25   | Reached skill level 27 in Air Magic
121435 | Zig:25   | Identified the ring "Tavaun" {+Blink rF+ rN+}
121443 | Zig:25   | Identified the ring "Joderchiv" {rCorr EV+5}
121447 | Zig:25   | Identified the +4 short sword of Strategic Superiority
                  | {drain, *Slow rElec rPois Str+9}
121455 | Zig:25   | Identified the +3 dagger of Conservatism {heavy, rCorr}
121567 | Zig:26   | Entered Level 26 of a ziggurat
121599 | Zig:26   | Reached skill level 27 in Throwing
121599 | Zig:26   | Paralysed by accursed screaming for 2 turns
121602 | Zig:26   | Paralysed by accursed screaming for 2 turns
121851 | Zig:26   | Found the +7 sceptre of Torment {pain, torment}
121892 | Zig:26   | Identified the ring of the Queen {rF+ rC+ Int+2 Dex+6}
121933 | Zig:27   | Entered Level 27 of a ziggurat
121951 | Zig:27   | Noticed a juggernaut
121952 | Zig:27   | Noticed a juggernaut
121954 | Zig:27   | Killed a juggernaut
121954 | Zig:27   | Noticed a juggernaut
121957 | Zig:27   | Killed a juggernaut
121957 | Zig:27   | Killed a juggernaut
121963 | Zig:27   | Noticed a juggernaut
121966 | Zig:27   | Killed a juggernaut
122235 | Zig:27   | Identified the +12 short sword of Valiance {spect, Int+3}
122237 | Zig:27   | Identified the ring of Hetapaz {Fly Dex+6}
122250 | Zig:27   | Identified the +1 robe "Temocsij" {rC+ Int+4 Dex-3}
122265 | Zig:27   | Identified the +0 ring mail of Utib Fui {Int+3}
123658 | Zig:1    | Entered Level 1 of a ziggurat
123659 | Zig:1    | Noticed a dread lich
123661 | Zig:1    | Killed a dread lich
123685 | Zig:2    | Entered Level 2 of a ziggurat
123732 | Zig:3    | Entered Level 3 of a ziggurat
123733 | Zig:3    | Noticed a juggernaut
123735 | Zig:3    | Killed a juggernaut
123738 | Zig:3    | Found the +8 Vampire's Tooth {megavamp}
123785 | Zig:4    | Entered Level 4 of a ziggurat
123841 | Zig:5    | Entered Level 5 of a ziggurat
123843 | Zig:5    | Noticed a juggernaut
123850 | Zig:5    | Killed a juggernaut
123937 | Zig:6    | Entered Level 6 of a ziggurat
123988 | Zig:6    | Identified the +1 robe "Susuar" {SInv}
124007 | Zig:7    | Entered Level 7 of a ziggurat
124100 | Zig:8    | Entered Level 8 of a ziggurat
124100 | Zig:8    | Noticed a juggernaut
124104 | Zig:8    | Killed a juggernaut
124225 | Zig:9    | Entered Level 9 of a ziggurat
124257 | Zig:9    | Identified the +10 rapier "Demonbane" {venom, rF+ rCorr
                  | Dex+2 SInv}
124306 | Zig:10   | Entered Level 10 of a ziggurat
124385 | Zig:10   | Identified the +6 glaive of Dewav {heavy, rC+ Str+3}
124418 | Zig:11   | Entered Level 11 of a ziggurat
124482 | Zig:11   | Identified the +6 short sword "Sietosea" {freeze, rElec
                  | Will+ Dex+4}
124490 | Zig:11   | Identified the +1 cloak of Hadjma {+Blink rElec Will-}
124599 | Zig:12   | Entered Level 12 of a ziggurat
124611 | Zig:12   | Found the ring of the Tortoise {AC+8}
124667 | Zig:12   | Identified the +8 plate armour of Hopscotch {Regen+ MP+9}
124671 | Zig:12   | Identified the ring "Deil" {rF+ rN+}
124673 | Zig:12   | Identified the ring "Etusab Zoom" {Fly rElec rF+ rCorr}
124676 | Zig:12   | Identified the ring of Ykavaot {rElec rC- MP+9 Str+2 SInv}
124679 | Zig:12   | Identified the +1 mace "Odghuargh" {flame, rC+}
124680 | Zig:12   | Identified the +1 leather armour of Vuw Veakk {-Tele rC+
                  | rN+}
124756 | Zig:13   | Entered Level 13 of a ziggurat
124925 | Zig:14   | Entered Level 14 of a ziggurat
124930 | Zig:14   | Noticed an orb of fire
124932 | Zig:14   | Noticed an orb of fire
124932 | Zig:14   | Noticed an orb of fire
124933 | Zig:14   | Noticed an orb of fire
124933 | Zig:14   | Noticed an orb of fire
124934 | Zig:14   | Noticed an orb of fire
124934 | Zig:14   | Noticed an orb of fire
124936 | Zig:14   | Killed an orb of fire
124936 | Zig:14   | Killed an orb of fire
124936 | Zig:14   | Noticed an orb of fire
124937 | Zig:14   | Killed an orb of fire
124937 | Zig:14   | Killed an orb of fire
124937 | Zig:14   | Killed an orb of fire
124937 | Zig:14   | Noticed an orb of fire
124937 | Zig:14   | Noticed an orb of fire
124938 | Zig:14   | Reached skill level 27 in Fire Magic
124938 | Zig:14   | Reached skill level 27 in Earth Magic
124939 | Zig:14   | Killed an orb of fire
124941 | Zig:14   | Killed an orb of fire
124942 | Zig:14   | Killed an orb of fire
124943 | Zig:14   | Killed an orb of fire
124943 | Zig:14   | Killed an orb of fire
124946 | Zig:14   | Found the dreamshard necklace {*Dream Drain}
125032 | Zig:14   | Identified the +5 executioner's axe "Imaso" {vamp, +Blink
                  | rF- Will+++ Int-3}
125035 | Zig:14   | Identified the +4 sling "Domiugg" {drain, Will+ Str+5 Int-5
                  | Dex+3}
125040 | Zig:14   | Identified the +7 hand axe of the Vanishing Visions {spect,
                  | Int+4}
125062 | Zig:15   | Entered Level 15 of a ziggurat
125069 | Zig:15   | Noticed strangelove's ghost (master GrEE)
125070 | Zig:15   | Noticed Xocw's ghost (legendary GrMo)
125070 | Zig:15   | Noticed yaoilover's ghost (veteran MiBe)
125070 | Zig:15   | Noticed Dalot's ghost (legendary OpCj)
125071 | Zig:15   | Noticed Talannal's ghost (legendary GnHW)
125072 | Zig:15   | Noticed Manman's ghost (legendary HOGl)
125074 | Zig:15   | Reached skill level 27 in Armour
125074 | Zig:15   | Killed strangelove's ghost
125074 | Zig:15   | Noticed Teaz Xo Upt's ghost (legendary GnFE)
125074 | Zig:15   | Noticed Bojavazo's ghost (legendary OpWn)
125077 | Zig:15   | Killed yaoilover's ghost
125077 | Zig:15   | Noticed meatyocre's ghost (veteran TrFi)
125077 | Zig:15   | Noticed Zoplarin's ghost (legendary BaSk)
125078 | Zig:15   | Killed Xocw's ghost
125078 | Zig:15   | Killed Talannal's ghost
125078 | Zig:15   | Noticed dialectric's ghost (master DsFi)
125079 | Zig:15   | Killed Bojavazo's ghost
125080 | Zig:15   | Killed Teaz Xo Upt's ghost
125080 | Zig:15   | Noticed Ubraesch's ghost (adept TrMo)
125081 | Zig:15   | Killed Zoplarin's ghost
125082 | Zig:15   | Noticed Valamore's ghost (legendary OpTm)
125083 | Zig:15   | Killed Dalot's ghost
125083 | Zig:15   | Killed Manman's ghost
125084 | Zig:15   | Reached skill level 10 in Stealth
125084 | Zig:15   | Found the +10 morningstar "Eos" {elec, Halo rElec}
125087 | Zig:15   | Killed meatyocre's ghost
125087 | Zig:15   | Killed Ubraesch's ghost
125089 | Zig:15   | Noticed Rirumasy's ghost (legendary OpWn)
125092 | Zig:15   | Killed Valamore's ghost
125092 | Zig:15   | Killed Rirumasy's ghost
125093 | Zig:15   | Killed dialectric's ghost
125169 | Zig:15   | Identified the +1 scimitar "No More Talking" {freeze,
                  | rPois}
125237 | Zig:16   | Entered Level 16 of a ziggurat
125405 | Zig:16   | Identified the +3 halberd of Ambiguity {venom, Dex+5}
125414 | Zig:16   | Identified the +2 leather armour "Nefaush" {rPois Slay+6}
125429 | Zig:17   | Entered Level 17 of a ziggurat
125441 | Zig:17   | Reached skill level 15 in Stealth
125490 | Zig:17   | Identified the +1 plate armour "Otirelud" {+Inv Dex+4}
125497 | Zig:17   | Identified the +0 scale mail "Ymmampu" {rN++ Will- Str+5}
125607 | Zig:18   | Entered Level 18 of a ziggurat
126000 | Zig:18   | Found the +5 demon whip "Spellbinder" {antimagic, disrupt,
                  | Will+}
126164 | Zig:18   | Identified the +0 trident of Watchfulness {flame, *Noise
                  | Will++ rCorr Stlth+}
126173 | Zig:18   | Identified the +7 chain mail "Fanosmen" {rPois Will+}
126180 | Zig:18   | Identified the ring of Ynyedyku {rElec rN+ Slay+2 SInv}
126182 | Zig:18   | Identified the +6 mace "Kimyt" {freeze, rElec rC+}
126185 | Zig:18   | Identified the +5 hand axe of the Girdle {holy, rElec
                  | Str+4}
126193 | Zig:18   | Identified the +8 longbow "Kidyat" {speed, Will+}
126238 | Zig:19   | Entered Level 19 of a ziggurat
126242 | Zig:19   | Noticed a dread lich
126247 | Zig:19   | Killed a dread lich
126317 | Zig:19   | Identified the +1 pair of boots of Ocipsozo {rF+}
126319 | Zig:19   | Identified the ring of Zidaufidwy {rN+ rCorr SInv}
126331 | Zig:19   | Identified the ring of the Tempest {Fire *Slow rElec MP+9
                  | Int+4}
126333 | Zig:19   | Identified the +6 quarterstaff of Veuj {flame, MP+9}
126445 | Zig:20   | Entered Level 20 of a ziggurat
126458 | Zig:20   | Paralysed by an air elemental for 1 turns
126525 | Zig:20   | Identified the +8 arbalest of Focus {freeze, rN+}
126529 | Zig:20   | Identified the ring "Tocker" {rC+ EV+5 Dex+4}
126651 | Zig:20   | Identified the +4 scale mail of the Stallion {Str+5}
126654 | Zig:20   | Identified the +3 glaive of Daivaty {pain, *Slow rF- Int+7
                  | Stlth+}
126659 | Zig:20   | Identified the +5 halberd "Famnujaf" {venom, rC+ Str+3}
126679 | Zig:21   | Entered Level 21 of a ziggurat
126801 | Zig:21   | Found the +6 lightning scales {swift, rElec}
126907 | Zig:21   | Identified the +1 pair of boots "Disuolel" {Int+3}
126910 | Zig:21   | Identified the +1 scale mail of the Onion {rF+ Int+5}
126916 | Zig:21   | Identified the +7 trident of Glory {heavy, rElec rF+ rCorr
                  | Int+3}
126918 | Zig:21   | Identified the +5 flail "Atotzoc" {holy, rElec}
126922 | Zig:21   | Identified the +1 leather armour of Death's Door {rF++ rC-}
127048 | Zig:22   | Entered Level 22 of a ziggurat
127256 | Zig:22   | Identified the +4 chain mail "Xupp" {Dex+5}
127267 | Zig:22   | Identified the +1 great sword of the Bouncing Prophets
                  | {freeze, +Blink rPois}
127271 | Zig:22   | Identified the ring "Piothrilo" {rElec rN+ EV+5 Str-5}
127337 | Zig:23   | Entered Level 23 of a ziggurat
127343 | Zig:23   | Paralysed by a wendigo for 1 turns
127347 | Zig:23   | Reached skill level 27 in Stealth
127347 | Zig:23   | Noticed a dread lich
127357 | Zig:23   | Noticed an ancient lich
127358 | Zig:23   | Found the +8 trishula "Condemnation" {holy, anguish, *Noise
                  | Fly rN+}
127360 | Zig:23   | Reached skill level 27 in Shields
127360 | Zig:23   | Killed a dread lich
127360 | Zig:23   | Killed an ancient lich
127421 | Zig:23   | Identified the +4 spear of Corporal Punishment {heavy,
                  | Will+ rCorr}
127437 | Zig:23   | Identified the ring "Joinoiwn" {Str+5 SInv Stlth-}
127586 | Zig:24   | Entered Level 24 of a ziggurat
127786 | Zig:24   | Found the +9 staff of Olgreb {rPois∞}
127868 | Zig:24   | Identified the ring "Wegur" {Contam rC+ rN+ Int+6}
127908 | Zig:24   | Identified the +6 quarterstaff of Soutzam {speed, *Rage
                  | +Blink rN+ Str+2}
127911 | Zig:24   | Identified the +1 robe of Huhaar {Rampage Dex+4}
127979 | Zig:25   | Entered Level 25 of a ziggurat
127983 | Zig:25   | Noticed a royal mummy
127983 | Zig:25   | Noticed a royal mummy
127983 | Zig:25   | Noticed a royal mummy
127983 | Zig:25   | Noticed a royal mummy
127984 | Zig:25   | Noticed a royal mummy
127984 | Zig:25   | Noticed a royal mummy
127984 | Zig:25   | Noticed a royal mummy
127985 | Zig:25   | Noticed a royal mummy
127986 | Zig:25   | Noticed a royal mummy
127987 | Zig:25   | Killed a royal mummy
127987 | Zig:25   | Killed a royal mummy
127987 | Zig:25   | Killed a royal mummy
127988 | Zig:25   | Noticed a royal mummy
127988 | Zig:25   | Noticed a royal mummy
127988 | Zig:25   | Noticed a royal mummy
127989 | Zig:25   | Killed a royal mummy
127989 | Zig:25   | Killed a royal mummy
127989 | Zig:25   | Killed a royal mummy
127989 | Zig:25   | Killed a royal mummy
127989 | Zig:25   | Noticed a royal mummy
127989 | Zig:25   | Noticed a royal mummy
127989 | Zig:25   | Noticed a royal mummy
127989 | Zig:25   | Noticed a royal mummy
127990 | Zig:25   | Noticed a royal mummy
127990 | Zig:25   | Noticed a royal mummy
127991 | Zig:25   | Noticed a royal mummy
127991 | Zig:25   | Noticed a royal mummy
127991 | Zig:25   | Noticed a royal mummy
127991 | Zig:25   | Noticed a royal mummy
127992 | Zig:25   | Killed a royal mummy
127993 | Zig:25   | Killed a royal mummy
127993 | Zig:25   | Killed a royal mummy
127993 | Zig:25   | Killed a royal mummy
127993 | Zig:25   | Killed a royal mummy
127993 | Zig:25   | Killed a royal mummy
127993 | Zig:25   | Killed a royal mummy
127993 | Zig:25   | Killed a royal mummy
127993 | Zig:25   | Killed a royal mummy
127993 | Zig:25   | Noticed a royal mummy
127993 | Zig:25   | Noticed a royal mummy
127994 | Zig:25   | Killed a royal mummy
127994 | Zig:25   | Killed a royal mummy
127994 | Zig:25   | Killed a royal mummy
127994 | Zig:25   | Killed a royal mummy
127994 | Zig:25   | Killed a royal mummy
127994 | Zig:25   | Killed a royal mummy
127994 | Zig:25   | Noticed a royal mummy
127995 | Zig:25   | Noticed a royal mummy
127995 | Zig:25   | Noticed a royal mummy
127996 | Zig:25   | Noticed a royal mummy
127997 | Zig:25   | Noticed a royal mummy
127997 | Zig:25   | Noticed a royal mummy
127998 | Zig:25   | Killed a royal mummy
127999 | Zig:25   | Killed a royal mummy
127999 | Zig:25   | Killed a royal mummy
127999 | Zig:25   | Killed a royal mummy
128000 | Zig:25   | Killed a royal mummy
128000 | Zig:25   | Killed a royal mummy
128001 | Zig:25   | Noticed a royal mummy
128001 | Zig:25   | Noticed a royal mummy
128002 | Zig:25   | Killed a royal mummy
128002 | Zig:25   | Noticed a royal mummy
128003 | Zig:25   | Killed a royal mummy
128003 | Zig:25   | Noticed a royal mummy
128004 | Zig:25   | Killed a royal mummy
128004 | Zig:25   | Killed a royal mummy
128004 | Zig:25   | Killed a royal mummy
128008 | Zig:25   | Killed a royal mummy
128027 | Zig:25   | Identified the amulet of Inugaogh {Spirit rElec Will+
                  | Dex+3}
128034 | Zig:25   | Identified the +1 chain mail "Hokk" {Regen+ Slay+6}
128038 | Zig:25   | Identified the +10 plate armour of Bohe Fiff {Int+4}
128045 | Zig:25   | Identified the +2 eveningstar "Zyaqepaj" {venom, Int+4
                  | Dex+4}
128065 | Zig:25   | Identified the +2 short sword of Premature Burial {protect,
                  | rF+ Str+4 Dex+2 SInv}
128341 | Zig:26   | Entered Level 26 of a ziggurat
128466 | Zig:26   | Identified the +7 plate armour of Togi {rC- rN+++ Int+7
                  | Stlth-}
128784 | Zig:27   | Entered Level 27 of a ziggurat
128790 | Zig:27   | Noticed an ancient lich
128791 | Zig:27   | Noticed an ancient lich
128793 | Zig:27   | Killed an ancient lich
128794 | Zig:27   | Reached skill level 27 in Necromancy
128794 | Zig:27   | Killed an ancient lich
128795 | Zig:27   | Noticed an ancient lich
128797 | Zig:27   | Noticed an ancient lich
128798 | Zig:27   | Killed an ancient lich
128800 | Zig:27   | Killed an ancient lich
128804 | Zig:27   | Noticed an ancient lich
128804 | Zig:27   | Noticed an ancient lich
128805 | Zig:27   | Killed an ancient lich
128806 | Zig:27   | Killed an ancient lich
128807 | Zig:27   | Noticed an ancient lich
128807 | Zig:27   | Noticed an ancient lich
128809 | Zig:27   | Killed an ancient lich
128809 | Zig:27   | Killed an ancient lich
128988 | Zig:27   | Found the +3 Elemental Staff {rElec rF++ rC++ AC+5}
128990 | Zig:27   | Identified the +0 triple sword "Killer Bee's Bane" {freeze,
                  | rElec Str-3 Int+2}
128999 | Zig:27   | Identified the ring of Ajajinycs {Fly rN+++ Int-4 Dex+6
                  | Stlth-}
129000 | Zig:27   | Identified the ring of Ufaot {rCorr Str+3}
129003 | Zig:27   | Identified the +1 swamp dragon scales of Wianilen {rPois
                  | rN++}
129018 | Zig:27   | Identified the +0 leather armour of Resonance {rN+ Str+2
                  | Int+7}
129021 | Zig:27   | Identified the +1 quarterstaff of Aczivir {flame, Str+3
                  | Dex+2}
129024 | Zig:27   | Identified the amulet "Kucigyxu" {Spirit Regen+ Dex+3}
129065 | Zot:5    | Acquired a manual of Staves
129067 | Zot:5    | Acquired 1049 gold pieces
130814 | Zig:1    | Entered Level 1 of a ziggurat
130850 | Zig:2    | Entered Level 2 of a ziggurat
130912 | Zig:3    | Entered Level 3 of a ziggurat
130967 | Zig:4    | Entered Level 4 of a ziggurat
130971 | Zig:4    | Noticed Acuros the pandemonium lord
130974 | Zig:4    | Killed Acuros the pandemonium lord
131006 | Zig:4    | Identified the +1 sling "Xunah" {antimagic, rF+ rN+ Int+8
                  | Dex-4}
131044 | Zig:5    | Entered Level 5 of a ziggurat
131082 | Zig:5    | Identified the +6 mace of Wu Jian, Forging {protect, rElec
                  | rCorr Str+5}
131136 | Zig:6    | Entered Level 6 of a ziggurat
131223 | Zig:6    | Identified the +9 mace of Deformation {speed, Str+4}
131230 | Zig:7    | Entered Level 7 of a ziggurat
131237 | Zig:7    | Reached skill level 27 in Transmutations
131241 | Zig:7    | Reached skill level 5 in Staves
131343 | Zig:8    | Entered Level 8 of a ziggurat
131347 | Zig:8    | Noticed a royal mummy
131349 | Zig:8    | Noticed a royal mummy
131350 | Zig:8    | Noticed a royal mummy
131350 | Zig:8    | Killed a royal mummy
131353 | Zig:8    | Noticed a royal mummy
131355 | Zig:8    | Killed a royal mummy
131356 | Zig:8    | Reached skill level 15 in Summonings
131356 | Zig:8    | Noticed a royal mummy
131358 | Zig:8    | Killed a royal mummy
131360 | Zig:8    | Killed a royal mummy
131362 | Zig:8    | Killed a royal mummy
131493 | Zig:9    | Entered Level 9 of a ziggurat
131501 | Zig:9    | Noticed an ancient lich
131503 | Zig:9    | Noticed a dread lich
131503 | Zig:9    | Killed an ancient lich
131503 | Zig:9    | Noticed an ancient lich
131504 | Zig:9    | Reached skill level 10 in Staves
131504 | Zig:9    | Killed a dread lich
131504 | Zig:9    | Noticed a dread lich
131505 | Zig:9    | Killed an ancient lich
131506 | Zig:9    | Killed a dread lich
131530 | Zig:9    | Identified the +0 flail "Miac" {freeze, Fragile rPois rN++
                  | Str+2 Dex+3}
131600 | Zig:10   | Entered Level 10 of a ziggurat
131608 | Zig:10   | Paralysed by an air elemental for 1 turns
131734 | Zig:11   | Entered Level 11 of a ziggurat
131741 | Zig:11   | Paralysed by an air elemental for 1 turns
131756 | Zig:11   | Found the +8 Wrath of Trog {antimagic, *Rage Rampage}
131787 | Zig:11   | Identified the +1 ring mail "Bewk" {Will+ Slay+3}
131901 | Zig:11   | Reached skill level 15 in Staves
131917 | Zig:12   | Entered Level 12 of a ziggurat
131999 | Zig:12   | Identified the +1 pearl dragon scales of Mezcal {rElec rN+
                  | Regen+ Int+3 Dex+3}
132035 | Zig:13   | Entered Level 13 of a ziggurat
132040 | Zig:13   | Noticed a royal mummy
132040 | Zig:13   | Noticed a royal mummy
132044 | Zig:13   | Noticed a royal mummy
132044 | Zig:13   | Noticed a royal mummy
132045 | Zig:13   | Killed a royal mummy
132046 | Zig:13   | Noticed a royal mummy
132046 | Zig:13   | Noticed a royal mummy
132047 | Zig:13   | Killed a royal mummy
132047 | Zig:13   | Killed a royal mummy
132048 | Zig:13   | Killed a royal mummy
132049 | Zig:13   | Killed a royal mummy
132049 | Zig:13   | Killed a royal mummy
132050 | Zig:13   | Noticed a royal mummy
132057 | Zig:13   | Killed a royal mummy
132102 | Zig:13   | Identified the +1 glaive of Gom Life {freeze, rF+ Dex+3}
132238 | Zig:13   | Identified the +2 rapier of Devotion {flame, rPois Str+5}
132239 | Zig:13   | Identified the ring "Nepau" {rPois rC- Int+2 Dex+2 Slay+3}
132272 | Zig:14   | Entered Level 14 of a ziggurat
132279 | Zig:14   | Noticed a dread lich
132282 | Zig:14   | Noticed a dread lich
132283 | Zig:14   | Noticed a dread lich
132283 | Zig:14   | Noticed a dread lich
132284 | Zig:14   | Killed a dread lich
132284 | Zig:14   | Noticed a dread lich
132285 | Zig:14   | Killed a dread lich
132285 | Zig:14   | Killed a dread lich
132285 | Zig:14   | Killed a dread lich
132285 | Zig:14   | Noticed a dread lich
132286 | Zig:14   | Noticed an ancient lich
132286 | Zig:14   | Noticed an ancient lich
132287 | Zig:14   | Noticed a dread lich
132287 | Zig:14   | Killed a dread lich
132288 | Zig:14   | Noticed a dread lich
132288 | Zig:14   | Noticed a dread lich
132288 | Zig:14   | Noticed an ancient lich
132288 | Zig:14   | Noticed a dread lich
132289 | Zig:14   | Noticed an ancient lich
132289 | Zig:14   | Killed a dread lich
132289 | Zig:14   | Killed an ancient lich
132289 | Zig:14   | Killed an ancient lich
132289 | Zig:14   | Killed a dread lich
132289 | Zig:14   | Killed a dread lich
132289 | Zig:14   | Killed a dread lich
132290 | Zig:14   | Killed an ancient lich
132290 | Zig:14   | Killed an ancient lich
132292 | Zig:14   | Killed a dread lich
132376 | Zig:14   | Identified the +5 mace of the Enchanted Forest {elec, Will+
                  | Stlth+}
132379 | Zig:14   | Identified the +8 great sword "Gewo Luy" {flame, *Corrode
                  | rN+++ Int-5 SInv}
132442 | Zig:15   | Entered Level 15 of a ziggurat
132448 | Zig:15   | Noticed Fiagim the pandemonium lord
132450 | Zig:15   | Noticed Diytez the pandemonium lord
132450 | Zig:15   | Noticed Yneza the pandemonium lord
132450 | Zig:15   | Noticed Tiliy the pandemonium lord
132451 | Zig:15   | Noticed Kownaqy the pandemonium lord
132452 | Zig:15   | Killed Fiagim the pandemonium lord
132452 | Zig:15   | Killed Yneza the pandemonium lord
132452 | Zig:15   | Killed Diytez the pandemonium lord
132452 | Zig:15   | Noticed Pygiatu the pandemonium lord
132453 | Zig:15   | Killed Kownaqy the pandemonium lord
132453 | Zig:15   | Noticed Figanownih the pandemonium lord
132455 | Zig:15   | Killed Pygiatu the pandemonium lord
132456 | Zig:15   | Killed Figanownih the pandemonium lord
132457 | Zig:15   | Noticed Gataw the pandemonium lord
132458 | Zig:15   | Noticed Erchyaph the pandemonium lord
132459 | Zig:15   | Noticed Emiy the pandemonium lord
132460 | Zig:15   | Noticed Besuin the pandemonium lord
132461 | Zig:15   | Killed Tiliy the pandemonium lord
132461 | Zig:15   | Killed Emiy the pandemonium lord
132462 | Zig:15   | Noticed Pail the pandemonium lord
132462 | Zig:15   | Noticed Kitihef the pandemonium lord
132463 | Zig:15   | Killed Gataw the pandemonium lord
132463 | Zig:15   | Killed Besuin the pandemonium lord
132464 | Zig:15   | Noticed Kiyschel the pandemonium lord
132466 | Zig:15   | Killed Erchyaph the pandemonium lord
132466 | Zig:15   | Noticed Qeufous the pandemonium lord
132467 | Zig:15   | Killed Kiyschel the pandemonium lord
132467 | Zig:15   | Noticed Vieff the pandemonium lord
132468 | Zig:15   | Killed Pail the pandemonium lord
132468 | Zig:15   | Noticed Ziplapt the pandemonium lord
132469 | Zig:15   | Killed Qeufous the pandemonium lord
132471 | Zig:15   | Killed Vieff the pandemonium lord
132471 | Zig:15   | Killed Ziplapt the pandemonium lord
132472 | Zig:15   | Killed Kitihef the pandemonium lord
132551 | Zig:15   | Found the +15 Maxwell's patent armour {-Cast -Tele rElec
                  | Will+ rCorr}
132576 | Zig:15   | Identified the amulet of Mysticism {rC++ Regen+}
132587 | Zig:15   | Identified the +10 chain mail of Isioth {Int+5 SInv}
132588 | Zig:15   | Identified the +0 leather armour "Ykekex" {*Slow rC++ Int+3
                  | Dex+3}
132680 | Zig:16   | Entered Level 16 of a ziggurat
132690 | Zig:16   | Noticed a dread lich
132691 | Zig:16   | Noticed an ancient lich
132692 | Zig:16   | Noticed a dread lich
132694 | Zig:16   | Killed a dread lich
132695 | Zig:16   | Noticed a dread lich
132695 | Zig:16   | Noticed an ancient lich
132696 | Zig:16   | Killed a dread lich
132697 | Zig:16   | Killed an ancient lich
132697 | Zig:16   | Killed a dread lich
132697 | Zig:16   | Killed an ancient lich
132697 | Zig:16   | Noticed an ancient lich
132698 | Zig:16   | Killed an ancient lich
132698 | Zig:16   | Noticed a dread lich
132699 | Zig:16   | Killed a dread lich
132699 | Zig:16   | Noticed an ancient lich
132700 | Zig:16   | Noticed an ancient lich
132701 | Zig:16   | Killed an ancient lich
132701 | Zig:16   | Killed an ancient lich
132703 | Zig:16   | Noticed a dread lich
132703 | Zig:16   | Noticed an ancient lich
132704 | Zig:16   | Killed an ancient lich
132704 | Zig:16   | Killed a dread lich
132706 | Zig:16   | Noticed an ancient lich
132709 | Zig:16   | Killed an ancient lich
132838 | Zig:16   | Identified the +1 glaive of Rankafud {spect, +Blink Fly
                  | rCorr}
132841 | Zig:16   | Identified the +5 battleaxe of Fresh Optimality {vamp, rN+
                  | Will+++ rCorr Int-4}
132854 | Zig:16   | Identified the +6 glaive of Imminent Death {spect, rElec
                  | rPois Int+3}
132857 | Zig:16   | Identified the +5 spear of Zamye {flame, rC+ rN+ rCorr}
132858 | Zig:16   | Acquired 698 gold pieces
132868 | Zig:17   | Entered Level 17 of a ziggurat
132903 | Zig:17   | Reached skill level 27 in Summonings
132907 | Zig:17   | Found the +0 toga "Victory" {*Victory Clar}
133095 | Zig:17   | Identified the +9 falchion "Yttorr" {freeze, rPois rC-
                  | Str+3}
133113 | Zig:17   | Identified the +8 morningstar of the Conjuring Gods {flame,
                  | Fly rPois Will++ Int-5}
133129 | Zig:18   | Entered Level 18 of a ziggurat
133137 | Zig:18   | Noticed Urudwesa the pandemonium lord
133139 | Zig:18   | Noticed Muikicwoc the pandemonium lord
133139 | Zig:18   | Noticed Bakekeh the pandemonium lord
133139 | Zig:18   | Noticed Wiarphay the pandemonium lord
133140 | Zig:18   | Noticed Jouvokk the pandemonium lord
133141 | Zig:18   | Noticed Towafat the pandemonium lord
133141 | Zig:18   | Noticed Itaifuenap the pandemonium lord
133141 | Zig:18   | Noticed Moanodoh the pandemonium lord
133142 | Zig:18   | Noticed Veipro Yroi the pandemonium lord
133142 | Zig:18   | Noticed Gouzoet the pandemonium lord
133142 | Zig:18   | Noticed Xoh Jyuw the pandemonium lord
133142 | Zig:18   | Noticed Qedes the pandemonium lord
133143 | Zig:18   | Noticed Ucuu the pandemonium lord
133144 | Zig:18   | Killed Bakekeh the pandemonium lord
133144 | Zig:18   | Killed Jouvokk the pandemonium lord
133144 | Zig:18   | Noticed Igraessu the pandemonium lord
133145 | Zig:18   | Killed Muikicwoc the pandemonium lord
133145 | Zig:18   | Killed Gouzoet the pandemonium lord
133145 | Zig:18   | Killed Veipro Yroi the pandemonium lord
133145 | Zig:18   | Killed Towafat the pandemonium lord
133145 | Zig:18   | Killed Itaifuenap the pandemonium lord
133145 | Zig:18   | Killed Ucuu the pandemonium lord
133145 | Zig:18   | Killed Wiarphay the pandemonium lord
133146 | Zig:18   | Killed Urudwesa the pandemonium lord
133146 | Zig:18   | Noticed Belapp the pandemonium lord
133147 | Zig:18   | Noticed Paxzem the pandemonium lord
133147 | Zig:18   | Noticed Bustent the pandemonium lord
133148 | Zig:18   | Killed Qedes the pandemonium lord
133149 | Zig:18   | Killed Igraessu the pandemonium lord
133149 | Zig:18   | Noticed Huskiripp the pandemonium lord
133149 | Zig:18   | Noticed Zippuoteim the pandemonium lord
133150 | Zig:18   | Killed Moanodoh the pandemonium lord
133150 | Zig:18   | Killed Xoh Jyuw the pandemonium lord
133151 | Zig:18   | Noticed Pyqefuuceov the pandemonium lord
133151 | Zig:18   | Noticed Saereb the pandemonium lord
133151 | Zig:18   | Noticed Biasmeab the pandemonium lord
133152 | Zig:18   | Killed Paxzem the pandemonium lord
133152 | Zig:18   | Noticed Efoo the pandemonium lord
133153 | Zig:18   | Killed Zippuoteim the pandemonium lord
133153 | Zig:18   | Killed Bustent the pandemonium lord
133153 | Zig:18   | Killed Belapp the pandemonium lord
133153 | Zig:18   | Noticed Ygall the pandemonium lord
133154 | Zig:18   | Killed Saereb the pandemonium lord
133155 | Zig:18   | Killed Huskiripp the pandemonium lord
133155 | Zig:18   | Killed Pyqefuuceov the pandemonium lord
133155 | Zig:18   | Killed Biasmeab the pandemonium lord
133155 | Zig:18   | Noticed Nafau the pandemonium lord
133157 | Zig:18   | Noticed Ralefriw the pandemonium lord
133157 | Zig:18   | Noticed Wimah the pandemonium lord
133158 | Zig:18   | Killed Efoo the pandemonium lord
133159 | Zig:18   | Killed Nafau the pandemonium lord
133159 | Zig:18   | Killed Ygall the pandemonium lord
133159 | Zig:18   | Killed Ralefriw the pandemonium lord
133159 | Zig:18   | Killed Wimah the pandemonium lord
133159 | Zig:18   | Noticed Irhi the pandemonium lord
133159 | Zig:18   | Noticed Xasetwygh the pandemonium lord
133161 | Zig:18   | Killed Xasetwygh the pandemonium lord
133167 | Zig:18   | Killed Irhi the pandemonium lord
133230 | Zig:18   | Identified the +1 leather armour of a wizard's laboratory
                  | {rElec rC- rN+ MP+9}
133231 | Zig:18   | Identified the +6 plate armour "Wajecw" {Str+2}
133244 | Zig:18   | Identified the +5 fire dragon scales of Hirchill {Rampage
                  | Drain rF++ rC- Int+7}
133371 | Zig:19   | Entered Level 19 of a ziggurat
133389 | Zig:19   | Noticed Gitede the pandemonium lord
133392 | Zig:19   | Reached skill level 27 in Staves
133394 | Zig:19   | Reached skill level 5 in Poison Magic
133395 | Zig:19   | Reached skill level 5 in Ice Magic
133395 | Zig:19   | Killed Gitede the pandemonium lord
133405 | Zig:19   | Reached skill level 10 in Poison Magic
133600 | Zig:19   | Identified the +2 eveningstar of Lusen {venom, rF+}
133607 | Zig:19   | Identified the +3 leather armour of Inviolability {rC-
                  | Will+ SInv}
133608 | Zig:19   | Identified the +3 morningstar of the Moth {freeze, rC++
                  | Str+4}
133609 | Zig:19   | Identified the +0 ring mail of the Thoughtful Loafs {rElec
                  | rC++}
133610 | Zig:19   | Identified the +1 pair of boots of Limitation {Harm +Inv
                  | Int-4 Dex+2}
133618 | Zig:19   | Reached skill level 10 in Ice Magic
133631 | Zig:20   | Entered Level 20 of a ziggurat
133660 | Zig:20   | Reached skill level 15 in Poison Magic
133864 | Zig:20   | Identified the +3 chain mail "Moupreta" {rC++ Will+}
133881 | Zig:20   | Identified the ring of Darkness {rN+ Dex+6 Slay+2}
133884 | Zig:20   | Identified the +8 chain mail of Midwinter {rElec rF- rC+++
                  | MP+9}
133938 | Zig:20   | Acquired the ring "Vakidaak" {rF++ MP+9 Int+5}
133953 | Zig:21   | Entered Level 21 of a ziggurat
133970 | Zig:21   | Reached skill level 15 in Ice Magic
134202 | Zig:21   | Identified the ring of the Shining Light {rPois Str+2}
134204 | Zig:21   | Identified the +8 war axe "Plog" {freeze, rF+}
134207 | Zig:21   | Identified the amulet of Lust {Faith Rampage rC+ Int+7}
134217 | Zig:21   | Identified the +5 demon trident "Hiwolom" {drain, rPois
                  | Str+3 Int+2}
134292 | Zig:22   | Entered Level 22 of a ziggurat
134316 | Zig:22   | Noticed Neuqer the pandemonium lord
134322 | Zig:22   | Killed Neuqer the pandemonium lord
134554 | Zig:22   | Identified the +4 quarterstaff of the Vestibule of Hell
                  | {venom, rPois Stlth+}
134557 | Zig:22   | Identified the ring of Finality {*Slow rElec Will+ rCorr
                  | Slay-4}
134562 | Zig:22   | Identified the +8 bardiche of the Muttering Gods {flame,
                  | rElec Dex+4}
134628 | Zig:23   | Entered Level 23 of a ziggurat
134647 | Zig:23   | Noticed a dread lich
134653 | Zig:23   | Killed a dread lich
134657 | Zig:23   | Noticed a dread lich
134664 | Zig:23   | Killed a dread lich
134711 | Zig:23   | Identified the +4 hand axe "Emifiros" {drain, rCorr}
134733 | Zig:23   | Identified the +17 crystal plate armour of Bitterness
                  | {Rampage rPois Str-4 Slay+2}
134948 | Zig:24   | Entered Level 24 of a ziggurat
135219 | Zig:24   | Found the ring of the Octopus King
135246 | Zig:24   | Identified the +2 quarterstaff of the Ethereal God {flame,
                  | *Slow rF++ Dex+5}
135254 | Zig:24   | Identified the +3 shortbow of Foawuwku {speed, Drain rPois
                  | rN+ Stlth+}
135265 | Zig:24   | Identified the +0 swamp dragon scales "Tumik" {rPois rN+}
135270 | Zig:24   | Identified the +5 plate armour of Inaction {rElec SInv}
135271 | Zig:24   | Identified a ring of the Octopus King {Fly HP+2 AC+2 EV+2
                  | SH+2}
135275 | Zig:24   | Identified the +5 flail of Greatest Utility {spect, Will+
                  | rCorr Int-4}
135305 | Zig:25   | Entered Level 25 of a ziggurat
135318 | Zig:25   | Noticed Vijuah the pandemonium lord
135321 | Zig:25   | Noticed Dabom the pandemonium lord
135322 | Zig:25   | Noticed Gewewk the pandemonium lord
135322 | Zig:25   | Noticed Kodwirodd the pandemonium lord
135323 | Zig:25   | Noticed Ybbebb the pandemonium lord
135324 | Zig:25   | Noticed Ikkipeyrr the pandemonium lord
135324 | Zig:25   | Noticed Huskiz the pandemonium lord
135324 | Zig:25   | Noticed Puloun the pandemonium lord
135325 | Zig:25   | Killed Ybbebb the pandemonium lord
135325 | Zig:25   | Killed Gewewk the pandemonium lord
135326 | Zig:25   | Noticed Zawkagor the pandemonium lord
135327 | Zig:25   | Noticed Kuyrij the pandemonium lord
135327 | Zig:25   | Killed Dabom the pandemonium lord
135328 | Zig:25   | Killed Huskiz the pandemonium lord
135328 | Zig:25   | Noticed Engic the pandemonium lord
135329 | Zig:25   | Noticed Ritzer the pandemonium lord
135329 | Zig:25   | Noticed Plog the pandemonium lord
135329 | Zig:25   | Noticed Otroph the pandemonium lord
135329 | Zig:25   | Noticed Weffu the pandemonium lord
135329 | Zig:25   | Noticed Cerasag the pandemonium lord
135329 | Zig:25   | Noticed Iweugh the pandemonium lord
135329 | Zig:25   | Noticed Tyxiy the pandemonium lord
135329 | Zig:25   | Noticed Kohoxt the pandemonium lord
135330 | Zig:25   | Killed Vijuah the pandemonium lord
135330 | Zig:25   | Killed Ikkipeyrr the pandemonium lord
135330 | Zig:25   | Killed Weffu the pandemonium lord
135330 | Zig:25   | Noticed Jabaj the pandemonium lord
135331 | Zig:25   | Noticed Hesseozo the pandemonium lord
135331 | Zig:25   | Noticed Wippeon the pandemonium lord
135331 | Zig:25   | Noticed Meonat the pandemonium lord
135331 | Zig:25   | Noticed Maruoru the pandemonium lord
135331 | Zig:25   | Noticed Akkail the pandemonium lord
135331 | Zig:25   | Noticed Liq Qyarch the pandemonium lord
135331 | Zig:25   | Noticed Peziv the pandemonium lord
135332 | Zig:25   | Noticed Erunweso the pandemonium lord
135332 | Zig:25   | Killed Kodwirodd the pandemonium lord
135332 | Zig:25   | Noticed Onyolym the pandemonium lord
135332 | Zig:25   | Noticed Poboengo the pandemonium lord
135333 | Zig:25   | Noticed Lacym the pandemonium lord
135333 | Zig:25   | Noticed Vacvese the pandemonium lord
135333 | Zig:25   | Noticed Cyorar the pandemonium lord
135334 | Zig:25   | Noticed Axkigem the pandemonium lord
135334 | Zig:25   | Noticed Wefraz the pandemonium lord
135335 | Zig:25   | Noticed Caaczuho the pandemonium lord
135335 | Zig:25   | Noticed Ejevoseh the pandemonium lord
135336 | Zig:25   | Noticed Plog the pandemonium lord
135336 | Zig:25   | Killed Axkigem the pandemonium lord
135337 | Zig:25   | Killed Otroph the pandemonium lord
135337 | Zig:25   | Killed Maruoru the pandemonium lord
135337 | Zig:25   | Killed Erunweso the pandemonium lord
135337 | Zig:25   | Noticed Jaggo the pandemonium lord
135337 | Zig:25   | Noticed Zissoo the pandemonium lord
135338 | Zig:25   | Killed Liq Qyarch the pandemonium lord
135338 | Zig:25   | Killed Meonat the pandemonium lord
135338 | Zig:25   | Killed Iweugh the pandemonium lord
135338 | Zig:25   | Killed Peziv the pandemonium lord
135338 | Zig:25   | Killed Lacym the pandemonium lord
135338 | Zig:25   | Killed Ritzer the pandemonium lord
135338 | Zig:25   | Noticed Hygrubyu the pandemonium lord
135338 | Zig:25   | Noticed Jiuzxi the pandemonium lord
135338 | Zig:25   | Noticed Nathryunt the pandemonium lord
135339 | Zig:25   | Noticed Wythrael the pandemonium lord
135339 | Zig:25   | Noticed Peiplarch the pandemonium lord
135339 | Zig:25   | Noticed Xorimes the pandemonium lord
135339 | Zig:25   | Noticed Hufuicimmus the pandemonium lord
135340 | Zig:25   | Killed Hesseozo the pandemonium lord
135340 | Zig:25   | Killed Cyorar the pandemonium lord
135340 | Zig:25   | Killed Kohoxt the pandemonium lord
135347 | Zig:25   | Killed Onyolym the pandemonium lord
135347 | Zig:25   | Noticed Tihuopp the pandemonium lord
135351 | Zig:25   | Killed Jabaj the pandemonium lord
135351 | Zig:25   | Killed Cerasag the pandemonium lord
135351 | Zig:25   | Noticed Celisyb the pandemonium lord
135351 | Zig:25   | Noticed Egharuadu the pandemonium lord
135352 | Zig:25   | Killed Engic the pandemonium lord
135352 | Zig:25   | Killed Plog the pandemonium lord
135352 | Zig:25   | Killed Tyxiy the pandemonium lord
135353 | Zig:25   | Killed Tihuopp the pandemonium lord
135355 | Zig:25   | Killed Zissoo the pandemonium lord
135355 | Zig:25   | Killed Puloun the pandemonium lord
135355 | Zig:25   | Noticed Umnoarph the pandemonium lord
135356 | Zig:25   | Killed Akkail the pandemonium lord
135356 | Zig:25   | Killed Ejevoseh the pandemonium lord
135357 | Zig:25   | Killed Nathryunt the pandemonium lord
135357 | Zig:25   | Killed Celisyb the pandemonium lord
135357 | Zig:25   | Killed Kuyrij the pandemonium lord
135374 | Zig:25   | Killed Zawkagor the pandemonium lord
135385 | Zig:25   | Killed Hufuicimmus the pandemonium lord
135386 | Zig:25   | Killed Umnoarph the pandemonium lord
135386 | Zig:25   | Killed Egharuadu the pandemonium lord
135387 | Zig:25   | Killed Wythrael the pandemonium lord
135387 | Zig:25   | Killed Wefraz the pandemonium lord
135387 | Zig:25   | Killed Plog the pandemonium lord
135387 | Zig:25   | Noticed Zinos the pandemonium lord
135388 | Zig:25   | Noticed Lodobb the pandemonium lord
135388 | Zig:25   | Killed Vacvese the pandemonium lord
135389 | Zig:25   | Killed Jaggo the pandemonium lord
135389 | Zig:25   | Killed Hygrubyu the pandemonium lord
135389 | Zig:25   | Killed Lodobb the pandemonium lord
135389 | Zig:25   | Killed Poboengo the pandemonium lord
135390 | Zig:25   | Reached skill level 27 in Poison Magic
135390 | Zig:25   | Killed Zinos the pandemonium lord
135390 | Zig:25   | Killed Peiplarch the pandemonium lord
135390 | Zig:25   | Killed Wippeon the pandemonium lord
135391 | Zig:25   | Killed Xorimes the pandemonium lord
135392 | Zig:25   | Killed Caaczuho the pandemonium lord
135392 | Zig:25   | Killed Jiuzxi the pandemonium lord
135475 | Zig:25   | Found the +11 plutonium sword {Contam Stlth-}
135515 | Zig:25   | Found the +7 Spriggan's Knife {stab, EV+4 Stlth+}
135525 | Zig:25   | Identified the ring of Saduisk {rElec rC+ AC+4 Str+3 Dex-5}
135553 | Zig:25   | Identified the +8 short sword "Spiderbane" {heavy, rElec
                  | rC- Int+5}
135554 | Zig:25   | Identified the +1 short sword "Dragonslayer" {speed, Int+3}
135562 | Zig:25   | Identified the +9 mace of Oenomania {venom, +Blink Int+4}
135572 | Zig:25   | Identified the +1 ring mail of Sif Muna's Wrath {Harm
                  | +Blink rPois Dex-5}
135754 | Zig:26   | Entered Level 26 of a ziggurat
135779 | Zig:26   | Noticed Loaramer the pandemonium lord
135784 | Zig:26   | Reached skill level 27 in Ice Magic
135794 | Zig:26   | Killed Loaramer the pandemonium lord
135795 | Zig:26   | Reached skill level 10 in Hexes
136068 | Zig:26   | Identified the +4 shortbow of Abuthrec {freeze, Fly rElec
                  | Dex+2}
136075 | Zig:26   | Identified the +4 rapier of Zekuf {pain, Dex+3}
136077 | Zig:26   | Identified the +5 short sword of Linearity {pain, rF+ rN+
                  | Will+ Str-5}
136078 | Zig:26   | Identified the +1 leather armour "Midohoudgh" {Dex+3
                  | Stlth+}
136079 | Zig:26   | Identified the +8 morningstar of Certain Death {chaos,
                  | Fragile rElec rF+ rN+++ MP-9}
136089 | Zig:26   | Identified the ring "Hileucef" {Wiz rElec rF+ Str+3}
136091 | Zig:26   | Identified the +0 robe "Fuanaik" {Harm Slay+3 SInv Stlth-}
136103 | Zig:26   | Identified the +1 battleaxe of Fragile Peace {flame, *Slow
                  | Fly rC- Int+5}
136106 | Zig:26   | Identified the +3 ring mail "Qabodd" {rF+++ rC- Regen+
                  | Dex+4}
136108 | Zig:26   | Identified the +0 robe "Cufaekk" {rCorr Int+3 Slay-4}
136109 | Zig:26   | Identified the +1 rapier "Errupih" {freeze, rC+}
136113 | Zig:26   | Identified the +6 scimitar of Darkness {heavy, rPois Str+3}
136222 | Zig:27   | Entered Level 27 of a ziggurat
136236 | Zig:27   | Noticed a dread lich
136237 | Zig:27   | Noticed an ancient lich
136241 | Zig:27   | Noticed a dread lich
136241 | Zig:27   | Noticed an ancient lich
136242 | Zig:27   | Killed an ancient lich
136242 | Zig:27   | Killed a dread lich
136243 | Zig:27   | Noticed an ancient lich
136243 | Zig:27   | Noticed an ancient lich
136244 | Zig:27   | Killed a dread lich
136244 | Zig:27   | Killed an ancient lich
136244 | Zig:27   | Killed an ancient lich
136244 | Zig:27   | Killed an ancient lich
136245 | Zig:27   | Reached skill level 15 in Hexes
136245 | Zig:27   | Noticed a dread lich
136245 | Zig:27   | Noticed a dread lich
136247 | Zig:27   | Killed a dread lich
136248 | Zig:27   | Noticed a dread lich
136249 | Zig:27   | Killed a dread lich
136250 | Zig:27   | Noticed an ancient lich
136250 | Zig:27   | Noticed a dread lich
136251 | Zig:27   | Killed a dread lich
136251 | Zig:27   | Killed a dread lich
136252 | Zig:27   | Noticed an ancient lich
136253 | Zig:27   | Killed an ancient lich
136254 | Zig:27   | Noticed an ancient lich
136255 | Zig:27   | Killed an ancient lich
136255 | Zig:27   | Noticed an ancient lich
136257 | Zig:27   | Noticed a dread lich
136258 | Zig:27   | Killed an ancient lich
136258 | Zig:27   | Killed an ancient lich
136258 | Zig:27   | Noticed an ancient lich
136258 | Zig:27   | Noticed a dread lich
136260 | Zig:27   | Killed a dread lich
136261 | Zig:27   | Killed an ancient lich
136261 | Zig:27   | Killed a dread lich
136262 | Zig:27   | Noticed an ancient lich
136263 | Zig:27   | Noticed a dread lich
136264 | Zig:27   | Killed a dread lich
136265 | Zig:27   | Killed an ancient lich
136291 | Zig:27   | Found the necklace of Bloodlust {Fury *Rage Will++ Int-3
                  | Slay+6}
136417 | Zig:27   | Identified the ring "Orew" {MP+9 Str+3 Slay+5}
136422 | Zig:27   | Identified the ring of Amelioration {*Slow Will+ MP+9 Int+5
                  | Stlth+}
136423 | Zig:27   | Identified the +1 robe of Xom's Delight {Harm}
136424 | Zig:27   | Identified the +6 great mace of Righteous Fury {freeze, rC-
                  | rCorr Str+9 Int+7}
136444 | Zig:27   | Identified the +1 scale mail "Usuit" {rF+}
136451 | Zig:27   | Identified the +8 chain mail of the Tortured God {Dex+2}
136927 | Depths:4 | You paid a toll of +5 ice dragon scales to enter a treasure
                  | trove
136928 | Trove    | Entered a treasure trove
137797 | Zot:5    | Lost mutation: You have large cloven feet. [potion of
                  | mutation]
137797 | Zot:5    | Lost mutation: You occasionally shout uncontrollably at
                  | your foes. [potion of mutation]
137797 | Zot:5    | Lost mutation: You are agile. (Dex +4, Str/Int -1) [potion
                  | of mutation]
137797 | Zot:5    | Gained mutation: Armour fits poorly on your strangely
                  | shaped body. [potion of mutation]
137797 | Zot:5    | Gained mutation: You have sharp toenails. [potion of
                  | mutation]
137798 | Zot:5    | Lost mutation: You have sharp toenails. [potion of
                  | mutation]
137798 | Zot:5    | Lost mutation: Armour fits poorly on your strangely shaped
                  | body. [potion of mutation]
137798 | Zot:5    | Gained mutation: You are agile. (Dex +4, Str/Int -1)
                  | [potion of mutation]
137798 | Zot:5    | Gained mutation: Armour fits poorly on your strangely
                  | shaped body. [potion of mutation]
137798 | Zot:5    | Gained mutation: Your muscles are strong. (Str +4, Int/Dex
                  | -1) [potion of mutation]
137798 | Zot:5    | Gained mutation: You possess an exceptional clarity of
                  | mind. [potion of mutation]
137799 | Zot:5    | Lost mutation: Your muscles are strong. (Str +4, Int/Dex
                  | -1) [potion of mutation]
137799 | Zot:5    | Lost mutation: You are agile. (Dex +4, Str/Int -1) [potion
                  | of mutation]
137799 | Zot:5    | Lost mutation: You possess an exceptional clarity of mind.
                  | [potion of mutation]
137799 | Zot:5    | Gained mutation: You have hidden genetic defects. [potion
                  | of mutation]
137799 | Zot:5    | Gained mutation: Potions are less effective at restoring
                  | your health. [potion of mutation]
137799 | Zot:5    | Gained mutation: You are occasionally teleported next to
                  | monsters. [potion of mutation]
137800 | Zot:5    | Lost mutation: Armour fits poorly on your strangely shaped
                  | body. [potion of mutation]
137800 | Zot:5    | Lost mutation: You have hidden genetic defects. [potion of
                  | mutation]
137800 | Zot:5    | Gained mutation: Your flesh is heat resistant. (rF+)
                  | [potion of mutation]
137801 | Zot:5    | Lost mutation: You are occasionally teleported next to
                  | monsters. [potion of mutation]
137801 | Zot:5    | Lost mutation: Your flesh is heat resistant. (rF+) [potion
                  | of mutation]
137801 | Zot:5    | Lost mutation: Potions are less effective at restoring your
                  | health. [potion of mutation]
137801 | Zot:5    | Gained mutation: You are weak. (Str -2) [potion of
                  | mutation]
137801 | Zot:5    | Gained mutation: You sometimes lose your temper in combat.
                  | [potion of mutation]
137801 | Zot:5    | Lost mutation: You sometimes lose your temper in combat.
                  | [potion of mutation]
137802 | Zot:5    | Lost mutation: You are weak. (Str -2) [potion of mutation]
137802 | Zot:5    | Gained mutation: Your system is resistant to poisons.
                  | (rPois) [potion of mutation]
137802 | Zot:5    | Gained mutation: You occasionally shout uncontrollably at
                  | your foes. [potion of mutation]
137803 | Zot:5    | Lost mutation: Your system is resistant to poisons. (rPois)
                  | [potion of mutation]
137803 | Zot:5    | Lost mutation: You occasionally shout uncontrollably at
                  | your foes. [potion of mutation]
137803 | Zot:5    | Gained mutation: Your spells are a little harder to cast,
                  | but a little more powerful. [potion of mutation]
137803 | Zot:5    | Gained mutation: You have sharp toenails. [potion of
                  | mutation]
137803 | Zot:5    | Gained mutation: You possess an exceptional clarity of
                  | mind. [potion of mutation]
137817 | Zot:5    | Lost mutation: Your spells are a little harder to cast, but
                  | a little more powerful. [potion of mutation]
137817 | Zot:5    | Lost mutation: You have sharp toenails. [potion of
                  | mutation]
137817 | Zot:5    | Lost mutation: You possess an exceptional clarity of mind.
                  | [potion of mutation]
137817 | Zot:5    | Gained mutation: Your natural rate of healing is unusually
                  | fast. [potion of mutation]
137817 | Zot:5    | Gained mutation: Your magical capacity is low. (-10% MP)
                  | [potion of mutation]
137817 | Zot:5    | Gained mutation: You have hidden genetic defects. [potion
                  | of mutation]
137818 | Zot:5    | Lost mutation: Your natural rate of healing is unusually
                  | fast. [potion of mutation]
137818 | Zot:5    | Lost mutation: You have hidden genetic defects. [potion of
                  | mutation]
137818 | Zot:5    | Gained mutation: Your muscles are strong. (Str +4, Int/Dex
                  | -1) [potion of mutation]
137819 | Zot:5    | Lost mutation: Your magical capacity is low. (-10% MP)
                  | [potion of mutation]
137819 | Zot:5    | Lost mutation: Your muscles are strong. (Str +4, Int/Dex
                  | -1) [potion of mutation]
137819 | Zot:5    | Gained mutation: You are somewhat resistant to further
                  | mutation. [potion of mutation]
137819 | Zot:5    | Gained mutation: Your skin changes colour to match your
                  | surroundings (Stealth+). [potion of mutation]
137820 | Zot:5    | Lost mutation: Your skin changes colour to match your
                  | surroundings (Stealth+). [potion of mutation]
137820 | Zot:5    | Lost mutation: You are somewhat resistant to further
                  | mutation. [potion of mutation]
137820 | Zot:5    | Gained mutation: Your spells are a little easier to cast,
                  | but a little less powerful. [potion of mutation]
137820 | Zot:5    | Gained mutation: Your mind is acute. (Int +4, Str/Dex -1)
                  | [potion of mutation]
137820 | Zot:5    | Gained mutation: You have large cloven feet. [potion of
                  | mutation]
137821 | Zot:5    | Lost mutation: Your mind is acute. (Int +4, Str/Dex -1)
                  | [potion of mutation]
137821 | Zot:5    | Lost mutation: Your spells are a little easier to cast, but
                  | a little less powerful. [potion of mutation]
137821 | Zot:5    | Gained mutation: You are robust. (+10% HP) [potion of
                  | mutation]
137821 | Zot:5    | Gained mutation: Your mind is acute. (Int +4, Str/Dex -1)
                  | [potion of mutation]
137833 | Zot:5    | Lost mutation: You are robust. (+10% HP) [potion of
                  | mutation]
137833 | Zot:5    | Lost mutation: You have large cloven feet. [potion of
                  | mutation]
137833 | Zot:5    | Gained mutation: You are covered in fur. (AC +1) [potion of
                  | mutation]
137833 | Zot:5    | Gained mutation: You have sharp fingernails. [potion of
                  | mutation]
137834 | Zot:5    | Lost mutation: You have sharp fingernails. [potion of
                  | mutation]
137834 | Zot:5    | Lost mutation: You are covered in fur. (AC +1) [potion of
                  | mutation]
137834 | Zot:5    | Lost mutation: Your mind is acute. (Int +4, Str/Dex -1)
                  | [potion of mutation]
137834 | Zot:5    | Gained mutation: Your spells are a little harder to cast,
                  | but a little more powerful. [potion of mutation]
137834 | Zot:5    | Gained mutation: You are clumsy. (Dex -2) [potion of
                  | mutation]
137834 | Zot:5    | Gained mutation: You have sharp fingernails. [potion of
                  | mutation]
137835 | Zot:5    | Lost mutation: You have sharp fingernails. [potion of
                  | mutation]
137835 | Zot:5    | Lost mutation: Your spells are a little harder to cast, but
                  | a little more powerful. [potion of mutation]
137835 | Zot:5    | Lost mutation: You are clumsy. (Dex -2) [potion of
                  | mutation]
137835 | Zot:5    | Gained mutation: Your muscles are strong. (Str +4, Int/Dex
                  | -1) [potion of mutation]
137835 | Zot:5    | Gained mutation: A frigid envelope surrounds you and
                  | freezes all who hurt you. [potion of mutation]
137835 | Zot:5    | Lost mutation: A frigid envelope surrounds you and freezes
                  | all who hurt you. [potion of mutation]
137835 | Zot:5    | Gained mutation: You are agile. (Dex +4, Str/Int -1)
                  | [potion of mutation]
137836 | Zot:5    | Lost mutation: You are agile. (Dex +4, Str/Int -1) [potion
                  | of mutation]
137836 | Zot:5    | Lost mutation: Your muscles are strong. (Str +4, Int/Dex
                  | -1) [potion of mutation]
137836 | Zot:5    | Gained mutation: You sometimes lose your temper in combat.
                  | [potion of mutation]
137836 | Zot:5    | Gained mutation: You are robust. (+10% HP) [potion of
                  | mutation]
137837 | Zot:5    | Lost mutation: You are robust. (+10% HP) [potion of
                  | mutation]
137837 | Zot:5    | Lost mutation: You sometimes lose your temper in combat.
                  | [potion of mutation]
137837 | Zot:5    | Gained mutation: Your mind is acute. (Int +4, Str/Dex -1)
                  | [potion of mutation]
137837 | Zot:5    | Gained mutation: You are clumsy. (Dex -2) [potion of
                  | mutation]
137837 | Zot:5    | Gained mutation: You occasionally lose the ability to drink
                  | potions when taking damage. [potion of mutation]
137837 | Zot:5    | Gained mutation: You have hidden genetic potential. [potion
                  | of mutation]
137838 | Zot:5    | Lost mutation: You occasionally lose the ability to drink
                  | potions when taking damage. [potion of mutation]
137838 | Zot:5    | Lost mutation: Your mind is acute. (Int +4, Str/Dex -1)
                  | [potion of mutation]
137838 | Zot:5    | Gained mutation: You are robust. (+10% HP) [potion of
                  | mutation]
137838 | Zot:5    | Gained mutation: Armour fits poorly on your strangely
                  | shaped body. [potion of mutation]
137838 | Zot:5    | Gained mutation: You are weak. (Str -2) [potion of
                  | mutation]
137839 | Zot:5    | Lost mutation: You have hidden genetic potential. [potion
                  | of mutation]
137839 | Zot:5    | Lost mutation: Armour fits poorly on your strangely shaped
                  | body. [potion of mutation]
137839 | Zot:5    | Lost mutation: You are clumsy. (Dex -2) [potion of
                  | mutation]
137839 | Zot:5    | Gained mutation: You are very robust. (+20% HP) [potion of
                  | mutation]
137839 | Zot:5    | Gained mutation: Your spells are a little harder to cast,
                  | but a little more powerful. [potion of mutation]
137839 | Zot:5    | Lost mutation: You are weak. (Str -2) [potion of mutation]
137864 | Zig:1    | Entered Level 1 of a ziggurat
137902 | Zig:2    | Entered Level 2 of a ziggurat
137928 | Zig:2    | Identified the +6 scale mail "Ysasasch" {rF+ rN+ Int+2}
137949 | Zig:3    | Entered Level 3 of a ziggurat
138000 | Zig:4    | Entered Level 4 of a ziggurat
138003 | Zig:4    | Noticed Pevaor the pandemonium lord
138009 | Zig:4    | Killed Pevaor the pandemonium lord
138053 | Zig:4    | Identified the +11 battleaxe of Infinite Pain {venom, rN+
                  | Str+4 Stlth-}
138067 | Zig:5    | Entered Level 5 of a ziggurat
138097 | Zig:5    | Identified the +2 whip of the Shouting Messenger {freeze,
                  | Int+4 Dex-4 Stlth+}
138146 | Zig:6    | Entered Level 6 of a ziggurat
138200 | Zig:6    | Identified the ring "Vyorhum" {Fly Slay+2}
138227 | Zig:7    | Entered Level 7 of a ziggurat
138227 | Zig:7    | Noticed a juggernaut
138227 | Zig:7    | Noticed a juggernaut
138228 | Zig:7    | Noticed a juggernaut
138231 | Zig:7    | Killed a juggernaut
138231 | Zig:7    | Killed a juggernaut
138231 | Zig:7    | Killed a juggernaut
138264 | Zig:7    | Identified the +1 robe of Ciratew {rPois rC- Regen+}
138268 | Zig:7    | Identified the +5 quarterstaff of Padoehuh {holy, rF+}
138393 | Zig:8    | Entered Level 8 of a ziggurat
138395 | Zig:8    | Reached skill level 27 in Hexes
138399 | Zig:8    | Reached skill level 10 in Invocations
138513 | Zig:8    | Identified the +4 lajatang of Fakkug {venom, rPois}
138524 | Zig:8    | Identified the +5 trident of Ozuen {heavy, *Rage rPois
                  | rF+++ Str-2 SInv}
138526 | Zig:8    | Identified the ring of Ehi Tut {Fire Contam Str+4 Dex+3
                  | Stlth+}
138543 | Zig:9    | Entered Level 9 of a ziggurat
138598 | Zig:9    | Identified the +1 chain mail of an ice cave {Int+3}
138606 | Zig:9    | Identified the ring of Mavedai {Drain EV+5 Str+7 Dex+3}
138699 | Zig:10   | Entered Level 10 of a ziggurat
138711 | Zig:10   | Noticed an ancient lich
138712 | Zig:10   | Killed an ancient lich
138791 | Zig:10   | Identified the +4 hand axe of Istroch {heavy, Fragile rN+
                  | Int+2}
138796 | Zig:10   | Identified the +1 cloak of Gluttony {*Corrode rF+ Will++
                  | SInv}
138804 | Zig:10   | Identified the +6 tower shield "Widiuhoi" {rC- Regen+
                  | Str+2}
138809 | Zig:10   | Identified the +10 rapier "Nesoic" {heavy, rF++}
138817 | Zig:10   | Identified the +1 plate armour "Pesyst" {rC++}
138865 | Zig:11   | Entered Level 11 of a ziggurat
138869 | Zig:11   | Noticed Feypron the pandemonium lord
138869 | Zig:11   | Noticed Begaottal the pandemonium lord
138870 | Zig:11   | Noticed Fodoo the pandemonium lord
138870 | Zig:11   | Noticed Caurun the pandemonium lord
138872 | Zig:11   | Killed Begaottal the pandemonium lord
138873 | Zig:11   | Noticed Orrousho the pandemonium lord
138873 | Zig:11   | Noticed Cyxzot the pandemonium lord
138873 | Zig:11   | Noticed Teukah the pandemonium lord
138874 | Zig:11   | Noticed Yqecu the pandemonium lord
138874 | Zig:11   | Killed Feypron the pandemonium lord
138874 | Zig:11   | Noticed Poow Fei the pandemonium lord
138875 | Zig:11   | Killed Poow Fei the pandemonium lord
138876 | Zig:11   | Killed Yqecu the pandemonium lord
138876 | Zig:11   | Killed Fodoo the pandemonium lord
138876 | Zig:11   | Noticed Hunal the pandemonium lord
138876 | Zig:11   | Noticed Qeyqep the pandemonium lord
138877 | Zig:11   | Noticed Akkop the pandemonium lord
138877 | Zig:11   | Noticed Ajaottoe the pandemonium lord
138877 | Zig:11   | Killed Cyxzot the pandemonium lord
138878 | Zig:11   | Killed Teukah the pandemonium lord
138878 | Zig:11   | Killed Caurun the pandemonium lord
138878 | Zig:11   | Noticed Cetalokh the pandemonium lord
138879 | Zig:11   | Killed Orrousho the pandemonium lord
138879 | Zig:11   | Noticed Aluyjauf the pandemonium lord
138880 | Zig:11   | Killed Cetalokh the pandemonium lord
138880 | Zig:11   | Killed Akkop the pandemonium lord
138881 | Zig:11   | Reached skill level 27 in Invocations
138881 | Zig:11   | Killed Qeyqep the pandemonium lord
138881 | Zig:11   | Killed Ajaottoe the pandemonium lord
138882 | Zig:11   | Reached skill level 1 in Short Blades
138882 | Zig:11   | Reached skill level 1 in Axes
138882 | Zig:11   | Reached skill level 1 in Maces & Flails
138882 | Zig:11   | Reached skill level 1 in Unarmed Combat
138882 | Zig:11   | Killed Hunal the pandemonium lord
138884 | Zig:11   | Killed Aluyjauf the pandemonium lord
138885 | Zig:11   | Reached skill level 5 in Long Blades
138943 | Zig:11   | Identified the +3 leather armour "Azeismyrch" {rF+ Int+5}
138945 | Zig:11   | Identified the +9 sling "Valamore's Doom" {speed, Stlth+}
139047 | Zig:12   | Entered Level 12 of a ziggurat
139058 | Zig:12   | Reached skill level 5 in Short Blades
139058 | Zig:12   | Reached skill level 5 in Maces & Flails
139152 | Zig:12   | Identified the +9 long sword of Premature Burial {freeze,
                  | rCorr Int-4 Stlth+}
139157 | Zig:12   | Identified the +2 battleaxe "Hiaciuj" {pain, rElec rC-
                  | Str+4 Dex+4}
139166 | Zig:12   | Identified the +5 flail of the Eternal Void {elec, +Blink
                  | rElec rC-}
139174 | Zig:12   | Acquired 492 gold pieces
139175 | Zig:12   | Acquired a manual of Unarmed Combat
139184 | Zig:13   | Entered Level 13 of a ziggurat
139184 | Zig:13   | Noticed a juggernaut
139186 | Zig:13   | Reached skill level 5 in Unarmed Combat
139186 | Zig:13   | Killed a juggernaut
139187 | Zig:13   | Reached skill level 5 in Axes
139187 | Zig:13   | Noticed a juggernaut
139187 | Zig:13   | Noticed a juggernaut
139190 | Zig:13   | Killed a juggernaut
139191 | Zig:13   | Killed a juggernaut
139191 | Zig:13   | Noticed a juggernaut
139192 | Zig:13   | Reached skill level 15 in Polearms
139195 | Zig:13   | Killed a juggernaut
139204 | Zig:13   | Found the -2 hat of the Alchemist {rElec rPois rF+ rC+ rN+
                  | Will+ rMut rCorr}
139416 | Zig:13   | Identified the amulet "Niywuter" {Spirit rF+ Slay+2}
139433 | Zig:14   | Entered Level 14 of a ziggurat
139443 | Zig:14   | Reached skill level 10 in Short Blades
139443 | Zig:14   | Reached skill level 10 in Maces & Flails
139613 | Zig:14   | Identified the +1 demon trident of Nodieneg {flame, rF+
                  | Str+2 Int+2}
139614 | Zig:14   | Identified the +7 chain mail "Viok Luifo" {Rampage *Slow
                  | +Blink Dex+7}
139615 | Zig:14   | Identified the +8 broad axe of the Sharing Enemy {freeze,
                  | rElec rF+ Str+3 Int-5}
139668 | Zig:15   | Entered Level 15 of a ziggurat
139671 | Zig:15   | Reached skill level 10 in Unarmed Combat
139706 | Zig:15   | Found the +3 salamander hide armour {Flames, rFlCloud rF++
                  | rC--}
139750 | Zig:15   | Identified the +8 flail of Lubbeedd {heavy, *Slow Str+4}
139763 | Zig:15   | Identified the +2 ice dragon scales of the Stars {Contam
                  | Rampage rF- rC++ rCorr Str+3}
139904 | Zig:16   | Entered Level 16 of a ziggurat
139921 | Zig:16   | Reached skill level 10 in Axes
139921 | Zig:16   | Found the +7 great mace "Undeadhunter" {deathbane, rN+}
140021 | Zig:16   | Identified the +0 cloak of Resourcefulness {*Slow Dex+3
                  | SInv}
140082 | Zig:16   | Identified the +10 great sword of Wuzas {spect, rC++ Dex-2}
140105 | Zig:17   | Entered Level 17 of a ziggurat
140110 | Zig:17   | Identified the +4 tower shield of Obrauraurou {rC+ Str+4
                  | Slay-4}
140118 | Zig:17   | Reached skill level 15 in Short Blades
140118 | Zig:17   | Reached skill level 15 in Maces & Flails
140118 | Zig:17   | Identified the +1 tower shield of Refuge {Fly rC- Int+5}
140125 | Zig:17   | Identified the +3 buckler of Charity {rElec rF- Regen+
                  | rCorr}
140125 | Zig:17   | Identified the +8 tower shield "Naeme" {rPois}
140269 | Zig:17   | Identified the ring of Halon {rF+ Will++ Str-5}
140273 | Zig:17   | Identified the +0 chain mail of the Stag {Int+4}
140274 | Zig:17   | Identified the +1 shortbow "Ocaxzaeme" {freeze, rF+ Dex+3}
140285 | Zig:17   | Identified the amulet of Absolutism {Spirit rN+ Str-5
                  | Dex+4}
140287 | Zig:17   | Identified the +5 battleaxe of Irrepressible Laughter
                  | {vamp, Str+2}
140311 | Zig:18   | Entered Level 18 of a ziggurat
140319 | Zig:18   | Noticed a dread lich
140321 | Zig:18   | Killed a dread lich
140322 | Zig:18   | Noticed an ancient lich
140322 | Zig:18   | Killed an ancient lich
140323 | Zig:18   | Noticed a dread lich
140324 | Zig:18   | Noticed a dread lich
140324 | Zig:18   | Noticed an ancient lich
140325 | Zig:18   | Noticed an ancient lich
140326 | Zig:18   | Killed an ancient lich
140326 | Zig:18   | Killed an ancient lich
140327 | Zig:18   | Killed a dread lich
140327 | Zig:18   | Killed a dread lich
140327 | Zig:18   | Noticed an ancient lich
140329 | Zig:18   | Reached skill level 15 in Unarmed Combat
140329 | Zig:18   | Killed an ancient lich
140330 | Zig:18   | Noticed a dread lich
140333 | Zig:18   | Killed a dread lich
140501 | Zig:18   | Identified the +0 leather armour of the Villain {Harm rElec
                  | rF- SInv}
140553 | Zig:19   | Entered Level 19 of a ziggurat
140686 | Zig:19   | Identified the +0 shortbow of Janlad {drain, rC++ Dex+5}
140688 | Zig:19   | Identified the amulet "Wenkonei" {Spirit Fly}
140693 | Zig:19   | Identified the +4 dagger of Honour {freeze, rPois Dex-4
                  | SInv}
140910 | Zig:20   | Entered Level 20 of a ziggurat
140915 | Zig:20   | Noticed Gijotodd the pandemonium lord
140916 | Zig:20   | Noticed Helem the pandemonium lord
140917 | Zig:20   | Noticed Jarchyul the pandemonium lord
140917 | Zig:20   | Noticed Cojumuott the pandemonium lord
140918 | Zig:20   | Noticed Iloisess the pandemonium lord
140918 | Zig:20   | Noticed Keof the pandemonium lord
140918 | Zig:20   | Noticed Zisi Pila the pandemonium lord
140919 | Zig:20   | Noticed Iwuxulum the pandemonium lord
140920 | Zig:20   | Noticed Hutolas the pandemonium lord
140920 | Zig:20   | Noticed Qonablukh the pandemonium lord
140920 | Zig:20   | Noticed Ujuuqer the pandemonium lord
140920 | Zig:20   | Noticed Zelieck the pandemonium lord
140920 | Zig:20   | Noticed Rauthysch the pandemonium lord
140920 | Zig:20   | Noticed Ciquokk the pandemonium lord
140920 | Zig:20   | Noticed Uhutin the pandemonium lord
140920 | Zig:20   | Noticed Jixeuf the pandemonium lord
140920 | Zig:20   | Noticed Qasiacy the pandemonium lord
140920 | Zig:20   | Noticed Feduc the pandemonium lord
140920 | Zig:20   | Noticed Limyem the pandemonium lord
140920 | Zig:20   | Noticed Woolureabb the pandemonium lord
140920 | Zig:20   | Noticed Weigreth the pandemonium lord
140927 | Zig:20   | Noticed Vevoepten the pandemonium lord
140929 | Zig:20   | Noticed Dafosoik the pandemonium lord
140932 | Zig:20   | Killed Iloisess the pandemonium lord
140932 | Zig:20   | Killed Vevoepten the pandemonium lord
140932 | Zig:20   | Noticed Buitucuc the pandemonium lord
140933 | Zig:20   | Killed Zisi Pila the pandemonium lord
140933 | Zig:20   | Killed Cojumuott the pandemonium lord
140933 | Zig:20   | Killed Dafosoik the pandemonium lord
140933 | Zig:20   | Noticed Uguudoogg the pandemonium lord
140934 | Zig:20   | Killed Iwuxulum the pandemonium lord
140934 | Zig:20   | Killed Jarchyul the pandemonium lord
140934 | Zig:20   | Killed Gijotodd the pandemonium lord
140934 | Zig:20   | Noticed Aram the pandemonium lord
140935 | Zig:20   | Killed Woolureabb the pandemonium lord
140935 | Zig:20   | Noticed Foem the pandemonium lord
140936 | Zig:20   | Killed Ciquokk the pandemonium lord
140936 | Zig:20   | Killed Ujuuqer the pandemonium lord
140937 | Zig:20   | Noticed Gutalobe the pandemonium lord
140938 | Zig:20   | Killed Hutolas the pandemonium lord
140938 | Zig:20   | Killed Uguudoogg the pandemonium lord
140938 | Zig:20   | Killed Limyem the pandemonium lord
140940 | Zig:20   | Killed Qonablukh the pandemonium lord
140940 | Zig:20   | Killed Keof the pandemonium lord
140940 | Zig:20   | Killed Gutalobe the pandemonium lord
140940 | Zig:20   | Killed Zelieck the pandemonium lord
140940 | Zig:20   | Killed Aram the pandemonium lord
140941 | Zig:20   | Noticed Nylo the pandemonium lord
140941 | Zig:20   | Killed Foem the pandemonium lord
140942 | Zig:20   | Killed Uhutin the pandemonium lord
140943 | Zig:20   | Reached skill level 15 in Axes
140943 | Zig:20   | Noticed Isopp the pandemonium lord
140945 | Zig:20   | Killed Helem the pandemonium lord
140946 | Zig:20   | Killed Nylo the pandemonium lord
140946 | Zig:20   | Killed Buitucuc the pandemonium lord
140946 | Zig:20   | Killed Weigreth the pandemonium lord
140946 | Zig:20   | Noticed Osuilupp the pandemonium lord
140947 | Zig:20   | Noticed Neumpyn the pandemonium lord
140948 | Zig:20   | Killed Rauthysch the pandemonium lord
140948 | Zig:20   | Noticed Toymo the pandemonium lord
140949 | Zig:20   | Killed Isopp the pandemonium lord
140949 | Zig:20   | Killed Neumpyn the pandemonium lord
140950 | Zig:20   | Killed Qasiacy the pandemonium lord
140951 | Zig:20   | Killed Jixeuf the pandemonium lord
140951 | Zig:20   | Killed Osuilupp the pandemonium lord
140952 | Zig:20   | Noticed Ystick the pandemonium lord
140955 | Zig:20   | Killed Toymo the pandemonium lord
140955 | Zig:20   | Killed Feduc the pandemonium lord
140967 | Zig:20   | Killed Ystick the pandemonium lord
141134 | Zig:20   | Identified the ring "Wiplo" {Drain rElec rPois rN+ Int+6}
141166 | Zig:20   | Identified the ring of Impatience {Contam +Blink rPois
                  | rCorr Dex+4}
141174 | Zig:20   | Identified the +0 chain mail of the Verdant Butterfly
                  | {Dex+3 Slay+2 SInv Stlth+}
141175 | Zig:20   | Identified the +1 robe of Inference {Int+3}
141186 | Zig:21   | Entered Level 21 of a ziggurat
141190 | Zig:21   | Noticed an orb of fire
141191 | Zig:21   | Noticed an orb of fire
141191 | Zig:21   | Noticed an orb of fire
141192 | Zig:21   | Noticed an orb of fire
141192 | Zig:21   | Noticed an orb of fire
141193 | Zig:21   | Noticed an orb of fire
141193 | Zig:21   | Noticed an orb of fire
141194 | Zig:21   | Noticed an orb of fire
141195 | Zig:21   | Noticed an orb of fire
141196 | Zig:21   | Noticed an orb of fire
141196 | Zig:21   | Killed an orb of fire
141196 | Zig:21   | Noticed an orb of fire
141196 | Zig:21   | Noticed an orb of fire
141196 | Zig:21   | Noticed an orb of fire
141197 | Zig:21   | Killed an orb of fire
141197 | Zig:21   | Killed an orb of fire
141197 | Zig:21   | Killed an orb of fire
141197 | Zig:21   | Killed an orb of fire
141197 | Zig:21   | Noticed an orb of fire
141198 | Zig:21   | Noticed an orb of fire
141198 | Zig:21   | Noticed an orb of fire
141198 | Zig:21   | Noticed an orb of fire
141198 | Zig:21   | Noticed an orb of fire
141199 | Zig:21   | Killed an orb of fire
141199 | Zig:21   | Killed an orb of fire
141199 | Zig:21   | Killed an orb of fire
141199 | Zig:21   | Noticed an orb of fire
141200 | Zig:21   | Killed an orb of fire
141200 | Zig:21   | Killed an orb of fire
141200 | Zig:21   | Noticed an orb of fire
141201 | Zig:21   | Killed an orb of fire
141201 | Zig:21   | Killed an orb of fire
141201 | Zig:21   | Killed an orb of fire
141201 | Zig:21   | Killed an orb of fire
141201 | Zig:21   | Killed an orb of fire
141201 | Zig:21   | Killed an orb of fire
141201 | Zig:21   | Noticed an orb of fire
141202 | Zig:21   | Noticed an orb of fire
141202 | Zig:21   | Noticed an orb of fire
141202 | Zig:21   | Noticed an orb of fire
141203 | Zig:21   | Killed an orb of fire
141204 | Zig:21   | Noticed an orb of fire
141205 | Zig:21   | Killed an orb of fire
141205 | Zig:21   | Killed an orb of fire
141205 | Zig:21   | Killed an orb of fire
141206 | Zig:21   | Killed an orb of fire
141206 | Zig:21   | Killed an orb of fire
141206 | Zig:21   | Killed an orb of fire
141207 | Zig:21   | Killed an orb of fire
141208 | Zig:21   | Killed an orb of fire
141418 | Zig:21   | Identified the +9 halberd of Doom {elec, rElec rPois rF-
                  | Dex+2}
141422 | Zig:21   | Identified the amulet "Enastos" {rF- Regen+ Int+5}
141458 | Zig:22   | Entered Level 22 of a ziggurat
141463 | Zig:22   | Noticed an orb of fire
141463 | Zig:22   | Noticed an orb of fire
141464 | Zig:22   | Noticed an orb of fire
141465 | Zig:22   | Noticed an orb of fire
141466 | Zig:22   | Noticed an orb of fire
141467 | Zig:22   | Noticed an orb of fire
141467 | Zig:22   | Noticed an orb of fire
141467 | Zig:22   | Noticed an orb of fire
141467 | Zig:22   | Noticed an orb of fire
141467 | Zig:22   | Noticed an orb of fire
141468 | Zig:22   | Noticed an orb of fire
141468 | Zig:22   | Noticed an orb of fire
141469 | Zig:22   | Noticed an orb of fire
141470 | Zig:22   | Killed an orb of fire
141470 | Zig:22   | Killed an orb of fire
141470 | Zig:22   | Killed an orb of fire
141470 | Zig:22   | Killed an orb of fire
141470 | Zig:22   | Noticed an orb of fire
141471 | Zig:22   | Noticed an orb of fire
141472 | Zig:22   | Killed an orb of fire
141472 | Zig:22   | Killed an orb of fire
141472 | Zig:22   | Killed an orb of fire
141472 | Zig:22   | Killed an orb of fire
141472 | Zig:22   | Noticed an orb of fire
141473 | Zig:22   | Noticed an orb of fire
141473 | Zig:22   | Noticed an orb of fire
141473 | Zig:22   | Noticed an orb of fire
141473 | Zig:22   | Noticed an orb of fire
141474 | Zig:22   | Killed an orb of fire
141474 | Zig:22   | Killed an orb of fire
141474 | Zig:22   | Killed an orb of fire
141475 | Zig:22   | Noticed an orb of fire
141475 | Zig:22   | Noticed an orb of fire
141475 | Zig:22   | Noticed an orb of fire
141475 | Zig:22   | Noticed an orb of fire
141475 | Zig:22   | Noticed an orb of fire
141476 | Zig:22   | Killed an orb of fire
141476 | Zig:22   | Killed an orb of fire
141477 | Zig:22   | Killed an orb of fire
141477 | Zig:22   | Killed an orb of fire
141477 | Zig:22   | Killed an orb of fire
141477 | Zig:22   | Killed an orb of fire
141478 | Zig:22   | Noticed an orb of fire
141478 | Zig:22   | Noticed an orb of fire
141478 | Zig:22   | Noticed an orb of fire
141479 | Zig:22   | Killed an orb of fire
141479 | Zig:22   | Killed an orb of fire
141480 | Zig:22   | Killed an orb of fire
141480 | Zig:22   | Killed an orb of fire
141480 | Zig:22   | Killed an orb of fire
141480 | Zig:22   | Killed an orb of fire
141480 | Zig:22   | Noticed an orb of fire
141482 | Zig:22   | Killed an orb of fire
141482 | Zig:22   | Killed an orb of fire
141483 | Zig:22   | Noticed an orb of fire
141484 | Zig:22   | Killed an orb of fire
141484 | Zig:22   | Killed an orb of fire
141484 | Zig:22   | Killed an orb of fire
141485 | Zig:22   | Found the +3 robe of Clouds {*Thunder rCloud rElec}
141486 | Zig:22   | Killed an orb of fire
141489 | Zig:22   | Killed an orb of fire
141711 | Zig:22   | Identified the +10 whip "Sur Hud" {drain, Str+6}
141723 | Zig:22   | Identified the ring "Wekkecuj" {rElec Will+ rCorr}
141725 | Zig:22   | Identified the +0 leather armour of Fesabegi {Int+2 Dex+6}
141726 | Zig:22   | Identified the +8 quarterstaff "Vutsiddicu" {drain, Str-2
                  | Int+3}
141727 | Zig:22   | Identified the +0 quarterstaff of Qazlal {freeze, Str+3}
141732 | Zig:22   | Identified the ring of Vaylekk {rF- rC+ rCorr Int+4}
141735 | Zig:22   | Identified the +1 robe "Piysoom" {rElec Dex+2}
141736 | Zig:22   | Identified the +3 leather armour of Omission {rN+ Int-5
                  | Dex+6}
141789 | Zig:23   | Entered Level 23 of a ziggurat
141793 | Zig:23   | Noticed a juggernaut
141794 | Zig:23   | Noticed a juggernaut
141795 | Zig:23   | Noticed a juggernaut
141796 | Zig:23   | Noticed a juggernaut
141797 | Zig:23   | Killed a juggernaut
141797 | Zig:23   | Killed a juggernaut
141797 | Zig:23   | Killed a juggernaut
141797 | Zig:23   | Noticed a juggernaut
141797 | Zig:23   | Noticed a juggernaut
141797 | Zig:23   | Noticed a juggernaut
141798 | Zig:23   | Noticed a juggernaut
141798 | Zig:23   | Noticed a juggernaut
141798 | Zig:23   | Noticed a juggernaut
141799 | Zig:23   | Noticed a juggernaut
141799 | Zig:23   | Noticed a juggernaut
141799 | Zig:23   | Noticed a juggernaut
141800 | Zig:23   | Killed a juggernaut
141800 | Zig:23   | Killed a juggernaut
141800 | Zig:23   | Killed a juggernaut
141800 | Zig:23   | Killed a juggernaut
141801 | Zig:23   | Killed a juggernaut
141801 | Zig:23   | Killed a juggernaut
141801 | Zig:23   | Killed a juggernaut
141801 | Zig:23   | Killed a juggernaut
141801 | Zig:23   | Killed a juggernaut
141801 | Zig:23   | Noticed a juggernaut
141801 | Zig:23   | Noticed a juggernaut
141802 | Zig:23   | Killed a juggernaut
141802 | Zig:23   | Noticed a juggernaut
141803 | Zig:23   | Killed a juggernaut
141803 | Zig:23   | Killed a juggernaut
141804 | Zig:23   | Killed a juggernaut
141806 | Zig:23   | Noticed a juggernaut
141807 | Zig:23   | Noticed a juggernaut
141808 | Zig:23   | Killed a juggernaut
141809 | Zig:23   | Killed a juggernaut
141810 | Zig:23   | Found the +0 staff of Battle
142014 | Zig:23   | Identified the +2 chain mail of Zacke {Str+4 Int+3 Dex+6}
142020 | Zig:23   | Identified the amulet "Doteg" {Rampage rPois Regen+ Str-3}
142021 | Zig:23   | Identified the +2 bardiche of Laitatus {freeze, Str-2 Int+7
                  | Dex+2 Stlth+}
142039 | Zig:23   | Identified the +8 shortbow "Deifaicw" {freeze, Contam rElec
                  | Dex+3 Stlth+}
142041 | Zig:23   | Identified the ring "Duabesh" {rC+ Int+5 Dex+3}
142046 | Zig:23   | Identified the amulet "Ozxutam" {Acrobat Dex+3}
142071 | Zig:24   | Entered Level 24 of a ziggurat
142101 | Zig:24   | Found the +8 storm bow {elec, penet}
142102 | Zig:24   | Found the +27 heavy crossbow "Sniper" {heavy, Acc+∞ SInv}
142367 | Zig:24   | Identified the +1 morningstar of the Forgotten Things
                  | {antimagic, rElec Int-4 Stlth+}
142450 | Zig:25   | Entered Level 25 of a ziggurat
142454 | Zig:25   | Noticed a juggernaut
142456 | Zig:25   | Noticed a juggernaut
142456 | Zig:25   | Noticed a juggernaut
142458 | Zig:25   | Killed a juggernaut
142458 | Zig:25   | Killed a juggernaut
142458 | Zig:25   | Noticed a juggernaut
142459 | Zig:25   | Noticed a juggernaut
142460 | Zig:25   | Noticed a juggernaut
142460 | Zig:25   | Noticed a juggernaut
142460 | Zig:25   | Noticed a juggernaut
142461 | Zig:25   | Noticed a juggernaut
142461 | Zig:25   | Noticed a juggernaut
142462 | Zig:25   | Noticed a juggernaut
142463 | Zig:25   | Killed a juggernaut
142463 | Zig:25   | Noticed a juggernaut
142464 | Zig:25   | Killed a juggernaut
142464 | Zig:25   | Killed a juggernaut
142464 | Zig:25   | Killed a juggernaut
142464 | Zig:25   | Killed a juggernaut
142464 | Zig:25   | Killed a juggernaut
142464 | Zig:25   | Killed a juggernaut
142464 | Zig:25   | Noticed a juggernaut
142464 | Zig:25   | Noticed a juggernaut
142465 | Zig:25   | Killed a juggernaut
142465 | Zig:25   | Killed a juggernaut
142465 | Zig:25   | Noticed a juggernaut
142466 | Zig:25   | Noticed a juggernaut
142467 | Zig:25   | Noticed a juggernaut
142467 | Zig:25   | Killed a juggernaut
142467 | Zig:25   | Killed a juggernaut
142467 | Zig:25   | Killed a juggernaut
142467 | Zig:25   | Noticed a juggernaut
142468 | Zig:25   | Noticed a juggernaut
142468 | Zig:25   | Killed a juggernaut
142468 | Zig:25   | Killed a juggernaut
142468 | Zig:25   | Noticed a juggernaut
142469 | Zig:25   | Killed a juggernaut
142469 | Zig:25   | Killed a juggernaut
142469 | Zig:25   | Killed a juggernaut
142469 | Zig:25   | Noticed a juggernaut
142469 | Zig:25   | Noticed a juggernaut
142471 | Zig:25   | Noticed a juggernaut
142473 | Zig:25   | Killed a juggernaut
142473 | Zig:25   | Killed a juggernaut
142474 | Zig:25   | Killed a juggernaut
142474 | Zig:25   | Killed a juggernaut
142528 | Zig:25   | Identified the +1 war axe "Vikluwnustro" {protect, Dex+2}
142532 | Zig:25   | Identified the +8 dagger of Midwinter {freeze, rF+ rN+}
142536 | Zig:25   | Identified the amulet of Lowkon {Acrobat +Blink Regen+
                  | Str+3}
142544 | Zig:25   | Identified the ring of Biewow {rPois Str+2}
142562 | Zig:25   | Identified the +1 leather armour of Qoruhoj {Rampage Will+
                  | Str+2}
142565 | Zig:25   | Identified the +3 shortbow of Immorality {elec, Dex+3 SInv}
142568 | Zig:25   | Identified the +4 glaive "Maorusm" {spect, +Blink rElec
                  | rPois Str-3}
142581 | Zig:25   | Identified the +6 long sword of Hoyhigg {holy, rF+ rCorr
                  | Int+3}
142791 | Zig:25   | Identified the +5 long sword "Orb Guardian's Death" {flame,
                  | Fragile rCorr Int+6 Dex-4}
142812 | Zig:26   | Entered Level 26 of a ziggurat
143120 | Zig:26   | Identified the +2 plate armour of the Skies Above {Will+}
143121 | Zig:26   | Identified the +8 shortbow of the Boiling Point {freeze,
                  | Dex+7}
143122 | Zig:26   | Identified the +7 short sword of Kiuryula {freeze, Str+3}
143151 | Zig:27   | Entered Level 27 of a ziggurat
143179 | Zig:27   | Reached skill level 27 in Polearms
143181 | Zig:27   | Reached skill level 27 in Maces & Flails
143227 | Zig:27   | Found the +8 trident of the Octopus King {venom, rElec
                  | rPois}
143240 | Zig:27   | Identified the +1 leather armour of Hubris {-Cast rCorr
                  | Dex+8 Slay-5}
143241 | Zig:27   | Identified the +10 sling of Drought {speed, Drain Fly
                  | Dex+2}
143249 | Zig:27   | Identified the +2 great sword of Annihilation {holy, rC-
                  | rN+++ Str+2 SInv}
143258 | Zig:27   | Identified the +1 troll leather armour of the Mind {rF+
                  | Regen+}
143267 | Zig:27   | Identified the +5 trident of the Stork {elec, Str+6}
143276 | Zig:27   | Identified the ring of Rikamuo {rPois rC++}
143581 | Zig:1    | Entered Level 1 of a ziggurat
143581 | Zig:1    | Noticed an orb of fire
143586 | Zig:1    | Killed an orb of fire
143610 | Zig:2    | Entered Level 2 of a ziggurat
143658 | Zig:3    | Entered Level 3 of a ziggurat
143685 | Zig:3    | Identified the +6 hand axe of the Middle {freeze, rF+ Str+3
                  | Int+3}
143738 | Zig:4    | Entered Level 4 of a ziggurat
143738 | Zig:4    | Noticed Coetwud the pandemonium lord
143740 | Zig:4    | Noticed Amnu the pandemonium lord
143741 | Zig:4    | Noticed Bygh the pandemonium lord
143743 | Zig:4    | Killed Amnu the pandemonium lord
143744 | Zig:4    | Reached skill level 10 in Long Blades
143744 | Zig:4    | Killed Coetwud the pandemonium lord
143747 | Zig:4    | Killed Bygh the pandemonium lord
143777 | Zig:4    | Identified the +7 trident "Setuf" {drain, rElec}
143813 | Zig:5    | Entered Level 5 of a ziggurat
143814 | Zig:5    | Noticed an ancient lich
143815 | Zig:5    | Noticed an ancient lich
143817 | Zig:5    | Noticed an ancient lich
143817 | Zig:5    | Killed an ancient lich
143817 | Zig:5    | Killed an ancient lich
143818 | Zig:5    | Killed an ancient lich
143818 | Zig:5    | Noticed an ancient lich
143820 | Zig:5    | Killed an ancient lich
143884 | Zig:6    | Entered Level 6 of a ziggurat
143886 | Zig:6    | Noticed a dread lich
143887 | Zig:6    | Noticed an ancient lich
143889 | Zig:6    | Noticed a dread lich
143890 | Zig:6    | Killed a dread lich
143890 | Zig:6    | Killed an ancient lich
143891 | Zig:6    | Killed a dread lich
143892 | Zig:6    | Noticed an ancient lich
143892 | Zig:6    | Killed an ancient lich
143973 | Zig:6    | Identified the +9 lajatang of Gozag {flame, rC+ Int+4}
143977 | Zig:7    | Entered Level 7 of a ziggurat
143983 | Zig:7    | Reached skill level 15 in Long Blades
143993 | Zig:7    | Found the +8 frozen axe "Frostbite" {freeze, freezing
                  | cloud, *Noise Fly rC+}
144083 | Zig:8    | Entered Level 8 of a ziggurat
144085 | Zig:8    | Noticed a dread lich
144089 | Zig:8    | Killed a dread lich
144092 | Zig:8    | Found the +10 zealot's sword {holy, Zealotry, *Rage rN+
                  | EV+3}
144201 | Zig:9    | Entered Level 9 of a ziggurat
144203 | Zig:9    | Noticed a dread lich
144203 | Zig:9    | Noticed a dread lich
144203 | Zig:9    | Noticed a dread lich
144205 | Zig:9    | Killed a dread lich
144205 | Zig:9    | Killed a dread lich
144205 | Zig:9    | Killed a dread lich
144209 | Zig:9    | Noticed a dread lich
144210 | Zig:9    | Killed a dread lich
144297 | Zig:9    | Identified the +4 steam dragon scales "Inkiol" {Str+2
                  | Slay+5 Stlth+}
144369 | Zig:10   | Entered Level 10 of a ziggurat
144383 | Zig:10   | Reached skill level 27 in Unarmed Combat
144511 | Zig:10   | Identified the +3 short sword of the Extremely Mad {drain,
                  | Will+++ rCorr Dex-5 Stlth-}
144513 | Zig:10   | Identified the +2 ring mail "Uxzuedgh" {Rampage}
144522 | Zig:10   | Identified the +10 short sword of Ditirph {antimagic,
                  | Dex+6}
144526 | Zig:10   | Identified the +6 shortbow "Woishi" {freeze, Str+3}
144532 | Zig:11   | Entered Level 11 of a ziggurat
144533 | Zig:11   | Noticed a dread lich
144534 | Zig:11   | Noticed an ancient lich
144534 | Zig:11   | Noticed a dread lich
144534 | Zig:11   | Noticed a dread lich
144537 | Zig:11   | Killed a dread lich
144537 | Zig:11   | Killed a dread lich
144537 | Zig:11   | Killed a dread lich
144537 | Zig:11   | Killed an ancient lich
144537 | Zig:11   | Noticed an ancient lich
144538 | Zig:11   | Killed an ancient lich
144539 | Zig:11   | Noticed an ancient lich
144540 | Zig:11   | Killed an ancient lich
144542 | Zig:11   | Noticed an ancient lich
144545 | Zig:11   | Killed an ancient lich
144547 | Zig:11   | Noticed an ancient lich
144549 | Zig:11   | Killed an ancient lich
144678 | Zig:12   | Entered Level 12 of a ziggurat
144678 | Zig:12   | Noticed a juggernaut
144680 | Zig:12   | Noticed a juggernaut
144680 | Zig:12   | Noticed a juggernaut
144681 | Zig:12   | Killed a juggernaut
144681 | Zig:12   | Killed a juggernaut
144681 | Zig:12   | Killed a juggernaut
144681 | Zig:12   | Noticed a juggernaut
144682 | Zig:12   | Noticed a juggernaut
144682 | Zig:12   | Noticed a juggernaut
144684 | Zig:12   | Reached skill level 27 in Axes
144684 | Zig:12   | Killed a juggernaut
144684 | Zig:12   | Killed a juggernaut
144684 | Zig:12   | Killed a juggernaut
144695 | Zig:12   | Found the +2 cloak of the Thief {*Fog Slay-2 SInv Stlth+}
144894 | Zig:12   | Identified the +0 pair of boots "Aleomuzi" {Rampage Will+++
                  | Str-4 Stlth-}
144904 | Zig:12   | Identified the +2 robe "Ogesirph" {MP+9 Str+2 Dex+6 Slay-4}
144918 | Zig:12   | Identified the +2 battleaxe of Toam {freeze, rF- Str+3
                  | Int+3}
144920 | Zig:12   | Identified the ring "Ifor" {Wiz rC+ Will++ Dex+2}
144932 | Zig:13   | Entered Level 13 of a ziggurat
144979 | Zig:13   | Identified the +11 war axe "Vuwok" {heavy, rF+ Str-2 Int+3
                  | Stlth+}
144983 | Zig:13   | Identified the +0 ring mail "Wazechips" {Will+}
144984 | Zig:13   | Identified the ring of Divine Intervention {*Corrode *Slow
                  | Fly rF+++ Will++}
144988 | Zig:13   | Identified the +3 great sword "Huori" {heavy, Str+4}
144989 | Zig:13   | Identified the amulet "Fext" {Faith Harm}
145162 | Zig:14   | Entered Level 14 of a ziggurat
145172 | Zig:14   | Noticed an ancient lich
145173 | Zig:14   | Killed an ancient lich
145349 | Zig:15   | Entered Level 15 of a ziggurat
145353 | Zig:15   | Noticed Rayli the pandemonium lord
145353 | Zig:15   | Noticed Nelojahi the pandemonium lord
145353 | Zig:15   | Noticed Bilikaipamm the pandemonium lord
145353 | Zig:15   | Noticed Ximoamor the pandemonium lord
145353 | Zig:15   | Noticed Puhac the pandemonium lord
145354 | Zig:15   | Noticed Kusero the pandemonium lord
145355 | Zig:15   | Noticed Uploak the pandemonium lord
145356 | Zig:15   | Noticed Feklovopp the pandemonium lord
145356 | Zig:15   | Killed Ximoamor the pandemonium lord
145356 | Zig:15   | Noticed Errojad the pandemonium lord
145357 | Zig:15   | Killed Kusero the pandemonium lord
145357 | Zig:15   | Noticed Touz the pandemonium lord
145357 | Zig:15   | Noticed Wogg the pandemonium lord
145358 | Zig:15   | Killed Bilikaipamm the pandemonium lord
145358 | Zig:15   | Killed Rayli the pandemonium lord
145358 | Zig:15   | Killed Uploak the pandemonium lord
145358 | Zig:15   | Noticed Lohiuzuj the pandemonium lord
145358 | Zig:15   | Noticed Qiypnac the pandemonium lord
145359 | Zig:15   | Reached skill level 27 in Long Blades
145359 | Zig:15   | Killed Errojad the pandemonium lord
145359 | Zig:15   | Noticed Qac Date the pandemonium lord
145360 | Zig:15   | Killed Nelojahi the pandemonium lord
145360 | Zig:15   | Killed Feklovopp the pandemonium lord
145360 | Zig:15   | Killed Puhac the pandemonium lord
145360 | Zig:15   | Noticed Ebreadul the pandemonium lord
145360 | Zig:15   | Noticed Duuloin the pandemonium lord
145361 | Zig:15   | Reached skill level 27 in Short Blades
145361 | Zig:15   | Noticed Wodiyf the pandemonium lord
145362 | Zig:15   | Killed Qiypnac the pandemonium lord
145362 | Zig:15   | Killed Wogg the pandemonium lord
145362 | Zig:15   | Killed Touz the pandemonium lord
145363 | Zig:15   | Killed Qac Date the pandemonium lord
145363 | Zig:15   | Killed Wodiyf the pandemonium lord
145364 | Zig:15   | Noticed Tylowyb the pandemonium lord
145364 | Zig:15   | Noticed Jouk Bouwk the pandemonium lord
145364 | Zig:15   | Noticed Leavvuth the pandemonium lord
145365 | Zig:15   | Noticed Aner the pandemonium lord
145366 | Zig:15   | Killed Duuloin the pandemonium lord
145367 | Zig:15   | Killed Ebreadul the pandemonium lord
145367 | Zig:15   | Killed Jouk Bouwk the pandemonium lord
145367 | Zig:15   | Killed Lohiuzuj the pandemonium lord
145368 | Zig:15   | Reached skill level 10 in Ranged Weapons
145368 | Zig:15   | Noticed Ybopramp the pandemonium lord
145368 | Zig:15   | Noticed Seniopp the pandemonium lord
145368 | Zig:15   | Noticed Sanad the pandemonium lord
145369 | Zig:15   | Killed Tylowyb the pandemonium lord
145370 | Zig:15   | Killed Leavvuth the pandemonium lord
145371 | Zig:15   | Killed Aner the pandemonium lord
145371 | Zig:15   | Killed Seniopp the pandemonium lord
145371 | Zig:15   | Killed Ybopramp the pandemonium lord
145375 | Zig:15   | Killed Sanad the pandemonium lord
145421 | Zig:15   | Identified the +6 ring mail of Ysosepn {Will+ Int+4 Stlth+}
145429 | Zig:15   | Identified the ring "Luygoen" {rN+ Int+6}
145436 | Zig:15   | Identified the +11 mace of Painful Death {holy, Str+5
                  | Int+2}
145559 | Zig:16   | Entered Level 16 of a ziggurat
145569 | Zig:16   | Reached skill level 15 in Ranged Weapons
145720 | Zig:16   | Found the +12 pair of quick blades "Gyre" and "Gimble"
                  | {protect}
145808 | Zig:16   | Identified the +6 short sword of Codee {holy, rElec rPois
                  | rC+ Str-4}
145810 | Zig:16   | Identified the ring of Isoope {Ice Int-5 Dex+3}
145830 | Zig:16   | Identified the +8 morningstar "Lishoeto" {vamp, rC+ rN+}
145878 | Zig:17   | Entered Level 17 of a ziggurat
145978 | Zig:17   | Found the +9 sword of Power {lifebolt}
145978 | Zig:17   | Found the +2 hood of the Assassin {Detect Stab+ Stlth++}
146065 | Zig:17   | Identified the +1 ice dragon scales of Fomoinn {rElec rF-
                  | rC++ Dex+2 SInv}
146074 | Zig:17   | Identified the +2 spear of Dogailau {heavy, rPois Dex+3}
146075 | Zig:17   | Identified the +9 spear of Caokiy {antimagic, +Blink rCorr
                  | Int+4 Dex+4}
146078 | Zig:17   | Identified the +0 flail of Noon {flame, Int-4 Dex+4}
146082 | Zig:17   | Identified the +5 flail of Cobwebs {freeze, rC- Will+ SInv}
146102 | Zig:18   | Entered Level 18 of a ziggurat
146342 | Zig:18   | Identified the +1 ring mail of Fortitude {-Cast Will+
                  | Str+2}
146348 | Zig:18   | Identified the amulet "Duxink" {Spirit -Tele Str+5}
146379 | Zig:19   | Entered Level 19 of a ziggurat
146415 | Zig:19   | Noticed a dread lich
146420 | Zig:19   | Killed a dread lich
146422 | Zig:19   | Reached skill level 27 in Ranged Weapons
146437 | Zig:19   | Noticed an ancient lich
146440 | Zig:19   | Killed an ancient lich
146639 | Zig:19   | Found the +3 hat of Pondering {ponderous, Will+ MP+10
                  | Int+5}
146644 | Zig:19   | Identified the amulet "Ifaethra" {Spirit Int+5}
146695 | Zig:20   | Entered Level 20 of a ziggurat
146718 | Zig:20   | Found the ring of the Octopus King
146940 | Zig:20   | Identified the ring "Veluempeqy" {Wiz rElec}
146950 | Zig:20   | Identified the +9 battleaxe "Maawioj" {flame, rF+}
146952 | Zig:20   | Identified the +1 robe "Rethrezue" {Regen+ Dex+2}
146962 | Zig:20   | Identified the ring "Ydalowo" {Wiz Str+5}
146966 | Zig:20   | Identified a ring of the Octopus King {rF+ HP+2 AC+2 EV+2
                  | SH+2}
146971 | Zig:20   | Identified the +9 morningstar of the Onslaught {protect,
                  | Dex+3}
146973 | Zig:20   | Identified the +1 arbalest of the Stopping King {heavy, rC-
                  | Will+ Str+2}
146979 | Zig:20   | Identified the +9 storm dragon scales of the Sky {+Inv
                  | rElec Will++ Int-4 Dex+3}
146981 | Zig:20   | Identified the +5 ring mail of Past Mistakes {rF+ Str+5}
146985 | Zig:20   | Identified the +3 kite shield "Plog" {Dex+2}
147073 | Zig:21   | Entered Level 21 of a ziggurat
147093 | Zig:21   | Paralysed by an air elemental for 1 turns
147135 | Zig:21   | Found the +10 tower shield of Ignorance {rN+ Int-4}
147397 | Zig:21   | Identified the +5 spear of the Lurker {freeze, rC+ Dex+2}
147402 | Zig:21   | Identified the +0 flail "Zeqaub" {elec, Dex+5}
147496 | Zig:22   | Entered Level 22 of a ziggurat
147522 | Zig:22   | Noticed Kinun the pandemonium lord
147527 | Zig:22   | Killed Kinun the pandemonium lord
147735 | Zig:22   | Identified the +4 chain mail "Ytziemm" {Harm rElec rPois
                  | Dex-3}
147800 | Zig:22   | Identified the +4 sling "Kenunuto" {elec, rElec}
147811 | Zig:22   | Identified the +4 plate armour of Hubeagh {Harm rF+++ Will+
                  | Str-4}
147817 | Zig:22   | Identified the +0 pair of gloves "Comoci" {Fly rF+ rC+
                  | Int+3}
147834 | Zig:22   | Identified the +0 broad axe of the Enormous God {pain,
                  | *Rage rC+++ Str+4}
147850 | Zig:22   | Identified the +8 plate armour of the Trilobite {Harm rPois
                  | rC++ Will-}
147902 | Zig:23   | Entered Level 23 of a ziggurat
148277 | Zig:23   | Found the +4 moon troll leather armour {Spirit, Regen++
                  | MP+5}
148286 | Zig:23   | Identified the ring of Moumiun {rN+ Dex+4}
148310 | Zig:23   | Identified the +7 war axe "Doemoetu" {spect, rPois Str+3}
148321 | Zig:23   | Identified the +5 battleaxe "Giantslayer" {freeze, rF+ rC+
                  | Dex+2}
148381 | Zig:24   | Entered Level 24 of a ziggurat
148719 | Zig:24   | Identified the +0 bardiche of Gravity {flame, rF+ rC+ MP+9
                  | Dex-5}
148728 | Zig:24   | Identified the +10 halberd of Hard Scrabble {holy, Will+
                  | Str+3 Dex+2}
148782 | Zig:25   | Entered Level 25 of a ziggurat
148925 | Zig:25   | Identified the ring "Enacurgh" {rN+ Int+3 Stlth+}
148926 | Zig:25   | Identified the +9 shortbow of Prudence {antimagic, *Corrode
                  | Will++ Int+4}
148927 | Zig:25   | Identified the ring of Nujud {Wiz rPois}
148974 | Zig:25   | Identified the +10 sling "Degeir" {elec, rF- rCorr Dex+7}
149219 | Zig:25   | Identified the amulet of Pesan {Reflect -Tele rElec Int+5
                  | SH+5 Stlth+}
149231 | Zig:26   | Entered Level 26 of a ziggurat
149462 | Zig:26   | Found the +1 robe of Vines {NoPotionHeal Regen++++}
149477 | Zig:26   | Identified the ring of Twilight {rPois rN+ Str+3 SInv}
149490 | Zig:26   | Identified the +6 sling "Umol" {drain, rElec Int+9 Dex-4
                  | Stlth+}
149498 | Zig:26   | Identified the +1 scale mail of the Hart {Will+ Slay+3}
149504 | Zig:26   | Identified the +11 flail of War {venom, rC++ Int+3}
149506 | Zig:26   | Identified the +8 plate armour "Anit" {rF+ Will+ Dex+3
                  | Stlth+}
149511 | Zig:26   | Identified the amulet "Soiz" {Rampage rPois Regen+ Str-3
                  | Stlth+}
149532 | Zig:27   | Entered Level 27 of a ziggurat
149672 | Zig:27   | Found the +5 consecrated labrys {holy, Valiant Fragile Fly
                  | SInv}
149678 | Zig:27   | Identified the ring "Kippo" {rC+ Str+2}
149683 | Zig:27   | Identified the +1 robe of Ytisag {Str+6 Dex-3}
149684 | Zig:27   | Identified the +2 robe "Yhatatti" {Slay+3}
149700 | Zig:27   | Identified the +0 ring mail of Filth {rPois rC+ Str+6}
151053 | D:12     | Identified the ring "Dasusun" {rF- Str+5 Dex+6}
151571 | Zig:1    | Entered Level 1 of a ziggurat
151604 | Zig:2    | Entered Level 2 of a ziggurat
151643 | Zig:2    | Identified the +6 spear "Olileg" {venom, rF+}
151647 | Zig:3    | Entered Level 3 of a ziggurat
151678 | Zig:3    | Identified the +1 sling of Amniwet {flame, Fragile rC+
                  | Will+}
151713 | Zig:4    | Entered Level 4 of a ziggurat
151713 | Zig:4    | Noticed an orb of fire
151713 | Zig:4    | Noticed an orb of fire
151714 | Zig:4    | Noticed an orb of fire
151716 | Zig:4    | Noticed an orb of fire
151716 | Zig:4    | Noticed an orb of fire
151719 | Zig:4    | Killed an orb of fire
151720 | Zig:4    | Killed an orb of fire
151721 | Zig:4    | Killed an orb of fire
151722 | Zig:4    | Killed an orb of fire
151722 | Zig:4    | Killed an orb of fire
151805 | Zig:5    | Entered Level 5 of a ziggurat
151845 | Zig:5    | Identified the +7 dagger "Dyomuh" {protect, rF++ Int-4}
151887 | Zig:6    | Entered Level 6 of a ziggurat
151927 | Zig:6    | Identified the +1 battleaxe of Udifrel {heavy, Str+3}
151959 | Zig:6    | Identified the +1 dire flail "Donn" {speed, Int+7}
151996 | Zig:7    | Entered Level 7 of a ziggurat
151997 | Zig:7    | Noticed an orb of fire
151997 | Zig:7    | Noticed an orb of fire
151998 | Zig:7    | Noticed an orb of fire
151998 | Zig:7    | Noticed an orb of fire
151999 | Zig:7    | Noticed an orb of fire
151999 | Zig:7    | Noticed an orb of fire
152000 | Zig:7    | Noticed an orb of fire
152000 | Zig:7    | Noticed an orb of fire
152000 | Zig:7    | Noticed an orb of fire
152002 | Zig:7    | Killed an orb of fire
152003 | Zig:7    | Killed an orb of fire
152003 | Zig:7    | Killed an orb of fire
152004 | Zig:7    | Killed an orb of fire
152004 | Zig:7    | Killed an orb of fire
152004 | Zig:7    | Killed an orb of fire
152004 | Zig:7    | Killed an orb of fire
152004 | Zig:7    | Killed an orb of fire
152005 | Zig:7    | Found the +16 obsidian axe {drain, demonic, Mesm Drain Fly
                  | SInv}
152006 | Zig:7    | Killed an orb of fire
152007 | Zig:7    | Found the ring of the Octopus King
152051 | Zig:7    | Identified a ring of the Octopus King {rCorr HP+2 AC+2 EV+2
                  | SH+2}
152128 | Zig:8    | Entered Level 8 of a ziggurat
152329 | Zig:8    | Identified the +11 broad axe of the Living Dead {holy, rF+}
152337 | Zig:8    | Identified the ring "Razae" {rF+ EV+5}
152385 | Zig:9    | Entered Level 9 of a ziggurat
152568 | Zig:10   | Entered Level 10 of a ziggurat
152766 | Zig:10   | Identified the +5 rapier "Wiutey" {antimagic, rF- Dex+4}
152775 | Zig:10   | Identified the ring "Kirihoz" {rElec MP+9 Str+4 Dex+4}
152777 | Zig:10   | Identified the ring of Fipuemn {MP+9 Int+3}
152833 | Zig:11   | Entered Level 11 of a ziggurat
152862 | Zig:11   | Noticed Xonusim the pandemonium lord
152867 | Zig:11   | Killed Xonusim the pandemonium lord
152927 | Zig:11   | Identified the +6 great mace "Yhelyts" {pain, *Rage Dex+4
                  | SInv}
152933 | Zig:11   | Identified the ring "Ninogh" {Will+ Dex-5 SInv Stlth+}
152935 | Zig:11   | Identified the +5 trident of Purpose {elec, rF+ Int+2 SInv}
152936 | Zig:11   | Identified the +4 spear of Orphiuwk {drain, Int+3}
153074 | Zig:12   | Entered Level 12 of a ziggurat
153087 | Zig:12   | Found the +13 scythe of Curses {drain, curses, Drain}
153088 | Zig:12   | Found the +7 lajatang of Order {silver, rMut}
153266 | Zig:12   | Identified the ring "Ototh" {*Corrode Drain Will+ Str+8
                  | Dex+5}
153346 | Zig:13   | Entered Level 13 of a ziggurat
153354 | Zig:13   | Identified the +8 tower shield of Bitterness {Contam rF++
                  | Regen+ Str+3}
153374 | Zig:13   | Identified the +0 tower shield "Yquilento" {Rampage Slay+3}
153374 | Zig:13   | Identified the +10 tower shield of the Harvest Moon {*Slow
                  | Str+4 Int+2 Dex+4}
153476 | Zig:13   | Identified the ring of Qeatoiwkunn {Fly rElec EV+5}
153484 | Zig:13   | Identified the ring of the Garden {Will+ rCorr MP+9}
153503 | Zig:13   | Identified the +2 battleaxe of the Scroll {speed, MP+9
                  | SInv}
153599 | Zig:14   | Entered Level 14 of a ziggurat
153793 | Zig:14   | Identified the +1 mace "Umuiclam" {heavy, rF++ rCorr Dex-3
                  | SInv}
153862 | Zig:15   | Entered Level 15 of a ziggurat
153956 | Zig:15   | Identified the ring of Barrois {Str+6 Int+2}
153958 | Zig:15   | Identified the +10 sling of Gloom {flame, +Blink rF+}
153959 | Zig:15   | Identified the +7 chain mail "Jetuk" {Int+2}
153980 | Zig:15   | Identified the +8 longbow "Tod Gida" {drain, *Slow +Blink
                  | rElec rPois}
153982 | Zig:15   | Identified the ring of Kipp {Drain rN+ rCorr Int+7 Stlth+}
154208 | Zig:16   | Entered Level 16 of a ziggurat
154213 | Zig:16   | Noticed Houfe the pandemonium lord
154213 | Zig:16   | Noticed Kehirryp the pandemonium lord
154214 | Zig:16   | Noticed Heuw the pandemonium lord
154214 | Zig:16   | Noticed Pynwos the pandemonium lord
154216 | Zig:16   | Noticed Ubiwi the pandemonium lord
154217 | Zig:16   | Noticed Pooqo the pandemonium lord
154218 | Zig:16   | Killed Kehirryp the pandemonium lord
154218 | Zig:16   | Killed Heuw the pandemonium lord
154218 | Zig:16   | Noticed Nazoill the pandemonium lord
154218 | Zig:16   | Noticed Luijekku the pandemonium lord
154219 | Zig:16   | Noticed Ymuapseoc the pandemonium lord
154219 | Zig:16   | Killed Houfe the pandemonium lord
154219 | Zig:16   | Killed Pynwos the pandemonium lord
154219 | Zig:16   | Killed Ubiwi the pandemonium lord
154219 | Zig:16   | Noticed Ecext the pandemonium lord
154220 | Zig:16   | Noticed Xane the pandemonium lord
154220 | Zig:16   | Noticed Oburhaonk the pandemonium lord
154221 | Zig:16   | Killed Ymuapseoc the pandemonium lord
154221 | Zig:16   | Noticed Gani the pandemonium lord
154222 | Zig:16   | Noticed Tiasuril the pandemonium lord
154222 | Zig:16   | Noticed Oxiel the pandemonium lord
154222 | Zig:16   | Noticed Yryz Wapn the pandemonium lord
154223 | Zig:16   | Killed Luijekku the pandemonium lord
154223 | Zig:16   | Killed Oburhaonk the pandemonium lord
154223 | Zig:16   | Killed Pooqo the pandemonium lord
154223 | Zig:16   | Killed Ecext the pandemonium lord
154223 | Zig:16   | Killed Oxiel the pandemonium lord
154223 | Zig:16   | Noticed Noid the pandemonium lord
154223 | Zig:16   | Noticed Xopleth the pandemonium lord
154224 | Zig:16   | Killed Nazoill the pandemonium lord
154224 | Zig:16   | Noticed Aleph the pandemonium lord
154224 | Zig:16   | Noticed Asonlesch the pandemonium lord
154225 | Zig:16   | Noticed Kona the pandemonium lord
154227 | Zig:16   | Noticed Piorghepteck the pandemonium lord
154227 | Zig:16   | Noticed Sehot the pandemonium lord
154228 | Zig:16   | Killed Gani the pandemonium lord
154228 | Zig:16   | Noticed Foeq the pandemonium lord
154229 | Zig:16   | Killed Xopleth the pandemonium lord
154229 | Zig:16   | Killed Xane the pandemonium lord
154229 | Zig:16   | Killed Asonlesch the pandemonium lord
154229 | Zig:16   | Killed Yryz Wapn the pandemonium lord
154229 | Zig:16   | Noticed Fiodu the pandemonium lord
154230 | Zig:16   | Killed Aleph the pandemonium lord
154230 | Zig:16   | Killed Tiasuril the pandemonium lord
154230 | Zig:16   | Noticed Aliuquro the pandemonium lord
154230 | Zig:16   | Noticed Gilyng the pandemonium lord
154231 | Zig:16   | Noticed Eroponoif the pandemonium lord
154232 | Zig:16   | Killed Kona the pandemonium lord
154232 | Zig:16   | Killed Piorghepteck the pandemonium lord
154232 | Zig:16   | Noticed Imiter the pandemonium lord
154232 | Zig:16   | Noticed Niteyc the pandemonium lord
154232 | Zig:16   | Killed Foeq the pandemonium lord
154233 | Zig:16   | Killed Noid the pandemonium lord
154233 | Zig:16   | Noticed Sidoyg Lusu the pandemonium lord
154234 | Zig:16   | Noticed Imout the pandemonium lord
154235 | Zig:16   | Killed Sehot the pandemonium lord
154235 | Zig:16   | Killed Gilyng the pandemonium lord
154235 | Zig:16   | Killed Fiodu the pandemonium lord
154236 | Zig:16   | Killed Aliuquro the pandemonium lord
154236 | Zig:16   | Killed Imout the pandemonium lord
154238 | Zig:16   | Killed Niteyc the pandemonium lord
154238 | Zig:16   | Killed Sidoyg Lusu the pandemonium lord
154238 | Zig:16   | Killed Imiter the pandemonium lord
154238 | Zig:16   | Killed Eroponoif the pandemonium lord
154239 | Zig:16   | Noticed Cetient the pandemonium lord
154239 | Zig:16   | Noticed Vuywusiu the pandemonium lord
154245 | Zig:16   | Killed Vuywusiu the pandemonium lord
154246 | Zig:16   | Killed Cetient the pandemonium lord
154366 | Zig:16   | Found the +6 Majin-Bo {spellvamp, MP+6 Int+6}
154368 | Zig:16   | Found the +8 arc blade {discharge, rElec}
154494 | Zig:16   | Identified the +3 great sword of Calculation {flame, rPois
                  | Will+ Str+3 Dex-4}
154519 | Zig:17   | Entered Level 17 of a ziggurat
154600 | Zig:17   | Found the +3 Mad Mage's Maulers {Infuse+∞ VampMP -Cast}
154620 | Zig:17   | Identified the +5 scimitar of True Grit {heavy, Fly rElec
                  | rF-}
154629 | Zig:17   | Identified the +5 broad axe of Courage {venom, Str+4}
154675 | Zig:17   | Identified the ring "Awneasue" {Will+ MP+9 Slay+3}
154947 | Zig:18   | Entered Level 18 of a ziggurat
154971 | Zig:18   | Found the +5 woodcutter's axe
155202 | Zig:18   | Identified the +1 spear "Worm's Wrath" {elec, Str+7 Dex+3}
155210 | Zig:18   | Identified the +1 dagger "Veidaxau" {flame, rElec rN+}
155221 | Zig:18   | Identified the +5 chain mail of the Chupacabra {rC+ Str+3}
155335 | Zig:19   | Entered Level 19 of a ziggurat
155611 | Zig:19   | Found the +11 Singing Sword {sonic wave}
155625 | Zig:19   | Identified the amulet "Xubuawk" {Regen+ Str+2}
155632 | Zig:19   | Identified the +10 hand axe of Due Proportion {pain, rElec
                  | MP+9}
155649 | Zig:19   | Identified the +1 short sword "Vaaty" {freeze, +Blink Str+2
                  | Stlth-}
155663 | Zig:20   | Entered Level 20 of a ziggurat
155672 | Zig:20   | Noticed Zaoz the pandemonium lord
155673 | Zig:20   | Noticed Roja the pandemonium lord
155674 | Zig:20   | Noticed Ycou the pandemonium lord
155675 | Zig:20   | Noticed Ivisoudgh the pandemonium lord
155675 | Zig:20   | Noticed Misheh the pandemonium lord
155675 | Zig:20   | Noticed Wics the pandemonium lord
155676 | Zig:20   | Noticed Mitupneash the pandemonium lord
155676 | Zig:20   | Noticed Peiholu the pandemonium lord
155676 | Zig:20   | Noticed Seukiapet the pandemonium lord
155677 | Zig:20   | Noticed Cogay the pandemonium lord
155678 | Zig:20   | Noticed Zuonad the pandemonium lord
155679 | Zig:20   | Killed Wics the pandemonium lord
155679 | Zig:20   | Killed Ivisoudgh the pandemonium lord
155680 | Zig:20   | Noticed Nuas Ziawn the pandemonium lord
155680 | Zig:20   | Killed Peiholu the pandemonium lord
155680 | Zig:20   | Killed Ycou the pandemonium lord
155681 | Zig:20   | Killed Zaoz the pandemonium lord
155681 | Zig:20   | Killed Cogay the pandemonium lord
155681 | Zig:20   | Noticed Moostra the pandemonium lord
155681 | Zig:20   | Noticed Oshol the pandemonium lord
155683 | Zig:20   | Killed Seukiapet the pandemonium lord
155683 | Zig:20   | Killed Roja the pandemonium lord
155683 | Zig:20   | Noticed Umaep the pandemonium lord
155683 | Zig:20   | Noticed Elaov the pandemonium lord
155683 | Zig:20   | Noticed Cionnat the pandemonium lord
155684 | Zig:20   | Noticed Ynuoq the pandemonium lord
155685 | Zig:20   | Killed Misheh the pandemonium lord
155685 | Zig:20   | Killed Zuonad the pandemonium lord
155686 | Zig:20   | Noticed Peschu the pandemonium lord
155686 | Zig:20   | Noticed Cesaxt the pandemonium lord
155686 | Zig:20   | Noticed Wiesomen the pandemonium lord
155686 | Zig:20   | Noticed Acuy the pandemonium lord
155686 | Zig:20   | Noticed Taicur the pandemonium lord
155687 | Zig:20   | Noticed Foiwk the pandemonium lord
155687 | Zig:20   | Noticed Zuisk the pandemonium lord
155687 | Zig:20   | Killed Oshol the pandemonium lord
155687 | Zig:20   | Killed Mitupneash the pandemonium lord
155687 | Zig:20   | Noticed Vaweg the pandemonium lord
155688 | Zig:20   | Noticed Zusche the pandemonium lord
155688 | Zig:20   | Killed Moostra the pandemonium lord
155688 | Zig:20   | Killed Cionnat the pandemonium lord
155688 | Zig:20   | Killed Ynuoq the pandemonium lord
155688 | Zig:20   | Killed Nuas Ziawn the pandemonium lord
155689 | Zig:20   | Noticed Bexuoli the pandemonium lord
155690 | Zig:20   | Noticed Kevofim the pandemonium lord
155690 | Zig:20   | Noticed Tuewicuw the pandemonium lord
155690 | Zig:20   | Noticed Belos the pandemonium lord
155690 | Zig:20   | Killed Umaep the pandemonium lord
155690 | Zig:20   | Killed Wiesomen the pandemonium lord
155690 | Zig:20   | Noticed Zucheph the pandemonium lord
155691 | Zig:20   | Killed Kevofim the pandemonium lord
155691 | Zig:20   | Killed Elaov the pandemonium lord
155692 | Zig:20   | Killed Tuewicuw the pandemonium lord
155692 | Zig:20   | Killed Belos the pandemonium lord
155692 | Zig:20   | Killed Cesaxt the pandemonium lord
155692 | Zig:20   | Killed Taicur the pandemonium lord
155692 | Zig:20   | Noticed Eciaku the pandemonium lord
155692 | Zig:20   | Noticed Ucrib the pandemonium lord
155692 | Zig:20   | Noticed Ryedetad the pandemonium lord
155693 | Zig:20   | Killed Bexuoli the pandemonium lord
155693 | Zig:20   | Killed Peschu the pandemonium lord
155693 | Zig:20   | Killed Foiwk the pandemonium lord
155693 | Zig:20   | Killed Vaweg the pandemonium lord
155693 | Zig:20   | Killed Zusche the pandemonium lord
155694 | Zig:20   | Killed Zucheph the pandemonium lord
155694 | Zig:20   | Killed Eciaku the pandemonium lord
155694 | Zig:20   | Killed Zuisk the pandemonium lord
155694 | Zig:20   | Killed Acuy the pandemonium lord
155694 | Zig:20   | Noticed Lafidghoapp the pandemonium lord
155694 | Zig:20   | Noticed Hoerourgh the pandemonium lord
155694 | Zig:20   | Noticed Nehiso the pandemonium lord
155694 | Zig:20   | Noticed Apammoog the pandemonium lord
155695 | Zig:20   | Killed Ryedetad the pandemonium lord
155695 | Zig:20   | Noticed Coghu the pandemonium lord
155695 | Zig:20   | Noticed Qaonnieps the pandemonium lord
155696 | Zig:20   | Noticed Wois the pandemonium lord
155697 | Zig:20   | Killed Hoerourgh the pandemonium lord
155697 | Zig:20   | Killed Nehiso the pandemonium lord
155697 | Zig:20   | Killed Qaonnieps the pandemonium lord
155697 | Zig:20   | Killed Apammoog the pandemonium lord
155698 | Zig:20   | Noticed Hig Weco the pandemonium lord
155698 | Zig:20   | Killed Lafidghoapp the pandemonium lord
155698 | Zig:20   | Killed Ucrib the pandemonium lord
155698 | Zig:20   | Killed Coghu the pandemonium lord
155698 | Zig:20   | Noticed Odgheh Kifodd the pandemonium lord
155699 | Zig:20   | Noticed Jug Hodu the pandemonium lord
155699 | Zig:20   | Noticed Wiahil the pandemonium lord
155700 | Zig:20   | Noticed Hupeinn the pandemonium lord
155701 | Zig:20   | Noticed Vuyq the pandemonium lord
155703 | Zig:20   | Killed Wois the pandemonium lord
155703 | Zig:20   | Noticed Miunytt the pandemonium lord
155704 | Zig:20   | Noticed Vazael the pandemonium lord
155705 | Zig:20   | Killed Wiahil the pandemonium lord
155705 | Zig:20   | Killed Vuyq the pandemonium lord
155705 | Zig:20   | Noticed Enilat the pandemonium lord
155706 | Zig:20   | Killed Jug Hodu the pandemonium lord
155706 | Zig:20   | Killed Odgheh Kifodd the pandemonium lord
155706 | Zig:20   | Killed Miunytt the pandemonium lord
155706 | Zig:20   | Killed Hig Weco the pandemonium lord
155707 | Zig:20   | Noticed Ymuekk the pandemonium lord
155707 | Zig:20   | Noticed Zolaweum the pandemonium lord
155708 | Zig:20   | Killed Hupeinn the pandemonium lord
155709 | Zig:20   | Killed Enilat the pandemonium lord
155709 | Zig:20   | Noticed Ysym the pandemonium lord
155710 | Zig:20   | Noticed Bamaif the pandemonium lord
155711 | Zig:20   | Killed Zolaweum the pandemonium lord
155711 | Zig:20   | Killed Vazael the pandemonium lord
155711 | Zig:20   | Noticed Duppaoha the pandemonium lord
155712 | Zig:20   | Killed Bamaif the pandemonium lord
155712 | Zig:20   | Killed Duppaoha the pandemonium lord
155712 | Zig:20   | Noticed Gunlubatt the pandemonium lord
155713 | Zig:20   | Killed Ymuekk the pandemonium lord
155713 | Zig:20   | Noticed Ughoumam the pandemonium lord
155714 | Zig:20   | Killed Ughoumam the pandemonium lord
155715 | Zig:20   | Killed Gunlubatt the pandemonium lord
155716 | Zig:20   | Killed Ysym the pandemonium lord
155896 | Zig:20   | Identified the +0 demon blade of Insomnia {flame, Will+}
155901 | Zig:20   | Identified the ring "Riuppih" {rPois rC- rN+ Str+3 Int+6}
155903 | Zig:20   | Identified the +7 chain mail of Kikeigua {Str+3 Int+3}
155907 | Zig:20   | Identified the +4 whip "Farrorhe" {freeze, rF+ Stlth+}
155973 | Zig:21   | Entered Level 21 of a ziggurat
156030 | Zig:21   | Found the +8 whip "Snakebite" {venom, curare, rPois}
156071 | Zig:21   | Identified the +7 chain mail of Gravity {Str+3}
156074 | Zig:21   | Identified the +5 quarterstaff "Myloa" {spect, rC+ Int+6}
156075 | Zig:21   | Identified the +3 trident of Lobesaari {antimagic, *Noise
                  | Str+4}
156319 | Zig:21   | Identified the ring "Onlesear" {rCorr EV+5 Int+5}
156320 | Zig:21   | Identified the ring "Jocsedgh" {Fly rC- Str+2 Int+6 Dex+2}
156335 | Zig:21   | Identified the +0 ring mail of the Gastropod {rN++ Stlth+}
156351 | Zig:21   | Identified the +6 battleaxe "Uziprew" {heavy, Fly}
156353 | Zig:21   | Identified the +3 leather armour of Xucwoxec {rC+ Will+}
156889 | Zig:22   | Entered Level 22 of a ziggurat
157138 | Zig:22   | Found the +8 demon trident "Rift" {distort, reach+}
157151 | Zig:22   | Identified the +1 plate armour of Boshiurr {rPois rC-
                  | Int+6}
157183 | Zig:22   | Identified the +0 rapier "Ron Senn" {drain, rCorr}
157188 | Zig:22   | Identified the +3 robe of Zymog {rC- Dex+3}
157253 | Zig:23   | Entered Level 23 of a ziggurat
157277 | Zig:23   | Paralysed by an air elemental for 1 turns
157318 | Zig:23   | Found the +5 robe of Night {Dark Will+ SInv}
157684 | Zig:23   | Identified the ring of Yrimaneo {rPois rF- Will+ MP+9
                  | Dex+5}
157698 | Zig:23   | Identified the +7 hand axe of Lalui {venom, rPois}
157710 | Zig:23   | Identified the ring of Mahup {rElec rPois Will+ Str+6 Int+2
                  | Dex-4}
157764 | Zig:24   | Entered Level 24 of a ziggurat
158176 | Zig:24   | Identified the +5 sling of the Maze {freeze, rCorr Dex+8}
158180 | Zig:24   | Identified the +3 dagger of Precise Incision {drain, rElec
                  | rPois rC+ Str-4}
158195 | Zig:24   | Identified the +0 leather armour "Tuimizis" {rF+ rN+ Will+}
158196 | Zig:24   | Identified the +1 cloak of Lightning Storm {Harm rPois
                  | Int-4}
158197 | Zig:24   | Identified the +8 short sword of Ewer {drain, rF++ MP-9
                  | Str+3 Int-2}
158198 | Zig:24   | Identified the +1 robe "Otzoygesch" {rPois rCorr Dex-5}
158202 | Zig:24   | Identified the ring "Atacuck" {rN+ Str+3}
158204 | Zig:24   | Identified the amulet of Apnif {Regen+ rCorr Dex+5}
158206 | Zig:24   | Identified the +3 dagger of the Building Badger {drain,
                  | Will+}
158211 | Zig:24   | Identified the +7 great sword "Xunnanoj" {vamp, rN++
                  | Stlth+}
158312 | Zig:25   | Entered Level 25 of a ziggurat
158321 | Zig:25   | Noticed an ancient lich
158324 | Zig:25   | Noticed an ancient lich
158324 | Zig:25   | Noticed an ancient lich
158325 | Zig:25   | Noticed an ancient lich
158326 | Zig:25   | Noticed an ancient lich
158326 | Zig:25   | Noticed an ancient lich
158327 | Zig:25   | Noticed an ancient lich
158327 | Zig:25   | Killed an ancient lich
158327 | Zig:25   | Killed an ancient lich
158327 | Zig:25   | Killed an ancient lich
158327 | Zig:25   | Killed an ancient lich
158327 | Zig:25   | Killed an ancient lich
158328 | Zig:25   | Killed an ancient lich
158328 | Zig:25   | Killed an ancient lich
158334 | Zig:25   | Noticed an ancient lich
158337 | Zig:25   | Killed an ancient lich
158340 | Zig:25   | Noticed an ancient lich
158340 | Zig:25   | Noticed an ancient lich
158341 | Zig:25   | Killed an ancient lich
158341 | Zig:25   | Killed an ancient lich
158343 | Zig:25   | Noticed an ancient lich
158344 | Zig:25   | Noticed an ancient lich
158344 | Zig:25   | Noticed an ancient lich
158345 | Zig:25   | Killed an ancient lich
158345 | Zig:25   | Killed an ancient lich
158345 | Zig:25   | Killed an ancient lich
158347 | Zig:25   | Noticed an ancient lich
158349 | Zig:25   | Killed an ancient lich
158719 | Zig:25   | Identified the ring "Zylufaomp" {rF+ rC- Will+++ MP+9}
158720 | Zig:25   | Identified the +2 morningstar "Rogusm" {speed, Str+3 Int+4}
158721 | Zig:25   | Identified the +7 quarterstaff of Imbalance {flame, Will+}
158722 | Zig:25   | Identified the +0 sling of Uduluetu {freeze, Drain rF+++}
158723 | Zig:25   | Identified the ring "Gaarrevu" {rF+ Str+2}
158728 | Zig:25   | Identified the amulet "Tobuorr" {Faith Str-5 Int+7 Dex+4}
158738 | Zig:25   | Identified the +0 dagger of Makhleb's Envy {heavy, rC+
                  | rCorr}
158794 | Zig:26   | Entered Level 26 of a ziggurat
159250 | Zig:26   | Found the +9 staff of Wucad Mu {*channel}
159254 | Zig:26   | Identified the ring of Liberty {*Corrode rF+++ rN+ Will+
                  | MP+9}
159261 | Zig:26   | Identified the +2 ring mail "Nues" {rF+}
159270 | Zig:26   | Identified the +10 morningstar of the Puffin {speed, *Slow
                  | rElec rF+ rC+}
159275 | Zig:26   | Identified the +1 chain mail of Ketzaics {rPois rC+ Dex-4}
159394 | Zig:26   | Acquired 772 gold pieces
159395 | Zig:26   | Acquired 661 gold pieces
159409 | Zig:27   | Entered Level 27 of a ziggurat
159420 | Zig:27   | Noticed an ancient lich
159429 | Zig:27   | Killed an ancient lich
159957 | Zig:27   | Identified the +8 quarterstaff of Ycaahed {elec, rN+++
                  | Int+4}
159991 | Zig:27   | Identified the +1 robe of Quantum Leap {rPois Int-4 Dex+6}
160124 | Zig:1    | Entered Level 1 of a ziggurat
160171 | Zig:2    | Entered Level 2 of a ziggurat
160194 | Zig:2    | Identified the +5 scimitar "Qufeneve" {flame, rN+ Int-2
                  | Dex+2}
160213 | Zig:2    | Identified the +2 leather armour "Syext" {Regen+ MP+9 Int-4
                  | Dex+7}
160228 | Zig:3    | Entered Level 3 of a ziggurat
160264 | Zig:3    | Identified the +3 ring mail "Ihimagh" {rF+ Int+3 Stlth+}
160300 | Zig:4    | Entered Level 4 of a ziggurat
160300 | Zig:4    | Found the amulet of Elemental Vulnerability {rPois rF--
                  | rC-- AC+8}
160300 | Zig:4    | Found the +12 glaive of Prune {freeze, Prune}
160425 | Zig:5    | Entered Level 5 of a ziggurat
160429 | Zig:5    | Noticed Povaonext the pandemonium lord
160431 | Zig:5    | Killed Povaonext the pandemonium lord
160464 | Zig:5    | Identified the +6 hand axe of Mandamus {heavy, Will+ rCorr
                  | Str+3 Int-4}
160476 | Zig:5    | Identified the +8 morningstar of Lyppuony {drain, rC+
                  | Int+4}
160529 | Zig:6    | Entered Level 6 of a ziggurat
160678 | Zig:7    | Entered Level 7 of a ziggurat
160678 | Zig:7    | Noticed a royal mummy
160678 | Zig:7    | Noticed a royal mummy
160678 | Zig:7    | Noticed a royal mummy
160678 | Zig:7    | Noticed a royal mummy
160678 | Zig:7    | Noticed a royal mummy
160679 | Zig:7    | Noticed a royal mummy
160680 | Zig:7    | Noticed a royal mummy
160680 | Zig:7    | Noticed a royal mummy
160681 | Zig:7    | Noticed a royal mummy
160682 | Zig:7    | Noticed a royal mummy
160683 | Zig:7    | Killed a royal mummy
160683 | Zig:7    | Killed a royal mummy
160683 | Zig:7    | Killed a royal mummy
160683 | Zig:7    | Killed a royal mummy
160683 | Zig:7    | Noticed a royal mummy
160685 | Zig:7    | Killed a royal mummy
160685 | Zig:7    | Killed a royal mummy
160685 | Zig:7    | Killed a royal mummy
160685 | Zig:7    | Killed a royal mummy
160687 | Zig:7    | Killed a royal mummy
160687 | Zig:7    | Killed a royal mummy
160687 | Zig:7    | Killed a royal mummy
160733 | Zig:7    | Identified the +4 morningstar of Indomitability {distort,
                  | rPois Int+2}
160741 | Zig:7    | Identified the +6 halberd "Apolih" {heavy, rPois Int+4
                  | Dex-2}
160921 | Zig:8    | Entered Level 8 of a ziggurat
161083 | Zig:8    | Identified the +6 mace "Fish" {pain, rF+ rN+}
161092 | Zig:9    | Entered Level 9 of a ziggurat
161093 | Zig:9    | Noticed Waugomm the pandemonium lord
161093 | Zig:9    | Noticed Udwilep the pandemonium lord
161094 | Zig:9    | Noticed Sehaps the pandemonium lord
161094 | Zig:9    | Noticed Muivy the pandemonium lord
161095 | Zig:9    | Noticed Xausyfiu the pandemonium lord
161095 | Zig:9    | Noticed Viotuthro the pandemonium lord
161095 | Zig:9    | Noticed Qepukibli the pandemonium lord
161095 | Zig:9    | Noticed Maemejoll the pandemonium lord
161095 | Zig:9    | Noticed Bosank the pandemonium lord
161096 | Zig:9    | Killed Sehaps the pandemonium lord
161096 | Zig:9    | Noticed Dunnain the pandemonium lord
161097 | Zig:9    | Killed Waugomm the pandemonium lord
161097 | Zig:9    | Killed Maemejoll the pandemonium lord
161097 | Zig:9    | Noticed Nyte the pandemonium lord
161097 | Zig:9    | Noticed Ritixteo the pandemonium lord
161098 | Zig:9    | Noticed Ysarhoogau the pandemonium lord
161098 | Zig:9    | Killed Xausyfiu the pandemonium lord
161098 | Zig:9    | Killed Qepukibli the pandemonium lord
161098 | Zig:9    | Noticed Ekkyo the pandemonium lord
161098 | Zig:9    | Noticed Naojez the pandemonium lord
161098 | Zig:9    | Noticed Heacean the pandemonium lord
161099 | Zig:9    | Killed Ritixteo the pandemonium lord
161100 | Zig:9    | Killed Bosank the pandemonium lord
161100 | Zig:9    | Noticed Uqut the pandemonium lord
161101 | Zig:9    | Killed Udwilep the pandemonium lord
161101 | Zig:9    | Killed Ysarhoogau the pandemonium lord
161101 | Zig:9    | Killed Dunnain the pandemonium lord
161101 | Zig:9    | Killed Viotuthro the pandemonium lord
161101 | Zig:9    | Killed Heacean the pandemonium lord
161101 | Zig:9    | Noticed Etumeiqah the pandemonium lord
161101 | Zig:9    | Noticed Wiriniunong the pandemonium lord
161102 | Zig:9    | Noticed Gonohipyhu the pandemonium lord
161103 | Zig:9    | Killed Muivy the pandemonium lord
161103 | Zig:9    | Killed Nyte the pandemonium lord
161103 | Zig:9    | Killed Uqut the pandemonium lord
161111 | Zig:9    | Noticed Riryqeh the pandemonium lord
161112 | Zig:9    | Killed Ekkyo the pandemonium lord
161115 | Zig:9    | Killed Gonohipyhu the pandemonium lord
161119 | Zig:9    | Killed Etumeiqah the pandemonium lord
161122 | Zig:9    | Killed Riryqeh the pandemonium lord
161125 | Zig:9    | Noticed Ujewnane the pandemonium lord
161126 | Zig:9    | Noticed Juny the pandemonium lord
161127 | Zig:9    | Killed Naojez the pandemonium lord
161128 | Zig:9    | Killed Wiriniunong the pandemonium lord
161131 | Zig:9    | Killed Ujewnane the pandemonium lord
161136 | Zig:9    | Killed Juny the pandemonium lord
161183 | Zig:9    | Identified the +6 lajatang of the Shore {speed, rC- rN++
                  | Int+3}
161202 | Zig:9    | Identified the ring of Yciror {Ice Will+ Dex-5 Slay+6}
161335 | Zig:10   | Entered Level 10 of a ziggurat
161348 | Zig:10   | Found the +4 skin of Zhor {*Englaciate rC+++ SInv}
161348 | Zig:10   | Found the +0 pair of fencer's gloves {Riposte Dex+3}
161350 | Zig:10   | Found the +2 shield of Resistance {rF++ rC++ Will++}
161450 | Zig:10   | Identified the +0 leather armour of the Chewing Gods {rElec
                  | rF++ Int+3}
161509 | Zig:10   | Identified the +10 falchion "Meoroh" {venom, Int+5 Stlth-}
161511 | Zig:10   | Identified the ring of Cetzi {rN+ Str+5 Dex+4}
161594 | Zig:11   | Entered Level 11 of a ziggurat
161597 | Zig:11   | Noticed Sext's ghost (legendary MiFi)
161597 | Zig:11   | Noticed Janeylunn's ghost (veteran GnWn)
161597 | Zig:11   | Noticed Kufiz's ghost (master GrCK)
161598 | Zig:11   | Noticed grandjackal's ghost (legendary DsGl)
161598 | Zig:11   | Noticed Viocziel's ghost (adept TrMo)
161598 | Zig:11   | Noticed Xatwola's ghost (legendary DDFi)
161598 | Zig:11   | Noticed Likado's ghost (legendary GnSk)
161598 | Zig:11   | Noticed heteroy's ghost (legendary DsHu)
161598 | Zig:11   | Noticed Qupubruts's ghost (master HOFi)
161607 | Zig:11   | Killed grandjackal's ghost
161608 | Zig:11   | Noticed Dittersdorf's ghost (legendary MiBe)
161608 | Zig:11   | Killed Kufiz's ghost
161608 | Zig:11   | Noticed Ebassic's ghost (veteran GrFi)
161609 | Zig:11   | Killed Sext's ghost
161612 | Zig:11   | Noticed Manman's ghost (legendary HOGl)
161613 | Zig:11   | Killed Dittersdorf's ghost
161615 | Zig:11   | Killed Xatwola's ghost
161615 | Zig:11   | Killed Likado's ghost
161615 | Zig:11   | Noticed Totuz's ghost (legendary HOFi)
161616 | Zig:11   | Noticed lmSkywalker's ghost (adept DrTm)
161617 | Zig:11   | Noticed grandjackal's ghost (legendary DsGl)
161617 | Zig:11   | Noticed Rueful's ghost (legendary TrWr)
161618 | Zig:11   | Killed heteroy's ghost
161619 | Zig:11   | Killed Ebassic's ghost
161619 | Zig:11   | Killed Janeylunn's ghost
161620 | Zig:11   | Killed Viocziel's ghost
161620 | Zig:11   | Killed grandjackal's ghost
161620 | Zig:11   | Noticed Motirgh's ghost (legendary DgHW)
161620 | Zig:11   | Noticed Zachydoop's ghost (veteran MiMo)
161620 | Zig:11   | Noticed agentgt's ghost (legendary MiCK)
161621 | Zig:11   | Killed Manman's ghost
161623 | Zig:11   | Killed Totuz's ghost
161623 | Zig:11   | Killed lmSkywalker's ghost
161623 | Zig:11   | Noticed Gemnonof's ghost (adept DgCj)
161624 | Zig:11   | Noticed Polaczum's ghost (adept TrMo)
161625 | Zig:11   | Killed Motirgh's ghost
161626 | Zig:11   | Killed Qupubruts's ghost
161626 | Zig:11   | Killed agentgt's ghost
161626 | Zig:11   | Killed Gemnonof's ghost
161626 | Zig:11   | Killed Zachydoop's ghost
161626 | Zig:11   | Noticed Zonian's ghost (legendary VSBr)
161627 | Zig:11   | Noticed Amikeex's ghost (adept TrMo)
161628 | Zig:11   | Noticed lukano's ghost (legendary GrFi)
161637 | Zig:11   | Killed Polaczum's ghost
161637 | Zig:11   | Killed Rueful's ghost
161641 | Zig:11   | Killed Amikeex's ghost
161641 | Zig:11   | Killed lukano's ghost
161648 | Zig:11   | Killed Zonian's ghost
161786 | Zig:11   | Identified the +9 rapier "Odualoxu" {drain, Stlth+}
161787 | Zig:11   | Identified the ring "Ystraozamn" {rPois Int+3 Dex+6 Stlth+}
161796 | Zig:11   | Identified the +1 leather armour of Rotsah {rPois Int-3
                  | Dex+2}
161803 | Zig:11   | Identified the +8 sling "Wukaj" {heavy, Dex+8}
161807 | Zig:11   | Identified the +5 plate armour "Iblipricets" {Int+4}
161820 | Zig:11   | Identified the +0 pair of gloves of Lagygem {Harm}
161823 | Zig:11   | Identified the amulet "Aseaci" {Spirit Fly}
161830 | Zig:12   | Entered Level 12 of a ziggurat
162038 | Zig:12   | Identified the +9 dagger "Leviticus" {freeze, Str+3 Stlth+}
162051 | Zig:12   | Identified the +7 halberd "Wagew" {freeze, Drain rPois
                  | Str+3 Int+5}
162162 | Zig:13   | Entered Level 13 of a ziggurat
162179 | Zig:13   | Found the +6 arbalest "Damnation" {damnation}
162182 | Zig:13   | Found the +6 shillelagh "Devastator" {shatter}
162191 | Zig:13   | Found the +5 Lochaber axe {reach-cleave, Poleaxe Drain}
162284 | Zig:13   | Identified the ring "Cairikk" {rCorr Stlth+}
162294 | Zig:13   | Identified the +0 robe "Dodaunt" {Harm Fly rElec Dex-2}
162321 | Zig:13   | Identified the +10 short sword "Veicez" {venom, +Blink
                  | Str-5 Int+9}
162444 | Zig:13   | Identified the +1 robe of the Desert {Will+}
162447 | Zig:13   | Identified the +1 leather armour of Mustug {MP+9 Slay+3}
162488 | Zig:14   | Entered Level 14 of a ziggurat
162505 | Zig:14   | Found the +5 Force Lance {heavy, knockback}
162644 | Zig:14   | Identified the +6 rapier of Diet Blood {heavy, Will+ Str+2}
162701 | Zig:14   | Identified the +6 halberd "Ostuered" {flame, rElec rF+
                  | Int+6 Dex-5}
162717 | Zig:14   | Identified the ring "Qinaffy" {Fire rN+ rCorr Str+3}
162721 | Zig:14   | Identified the ring of the Augurer {rC+ rCorr AC+4 Str+3
                  | Slay+3}
162735 | Zig:14   | Identified the ring of Adduutue {rElec rPois rF+ Dex-5}
162820 | Zig:15   | Entered Level 15 of a ziggurat
162860 | Zig:15   | Found the ring of the Octopus King
162948 | Zig:15   | Identified the +8 flail "Zaosch" {venom, rElec rCorr Int+2}
162952 | Zig:15   | Identified the +6 short sword of the Whelk {venom, rC+}
162960 | Zig:15   | Identified a ring of the Octopus King {HP+2 AC+2 EV+2 SH+2
                  | SInv}
162963 | Zig:15   | Identified the ring of Omuidof {Fly rN+ Will+ Int+2 Stlth+}
162964 | Zig:15   | Identified the ring "Hod Epp" {rPois rN+ EV+5}
163158 | Zig:16   | Entered Level 16 of a ziggurat
163406 | Zig:16   | Identified the +3 long sword of the Traitor {flame, rC+
                  | Str+3}
163415 | Zig:16   | Identified the ring "Zanoepim" {rElec rPois Str+2 Dex-5}
163420 | Zig:16   | Identified the ring "Mamouwew" {rPois rF+ rN+ Will+ Str-5}
163516 | Zig:17   | Entered Level 17 of a ziggurat
163523 | Zig:17   | Paralysed by an air elemental for 1 turns
163549 | Zig:17   | Found the ring of the Octopus King
163667 | Zig:17   | Identified a ring of the Octopus King {Wiz HP+2 AC+2 EV+2
                  | SH+2}
163676 | Zig:17   | Identified the +4 broad axe of Cogeczavau {freeze, *Noise
                  | rF+ rN+ rCorr}
163757 | Zig:17   | Identified the +7 dagger of Vexzous {speed, rPois Will+}
163939 | Zig:18   | Entered Level 18 of a ziggurat
163949 | Zig:18   | Noticed an ancient lich
163950 | Zig:18   | Noticed an ancient lich
163950 | Zig:18   | Noticed an ancient lich
163951 | Zig:18   | Noticed an ancient lich
163952 | Zig:18   | Killed an ancient lich
163953 | Zig:18   | Killed an ancient lich
163953 | Zig:18   | Killed an ancient lich
163953 | Zig:18   | Killed an ancient lich
163953 | Zig:18   | Noticed an ancient lich
163954 | Zig:18   | Killed an ancient lich
163956 | Zig:18   | Noticed an ancient lich
163956 | Zig:18   | Noticed an ancient lich
163957 | Zig:18   | Killed an ancient lich
163957 | Zig:18   | Noticed an ancient lich
163957 | Zig:18   | Noticed an ancient lich
163958 | Zig:18   | Killed an ancient lich
163958 | Zig:18   | Killed an ancient lich
163958 | Zig:18   | Killed an ancient lich
163959 | Zig:18   | Noticed an ancient lich
163959 | Zig:18   | Noticed an ancient lich
163959 | Zig:18   | Noticed an ancient lich
163960 | Zig:18   | Killed an ancient lich
163961 | Zig:18   | Killed an ancient lich
163961 | Zig:18   | Killed an ancient lich
163965 | Zig:18   | Noticed an ancient lich
163966 | Zig:18   | Killed an ancient lich
164139 | Zig:18   | Identified the +5 scale mail "Bajub" {rPois rF+ rN+}
164178 | Zig:18   | Identified the amulet "Unepp" {Faith rN+}
164179 | Zig:18   | Identified the +3 scimitar "Yptiesy" {venom, Int+3}
164182 | Zig:18   | Identified the ring of Lehoroat {*Corrode rF+ MP+9 Dex+2}
164189 | Zig:18   | Identified the amulet "Cenyaso" {Acrobat *Slow rC++}
164288 | Zig:19   | Entered Level 19 of a ziggurat
164296 | Zig:19   | Noticed a dread lich
164297 | Zig:19   | Noticed an ancient lich
164298 | Zig:19   | Noticed an ancient lich
164299 | Zig:19   | Killed an ancient lich
164300 | Zig:19   | Killed a dread lich
164300 | Zig:19   | Killed an ancient lich
164300 | Zig:19   | Noticed an ancient lich
164302 | Zig:19   | Noticed an ancient lich
164302 | Zig:19   | Noticed a dread lich
164302 | Zig:19   | Noticed a dread lich
164302 | Zig:19   | Noticed an ancient lich
164303 | Zig:19   | Noticed a dread lich
164303 | Zig:19   | Noticed a dread lich
164303 | Zig:19   | Noticed an ancient lich
164303 | Zig:19   | Noticed an ancient lich
164304 | Zig:19   | Noticed an ancient lich
164304 | Zig:19   | Killed an ancient lich
164304 | Zig:19   | Killed a dread lich
164304 | Zig:19   | Killed an ancient lich
164304 | Zig:19   | Killed an ancient lich
164304 | Zig:19   | Killed an ancient lich
164305 | Zig:19   | Killed a dread lich
164305 | Zig:19   | Killed a dread lich
164305 | Zig:19   | Killed a dread lich
164305 | Zig:19   | Killed an ancient lich
164305 | Zig:19   | Killed an ancient lich
164306 | Zig:19   | Noticed an ancient lich
164306 | Zig:19   | Noticed an ancient lich
164307 | Zig:19   | Noticed a dread lich
164307 | Zig:19   | Noticed a dread lich
164308 | Zig:19   | Killed a dread lich
164309 | Zig:19   | Killed an ancient lich
164309 | Zig:19   | Killed an ancient lich
164309 | Zig:19   | Killed a dread lich
164311 | Zig:19   | Noticed a dread lich
164312 | Zig:19   | Noticed a dread lich
164312 | Zig:19   | Noticed an ancient lich
164312 | Zig:19   | Noticed an ancient lich
164312 | Zig:19   | Noticed an ancient lich
164313 | Zig:19   | Killed a dread lich
164313 | Zig:19   | Killed an ancient lich
164313 | Zig:19   | Killed an ancient lich
164314 | Zig:19   | Killed an ancient lich
164314 | Zig:19   | Killed a dread lich
164315 | Zig:19   | Noticed a dread lich
164316 | Zig:19   | Killed a dread lich
164321 | Zig:19   | Found the +3 pair of seven-league boots {Rampage+∞}
164343 | Zig:19   | Found the +7 Throatcutter {drain, coup de grace}
164379 | Zig:19   | Identified the ring of Hepliaklqana's Regard {AC+4 Slay+4}
164392 | Zig:19   | Identified the ring of Hetapuj {rF+ Will+ rCorr SInv}
164650 | Zig:19   | Identified the +0 helmet of Kucs {Drain +Blink Will+++
                  | Str-4}
164687 | Zig:19   | Acquired the +2 pair of slick slippers {slick, slippery,
                  | EV+5}
164687 | Zig:19   | Found the +2 pair of slick slippers {slick, slippery, EV+5}
164688 | Zig:19   | Acquired 668 gold pieces
164689 | Zig:19   | Acquired 1018 gold pieces
164708 | Zig:20   | Entered Level 20 of a ziggurat
164731 | Zig:20   | Noticed a dread lich
164733 | Zig:20   | Killed a dread lich
165021 | Zig:20   | Identified the ring "Laburucu" {rElec rC+ MP+9}
165027 | Zig:20   | Identified the +0 plate armour "Ycapruw" {Str+3}
165035 | Zig:20   | Identified the ring of the Rabble {rPois Int+3}
165166 | Zig:20   | Learned a level 9 spell: Polar Vortex
165182 | Zig:21   | Entered Level 21 of a ziggurat
165240 | Zig:21   | Found the +18 shield of the Gong {Loud rN+ Will+ rCorr
                  | EV-5}
165301 | Zig:21   | Identified the +1 leather armour of Pantheism {rPois Dex+4}
165322 | Zig:21   | Identified the ring of Nefuina {Ice SInv}
165323 | Zig:21   | Identified the +3 leather armour of Roet {rElec rC+++ Will-
                  | Stlth-}
165619 | Zig:21   | Learned a level 9 spell: Death's Door
165630 | Zig:22   | Entered Level 22 of a ziggurat
165901 | Zig:22   | Identified the amulet "Vilac" {Faith Regen+ Int+2}
165968 | Zig:22   | Identified the +1 robe of the Secret Brambles {rF+ rN+
                  | Int+2}
166045 | Zig:22   | Identified the +1 scale mail "Talauran" {Rampage rElec
                  | Str-3 Int+5}
166139 | Zig:23   | Entered Level 23 of a ziggurat
166149 | Zig:23   | Noticed Jaxuwe Nuagh the pandemonium lord
166152 | Zig:23   | Noticed Ocleujiq the pandemonium lord
166152 | Zig:23   | Noticed Wumoukycli the pandemonium lord
166152 | Zig:23   | Noticed Adywkou the pandemonium lord
166154 | Zig:23   | Killed Jaxuwe Nuagh the pandemonium lord
166154 | Zig:23   | Noticed Kikkuh the pandemonium lord
166154 | Zig:23   | Noticed Dohau the pandemonium lord
166155 | Zig:23   | Noticed Zougubbu the pandemonium lord
166155 | Zig:23   | Noticed Haovoy the pandemonium lord
166156 | Zig:23   | Noticed Qopsiyt the pandemonium lord
166157 | Zig:23   | Killed Kikkuh the pandemonium lord
166157 | Zig:23   | Noticed Mauvac the pandemonium lord
166157 | Zig:23   | Noticed Ethru the pandemonium lord
166158 | Zig:23   | Killed Zougubbu the pandemonium lord
166158 | Zig:23   | Noticed Xoih the pandemonium lord
166159 | Zig:23   | Noticed Nazxufuladd the pandemonium lord
166159 | Zig:23   | Noticed Agyiky the pandemonium lord
166159 | Zig:23   | Noticed Kimocrao the pandemonium lord
166160 | Zig:23   | Noticed Roithroqo the pandemonium lord
166160 | Zig:23   | Noticed Lyluum the pandemonium lord
166160 | Zig:23   | Killed Ethru the pandemonium lord
166160 | Zig:23   | Noticed Qog Tael the pandemonium lord
166160 | Zig:23   | Noticed Coykhliv the pandemonium lord
166161 | Zig:23   | Noticed Niwkir the pandemonium lord
166162 | Zig:23   | Killed Adywkou the pandemonium lord
166162 | Zig:23   | Killed Qog Tael the pandemonium lord
166162 | Zig:23   | Noticed Ahebauc the pandemonium lord
166163 | Zig:23   | Killed Ocleujiq the pandemonium lord
166163 | Zig:23   | Killed Wumoukycli the pandemonium lord
166163 | Zig:23   | Killed Qopsiyt the pandemonium lord
166163 | Zig:23   | Killed Mauvac the pandemonium lord
166163 | Zig:23   | Killed Dohau the pandemonium lord
166163 | Zig:23   | Noticed Vikuox the pandemonium lord
166163 | Zig:23   | Noticed Qaresm the pandemonium lord
166164 | Zig:23   | Noticed Ukapt the pandemonium lord
166164 | Zig:23   | Noticed Moukofy the pandemonium lord
166164 | Zig:23   | Noticed Inoaklu the pandemonium lord
166164 | Zig:23   | Noticed Bik Muon the pandemonium lord
166165 | Zig:23   | Killed Kimocrao the pandemonium lord
166165 | Zig:23   | Killed Lyluum the pandemonium lord
166165 | Zig:23   | Noticed Voastremi the pandemonium lord
166165 | Zig:23   | Noticed Isobb the pandemonium lord
166166 | Zig:23   | Noticed Cyetorgha the pandemonium lord
166166 | Zig:23   | Killed Nazxufuladd the pandemonium lord
166166 | Zig:23   | Killed Roithroqo the pandemonium lord
166166 | Zig:23   | Killed Coykhliv the pandemonium lord
166166 | Zig:23   | Killed Ahebauc the pandemonium lord
166166 | Zig:23   | Killed Vikuox the pandemonium lord
166166 | Zig:23   | Killed Xoih the pandemonium lord
166166 | Zig:23   | Killed Niwkir the pandemonium lord
166166 | Zig:23   | Noticed Qeugy the pandemonium lord
166167 | Zig:23   | Noticed Foskung the pandemonium lord
166167 | Zig:23   | Noticed Uwuamow the pandemonium lord
166167 | Zig:23   | Noticed Yrus the pandemonium lord
166167 | Zig:23   | Killed Agyiky the pandemonium lord
166167 | Zig:23   | Noticed Nymusimn the pandemonium lord
166168 | Zig:23   | Killed Yrus the pandemonium lord
166168 | Zig:23   | Killed Uwuamow the pandemonium lord
166168 | Zig:23   | Killed Haovoy the pandemonium lord
166168 | Zig:23   | Noticed Woylacro the pandemonium lord
166169 | Zig:23   | Killed Voastremi the pandemonium lord
166169 | Zig:23   | Killed Foskung the pandemonium lord
166169 | Zig:23   | Killed Bik Muon the pandemonium lord
166169 | Zig:23   | Killed Qaresm the pandemonium lord
166169 | Zig:23   | Noticed Etuse the pandemonium lord
166169 | Zig:23   | Noticed Mike Hot the pandemonium lord
166169 | Zig:23   | Noticed Lunonydea the pandemonium lord
166170 | Zig:23   | Killed Qeugy the pandemonium lord
166171 | Zig:23   | Noticed Zajivene the pandemonium lord
166171 | Abyss:5  | Found a corrupted altar of Lugonu.
166171 | Abyss:5  | Cast into level 5 of the Abyss (Inoaklu)
166312 | Abyss:5  | Noticed an ancient lich
166314 | Abyss:5  | Killed an ancient lich
166320 | Zig:23   | Escaped the Abyss
166320 | Zig:23   | Noticed Ilixuw the pandemonium lord
166320 | Zig:23   | Noticed Mayst the pandemonium lord
166320 | Zig:23   | Noticed Soustragu the pandemonium lord
166320 | Zig:23   | Noticed Zitt the pandemonium lord
166321 | Zig:23   | Noticed Hit Hoarphod the pandemonium lord
166327 | Zig:23   | Killed Isobb the pandemonium lord
166327 | Zig:23   | Killed Woylacro the pandemonium lord
166329 | Zig:23   | Killed Nymusimn the pandemonium lord
166329 | Zig:23   | Killed Zajivene the pandemonium lord
166329 | Zig:23   | Killed Mike Hot the pandemonium lord
166330 | Zig:23   | Killed Moukofy the pandemonium lord
166332 | Zig:23   | Killed Zitt the pandemonium lord
166334 | Zig:23   | Killed Ilixuw the pandemonium lord
166334 | Zig:23   | Killed Mayst the pandemonium lord
166334 | Zig:23   | Killed Soustragu the pandemonium lord
166335 | Zig:23   | Noticed Diniw the pandemonium lord
166335 | Zig:23   | Noticed Qivef the pandemonium lord
166335 | Zig:23   | Noticed Vaab the pandemonium lord
166339 | Zig:23   | Killed Inoaklu the pandemonium lord
166339 | Zig:23   | Killed Diniw the pandemonium lord
166339 | Zig:23   | Killed Vaab the pandemonium lord
166339 | Zig:23   | Killed Hit Hoarphod the pandemonium lord
166340 | Zig:23   | Killed Etuse the pandemonium lord
166340 | Zig:23   | Killed Lunonydea the pandemonium lord
166340 | Zig:23   | Killed Qivef the pandemonium lord
166340 | Zig:23   | Noticed Osoyfum the pandemonium lord
166341 | Zig:23   | Killed Cyetorgha the pandemonium lord
166342 | Zig:23   | Noticed Fagraept the pandemonium lord
166344 | Zig:23   | Killed Ukapt the pandemonium lord
166344 | Zig:23   | Noticed Moapry Haiga the pandemonium lord
166345 | Zig:23   | Killed Fagraept the pandemonium lord
166345 | Zig:23   | Killed Osoyfum the pandemonium lord
166346 | Zig:23   | Noticed Gipnix the pandemonium lord
166352 | Zig:23   | Killed Moapry Haiga the pandemonium lord
166354 | Zig:23   | Noticed Utuzady the pandemonium lord
166355 | Zig:23   | Killed Gipnix the pandemonium lord
166355 | Zig:23   | Noticed Qiffolaess the pandemonium lord
166356 | Zig:23   | Noticed Uwuask the pandemonium lord
166356 | Zig:23   | Noticed Tiot the pandemonium lord
166356 | Zig:23   | Noticed Akkuk the pandemonium lord
166356 | Zig:23   | Noticed Qenlayv the pandemonium lord
166357 | Zig:23   | Noticed Dydask the pandemonium lord
166357 | Zig:23   | Noticed Ridopot the pandemonium lord
166357 | Zig:23   | Noticed Vosos the pandemonium lord
166357 | Zig:23   | Noticed Qup Omp the pandemonium lord
166358 | Zig:23   | Killed Qiffolaess the pandemonium lord
166358 | Zig:23   | Noticed Viotety the pandemonium lord
166358 | Zig:23   | Noticed Leawuim the pandemonium lord
166358 | Zig:23   | Noticed Ximohip the pandemonium lord
166359 | Zig:23   | Noticed Bueps the pandemonium lord
166359 | Zig:23   | Noticed Tebulios the pandemonium lord
166359 | Zig:23   | Noticed Yrozuth the pandemonium lord
166359 | Zig:23   | Noticed Xucvab the pandemonium lord
166359 | Zig:23   | Noticed Gaucog the pandemonium lord
166359 | Zig:23   | Noticed Isym Xixi the pandemonium lord
166359 | Zig:23   | Noticed Usixor the pandemonium lord
166360 | Zig:23   | Killed Tiot the pandemonium lord
166360 | Zig:23   | Killed Isym Xixi the pandemonium lord
166360 | Zig:23   | Killed Utuzady the pandemonium lord
166361 | Zig:23   | Killed Akkuk the pandemonium lord
166361 | Zig:23   | Killed Uwuask the pandemonium lord
166361 | Zig:23   | Killed Ridopot the pandemonium lord
166361 | Zig:23   | Killed Bueps the pandemonium lord
166361 | Zig:23   | Noticed Winwyuh the pandemonium lord
166361 | Zig:23   | Noticed Huiliguk the pandemonium lord
166362 | Zig:23   | Noticed Neuff the pandemonium lord
166362 | Zig:23   | Noticed Jyomy the pandemonium lord
166362 | Zig:23   | Killed Jyomy the pandemonium lord
166362 | Zig:23   | Killed Dydask the pandemonium lord
166362 | Zig:23   | Killed Ximohip the pandemonium lord
166362 | Zig:23   | Killed Tebulios the pandemonium lord
166363 | Zig:23   | Killed Qenlayv the pandemonium lord
166363 | Zig:23   | Killed Leawuim the pandemonium lord
166363 | Zig:23   | Killed Qup Omp the pandemonium lord
166364 | Zig:23   | Killed Gaucog the pandemonium lord
166364 | Zig:23   | Killed Winwyuh the pandemonium lord
166364 | Zig:23   | Killed Yrozuth the pandemonium lord
166364 | Zig:23   | Killed Vosos the pandemonium lord
166366 | Zig:23   | Killed Viotety the pandemonium lord
166366 | Zig:23   | Killed Neuff the pandemonium lord
166366 | Zig:23   | Noticed Maabakud the pandemonium lord
166366 | Zig:23   | Noticed Yjao the pandemonium lord
166367 | Zig:23   | Killed Usixor the pandemonium lord
166367 | Zig:23   | Noticed Picvengab the pandemonium lord
166369 | Zig:23   | Killed Yjao the pandemonium lord
166369 | Zig:23   | Killed Picvengab the pandemonium lord
166371 | Zig:23   | Killed Xucvab the pandemonium lord
166373 | Zig:23   | Noticed Voffotsi the pandemonium lord
166374 | Zig:23   | Noticed Cugoiwa the pandemonium lord
166374 | Zig:23   | Noticed Fosi the pandemonium lord
166374 | Zig:23   | Noticed Veggok the pandemonium lord
166375 | Zig:23   | Noticed Bonacok the pandemonium lord
166375 | Zig:23   | Noticed Puadan the pandemonium lord
166376 | Zig:23   | Killed Huiliguk the pandemonium lord
166376 | Zig:23   | Noticed Bizant the pandemonium lord
166376 | Zig:23   | Noticed Perao the pandemonium lord
166377 | Zig:23   | Noticed Fonoadin the pandemonium lord
166378 | Zig:23   | Killed Veggok the pandemonium lord
166378 | Zig:23   | Killed Fonoadin the pandemonium lord
166378 | Zig:23   | Killed Perao the pandemonium lord
166379 | Zig:23   | Killed Maabakud the pandemonium lord
166379 | Zig:23   | Noticed Hathrent the pandemonium lord
166380 | Zig:23   | Killed Voffotsi the pandemonium lord
166380 | Zig:23   | Killed Cugoiwa the pandemonium lord
166380 | Zig:23   | Killed Bizant the pandemonium lord
166380 | Zig:23   | Noticed Cahoaridgh the pandemonium lord
166381 | Zig:23   | Killed Fosi the pandemonium lord
166382 | Zig:23   | Killed Puadan the pandemonium lord
166382 | Zig:23   | Killed Bonacok the pandemonium lord
166384 | Zig:23   | Killed Cahoaridgh the pandemonium lord
166387 | Zig:23   | Killed Hathrent the pandemonium lord
166636 | Zig:23   | Found the +7 staff of the Meek {protect, meekguard}
166646 | Zig:23   | Identified the amulet of Moodiness {Reflect Regen+ SH+5}
166648 | Zig:23   | Identified the +11 great sword of Dissent {freeze, Fly
                  | rElec Str-4 SInv}
166653 | Zig:23   | Identified the +4 longbow of Moral Flaws {freeze, rC+ Dex+3
                  | SInv}
166654 | Zig:23   | Identified the +1 battleaxe of the Goat {flame, rN+ Will+
                  | Int+5}
166678 | Zig:23   | Identified the +0 leather armour "Vipluzxe" {rC+ Will-
                  | Int+3}
166699 | Zig:23   | Identified the ring of Leaves {rPois SInv}
166702 | Zig:23   | Identified the +1 leather armour of the Fletcher {rElec
                  | rPois}
166864 | Zig:24   | Entered Level 24 of a ziggurat
166879 | Zig:24   | Noticed a dread lich
166879 | Zig:24   | Noticed an ancient lich
166881 | Zig:24   | Noticed a dread lich
166881 | Zig:24   | Noticed a dread lich
166882 | Zig:24   | Noticed an ancient lich
166882 | Zig:24   | Noticed an ancient lich
166882 | Zig:24   | Noticed a dread lich
166882 | Zig:24   | Noticed an ancient lich
166883 | Zig:24   | Noticed an ancient lich
166883 | Zig:24   | Killed an ancient lich
166883 | Zig:24   | Killed a dread lich
166883 | Zig:24   | Killed a dread lich
166884 | Zig:24   | Killed an ancient lich
166884 | Zig:24   | Killed a dread lich
166884 | Zig:24   | Killed a dread lich
166884 | Zig:24   | Killed an ancient lich
166884 | Zig:24   | Killed an ancient lich
166885 | Zig:24   | Noticed an ancient lich
166885 | Zig:24   | Noticed an ancient lich
166886 | Zig:24   | Killed an ancient lich
166887 | Zig:24   | Noticed a dread lich
166887 | Zig:24   | Noticed an ancient lich
166887 | Zig:24   | Noticed an ancient lich
166887 | Zig:24   | Noticed an ancient lich
166888 | Zig:24   | Killed a dread lich
166888 | Zig:24   | Noticed a dread lich
166889 | Zig:24   | Noticed a dread lich
166889 | Zig:24   | Noticed a dread lich
166889 | Zig:24   | Noticed a dread lich
166890 | Zig:24   | Killed an ancient lich
166890 | Zig:24   | Killed an ancient lich
166890 | Zig:24   | Killed an ancient lich
166890 | Zig:24   | Noticed an ancient lich
166891 | Zig:24   | Noticed a dread lich
166891 | Zig:24   | Noticed a dread lich
166891 | Zig:24   | Noticed a dread lich
166892 | Zig:24   | Killed an ancient lich
166892 | Zig:24   | Killed a dread lich
166893 | Zig:24   | Killed an ancient lich
166893 | Zig:24   | Killed an ancient lich
166893 | Zig:24   | Killed a dread lich
166893 | Zig:24   | Killed a dread lich
166893 | Zig:24   | Killed a dread lich
166893 | Zig:24   | Killed a dread lich
166893 | Zig:24   | Noticed a dread lich
166894 | Zig:24   | Killed a dread lich
166894 | Zig:24   | Killed a dread lich
166896 | Zig:24   | Killed a dread lich
166896 | Zig:24   | Noticed an ancient lich
166897 | Zig:24   | Killed an ancient lich
166897 | Zig:24   | Noticed a dread lich
166899 | Zig:24   | Killed a dread lich
167147 | Zig:24   | Identified the +1 ring mail of Isuff {rC+}
167149 | Zig:24   | Identified the ring "Kenity" {rC+ Str+2 Slay+4}
167156 | Zig:24   | Identified the +4 battleaxe "Fiem" {heavy, rC- MP+9 Str+7
                  | Stlth+}
167215 | Zig:24   | Identified the +5 flail "Sarcophage" {heavy, Fragile rCorr
                  | MP+9}
167235 | Zig:24   | Identified the +7 hand axe of Desertification {antimagic,
                  | Fragile rPois rF+ Dex+8}
167338 | Zig:25   | Entered Level 25 of a ziggurat
167445 | Zig:25   | Identified the +4 leather armour "Earthly Heaven" {rF-
                  | Str+4 Dex+2}
167510 | Zig:25   | Identified the +1 pair of gloves of Kim Ykaf {Rampage Str+3
                  | Dex+3}
168031 | Zig:26   | Entered Level 26 of a ziggurat
168045 | Zig:26   | Paralysed by accursed screaming for 1 turns
168085 | Zig:26   | Killed a starcursed mass
168085 | Zig:26   | Killed a starcursed mass
168200 | Zig:26   | Found the +3 pair of mountain boots {steadfast, rC+}
168445 | Zig:26   | Identified the ring "Riczythri" {Fly Slay+2}
168446 | Zig:26   | Identified the +9 longbow "Nuelaet" {freeze, Str+3 Dex+6
                  | Stlth+}
168469 | Zig:26   | Identified the +3 glaive "Dragonbane" {freeze, rC- Dex+5}
168472 | Zig:26   | Identified the ring "Totalom" {MP+9 Int+7 Stlth-}
168606 | Zig:27   | Entered Level 27 of a ziggurat
168618 | Zig:27   | Noticed a juggernaut
168619 | Zig:27   | Noticed a juggernaut
168619 | Zig:27   | Noticed a juggernaut
168620 | Zig:27   | Noticed a juggernaut
168622 | Zig:27   | Noticed a juggernaut
168623 | Zig:27   | Noticed a juggernaut
168623 | Zig:27   | Noticed a juggernaut
168623 | Zig:27   | Noticed a juggernaut
168624 | Zig:27   | Killed a juggernaut
168624 | Zig:27   | Killed a juggernaut
168624 | Zig:27   | Killed a juggernaut
168624 | Zig:27   | Killed a juggernaut
168624 | Zig:27   | Noticed a juggernaut
168625 | Zig:27   | Killed a juggernaut
168625 | Zig:27   | Killed a juggernaut
168625 | Zig:27   | Killed a juggernaut
168625 | Zig:27   | Killed a juggernaut
168625 | Zig:27   | Noticed a juggernaut
168627 | Zig:27   | Killed a juggernaut
168627 | Zig:27   | Noticed a juggernaut
168627 | Zig:27   | Noticed a juggernaut
168628 | Zig:27   | Killed a juggernaut
168628 | Zig:27   | Killed a juggernaut
168628 | Zig:27   | Noticed a juggernaut
168628 | Zig:27   | Noticed a juggernaut
168628 | Zig:27   | Noticed a juggernaut
168629 | Zig:27   | Noticed a juggernaut
168631 | Zig:27   | Killed a juggernaut
168631 | Zig:27   | Killed a juggernaut
168631 | Zig:27   | Killed a juggernaut
168631 | Zig:27   | Killed a juggernaut
168632 | Zig:27   | Noticed a juggernaut
168632 | Zig:27   | Noticed a juggernaut
168632 | Zig:27   | Noticed a juggernaut
168632 | Zig:27   | Noticed a juggernaut
168633 | Zig:27   | Killed a juggernaut
168633 | Zig:27   | Noticed a juggernaut
168633 | Zig:27   | Noticed a juggernaut
168634 | Zig:27   | Killed a juggernaut
168634 | Zig:27   | Killed a juggernaut
168634 | Zig:27   | Killed a juggernaut
168636 | Zig:27   | Killed a juggernaut
168636 | Zig:27   | Killed a juggernaut
168636 | Zig:27   | Killed a juggernaut
168636 | Zig:27   | Noticed a juggernaut
168637 | Zig:27   | Noticed a juggernaut
168639 | Zig:27   | Killed a juggernaut
168639 | Zig:27   | Noticed a juggernaut
168640 | Zig:27   | Killed a juggernaut
168641 | Zig:27   | Killed a juggernaut
168641 | Zig:27   | Noticed a juggernaut
168641 | Zig:27   | Noticed a juggernaut
168644 | Zig:27   | Killed a juggernaut
168644 | Zig:27   | Killed a juggernaut
168644 | Zig:27   | Noticed a juggernaut
168645 | Zig:27   | Noticed a juggernaut
168646 | Zig:27   | Killed a juggernaut
168646 | Zig:27   | Noticed a juggernaut
168647 | Zig:27   | Killed a juggernaut
168647 | Zig:27   | Noticed a juggernaut
168649 | Zig:27   | Killed a juggernaut
168649 | Zig:27   | Killed a juggernaut
169036 | Zig:27   | Identified the +6 ring mail "Moro" {rN+ Int+6 Dex-3}
169037 | Zig:27   | Identified the +8 flail "Usoch" {drain, rPois rF++ rC-
                  | Dex+3}
169040 | Zig:27   | Identified the ring "Zaut" {Ice rPois Str+3}
169044 | Zig:27   | Identified the +4 broad axe of Noon {protect, rN+}
169045 | Zig:27   | Identified the +2 robe of Vexation {rPois Will+++ Str-4
                  | Stlth+}
169046 | Zig:27   | Identified the +3 dagger of Exquisite Death {elec, *Slow
                  | rF++}
170273 | Zig:1    | Entered Level 1 of a ziggurat
170331 | Zig:2    | Entered Level 2 of a ziggurat
170331 | Zig:2    | Noticed a juggernaut
170331 | Zig:2    | Noticed a juggernaut
170332 | Zig:2    | Noticed a juggernaut
170334 | Zig:2    | Killed a juggernaut
170334 | Zig:2    | Killed a juggernaut
170336 | Zig:2    | Killed a juggernaut
170431 | Zig:3    | Entered Level 3 of a ziggurat
170459 | Zig:3    | Identified the +9 arbalest "Juliur" {speed, rPois Will+
                  | Str-4}
170524 | Zig:4    | Entered Level 4 of a ziggurat
170612 | Zig:4    | Identified the +1 dagger "Qarerghoyt" {flame, Dex+7}
170619 | Zig:4    | Identified the +2 robe of Hide-and-Seek {Harm rPois Slay+2}
170646 | Zig:5    | Entered Level 5 of a ziggurat
170745 | Zig:5    | Identified the +9 battleaxe of Nemelex Xobeh's Grace {pain,
                  | *Corrode rPois Int+3}
170753 | Zig:6    | Entered Level 6 of a ziggurat
170753 | Zig:6    | Noticed an ancient lich
170754 | Zig:6    | Noticed an ancient lich
170754 | Zig:6    | Noticed a dread lich
170754 | Zig:6    | Noticed a dread lich
170756 | Zig:6    | Killed an ancient lich
170756 | Zig:6    | Noticed a dread lich
170756 | Zig:6    | Noticed an ancient lich
170757 | Zig:6    | Killed a dread lich
170757 | Zig:6    | Killed a dread lich
170758 | Zig:6    | Noticed a dread lich
170759 | Zig:6    | Killed an ancient lich
170759 | Zig:6    | Killed an ancient lich
170760 | Zig:6    | Killed a dread lich
170762 | Zig:6    | Killed a dread lich
170842 | Zig:6    | Identified the +9 shortbow "Uranount" {elec, rElec rC- rN+
                  | Dex+5}
170850 | Zig:6    | Identified the amulet of Ifea {Spirit rPois}
170873 | Zig:6    | Identified the +0 robe of Card Tricks {rElec}
170897 | Zig:7    | Entered Level 7 of a ziggurat
170908 | Zig:7    | Found the ring of the Octopus King
170937 | Zig:7    | Identified the ring "Yroperph" {rC+ rN+ MP+9}
170941 | Zig:7    | Identified a ring of the Octopus King {rN+ HP+2 AC+2 EV+2
                  | SH+2}
170945 | Zig:7    | Identified the +8 halberd of Perfectionism {protect, *Rage
                  | *Corrode rElec rF+++}
170946 | Zig:7    | Identified the +2 rapier "Mud Pie of Death" {heavy, +Blink
                  | rF++ Int+2 Dex-4}
170948 | Zig:7    | Identified the ring "Wufauref" {Fly rPois Int+5 SInv}
171102 | Zig:8    | Entered Level 8 of a ziggurat
171109 | Zig:8    | Found the +3 crown of Dyrovepreva {rElec Int+2 SInv}
171322 | Zig:9    | Entered Level 9 of a ziggurat
171379 | Zig:9    | Identified the +5 dire flail of Superiority {vamp, rElec
                  | rF++ Dex+6}
171383 | Zig:9    | Identified the +2 sling of Departure {heavy, rF+ Will+}
171546 | Zig:10   | Entered Level 10 of a ziggurat
171546 | Zig:10   | Noticed an ancient lich
171546 | Zig:10   | Noticed an ancient lich
171547 | Zig:10   | Noticed an ancient lich
171548 | Zig:10   | Noticed an ancient lich
171549 | Zig:10   | Noticed an ancient lich
171549 | Zig:10   | Noticed an ancient lich
171550 | Zig:10   | Killed an ancient lich
171550 | Zig:10   | Killed an ancient lich
171550 | Zig:10   | Killed an ancient lich
171550 | Zig:10   | Killed an ancient lich
171551 | Zig:10   | Killed an ancient lich
171551 | Zig:10   | Killed an ancient lich
171553 | Zig:10   | Noticed a dread lich
171553 | Zig:10   | Noticed an ancient lich
171554 | Zig:10   | Noticed a dread lich
171556 | Zig:10   | Killed an ancient lich
171556 | Zig:10   | Killed a dread lich
171556 | Zig:10   | Killed a dread lich
171730 | Zig:10   | Identified the +2 broad axe "Isilossi" {spect, *Noise rElec
                  | rPois}
171746 | Zig:10   | Identified the +7 dagger of Equivalence {heavy, rCorr MP+9}
171794 | Zig:11   | Entered Level 11 of a ziggurat
171794 | Zig:11   | Noticed a royal mummy
171794 | Zig:11   | Noticed a royal mummy
171794 | Zig:11   | Noticed a royal mummy
171794 | Zig:11   | Noticed a royal mummy
171796 | Zig:11   | Noticed a royal mummy
171798 | Zig:11   | Killed a royal mummy
171798 | Zig:11   | Killed a royal mummy
171798 | Zig:11   | Killed a royal mummy
171798 | Zig:11   | Killed a royal mummy
171798 | Zig:11   | Noticed a royal mummy
171799 | Zig:11   | Killed a royal mummy
171800 | Zig:11   | Noticed a royal mummy
171800 | Zig:11   | Noticed a royal mummy
171801 | Zig:11   | Killed a royal mummy
171802 | Zig:11   | Killed a royal mummy
171802 | Zig:11   | Killed a royal mummy
171802 | Zig:11   | Noticed a royal mummy
171804 | Zig:11   | Killed a royal mummy
171805 | Zig:11   | Noticed a royal mummy
171808 | Zig:11   | Noticed a royal mummy
171809 | Zig:11   | Noticed a royal mummy
171811 | Zig:11   | Noticed a royal mummy
171812 | Zig:11   | Killed a royal mummy
171815 | Zig:11   | Killed a royal mummy
171815 | Zig:11   | Killed a royal mummy
171815 | Zig:11   | Killed a royal mummy
171867 | Zig:11   | Identified the ring of Yzie {+Blink rF+ Int+3 SInv}
171889 | Zig:11   | Identified the ring "Ucuxape" {Fly rPois}
171891 | Zig:11   | Identified the +1 bardiche of Triumph {antimagic, rF+
                  | Int+2}
172073 | Zig:12   | Entered Level 12 of a ziggurat
172279 | Zig:12   | Identified the ring of Hotwaat {rElec rCorr Int+4}
172295 | Zig:12   | Identified the +10 scimitar of Symmetry {drain, *Rage rN+
                  | Str+8 Stlth+}
172314 | Zig:12   | Identified the +7 sling of Greatest Utility {speed, rElec
                  | rPois rCorr Int-4}
172371 | Zig:13   | Entered Level 13 of a ziggurat
172372 | Zig:13   | Noticed a dread lich
172378 | Zig:13   | Killed a dread lich
172382 | Zig:13   | Noticed an ancient lich
172383 | Zig:13   | Found the +5 Storm Queen's Shield {shock, Fly rElec}
172386 | Zig:13   | Killed an ancient lich
172475 | Zig:13   | Identified the amulet "Zimmuw" {Regen+ Str+3 Int+4}
172479 | Zig:13   | Identified the +2 dire flail of Unyim {venom, rN+ Will+}
172490 | Zig:13   | Identified the +2 hand crossbow "Upiangam" {heavy, MP-9
                  | Str+5}
172668 | Zig:14   | Entered Level 14 of a ziggurat
172688 | Zig:14   | Noticed Wixeah Huula the pandemonium lord
172695 | Zig:14   | Killed Wixeah Huula the pandemonium lord
172955 | Zig:15   | Entered Level 15 of a ziggurat
172955 | Zig:15   | Noticed an ancient lich
172955 | Zig:15   | Noticed an ancient lich
172956 | Zig:15   | Noticed an ancient lich
172958 | Zig:15   | Noticed an ancient lich
172959 | Zig:15   | Killed an ancient lich
172959 | Zig:15   | Killed an ancient lich
172960 | Zig:15   | Noticed an ancient lich
172960 | Zig:15   | Killed an ancient lich
172961 | Zig:15   | Killed an ancient lich
172961 | Zig:15   | Killed an ancient lich
172962 | Zig:15   | Noticed an ancient lich
172963 | Zig:15   | Noticed an ancient lich
172963 | Zig:15   | Noticed an ancient lich
172964 | Zig:15   | Killed an ancient lich
172964 | Zig:15   | Killed an ancient lich
172965 | Zig:15   | Noticed an ancient lich
172966 | Zig:15   | Killed an ancient lich
172967 | Zig:15   | Killed an ancient lich
172969 | Zig:15   | Noticed an ancient lich
172969 | Zig:15   | Noticed an ancient lich
172971 | Zig:15   | Killed an ancient lich
172971 | Zig:15   | Killed an ancient lich
172971 | Zig:15   | Noticed an ancient lich
172973 | Zig:15   | Killed an ancient lich
173045 | Zig:15   | Identified the ring of Fihelemi {AC+4 Str+4 Slay-6}
173071 | Zig:15   | Identified the ring of Waps {*Corrode Dex+5 Slay+4}
173079 | Zig:15   | Identified the +9 spear "Tefen" {antimagic, *Rage rN+
                  | Int+2}
173293 | Zig:16   | Entered Level 16 of a ziggurat
173632 | Zig:16   | Identified the +0 helmet "Guekusku" {Stlth+}
173634 | Zig:16   | Identified the +1 chain mail of the Distant Future {+Blink}
173687 | Zig:17   | Entered Level 17 of a ziggurat
173687 | Zig:17   | Noticed a dread lich
173688 | Zig:17   | Killed a dread lich
174130 | Zig:17   | Identified the +7 flail of the Spider Nest {venom, Fragile
                  | rC+ Dex+5}
174136 | Zig:17   | Identified the +1 pair of gloves of Kaof {Rampage}
174138 | Zig:17   | Identified the +4 broad axe of Action {heavy, Int+2}
174140 | Zig:17   | Identified the +0 plate armour of the Prince of Darkness
                  | {rPois}
174148 | Zig:18   | Entered Level 18 of a ziggurat
174152 | Zig:18   | Noticed an ancient lich
174157 | Zig:18   | Killed an ancient lich
174158 | Zig:18   | Noticed a dread lich
174164 | Zig:18   | Killed a dread lich
174357 | Zig:18   | Identified the +10 flail "Bufac" {venom, Str+5 Int+3}
174401 | Zig:18   | Identified the +1 ring mail of the Cooper {*Slow rN+++
                  | Will- Regen+}
174417 | Zig:18   | Identified the +5 spear of the Invisible Xalams {heavy, rC+
                  | rN++ Str+2 Dex-3}
174433 | Zig:18   | Identified the +1 scale mail "Iriutor" {rC+}
174441 | Zig:18   | Identified the ring of Tempters {Contam rN+ Will+ SInv}
174450 | Zig:18   | Identified the +11 battleaxe of Accidental Termination
                  | {pain, rN+ Dex+2}
174455 | Zig:18   | Identified the +11 plate armour of Gravity {rElec Str+3
                  | SInv}
174512 | Zig:19   | Entered Level 19 of a ziggurat
174515 | Zig:19   | Noticed an ancient lich
174520 | Zig:19   | Noticed a dread lich
174521 | Zig:19   | Noticed an ancient lich
174522 | Zig:19   | Killed an ancient lich
174527 | Zig:19   | Killed an ancient lich
174527 | Zig:19   | Killed a dread lich
174793 | Zig:19   | Identified the ring of Qegik {rPois rC++ MP+9 Str+3 Int-3}
174801 | Zig:19   | Identified the +5 falchion "Fetuitaf" {venom, rPois rF+
                  | Will-}
174803 | Zig:19   | Identified the +11 scale mail of Riuged {Harm}
174809 | Zig:19   | Identified the ring "Damnable Contraption" {rPois Str-3
                  | Int+9 Dex+6 Slay-2}
174846 | Zig:20   | Entered Level 20 of a ziggurat
175236 | Zig:20   | Identified the +4 war axe "Hixick" {protect, rF+}
175238 | Zig:20   | Identified the +1 arbalest of Spite {elec, rF+ Str+4}
175239 | Zig:20   | Identified the amulet of Kahefaut {Spirit Int+3}
175241 | Zig:20   | Identified the +6 hand axe of Diaqaun {heavy, rN+ Int+4}
175253 | Zig:20   | Identified the +1 shortbow of Axtorgh {freeze, Will+ Dex+3}
175373 | Zig:21   | Entered Level 21 of a ziggurat
175377 | Zig:21   | Noticed a juggernaut
175377 | Zig:21   | Noticed a juggernaut
175378 | Zig:21   | Noticed a juggernaut
175378 | Zig:21   | Noticed a juggernaut
175378 | Zig:21   | Noticed a juggernaut
175378 | Zig:21   | Noticed a juggernaut
175379 | Zig:21   | Noticed a juggernaut
175380 | Zig:21   | Killed a juggernaut
175380 | Zig:21   | Killed a juggernaut
175380 | Zig:21   | Killed a juggernaut
175381 | Zig:21   | Killed a juggernaut
175381 | Zig:21   | Killed a juggernaut
175382 | Zig:21   | Noticed a juggernaut
175382 | Zig:21   | Noticed a juggernaut
175383 | Zig:21   | Killed a juggernaut
175383 | Zig:21   | Noticed a juggernaut
175383 | Zig:21   | Noticed a juggernaut
175384 | Zig:21   | Killed a juggernaut
175384 | Zig:21   | Noticed a juggernaut
175385 | Zig:21   | Killed a juggernaut
175385 | Zig:21   | Killed a juggernaut
175385 | Zig:21   | Killed a juggernaut
175386 | Zig:21   | Noticed a juggernaut
175387 | Zig:21   | Killed a juggernaut
175387 | Zig:21   | Killed a juggernaut
175387 | Zig:21   | Noticed a juggernaut
175388 | Zig:21   | Noticed a juggernaut
175388 | Zig:21   | Noticed a juggernaut
175389 | Zig:21   | Noticed a juggernaut
175389 | Zig:21   | Noticed a juggernaut
175390 | Zig:21   | Killed a juggernaut
175390 | Zig:21   | Noticed a juggernaut
175390 | Zig:21   | Noticed a juggernaut
175391 | Zig:21   | Killed a juggernaut
175391 | Zig:21   | Killed a juggernaut
175391 | Zig:21   | Noticed a juggernaut
175392 | Zig:21   | Noticed a juggernaut
175392 | Zig:21   | Killed a juggernaut
175392 | Zig:21   | Killed a juggernaut
175392 | Zig:21   | Killed a juggernaut
175392 | Zig:21   | Killed a juggernaut
175392 | Zig:21   | Killed a juggernaut
175393 | Zig:21   | Killed a juggernaut
175393 | Zig:21   | Killed a juggernaut
175393 | Zig:21   | Noticed a juggernaut
175394 | Zig:21   | Noticed a juggernaut
175394 | Zig:21   | Noticed a juggernaut
175394 | Zig:21   | Noticed a juggernaut
175396 | Zig:21   | Killed a juggernaut
175396 | Zig:21   | Killed a juggernaut
175396 | Zig:21   | Killed a juggernaut
175396 | Zig:21   | Noticed a juggernaut
175396 | Zig:21   | Noticed a juggernaut
175397 | Zig:21   | Killed a juggernaut
175398 | Zig:21   | Noticed a juggernaut
175398 | Zig:21   | Noticed a juggernaut
175398 | Zig:21   | Noticed a juggernaut
175399 | Zig:21   | Killed a juggernaut
175400 | Zig:21   | Killed a juggernaut
175400 | Zig:21   | Killed a juggernaut
175400 | Zig:21   | Killed a juggernaut
175400 | Zig:21   | Killed a juggernaut
175436 | Zig:21   | Found the +3 pair of gauntlets of War {Slay+5}
175450 | Zig:21   | Identified the amulet "Ityh" {Reflect Will+ rCorr MP+9
                  | SH+5}
175451 | Zig:21   | Identified the ring "Vac Fergh" {Wiz rF+ Slay+5}
175460 | Zig:21   | Identified the +2 cloak of the Pit {Fly rC++ Will-}
175763 | Zig:22   | Entered Level 22 of a ziggurat
175766 | Zig:22   | Noticed Wauwov the pandemonium lord
175766 | Zig:22   | Noticed Weiluk the pandemonium lord
175766 | Zig:22   | Noticed Otsoseur the pandemonium lord
175766 | Zig:22   | Noticed Burargh the pandemonium lord
175766 | Zig:22   | Noticed Tuuxem the pandemonium lord
175766 | Zig:22   | Noticed Umuluats the pandemonium lord
175766 | Zig:22   | Noticed Soguaggi the pandemonium lord
175767 | Zig:22   | Noticed Fovvaile the pandemonium lord
175767 | Zig:22   | Noticed Ecullob the pandemonium lord
175767 | Zig:22   | Noticed Retubaq the pandemonium lord
175767 | Zig:22   | Noticed Cuudio Acuv the pandemonium lord
175767 | Zig:22   | Noticed Jaifacw the pandemonium lord
175767 | Zig:22   | Noticed Okku the pandemonium lord
175768 | Zig:22   | Noticed Weaxtamn the pandemonium lord
175768 | Zig:22   | Noticed Oghih the pandemonium lord
175768 | Zig:22   | Noticed Uqedgh the pandemonium lord
175768 | Zig:22   | Noticed Lunik the pandemonium lord
175768 | Zig:22   | Noticed Dosyask the pandemonium lord
175768 | Zig:22   | Noticed Hax Ynil the pandemonium lord
175768 | Zig:22   | Noticed Fidwu the pandemonium lord
175768 | Zig:22   | Noticed Ogilyr the pandemonium lord
175768 | Zig:22   | Noticed Wavepue the pandemonium lord
175769 | Zig:22   | Noticed Unuost the pandemonium lord
175769 | Zig:22   | Noticed Ygasiraa the pandemonium lord
175769 | Zig:22   | Noticed Raggep the pandemonium lord
175769 | Zig:22   | Noticed Ocozukke the pandemonium lord
175770 | Zig:22   | Noticed Tupsala the pandemonium lord
175770 | Zig:22   | Noticed Zeerph the pandemonium lord
175770 | Zig:22   | Noticed Jishaaf the pandemonium lord
175771 | Zig:22   | Noticed Coym the pandemonium lord
175771 | Zig:22   | Noticed Liphy the pandemonium lord
175771 | Zig:22   | Noticed Coreom the pandemonium lord
175771 | Zig:22   | Noticed Feotun the pandemonium lord
175772 | Zig:22   | Noticed Uklejuem the pandemonium lord
175772 | Zig:22   | Noticed Ivuaf the pandemonium lord
175772 | Zig:22   | Noticed Zelury the pandemonium lord
175773 | Zig:22   | Noticed Xurchas the pandemonium lord
175773 | Zig:22   | Noticed Noufiam the pandemonium lord
175773 | Zig:22   | Noticed Fyug the pandemonium lord
175773 | Zig:22   | Killed Wauwov the pandemonium lord
175773 | Zig:22   | Killed Otsoseur the pandemonium lord
175773 | Zig:22   | Killed Fovvaile the pandemonium lord
175773 | Zig:22   | Killed Okku the pandemonium lord
175773 | Zig:22   | Killed Weaxtamn the pandemonium lord
175773 | Zig:22   | Noticed Wienlao the pandemonium lord
175774 | Zig:22   | Noticed Vuwuset the pandemonium lord
175774 | Zig:22   | Noticed Oraotea the pandemonium lord
175774 | Zig:22   | Noticed Purphak the pandemonium lord
175774 | Zig:22   | Killed Tuuxem the pandemonium lord
175774 | Zig:22   | Killed Raggep the pandemonium lord
175774 | Zig:22   | Killed Weiluk the pandemonium lord
175774 | Zig:22   | Killed Burargh the pandemonium lord
175774 | Zig:22   | Killed Uqedgh the pandemonium lord
175774 | Zig:22   | Killed Lunik the pandemonium lord
175774 | Zig:22   | Killed Hax Ynil the pandemonium lord
175774 | Zig:22   | Killed Retubaq the pandemonium lord
175774 | Zig:22   | Killed Ecullob the pandemonium lord
175774 | Zig:22   | Killed Umuluats the pandemonium lord
175774 | Zig:22   | Killed Unuost the pandemonium lord
175774 | Zig:22   | Killed Tupsala the pandemonium lord
175774 | Zig:22   | Killed Soguaggi the pandemonium lord
175774 | Zig:22   | Killed Uklejuem the pandemonium lord
175774 | Zig:22   | Noticed Oproschoy the pandemonium lord
175774 | Zig:22   | Noticed Koraotol the pandemonium lord
175775 | Zig:22   | Noticed Garchayf the pandemonium lord
175775 | Zig:22   | Noticed Ereel the pandemonium lord
175775 | Zig:22   | Killed Xurchas the pandemonium lord
175775 | Zig:22   | Killed Noufiam the pandemonium lord
175775 | Zig:22   | Killed Dosyask the pandemonium lord
175775 | Zig:22   | Killed Oghih the pandemonium lord
175775 | Zig:22   | Killed Fidwu the pandemonium lord
175775 | Zig:22   | Killed Feotun the pandemonium lord
175775 | Zig:22   | Killed Ivuaf the pandemonium lord
175775 | Zig:22   | Killed Coreom the pandemonium lord
175775 | Zig:22   | Killed Liphy the pandemonium lord
175776 | Zig:22   | Killed Vuwuset the pandemonium lord
175776 | Zig:22   | Killed Ereel the pandemonium lord
175776 | Zig:22   | Killed Jishaaf the pandemonium lord
175776 | Zig:22   | Killed Cuudio Acuv the pandemonium lord
175776 | Zig:22   | Noticed Woczin the pandemonium lord
175776 | Zig:22   | Noticed Dufa the pandemonium lord
175777 | Zig:22   | Noticed Foupp the pandemonium lord
175777 | Zig:22   | Noticed Adeish the pandemonium lord
175778 | Zig:22   | Killed Wienlao the pandemonium lord
175778 | Zig:22   | Killed Coym the pandemonium lord
175778 | Zig:22   | Killed Jaifacw the pandemonium lord
175778 | Zig:22   | Killed Oraotea the pandemonium lord
175778 | Zig:22   | Noticed Dopar the pandemonium lord
175778 | Zig:22   | Noticed Hiatzea the pandemonium lord
175779 | Zig:22   | Killed Zelury the pandemonium lord
175779 | Zig:22   | Killed Wavepue the pandemonium lord
175779 | Zig:22   | Killed Foupp the pandemonium lord
175779 | Zig:22   | Killed Ogilyr the pandemonium lord
175779 | Zig:22   | Noticed Sisisigo the pandemonium lord
175779 | Zig:22   | Noticed Rerya the pandemonium lord
175779 | Zig:22   | Noticed Tyleix the pandemonium lord
175779 | Zig:22   | Noticed Jiyzax the pandemonium lord
175780 | Zig:22   | Noticed Fut Mudi the pandemonium lord
175780 | Zig:22   | Killed Koraotol the pandemonium lord
175780 | Zig:22   | Killed Garchayf the pandemonium lord
175780 | Zig:22   | Killed Ygasiraa the pandemonium lord
175780 | Zig:22   | Noticed Boiquxue the pandemonium lord
175781 | Zig:22   | Noticed Xis Poc the pandemonium lord
175781 | Zig:22   | Killed Zeerph the pandemonium lord
175781 | Zig:22   | Killed Adeish the pandemonium lord
175781 | Zig:22   | Killed Dufa the pandemonium lord
175781 | Zig:22   | Killed Purphak the pandemonium lord
175781 | Zig:22   | Killed Oproschoy the pandemonium lord
175781 | Zig:22   | Killed Fyug the pandemonium lord
175781 | Zig:22   | Killed Sisisigo the pandemonium lord
175781 | Zig:22   | Noticed Edycog the pandemonium lord
175782 | Zig:22   | Noticed Dyetedio the pandemonium lord
175782 | Zig:22   | Noticed Peoss the pandemonium lord
175782 | Zig:22   | Noticed Behaaxok the pandemonium lord
175782 | Zig:22   | Noticed Boecuthee the pandemonium lord
175783 | Zig:22   | Killed Ocozukke the pandemonium lord
175783 | Zig:22   | Killed Woczin the pandemonium lord
175783 | Zig:22   | Killed Edycog the pandemonium lord
175783 | Zig:22   | Noticed Qicil the pandemonium lord
175783 | Zig:22   | Noticed Cuihil the pandemonium lord
175784 | Zig:22   | Killed Jiyzax the pandemonium lord
175784 | Zig:22   | Killed Boecuthee the pandemonium lord
175784 | Zig:22   | Noticed Icih the pandemonium lord
175785 | Zig:22   | Killed Rerya the pandemonium lord
175785 | Zig:22   | Noticed Liack the pandemonium lord
175785 | Zig:22   | Noticed Zuov Uvi the pandemonium lord
175786 | Zig:22   | Killed Peoss the pandemonium lord
175786 | Zig:22   | Killed Boiquxue the pandemonium lord
175786 | Zig:22   | Killed Tyleix the pandemonium lord
175786 | Zig:22   | Killed Fut Mudi the pandemonium lord
175786 | Zig:22   | Noticed Qoif the pandemonium lord
175786 | Zig:22   | Noticed Giupahu the pandemonium lord
175787 | Zig:22   | Noticed Vysoly the pandemonium lord
175787 | Zig:22   | Killed Icih the pandemonium lord
175787 | Zig:22   | Noticed Ybirolud the pandemonium lord
175794 | Zig:22   | Noticed Mosucyhe the pandemonium lord
175794 | Zig:22   | Noticed Pepecwo the pandemonium lord
175794 | Zig:22   | Noticed Dacsukki the pandemonium lord
175794 | Zig:22   | Noticed Zekkin the pandemonium lord
175794 | Zig:22   | Noticed Lithos the pandemonium lord
175795 | Zig:22   | Noticed Qubry the pandemonium lord
175795 | Zig:22   | Noticed Lukhlaq the pandemonium lord
175795 | Zig:22   | Noticed Lifiuqeh the pandemonium lord
175795 | Zig:22   | Noticed Gaenypt the pandemonium lord
175795 | Zig:22   | Noticed Gaene the pandemonium lord
175795 | Zig:22   | Noticed Kujy the pandemonium lord
175795 | Zig:22   | Noticed Oheric the pandemonium lord
175795 | Zig:22   | Noticed Vafagerch the pandemonium lord
175795 | Zig:22   | Noticed Nothy the pandemonium lord
175796 | Zig:22   | Noticed Jeapsuet the pandemonium lord
175796 | Zig:22   | Noticed Kychaw the pandemonium lord
175797 | Zig:22   | Noticed Duesodoa the pandemonium lord
175798 | Zig:22   | Noticed Kaimi the pandemonium lord
175798 | Zig:22   | Noticed Ehaps the pandemonium lord
175799 | Zig:22   | Killed Dacsukki the pandemonium lord
175799 | Zig:22   | Killed Dopar the pandemonium lord
175799 | Zig:22   | Killed Vysoly the pandemonium lord
175799 | Zig:22   | Killed Xis Poc the pandemonium lord
175799 | Zig:22   | Killed Dyetedio the pandemonium lord
175799 | Zig:22   | Noticed Girecuf the pandemonium lord
175800 | Zig:22   | Killed Pepecwo the pandemonium lord
175801 | Zig:22   | Killed Lukhlaq the pandemonium lord
175801 | Zig:22   | Killed Kujy the pandemonium lord
175801 | Zig:22   | Killed Nothy the pandemonium lord
175801 | Zig:22   | Killed Hiatzea the pandemonium lord
175801 | Zig:22   | Killed Liack the pandemonium lord
175801 | Zig:22   | Killed Mosucyhe the pandemonium lord
175801 | Zig:22   | Killed Behaaxok the pandemonium lord
175801 | Zig:22   | Noticed Qesuptua the pandemonium lord
175801 | Zig:22   | Noticed Qail Beph the pandemonium lord
175801 | Zig:22   | Noticed Hokhly the pandemonium lord
175801 | Zig:22   | Noticed Tein the pandemonium lord
175802 | Zig:22   | Killed Vafagerch the pandemonium lord
175802 | Zig:22   | Killed Lithos the pandemonium lord
175802 | Zig:22   | Killed Qubry the pandemonium lord
175802 | Zig:22   | Killed Lifiuqeh the pandemonium lord
175802 | Zig:22   | Killed Qicil the pandemonium lord
175802 | Zig:22   | Killed Ehaps the pandemonium lord
175802 | Zig:22   | Killed Kychaw the pandemonium lord
175803 | Zig:22   | Killed Duesodoa the pandemonium lord
175803 | Zig:22   | Killed Kaimi the pandemonium lord
175803 | Zig:22   | Noticed Addaedij the pandemonium lord
175804 | Zig:22   | Killed Qesuptua the pandemonium lord
175804 | Zig:22   | Killed Ybirolud the pandemonium lord
175804 | Zig:22   | Killed Zekkin the pandemonium lord
175804 | Zig:22   | Killed Oheric the pandemonium lord
175804 | Zig:22   | Noticed Hicrikke the pandemonium lord
175805 | Zig:22   | Killed Jeapsuet the pandemonium lord
175805 | Zig:22   | Killed Gaenypt the pandemonium lord
175805 | Zig:22   | Killed Girecuf the pandemonium lord
175806 | Zig:22   | Killed Gaene the pandemonium lord
175806 | Zig:22   | Killed Hokhly the pandemonium lord
175806 | Zig:22   | Killed Hicrikke the pandemonium lord
175807 | Zig:22   | Killed Tein the pandemonium lord
175807 | Zig:22   | Noticed Capaemio the pandemonium lord
175808 | Zig:22   | Killed Addaedij the pandemonium lord
175809 | Zig:22   | Killed Qail Beph the pandemonium lord
175809 | Zig:22   | Killed Cuihil the pandemonium lord
175809 | Zig:22   | Noticed Aruare the pandemonium lord
175810 | Zig:22   | Killed Giupahu the pandemonium lord
175810 | Zig:22   | Killed Zuov Uvi the pandemonium lord
175811 | Zig:22   | Killed Aruare the pandemonium lord
175819 | Zig:22   | Killed Qoif the pandemonium lord
175820 | Zig:22   | Killed Capaemio the pandemonium lord
176114 | Zig:22   | Identified the +3 dagger "Demonslayer" {chaos, +Blink rCorr
                  | Int-2}
176123 | Zig:22   | Identified the +9 battleaxe of Grace {drain, Str+2 Int+4
                  | Dex+4}
176124 | Zig:22   | Identified the ring of Kikkez {*Slow rElec rC+ Dex+2}
176128 | Zig:22   | Identified the +0 hand axe "Riejuici" {flame, rN++ Will++
                  | Int-5}
176130 | Zig:22   | Identified the +5 morningstar of Burning Gallantry {speed,
                  | rCorr Str+2}
176139 | Zig:22   | Identified the +9 whip of Xom's Generosity {venom, Fly
                  | Int+2}
176185 | Zig:22   | Identified the +3 ring mail of the Distant Future {rF+
                  | Str+2 Dex+4}
176211 | Zig:22   | Identified the ring "Joudev" {Wiz rCorr Slay+6}
176299 | Zig:23   | Entered Level 23 of a ziggurat
176299 | Zig:23   | Noticed a juggernaut
176299 | Zig:23   | Noticed a juggernaut
176299 | Zig:23   | Noticed a juggernaut
176299 | Zig:23   | Noticed a juggernaut
176299 | Zig:23   | Noticed a juggernaut
176300 | Zig:23   | Noticed a juggernaut
176301 | Zig:23   | Killed a juggernaut
176301 | Zig:23   | Killed a juggernaut
176301 | Zig:23   | Killed a juggernaut
176301 | Zig:23   | Killed a juggernaut
176302 | Zig:23   | Noticed a juggernaut
176302 | Zig:23   | Noticed a juggernaut
176303 | Zig:23   | Noticed a juggernaut
176304 | Zig:23   | Killed a juggernaut
176304 | Zig:23   | Killed a juggernaut
176304 | Zig:23   | Noticed a juggernaut
176304 | Zig:23   | Noticed a juggernaut
176305 | Zig:23   | Killed a juggernaut
176305 | Zig:23   | Killed a juggernaut
176305 | Zig:23   | Noticed a juggernaut
176306 | Zig:23   | Noticed a juggernaut
176307 | Zig:23   | Killed a juggernaut
176307 | Zig:23   | Killed a juggernaut
176308 | Zig:23   | Noticed a juggernaut
176308 | Zig:23   | Noticed a juggernaut
176309 | Zig:23   | Killed a juggernaut
176309 | Zig:23   | Killed a juggernaut
176309 | Zig:23   | Killed a juggernaut
176309 | Zig:23   | Noticed a juggernaut
176311 | Zig:23   | Killed a juggernaut
176311 | Zig:23   | Noticed a juggernaut
176311 | Zig:23   | Noticed a juggernaut
176312 | Zig:23   | Killed a juggernaut
176313 | Zig:23   | Killed a juggernaut
176313 | Zig:23   | Killed a juggernaut
176313 | Zig:23   | Killed a juggernaut
176314 | Zig:23   | Noticed a juggernaut
176315 | Zig:23   | Noticed a juggernaut
176317 | Zig:23   | Noticed a juggernaut
176318 | Zig:23   | Noticed a juggernaut
176319 | Zig:23   | Killed a juggernaut
176319 | Zig:23   | Noticed a juggernaut
176320 | Zig:23   | Killed a juggernaut
176320 | Zig:23   | Killed a juggernaut
176320 | Zig:23   | Killed a juggernaut
176321 | Zig:23   | Killed a juggernaut
176323 | Zig:23   | Noticed a juggernaut
176326 | Zig:23   | Noticed a juggernaut
176326 | Zig:23   | Noticed a juggernaut
176328 | Zig:23   | Killed a juggernaut
176328 | Zig:23   | Killed a juggernaut
176328 | Zig:23   | Killed a juggernaut
176328 | Zig:23   | Noticed a juggernaut
176331 | Zig:23   | Killed a juggernaut
176336 | Zig:23   | Noticed a juggernaut
176338 | Zig:23   | Killed a juggernaut
176807 | Zig:23   | Identified the +5 falchion "Killer Klown's Bane" {venom,
                  | Int+4 Dex+4}
176814 | Zig:23   | Identified the ring of Bian {rElec Dex+6}
176816 | Zig:23   | Identified the ring of Descent {MP+9 Str+6}
176817 | Zig:23   | Identified the +1 battleaxe of Grandeur {freeze, Stlth+}
176822 | Zig:23   | Identified the +9 halberd "Dyst" {heavy, rF+ Dex+3}
176847 | Zig:24   | Entered Level 24 of a ziggurat
176850 | Zig:24   | Noticed Udipu the pandemonium lord
176850 | Zig:24   | Noticed Luppea the pandemonium lord
176850 | Zig:24   | Noticed Bedogeod the pandemonium lord
176850 | Zig:24   | Noticed Merucs the pandemonium lord
176850 | Zig:24   | Noticed Asumput the pandemonium lord
176851 | Zig:24   | Noticed Xijuxaon the pandemonium lord
176851 | Zig:24   | Noticed Geudworu the pandemonium lord
176852 | Zig:24   | Killed Bedogeod the pandemonium lord
176852 | Zig:24   | Noticed Yzymir the pandemonium lord
176853 | Zig:24   | Noticed Plog the pandemonium lord
176853 | Zig:24   | Killed Asumput the pandemonium lord
176853 | Zig:24   | Noticed Bed Waxi the pandemonium lord
176853 | Zig:24   | Noticed Miraosibava the pandemonium lord
176853 | Zig:24   | Noticed Kilit the pandemonium lord
176854 | Zig:24   | Noticed Nyolulem the pandemonium lord
176854 | Zig:24   | Noticed Heuv the pandemonium lord
176854 | Zig:24   | Noticed Xooqys the pandemonium lord
176854 | Zig:24   | Noticed Wiuc the pandemonium lord
176854 | Zig:24   | Noticed Zebbei the pandemonium lord
176854 | Zig:24   | Noticed Orrea the pandemonium lord
176855 | Zig:24   | Noticed Pyxunuroca the pandemonium lord
176855 | Zig:24   | Noticed Wazimich the pandemonium lord
176855 | Zig:24   | Noticed Hohel the pandemonium lord
176855 | Zig:24   | Noticed Noller the pandemonium lord
176855 | Zig:24   | Noticed Deosegg the pandemonium lord
176855 | Zig:24   | Noticed Mydyul the pandemonium lord
176855 | Zig:24   | Noticed Gofecaca the pandemonium lord
176855 | Zig:24   | Noticed Huhem the pandemonium lord
176856 | Zig:24   | Noticed Adego the pandemonium lord
176856 | Zig:24   | Noticed Xashran the pandemonium lord
176856 | Zig:24   | Noticed Pejap the pandemonium lord
176856 | Zig:24   | Noticed Arras the pandemonium lord
176856 | Zig:24   | Noticed Cetyev the pandemonium lord
176856 | Zig:24   | Noticed Meukh the pandemonium lord
176856 | Zig:24   | Noticed Iheblud the pandemonium lord
176857 | Zig:24   | Noticed Gim Heu the pandemonium lord
176857 | Zig:24   | Noticed Veatiwn the pandemonium lord
176857 | Zig:24   | Killed Geudworu the pandemonium lord
176858 | Zig:24   | Killed Merucs the pandemonium lord
176858 | Zig:24   | Killed Adego the pandemonium lord
176858 | Zig:24   | Killed Orrea the pandemonium lord
176858 | Zig:24   | Killed Miraosibava the pandemonium lord
176858 | Zig:24   | Killed Wiuc the pandemonium lord
176858 | Zig:24   | Noticed Itsedie the pandemonium lord
176858 | Zig:24   | Noticed Tuofaecy the pandemonium lord
176858 | Zig:24   | Noticed Dotrat the pandemonium lord
176858 | Zig:24   | Noticed Xilozov the pandemonium lord
176859 | Zig:24   | Noticed Buefebbi the pandemonium lord
176859 | Zig:24   | Noticed Dywoxi the pandemonium lord
176859 | Zig:24   | Noticed Mifeodut the pandemonium lord
176859 | Zig:24   | Noticed Ditucha the pandemonium lord
176860 | Zig:24   | Noticed Hapraewn the pandemonium lord
176860 | Zig:24   | Killed Plog the pandemonium lord
176860 | Zig:24   | Killed Hohel the pandemonium lord
176860 | Zig:24   | Killed Bed Waxi the pandemonium lord
176860 | Zig:24   | Killed Udipu the pandemonium lord
176860 | Zig:24   | Killed Nyolulem the pandemonium lord
176860 | Zig:24   | Killed Iheblud the pandemonium lord
176860 | Zig:24   | Killed Luppea the pandemonium lord
176860 | Zig:24   | Killed Gofecaca the pandemonium lord
176860 | Zig:24   | Noticed Hogum the pandemonium lord
176860 | Zig:24   | Noticed Unwybb the pandemonium lord
176861 | Zig:24   | Noticed Zangoe the pandemonium lord
176861 | Zig:24   | Killed Xijuxaon the pandemonium lord
176861 | Zig:24   | Killed Cetyev the pandemonium lord
176861 | Zig:24   | Killed Deosegg the pandemonium lord
176863 | Zig:24   | Killed Xooqys the pandemonium lord
176863 | Zig:24   | Killed Arras the pandemonium lord
176864 | Zig:24   | Killed Hapraewn the pandemonium lord
176865 | Zig:24   | Killed Veatiwn the pandemonium lord
176865 | Zig:24   | Killed Heuv the pandemonium lord
176865 | Zig:24   | Killed Mydyul the pandemonium lord
176865 | Zig:24   | Killed Kilit the pandemonium lord
176865 | Zig:24   | Noticed Zakif the pandemonium lord
176866 | Zig:24   | Killed Hogum the pandemonium lord
176866 | Zig:24   | Killed Ditucha the pandemonium lord
176866 | Zig:24   | Noticed Miexusk the pandemonium lord
176867 | Zig:24   | Killed Itsedie the pandemonium lord
176867 | Zig:24   | Killed Dotrat the pandemonium lord
176867 | Zig:24   | Killed Buefebbi the pandemonium lord
176867 | Zig:24   | Killed Wazimich the pandemonium lord
176867 | Zig:24   | Killed Tuofaecy the pandemonium lord
176867 | Zig:24   | Noticed Luuguwos the pandemonium lord
176868 | Zig:24   | Noticed Birum the pandemonium lord
176868 | Zig:24   | Noticed Yphi the pandemonium lord
176868 | Zig:24   | Noticed Cefuics the pandemonium lord
176869 | Zig:24   | Noticed Coirryik the pandemonium lord
176870 | Zig:24   | Killed Pyxunuroca the pandemonium lord
176871 | Zig:24   | Noticed Ybliz the pandemonium lord
176871 | Zig:24   | Noticed Nulluth the pandemonium lord
176871 | Zig:24   | Noticed Cemumi Lococ the pandemonium lord
176872 | Zig:24   | Noticed Naackiuz the pandemonium lord
176872 | Zig:24   | Noticed Ynnaelam the pandemonium lord
176872 | Zig:24   | Noticed Gebed the pandemonium lord
176872 | Zig:24   | Killed Mifeodut the pandemonium lord
176872 | Zig:24   | Killed Yphi the pandemonium lord
176872 | Zig:24   | Killed Huhem the pandemonium lord
176872 | Zig:24   | Killed Miexusk the pandemonium lord
176872 | Zig:24   | Killed Yzymir the pandemonium lord
176872 | Zig:24   | Killed Meukh the pandemonium lord
176872 | Zig:24   | Noticed Haich the pandemonium lord
176873 | Zig:24   | Killed Zangoe the pandemonium lord
176873 | Zig:24   | Killed Ynnaelam the pandemonium lord
176873 | Zig:24   | Killed Xilozov the pandemonium lord
176873 | Zig:24   | Killed Cefuics the pandemonium lord
176873 | Zig:24   | Killed Zebbei the pandemonium lord
176873 | Zig:24   | Killed Gim Heu the pandemonium lord
176873 | Zig:24   | Noticed Yleciekk the pandemonium lord
176873 | Zig:24   | Noticed Irghox the pandemonium lord
176874 | Zig:24   | Killed Coirryik the pandemonium lord
176874 | Zig:24   | Killed Pejap the pandemonium lord
176874 | Zig:24   | Killed Zakif the pandemonium lord
176874 | Zig:24   | Killed Gebed the pandemonium lord
176874 | Zig:24   | Killed Dywoxi the pandemonium lord
176874 | Zig:24   | Killed Cemumi Lococ the pandemonium lord
176874 | Zig:24   | Noticed Wotim the pandemonium lord
176874 | Zig:24   | Noticed Dacotra the pandemonium lord
176875 | Zig:24   | Killed Birum the pandemonium lord
176875 | Zig:24   | Killed Luuguwos the pandemonium lord
176875 | Zig:24   | Killed Nulluth the pandemonium lord
176875 | Zig:24   | Killed Ybliz the pandemonium lord
176875 | Zig:24   | Killed Xashran the pandemonium lord
176875 | Zig:24   | Noticed Amyefuoc the pandemonium lord
176875 | Zig:24   | Noticed Foesece the pandemonium lord
176876 | Zig:24   | Noticed Jikhluss the pandemonium lord
176876 | Zig:24   | Noticed Roitwoad the pandemonium lord
176876 | Zig:24   | Noticed Bywouh the pandemonium lord
176876 | Zig:24   | Noticed Sosmunex the pandemonium lord
176876 | Zig:24   | Noticed Paczoorr the pandemonium lord
176877 | Zig:24   | Noticed Soenlop the pandemonium lord
176877 | Zig:24   | Killed Wotim the pandemonium lord
176877 | Zig:24   | Killed Haich the pandemonium lord
176877 | Zig:24   | Killed Unwybb the pandemonium lord
176877 | Zig:24   | Noticed Goeps the pandemonium lord
176878 | Zig:24   | Killed Irghox the pandemonium lord
176878 | Zig:24   | Killed Naackiuz the pandemonium lord
176878 | Zig:24   | Killed Bywouh the pandemonium lord
176878 | Zig:24   | Killed Noller the pandemonium lord
176878 | Zig:24   | Killed Jikhluss the pandemonium lord
176878 | Zig:24   | Killed Goeps the pandemonium lord
176878 | Zig:24   | Noticed Qotiusy the pandemonium lord
176878 | Zig:24   | Noticed Kenaorod the pandemonium lord
176879 | Zig:24   | Killed Dacotra the pandemonium lord
176879 | Zig:24   | Killed Amyefuoc the pandemonium lord
176879 | Zig:24   | Killed Paczoorr the pandemonium lord
176879 | Zig:24   | Killed Yleciekk the pandemonium lord
176879 | Zig:24   | Killed Soenlop the pandemonium lord
176879 | Zig:24   | Noticed Poter the pandemonium lord
176879 | Zig:24   | Noticed Qeovvi the pandemonium lord
176880 | Zig:24   | Noticed Ehunnol the pandemonium lord
176880 | Zig:24   | Noticed Byrphyo the pandemonium lord
176880 | Zig:24   | Noticed Ocro the pandemonium lord
176880 | Zig:24   | Noticed Jotwis the pandemonium lord
176880 | Zig:24   | Noticed Vuycup the pandemonium lord
176880 | Zig:24   | Noticed Addioxig the pandemonium lord
176880 | Zig:24   | Noticed Moiq the pandemonium lord
176880 | Zig:24   | Noticed Ipeecve the pandemonium lord
176880 | Zig:24   | Noticed Fiusuck the pandemonium lord
176881 | Zig:24   | Noticed Hirim the pandemonium lord
176881 | Zig:24   | Noticed Futo the pandemonium lord
176881 | Zig:24   | Noticed Ramalih the pandemonium lord
176881 | Zig:24   | Noticed Qityxism the pandemonium lord
176881 | Zig:24   | Noticed Ceniyciwk the pandemonium lord
176881 | Zig:24   | Noticed Epraohemp the pandemonium lord
176881 | Zig:24   | Noticed Jukowy the pandemonium lord
176882 | Zig:24   | Killed Qotiusy the pandemonium lord
176882 | Zig:24   | Killed Foesece the pandemonium lord
176882 | Zig:24   | Killed Ceniyciwk the pandemonium lord
176882 | Zig:24   | Noticed Oqeij the pandemonium lord
176883 | Zig:24   | Killed Jotwis the pandemonium lord
176883 | Zig:24   | Killed Fiusuck the pandemonium lord
176883 | Zig:24   | Killed Poter the pandemonium lord
176883 | Zig:24   | Killed Qeovvi the pandemonium lord
176883 | Zig:24   | Killed Moiq the pandemonium lord
176883 | Zig:24   | Killed Ipeecve the pandemonium lord
176883 | Zig:24   | Killed Jukowy the pandemonium lord
176883 | Zig:24   | Killed Vuycup the pandemonium lord
176883 | Zig:24   | Noticed Nuidd the pandemonium lord
176884 | Zig:24   | Noticed Liuduno the pandemonium lord
176884 | Zig:24   | Noticed Yfuexe the pandemonium lord
176884 | Zig:24   | Noticed Qaseici the pandemonium lord
176884 | Zig:24   | Killed Ehunnol the pandemonium lord
176884 | Zig:24   | Killed Sosmunex the pandemonium lord
176884 | Zig:24   | Killed Kenaorod the pandemonium lord
176884 | Zig:24   | Killed Ramalih the pandemonium lord
176884 | Zig:24   | Noticed Gygya the pandemonium lord
176885 | Zig:24   | Killed Yfuexe the pandemonium lord
176885 | Zig:24   | Killed Addioxig the pandemonium lord
176885 | Zig:24   | Noticed Rom Keol the pandemonium lord
176885 | Zig:24   | Noticed Edona the pandemonium lord
176886 | Zig:24   | Killed Byrphyo the pandemonium lord
176886 | Zig:24   | Killed Ocro the pandemonium lord
176886 | Zig:24   | Killed Futo the pandemonium lord
176886 | Zig:24   | Killed Qaseici the pandemonium lord
176886 | Zig:24   | Killed Nuidd the pandemonium lord
176886 | Zig:24   | Killed Qityxism the pandemonium lord
176886 | Zig:24   | Killed Roitwoad the pandemonium lord
176886 | Zig:24   | Killed Liuduno the pandemonium lord
176886 | Zig:24   | Killed Oqeij the pandemonium lord
176886 | Zig:24   | Noticed Huqueneira the pandemonium lord
176887 | Zig:24   | Killed Edona the pandemonium lord
176887 | Zig:24   | Noticed Jawodwu the pandemonium lord
176888 | Zig:24   | Killed Hirim the pandemonium lord
176888 | Zig:24   | Noticed Tusyluam the pandemonium lord
176889 | Zig:24   | Killed Rom Keol the pandemonium lord
176890 | Zig:24   | Killed Gygya the pandemonium lord
176890 | Zig:24   | Killed Tusyluam the pandemonium lord
176890 | Zig:24   | Killed Huqueneira the pandemonium lord
176890 | Zig:24   | Noticed Reshriru the pandemonium lord
176891 | Zig:24   | Noticed Caklig the pandemonium lord
176892 | Zig:24   | Noticed Zocaigie the pandemonium lord
176892 | Zig:24   | Killed Jawodwu the pandemonium lord
176893 | Zig:24   | Noticed Weax the pandemonium lord
176894 | Zig:24   | Killed Epraohemp the pandemonium lord
176895 | Zig:24   | Noticed Hudufaim the pandemonium lord
176895 | Zig:24   | Killed Zocaigie the pandemonium lord
176896 | Zig:24   | Killed Weax the pandemonium lord
176896 | Zig:24   | Killed Caklig the pandemonium lord
176896 | Zig:24   | Noticed Laneqoe the pandemonium lord
176897 | Zig:24   | Noticed Zuagaav the pandemonium lord
176899 | Zig:24   | Killed Hudufaim the pandemonium lord
176899 | Zig:24   | Killed Reshriru the pandemonium lord
176901 | Zig:24   | Killed Laneqoe the pandemonium lord
176904 | Zig:24   | Killed Zuagaav the pandemonium lord
177170 | Zig:24   | Identified the +2 short sword "Ufidei Xyfu" {spect, Will+
                  | Int+3}
177178 | Zig:24   | Identified the +0 pair of gloves of Gravitas {-Cast rF+
                  | Str+2}
177186 | Zig:24   | Identified the +10 plate armour "Roin" {rElec rF- Dex+6}
177190 | Zig:24   | Identified the +10 long sword "Detzycw" {speed, Str+6
                  | Dex-4}
177191 | Zig:24   | Identified the +5 flail "Hakuugibb" {drain, rN+ SInv}
177197 | Zig:24   | Identified the amulet "Huomezxy" {Regen+ Dex+5}
177236 | Zig:25   | Entered Level 25 of a ziggurat
177236 | Zig:25   | Noticed a juggernaut
177236 | Zig:25   | Noticed a juggernaut
177236 | Zig:25   | Noticed a juggernaut
177236 | Zig:25   | Noticed a juggernaut
177236 | Zig:25   | Noticed a juggernaut
177236 | Zig:25   | Noticed a juggernaut
177236 | Zig:25   | Noticed a juggernaut
177236 | Zig:25   | Noticed a juggernaut
177236 | Zig:25   | Noticed a juggernaut
177237 | Zig:25   | Killed a juggernaut
177237 | Zig:25   | Killed a juggernaut
177237 | Zig:25   | Killed a juggernaut
177237 | Zig:25   | Killed a juggernaut
177237 | Zig:25   | Killed a juggernaut
177237 | Zig:25   | Killed a juggernaut
177237 | Zig:25   | Killed a juggernaut
177237 | Zig:25   | Killed a juggernaut
177237 | Zig:25   | Noticed a juggernaut
177238 | Zig:25   | Noticed a juggernaut
177238 | Zig:25   | Noticed a juggernaut
177239 | Zig:25   | Noticed a juggernaut
177240 | Zig:25   | Noticed a juggernaut
177240 | Zig:25   | Noticed a juggernaut
177241 | Zig:25   | Killed a juggernaut
177241 | Zig:25   | Killed a juggernaut
177241 | Zig:25   | Killed a juggernaut
177241 | Zig:25   | Noticed a juggernaut
177242 | Zig:25   | Killed a juggernaut
177242 | Zig:25   | Killed a juggernaut
177242 | Zig:25   | Killed a juggernaut
177242 | Zig:25   | Killed a juggernaut
177242 | Zig:25   | Noticed a juggernaut
177243 | Zig:25   | Noticed a juggernaut
177244 | Zig:25   | Noticed a juggernaut
177245 | Zig:25   | Killed a juggernaut
177245 | Zig:25   | Noticed a juggernaut
177245 | Zig:25   | Noticed a juggernaut
177246 | Zig:25   | Noticed a juggernaut
177247 | Zig:25   | Killed a juggernaut
177247 | Zig:25   | Killed a juggernaut
177247 | Zig:25   | Killed a juggernaut
177248 | Zig:25   | Noticed a juggernaut
177249 | Zig:25   | Killed a juggernaut
177249 | Zig:25   | Killed a juggernaut
177249 | Zig:25   | Killed a juggernaut
177249 | Zig:25   | Noticed a juggernaut
177249 | Zig:25   | Noticed a juggernaut
177250 | Zig:25   | Noticed a juggernaut
177250 | Zig:25   | Noticed a juggernaut
177250 | Zig:25   | Noticed a juggernaut
177251 | Zig:25   | Killed a juggernaut
177251 | Zig:25   | Killed a juggernaut
177252 | Zig:25   | Noticed a juggernaut
177253 | Zig:25   | Killed a juggernaut
177255 | Zig:25   | Killed a juggernaut
177255 | Zig:25   | Killed a juggernaut
177255 | Zig:25   | Killed a juggernaut
177255 | Zig:25   | Killed a juggernaut
177255 | Zig:25   | Noticed a juggernaut
177256 | Zig:25   | Noticed a juggernaut
177256 | Zig:25   | Noticed a juggernaut
177257 | Zig:25   | Noticed a juggernaut
177257 | Zig:25   | Noticed a juggernaut
177258 | Zig:25   | Noticed a juggernaut
177258 | Zig:25   | Noticed a juggernaut
177259 | Zig:25   | Killed a juggernaut
177259 | Zig:25   | Killed a juggernaut
177260 | Zig:25   | Noticed a juggernaut
177260 | Zig:25   | Noticed a juggernaut
177260 | Zig:25   | Noticed a juggernaut
177260 | Zig:25   | Noticed a juggernaut
177261 | Zig:25   | Killed a juggernaut
177261 | Zig:25   | Killed a juggernaut
177261 | Zig:25   | Killed a juggernaut
177261 | Zig:25   | Killed a juggernaut
177261 | Zig:25   | Killed a juggernaut
177262 | Zig:25   | Noticed a juggernaut
177263 | Zig:25   | Killed a juggernaut
177263 | Zig:25   | Killed a juggernaut
177263 | Zig:25   | Killed a juggernaut
177264 | Zig:25   | Noticed a juggernaut
177265 | Zig:25   | Killed a juggernaut
177265 | Zig:25   | Killed a juggernaut
177267 | Zig:25   | Killed a juggernaut
177283 | Zig:25   | Identified the +1 robe "Kagajurph" {rN+ Dex+3}
177283 | Zig:25   | Found the ring of the Octopus King
177301 | Zig:25   | Identified a ring of the Octopus King {HP+2 MP+9 AC+2 EV+2
                  | SH+2}
177336 | Zig:25   | Identified the +4 morningstar "Rocim" {flame, rN+ Int+3
                  | Dex+2 Stlth+}
177365 | Zig:25   | Identified the +4 scale mail of the Many Songs {rC+ Dex+3}
177368 | Zig:25   | Identified the +1 broad axe "Caonlib" {venom, rPois Will-
                  | Str+5 SInv}
177370 | Zig:25   | Identified the +5 shortbow "Declaph" {flame, rElec}
177376 | Zig:25   | Identified the ring "Icoitie" {EV+5 Dex+2}
177384 | Zig:25   | Identified the +7 short sword of Ruination {spect, Str+4}
177395 | Zig:25   | Identified the +7 broad axe of Valiance {flame, rCorr Int+7
                  | SInv}
177400 | Zig:25   | Identified the +9 dagger of Tepo Fut {holy, rF+ rC+ Str+2}
177963 | Zig:26   | Entered Level 26 of a ziggurat
177965 | Zig:26   | Noticed an ancient lich
177968 | Zig:26   | Killed an ancient lich
177968 | Zig:26   | Noticed an ancient lich
177969 | Zig:26   | Killed an ancient lich
177970 | Zig:26   | Noticed an ancient lich
177971 | Zig:26   | Killed an ancient lich
177974 | Zig:26   | Noticed an ancient lich
177975 | Zig:26   | Noticed an ancient lich
177976 | Zig:26   | Killed an ancient lich
177977 | Zig:26   | Killed an ancient lich
177977 | Zig:26   | Noticed an ancient lich
177980 | Zig:26   | Noticed an ancient lich
177981 | Zig:26   | Noticed an ancient lich
177981 | Zig:26   | Killed an ancient lich
177982 | Zig:26   | Killed an ancient lich
177982 | Zig:26   | Killed an ancient lich
177982 | Zig:26   | Noticed an ancient lich
177984 | Zig:26   | Noticed an ancient lich
177984 | Zig:26   | Noticed an ancient lich
177985 | Zig:26   | Killed an ancient lich
177986 | Zig:26   | Killed an ancient lich
177986 | Zig:26   | Killed an ancient lich
177986 | Zig:26   | Noticed an ancient lich
177987 | Zig:26   | Noticed an ancient lich
177987 | Zig:26   | Killed an ancient lich
177987 | Zig:26   | Noticed an ancient lich
177987 | Zig:26   | Noticed an ancient lich
177989 | Zig:26   | Killed an ancient lich
177989 | Zig:26   | Killed an ancient lich
177989 | Zig:26   | Killed an ancient lich
177989 | Zig:26   | Noticed an ancient lich
177990 | Zig:26   | Noticed an ancient lich
177990 | Zig:26   | Noticed an ancient lich
177991 | Zig:26   | Noticed an ancient lich
177991 | Zig:26   | Killed an ancient lich
177991 | Zig:26   | Killed an ancient lich
177991 | Zig:26   | Killed an ancient lich
177992 | Zig:26   | Killed an ancient lich
177993 | Zig:26   | Noticed an ancient lich
177994 | Zig:26   | Killed an ancient lich
177996 | Zig:26   | Noticed an ancient lich
177998 | Zig:26   | Killed an ancient lich
178005 | Zig:26   | Noticed an ancient lich
178006 | Zig:26   | Killed an ancient lich
178006 | Zig:26   | Noticed an ancient lich
178007 | Zig:26   | Killed an ancient lich
178270 | Zig:26   | Identified the +6 flail of Cacydes {drain, *Noise Str+4
                  | Int+4}
178274 | Zig:26   | Identified the +6 long sword of Megalomania {protect, Int+5
                  | Dex+2}
178277 | Zig:26   | Identified the +9 long sword "Bejyj" {freeze, Will++}
178282 | Zig:26   | Identified the +7 long sword of Mezij {freeze, rF- rC+++
                  | Will- rCorr}
178305 | Zig:26   | Identified the ring "Jabo Eti" {Fire Dex+3}
178312 | Zig:26   | Identified the +1 leather armour of Amelioration {rN+ Str+2
                  | Int-2}
178330 | Zig:27   | Entered Level 27 of a ziggurat
178354 | Zig:27   | Noticed a dread lich
178355 | Zig:27   | Killed a dread lich
178358 | Zig:27   | Noticed a dread lich
178359 | Zig:27   | Killed a dread lich
178371 | Zig:27   | Noticed a dread lich
178372 | Zig:27   | Killed a dread lich
178404 | Zig:27   | Found the +18 Lear's hauberk
178733 | Zig:27   | Identified the +0 leather armour "Zeklos" {rElec Dex-3
                  | Slay-2 SInv}
178743 | Zig:27   | Identified the +5 hand axe of the Establishment {speed,
                  | Will+ Str+5}
178757 | Zig:27   | Identified the +7 mace "Ogreslayer" {freeze, rF+ rC+ Str+5
                  | Dex+4}
178760 | Zig:27   | Identified the ring of Cypneixt {rElec rPois rC++}
178769 | Zig:27   | Identified the +6 short sword of the Heavens {freeze,
                  | Int+6}
178775 | Zig:27   | Identified the +2 halberd of the Loving Hawk {flame, *Noise
                  | rCorr Int+9}
178781 | Zig:27   | Identified the ring of Vaqiengo {Drain rN+ Will+ MP+9
                  | Dex+4}
178866 | Zot:5    | Acquired 1186 gold pieces
178875 | Zot:5    | Acquired the +1 plate armour "Cytto" {Regen+ MP+9 Int+2
                  | Slay+2}
178915 | Zig:1    | Entered Level 1 of a ziggurat
178965 | Zig:2    | Entered Level 2 of a ziggurat
179048 | Zig:3    | Entered Level 3 of a ziggurat
179101 | Zig:3    | Identified the +3 shortbow of Parts Unknown {freeze, Will++
                  | SInv}
179164 | Zig:4    | Entered Level 4 of a ziggurat
179169 | Zig:4    | Noticed Lecwyf the pandemonium lord
179176 | Zig:4    | Killed Lecwyf the pandemonium lord
179267 | Zig:4    | Identified the amulet "Zoliqu" {-Tele Harm *Corrode rElec
                  | Regen+}
179278 | Zig:4    | Identified the ring "Sesi" {rPois Will+ Dex+3}
179306 | Zig:5    | Entered Level 5 of a ziggurat
179475 | Zig:5    | Acquired 793 gold pieces
179479 | Zig:6    | Entered Level 6 of a ziggurat
179479 | Zig:6    | Noticed an ancient lich
179479 | Zig:6    | Noticed an ancient lich
179480 | Zig:6    | Noticed a dread lich
179480 | Zig:6    | Noticed an ancient lich
179480 | Zig:6    | Noticed a dread lich
179480 | Zig:6    | Noticed a dread lich
179480 | Zig:6    | Noticed an ancient lich
179481 | Zig:6    | Noticed an ancient lich
179481 | Zig:6    | Noticed a dread lich
179482 | Zig:6    | Noticed an ancient lich
179482 | Zig:6    | Noticed a dread lich
179482 | Zig:6    | Noticed a dread lich
179482 | Zig:6    | Noticed a dread lich
179483 | Zig:6    | Killed a dread lich
179483 | Zig:6    | Killed an ancient lich
179483 | Zig:6    | Killed a dread lich
179483 | Zig:6    | Killed an ancient lich
179483 | Zig:6    | Killed a dread lich
179484 | Zig:6    | Killed an ancient lich
179484 | Zig:6    | Killed an ancient lich
179484 | Zig:6    | Killed a dread lich
179484 | Zig:6    | Killed a dread lich
179484 | Zig:6    | Killed a dread lich
179484 | Zig:6    | Killed an ancient lich
179484 | Zig:6    | Killed a dread lich
179484 | Zig:6    | Noticed a dread lich
179485 | Zig:6    | Killed an ancient lich
179485 | Zig:6    | Killed a dread lich
179487 | Zig:6    | Noticed an ancient lich
179489 | Zig:6    | Killed an ancient lich
179581 | Zig:6    | Identified the +1 shortbow "Woaf" {drain, Dex+2}
179610 | Zig:6    | Identified the amulet of Life {Spirit -Cast Slay+5}
179639 | Zig:7    | Entered Level 7 of a ziggurat
179648 | Zig:7    | Paralysed by an air elemental for 1 turns
179692 | Zig:7    | Identified the ring "Ysoxt" {rN+ AC+4}
179694 | Zig:7    | Identified the ring of Gapiamot {Drain +Blink rF+ rN++}
179696 | Zig:7    | Identified the amulet "Ucvi" {Faith Will++ rCorr Int+2}
179845 | Zig:8    | Entered Level 8 of a ziggurat
179847 | Zig:8    | Noticed Nixkutz the pandemonium lord
179848 | Zig:8    | Noticed Eremaipe the pandemonium lord
179848 | Zig:8    | Noticed Xoon Boh the pandemonium lord
179848 | Zig:8    | Noticed Buutz the pandemonium lord
179848 | Zig:8    | Noticed Hujulus the pandemonium lord
179849 | Zig:8    | Noticed Zulouv the pandemonium lord
179849 | Zig:8    | Noticed Luloolef the pandemonium lord
179849 | Zig:8    | Noticed Gemees the pandemonium lord
179849 | Zig:8    | Noticed Fillus the pandemonium lord
179850 | Zig:8    | Noticed Teploel the pandemonium lord
179850 | Zig:8    | Noticed Qulasaq the pandemonium lord
179850 | Zig:8    | Noticed Hikuafur the pandemonium lord
179851 | Zig:8    | Killed Xoon Boh the pandemonium lord
179852 | Zig:8    | Noticed Pewel the pandemonium lord
179853 | Zig:8    | Killed Nixkutz the pandemonium lord
179853 | Zig:8    | Killed Buutz the pandemonium lord
179853 | Zig:8    | Killed Eremaipe the pandemonium lord
179853 | Zig:8    | Killed Gemees the pandemonium lord
179853 | Zig:8    | Killed Hikuafur the pandemonium lord
179853 | Zig:8    | Killed Teploel the pandemonium lord
179853 | Zig:8    | Noticed Unidir the pandemonium lord
179854 | Zig:8    | Killed Luloolef the pandemonium lord
179854 | Zig:8    | Killed Zulouv the pandemonium lord
179854 | Zig:8    | Noticed Pebbyd the pandemonium lord
179854 | Zig:8    | Noticed Cioqynk the pandemonium lord
179855 | Zig:8    | Killed Fillus the pandemonium lord
179855 | Zig:8    | Killed Qulasaq the pandemonium lord
179855 | Zig:8    | Noticed Caunol the pandemonium lord
179856 | Zig:8    | Killed Pewel the pandemonium lord
179856 | Zig:8    | Noticed Robleosai the pandemonium lord
179857 | Zig:8    | Killed Hujulus the pandemonium lord
179857 | Zig:8    | Killed Caunol the pandemonium lord
179860 | Zig:8    | Killed Robleosai the pandemonium lord
179861 | Zig:8    | Killed Unidir the pandemonium lord
179861 | Zig:8    | Noticed Faqiczal the pandemonium lord
179864 | Zig:8    | Killed Cioqynk the pandemonium lord
179864 | Zig:8    | Killed Pebbyd the pandemonium lord
179867 | Zig:8    | Killed Faqiczal the pandemonium lord
179966 | Zig:8    | Identified the +7 trident "Vocok" {flame, rElec Int+3}
180010 | Zig:8    | Identified the +3 long sword "Acwuem Susy" {drain, rElec
                  | Int+5}
180042 | Zig:9    | Entered Level 9 of a ziggurat
180121 | Zig:9    | Identified the ring "Dextawne" {rPois rC+ rCorr}
180133 | Zig:9    | Identified the +12 mace of Basoumuo {flame, Dex+4}
180145 | Zig:9    | Identified the +3 dire flail "Bityhiug" {heavy, rElec
                  | Int+3}
180150 | Zig:9    | Identified the +9 scimitar of Gallantry {flame, Fragile Fly
                  | rElec Int+3}
180293 | Zig:10   | Entered Level 10 of a ziggurat
180473 | Zig:10   | Identified the +5 quarterstaff "Demonspawn's Doom" {heavy,
                  | *Rage Str+5}
180592 | Zig:11   | Entered Level 11 of a ziggurat
180594 | Zig:11   | Noticed Hunweck the pandemonium lord
180595 | Zig:11   | Noticed Juingibronk the pandemonium lord
180595 | Zig:11   | Noticed Decud the pandemonium lord
180595 | Zig:11   | Noticed Wuommona the pandemonium lord
180595 | Zig:11   | Noticed Xunt the pandemonium lord
180595 | Zig:11   | Noticed Adghyon the pandemonium lord
180596 | Zig:11   | Noticed Konkenethi the pandemonium lord
180596 | Zig:11   | Noticed Iseroa the pandemonium lord
180596 | Zig:11   | Noticed Omoefiah the pandemonium lord
180596 | Zig:11   | Noticed Pitiacutt the pandemonium lord
180597 | Zig:11   | Noticed Saxuarud the pandemonium lord
180597 | Zig:11   | Noticed Baosir the pandemonium lord
180597 | Zig:11   | Noticed Duamie Lesch the pandemonium lord
180598 | Zig:11   | Noticed Qelyhu the pandemonium lord
180598 | Zig:11   | Noticed Xietoril the pandemonium lord
180598 | Zig:11   | Noticed Nakoez the pandemonium lord
180598 | Zig:11   | Noticed Yracaem the pandemonium lord
180600 | Zig:11   | Killed Duamie Lesch the pandemonium lord
180601 | Zig:11   | Noticed Xuxel the pandemonium lord
180601 | Zig:11   | Killed Hunweck the pandemonium lord
180601 | Zig:11   | Killed Konkenethi the pandemonium lord
180601 | Zig:11   | Killed Wuommona the pandemonium lord
180601 | Zig:11   | Noticed Kupteum the pandemonium lord
180602 | Zig:11   | Noticed Laoffavo the pandemonium lord
180602 | Zig:11   | Noticed Ummamai the pandemonium lord
180602 | Zig:11   | Noticed Ukataos the pandemonium lord
180602 | Zig:11   | Killed Decud the pandemonium lord
180602 | Zig:11   | Killed Adghyon the pandemonium lord
180602 | Zig:11   | Killed Iseroa the pandemonium lord
180602 | Zig:11   | Killed Omoefiah the pandemonium lord
180602 | Zig:11   | Killed Nakoez the pandemonium lord
180603 | Zig:11   | Killed Qelyhu the pandemonium lord
180603 | Zig:11   | Killed Xunt the pandemonium lord
180603 | Zig:11   | Killed Baosir the pandemonium lord
180604 | Zig:11   | Killed Juingibronk the pandemonium lord
180604 | Zig:11   | Killed Saxuarud the pandemonium lord
180604 | Zig:11   | Noticed Vureican the pandemonium lord
180604 | Zig:11   | Noticed Deroud the pandemonium lord
180604 | Zig:11   | Noticed Sasieruguw the pandemonium lord
180605 | Zig:11   | Killed Laoffavo the pandemonium lord
180605 | Zig:11   | Killed Xuxel the pandemonium lord
180606 | Zig:11   | Killed Ummamai the pandemonium lord
180606 | Zig:11   | Noticed Miopt the pandemonium lord
180606 | Zig:11   | Noticed Goef the pandemonium lord
180607 | Zig:11   | Noticed Raumager the pandemonium lord
180607 | Zig:11   | Noticed Uhiehihu the pandemonium lord
180607 | Zig:11   | Noticed Jietonu the pandemonium lord
180607 | Zig:11   | Killed Goef the pandemonium lord
180607 | Zig:11   | Killed Ukataos the pandemonium lord
180608 | Zig:11   | Killed Deroud the pandemonium lord
180608 | Zig:11   | Killed Miopt the pandemonium lord
180608 | Zig:11   | Killed Jietonu the pandemonium lord
180608 | Zig:11   | Killed Xietoril the pandemonium lord
180608 | Zig:11   | Killed Yracaem the pandemonium lord
180608 | Zig:11   | Killed Vureican the pandemonium lord
180608 | Zig:11   | Noticed Etoliote the pandemonium lord
180609 | Zig:11   | Killed Raumager the pandemonium lord
180609 | Zig:11   | Killed Uhiehihu the pandemonium lord
180609 | Zig:11   | Killed Pitiacutt the pandemonium lord
180610 | Zig:11   | Killed Kupteum the pandemonium lord
180610 | Zig:11   | Killed Sasieruguw the pandemonium lord
180611 | Zig:11   | Killed Etoliote the pandemonium lord
180612 | Zig:11   | Noticed Sir Itisch the pandemonium lord
180614 | Zig:11   | Noticed Qazesiaph the pandemonium lord
180614 | Zig:11   | Noticed Cikoapn the pandemonium lord
180614 | Zig:11   | Noticed Nichear the pandemonium lord
180615 | Zig:11   | Noticed Iduagyose the pandemonium lord
180615 | Zig:11   | Noticed Oghi the pandemonium lord
180616 | Zig:11   | Killed Qazesiaph the pandemonium lord
180616 | Zig:11   | Noticed Butup the pandemonium lord
180620 | Zig:11   | Killed Iduagyose the pandemonium lord
180620 | Zig:11   | Killed Cikoapn the pandemonium lord
180622 | Zig:11   | Killed Sir Itisch the pandemonium lord
180622 | Zig:11   | Killed Oghi the pandemonium lord
180622 | Zig:11   | Killed Nichear the pandemonium lord
180626 | Zig:11   | Killed Butup the pandemonium lord
180686 | Zig:11   | Identified the +0 ring mail of Intuition {Harm rElec rC+
                  | Int-2}
180702 | Zig:11   | Identified the +0 flail of Debt {holy, rElec Dex+6}
180705 | Zig:11   | Identified the +9 rapier of Judgement {freeze, Str+3}
180906 | Zig:12   | Entered Level 12 of a ziggurat
180909 | Zig:12   | Noticed a dread lich
180910 | Zig:12   | Noticed a dread lich
180910 | Zig:12   | Noticed an ancient lich
180910 | Zig:12   | Noticed a dread lich
180910 | Zig:12   | Noticed a dread lich
180910 | Zig:12   | Noticed a dread lich
180911 | Zig:12   | Noticed a dread lich
180911 | Zig:12   | Noticed an ancient lich
180912 | Zig:12   | Noticed an ancient lich
180912 | Zig:12   | Noticed an ancient lich
180912 | Zig:12   | Noticed a dread lich
180913 | Zig:12   | Killed a dread lich
180913 | Zig:12   | Killed a dread lich
180913 | Zig:12   | Killed a dread lich
180914 | Zig:12   | Killed an ancient lich
180914 | Zig:12   | Killed a dread lich
180914 | Zig:12   | Killed a dread lich
180914 | Zig:12   | Killed an ancient lich
180915 | Zig:12   | Killed a dread lich
180915 | Zig:12   | Killed an ancient lich
180915 | Zig:12   | Killed an ancient lich
180916 | Zig:12   | Noticed a dread lich
180917 | Zig:12   | Noticed an ancient lich
180917 | Zig:12   | Noticed a dread lich
180918 | Zig:12   | Killed a dread lich
180918 | Zig:12   | Killed an ancient lich
180919 | Zig:12   | Killed a dread lich
180919 | Zig:12   | Killed a dread lich
180919 | Zig:12   | Noticed a dread lich
180920 | Zig:12   | Noticed a dread lich
180920 | Zig:12   | Noticed an ancient lich
180920 | Zig:12   | Noticed an ancient lich
180921 | Zig:12   | Killed a dread lich
180922 | Zig:12   | Killed a dread lich
180922 | Zig:12   | Killed an ancient lich
180922 | Zig:12   | Noticed an ancient lich
180922 | Zig:12   | Noticed a dread lich
180923 | Zig:12   | Killed an ancient lich
180923 | Zig:12   | Killed a dread lich
180923 | Zig:12   | Noticed an ancient lich
180924 | Zig:12   | Killed an ancient lich
180924 | Zig:12   | Killed an ancient lich
180926 | Zig:12   | Noticed a dread lich
180928 | Zig:12   | Killed a dread lich
180932 | Zig:12   | Noticed a dread lich
180935 | Zig:12   | Killed a dread lich
181182 | Zig:13   | Entered Level 13 of a ziggurat
181185 | Zig:13   | Noticed an orb of fire
181185 | Zig:13   | Noticed an orb of fire
181186 | Zig:13   | Noticed an orb of fire
181187 | Zig:13   | Noticed an orb of fire
181187 | Zig:13   | Noticed an orb of fire
181187 | Zig:13   | Noticed an orb of fire
181188 | Zig:13   | Noticed an orb of fire
181188 | Zig:13   | Noticed an orb of fire
181188 | Zig:13   | Noticed an orb of fire
181188 | Zig:13   | Noticed an orb of fire
181188 | Zig:13   | Noticed an orb of fire
181188 | Zig:13   | Noticed an orb of fire
181188 | Zig:13   | Noticed an orb of fire
181189 | Zig:13   | Noticed an orb of fire
181189 | Zig:13   | Noticed an orb of fire
181189 | Zig:13   | Noticed an orb of fire
181189 | Zig:13   | Noticed an orb of fire
181189 | Zig:13   | Noticed an orb of fire
181190 | Zig:13   | Noticed an orb of fire
181191 | Zig:13   | Noticed an orb of fire
181192 | Zig:13   | Noticed an orb of fire
181192 | Zig:13   | Noticed an orb of fire
181192 | Zig:13   | Noticed an orb of fire
181192 | Zig:13   | Noticed an orb of fire
181192 | Zig:13   | Noticed an orb of fire
181192 | Zig:13   | Noticed an orb of fire
181192 | Zig:13   | Noticed an orb of fire
181193 | Zig:13   | Noticed an orb of fire
181193 | Zig:13   | Noticed an orb of fire
181193 | Zig:13   | Noticed an orb of fire
181196 | Zig:13   | Killed an orb of fire
181197 | Zig:13   | Killed an orb of fire
181197 | Zig:13   | Killed an orb of fire
181197 | Zig:13   | Killed an orb of fire
181197 | Zig:13   | Killed an orb of fire
181198 | Zig:13   | Killed an orb of fire
181198 | Zig:13   | Killed an orb of fire
181198 | Zig:13   | Killed an orb of fire
181198 | Zig:13   | Killed an orb of fire
181199 | Zig:13   | Killed an orb of fire
181199 | Zig:13   | Killed an orb of fire
181199 | Zig:13   | Killed an orb of fire
181199 | Zig:13   | Killed an orb of fire
181206 | Zig:13   | Killed an orb of fire
181206 | Zig:13   | Killed an orb of fire
181206 | Zig:13   | Killed an orb of fire
181210 | Zig:13   | Killed an orb of fire
181210 | Zig:13   | Killed an orb of fire
181210 | Zig:13   | Killed an orb of fire
181211 | Zig:13   | Killed an orb of fire
181212 | Zig:13   | Killed an orb of fire
181212 | Zig:13   | Killed an orb of fire
181213 | Zig:13   | Killed an orb of fire
181215 | Zig:13   | Killed an orb of fire
181216 | Zig:13   | Killed an orb of fire
181217 | Zig:13   | Killed an orb of fire
181217 | Zig:13   | Killed an orb of fire
181217 | Zig:13   | Killed an orb of fire
181218 | Zig:13   | Killed an orb of fire
181218 | Zig:13   | Killed an orb of fire
181223 | Zig:13   | Killed an orb of fire
181278 | Zig:13   | Identified the +6 spear "Piynoto" {freeze, MP+9 Int-3
                  | Dex+4}
181279 | Zig:13   | Identified the +2 scale mail of the Beginning {Regen+ Str-5
                  | Stlth+}
181496 | Zig:14   | Entered Level 14 of a ziggurat
181501 | Zig:14   | Noticed a dread lich
181502 | Zig:14   | Noticed an ancient lich
181503 | Zig:14   | Noticed an ancient lich
181503 | Zig:14   | Noticed an ancient lich
181503 | Zig:14   | Noticed a dread lich
181503 | Zig:14   | Noticed a dread lich
181504 | Zig:14   | Noticed an ancient lich
181504 | Zig:14   | Noticed a dread lich
181504 | Zig:14   | Noticed a dread lich
181504 | Zig:14   | Noticed an ancient lich
181504 | Zig:14   | Noticed an ancient lich
181504 | Zig:14   | Noticed an ancient lich
181504 | Zig:14   | Noticed a dread lich
181505 | Zig:14   | Noticed an ancient lich
181505 | Zig:14   | Noticed an ancient lich
181505 | Zig:14   | Noticed a dread lich
181505 | Zig:14   | Noticed an ancient lich
181506 | Zig:14   | Killed a dread lich
181506 | Zig:14   | Killed a dread lich
181506 | Zig:14   | Killed an ancient lich
181507 | Zig:14   | Killed an ancient lich
181507 | Zig:14   | Killed a dread lich
181507 | Zig:14   | Killed an ancient lich
181507 | Zig:14   | Killed a dread lich
181507 | Zig:14   | Killed an ancient lich
181507 | Zig:14   | Killed an ancient lich
181507 | Zig:14   | Killed an ancient lich
181507 | Zig:14   | Killed an ancient lich
181507 | Zig:14   | Killed a dread lich
181507 | Zig:14   | Killed a dread lich
181507 | Zig:14   | Killed a dread lich
181507 | Zig:14   | Killed an ancient lich
181507 | Zig:14   | Killed an ancient lich
181507 | Zig:14   | Noticed an ancient lich
181509 | Zig:14   | Killed an ancient lich
181509 | Zig:14   | Noticed a dread lich
181510 | Zig:14   | Killed an ancient lich
181510 | Zig:14   | Noticed an ancient lich
181511 | Zig:14   | Noticed a dread lich
181511 | Zig:14   | Noticed a dread lich
181512 | Zig:14   | Killed a dread lich
181512 | Zig:14   | Noticed a dread lich
181512 | Zig:14   | Noticed an ancient lich
181513 | Zig:14   | Noticed a dread lich
181513 | Zig:14   | Noticed an ancient lich
181513 | Zig:14   | Noticed a dread lich
181513 | Zig:14   | Noticed an ancient lich
181514 | Zig:14   | Killed an ancient lich
181514 | Zig:14   | Killed a dread lich
181514 | Zig:14   | Killed a dread lich
181514 | Zig:14   | Killed a dread lich
181514 | Zig:14   | Killed an ancient lich
181514 | Zig:14   | Killed a dread lich
181515 | Zig:14   | Killed an ancient lich
181515 | Zig:14   | Killed a dread lich
181515 | Zig:14   | Noticed an ancient lich
181516 | Zig:14   | Noticed an ancient lich
181516 | Zig:14   | Noticed a dread lich
181516 | Zig:14   | Noticed a dread lich
181517 | Zig:14   | Killed an ancient lich
181517 | Zig:14   | Killed a dread lich
181518 | Zig:14   | Killed an ancient lich
181518 | Zig:14   | Killed an ancient lich
181518 | Zig:14   | Killed a dread lich
181519 | Zig:14   | Noticed an ancient lich
181520 | Zig:14   | Killed an ancient lich
181520 | Zig:14   | Noticed an ancient lich
181522 | Zig:14   | Killed an ancient lich
181522 | Zig:14   | Noticed a dread lich
181524 | Zig:14   | Killed a dread lich
181717 | Zig:14   | Identified the +9 spear "Qaydur" {freeze, rC+ Str+5}
181719 | Zig:14   | Identified the ring "Titoe" {Ice Int+4 Dex-2 SInv}
181742 | Zig:14   | Identified the ring of Fenoel {+Blink rN+ EV+5 Str+3
                  | Stlth-}
181804 | Zig:15   | Entered Level 15 of a ziggurat
181994 | Zig:15   | Identified the ring of Liunarau {+Blink rF- MP+9 EV+5
                  | Str+3}
181999 | Zig:15   | Identified the +6 battleaxe of the Scorpion {freeze, rPois
                  | Will+ Str-4}
182001 | Zig:15   | Identified the +7 chain mail "Xaet" {Harm rPois}
182006 | Zig:15   | Identified the +1 great mace of Hell's Wrath {flame, Will-
                  | Str+4 Dex+3}
182019 | Zig:15   | Identified the +4 short sword of Nemelex Xobeh's Grace
                  | {freeze, Int+3}
182041 | Zig:15   | Identified the +4 arbalest of Pextuyto {speed, rF+}
182059 | Zig:16   | Entered Level 16 of a ziggurat
182347 | Zig:16   | Found the +2 ratskin cloak {*Rats rPois rN+ Str-1 Int-1
                  | Dex+1}
182359 | Zig:16   | Identified the +0 pair of boots of the Barnacle {rF+ Str+3
                  | Int+4}
182366 | Zig:16   | Identified the +4 dagger of Satyriasis {venom, Int+2}
182367 | Zig:16   | Identified the +11 dagger "Ulateomo" {heavy, *Slow rC+++
                  | Dex+6}
182394 | Zig:17   | Entered Level 17 of a ziggurat
182421 | Zig:17   | Found the Hermit's Pendant {Faith Invo=14 Evo=0 MP+5}
182462 | Zig:17   | Identified the ring "Ocaytim" {rC+ rCorr Str+3}
182471 | Zig:17   | Identified the +1 great mace of Success {freeze, Dex+3}
182507 | Zig:17   | Identified the +3 broad axe "Midud" {protect, rF+ rC-
                  | Str+5}
182529 | Zig:17   | Identified the +1 chain mail "Vofal" {Harm rElec}
182551 | Zig:17   | Identified the ring "Xoxanniv" {rPois Will+ MP+9}
182850 | Zig:18   | Entered Level 18 of a ziggurat
182856 | Zig:18   | Noticed a dread lich
182859 | Zig:18   | Noticed a dread lich
182859 | Zig:18   | Noticed an ancient lich
182859 | Zig:18   | Noticed a dread lich
182859 | Zig:18   | Noticed an ancient lich
182860 | Zig:18   | Noticed an ancient lich
182861 | Zig:18   | Killed an ancient lich
182861 | Zig:18   | Killed a dread lich
182861 | Zig:18   | Killed a dread lich
182861 | Zig:18   | Killed an ancient lich
182861 | Zig:18   | Killed a dread lich
182862 | Zig:18   | Killed an ancient lich
182863 | Zig:18   | Noticed an ancient lich
182864 | Zig:18   | Killed an ancient lich
182864 | Zig:18   | Noticed an ancient lich
182865 | Zig:18   | Noticed a dread lich
182866 | Zig:18   | Killed a dread lich
182866 | Zig:18   | Killed an ancient lich
182869 | Zig:18   | Noticed a dread lich
182871 | Zig:18   | Noticed an ancient lich
182873 | Zig:18   | Killed a dread lich
182873 | Zig:18   | Killed an ancient lich
182873 | Zig:18   | Noticed an ancient lich
182875 | Zig:18   | Killed an ancient lich
182876 | Zig:18   | Noticed an ancient lich
182878 | Zig:18   | Noticed an ancient lich
182878 | Zig:18   | Noticed a dread lich
182878 | Zig:18   | Noticed an ancient lich
182879 | Zig:18   | Killed an ancient lich
182879 | Zig:18   | Killed an ancient lich
182880 | Zig:18   | Noticed an ancient lich
182881 | Zig:18   | Killed a dread lich
182881 | Zig:18   | Killed an ancient lich
182881 | Zig:18   | Killed an ancient lich
183146 | Zig:18   | Identified the +6 shortbow "Matzus" {freeze, Fly rElec
                  | Will- Dex+5}
183165 | Zig:18   | Identified the +1 plate armour "Afeyqof" {rN+ Str-4 Dex+3}
183173 | Zig:18   | Identified the +4 morningstar "Dor Yret" {flame, Fragile
                  | Int+6 SInv}
183247 | Zig:19   | Entered Level 19 of a ziggurat
183263 | Zig:19   | Noticed a dread lich
183276 | Zig:19   | Killed a dread lich
183311 | Zig:19   | Identified the ring of the Cockatrice {AC+4 Str+3 Stlth+}
183330 | Zig:19   | Identified the +1 cloak "Joilust" {Contam rPois rF+++
                  | rCorr}
183341 | Zig:19   | Identified the +8 triple sword "Wuorch" {spect, rPois rC+
                  | Dex+2}
183346 | Zig:19   | Identified the +6 battleaxe of Greed {flame, Str+4}
183347 | Zig:19   | Identified the +4 chain mail "Wiconini" {+Blink}
183351 | Zig:19   | Identified the ring of Lyong {Fly SInv}
183361 | Zig:19   | Identified the ring of Birphyha {rPois rC+ rN+}
183363 | Zig:19   | Identified the +1 chain mail of Death's Door {rPois rF++
                  | Regen+ Int-5}
183381 | Zig:19   | Identified the +6 spear of Pivvulun {drain, rPois MP-9
                  | Str+5 SInv}
183407 | Zig:19   | Identified the +7 hand axe "Zoiceir" {flame, rPois Stlth+}
183669 | Zig:19   | Identified the ring of Xom's Capriciousness {Wiz rPois}
183687 | Zig:20   | Entered Level 20 of a ziggurat
183696 | Zig:20   | Noticed a dread lich
183697 | Zig:20   | Noticed a dread lich
183698 | Zig:20   | Noticed an ancient lich
183698 | Zig:20   | Noticed an ancient lich
183698 | Zig:20   | Noticed an ancient lich
183698 | Zig:20   | Noticed a dread lich
183698 | Zig:20   | Noticed an ancient lich
183699 | Zig:20   | Noticed an ancient lich
183699 | Zig:20   | Noticed an ancient lich
183699 | Zig:20   | Noticed a dread lich
183699 | Zig:20   | Noticed a dread lich
183699 | Zig:20   | Noticed a dread lich
183700 | Zig:20   | Killed an ancient lich
183700 | Zig:20   | Killed a dread lich
183700 | Zig:20   | Killed a dread lich
183701 | Zig:20   | Killed an ancient lich
183701 | Zig:20   | Killed an ancient lich
183701 | Zig:20   | Killed a dread lich
183701 | Zig:20   | Killed a dread lich
183701 | Zig:20   | Killed an ancient lich
183701 | Zig:20   | Killed an ancient lich
183701 | Zig:20   | Killed a dread lich
183701 | Zig:20   | Killed an ancient lich
183701 | Zig:20   | Noticed an ancient lich
183701 | Zig:20   | Noticed an ancient lich
183702 | Zig:20   | Noticed an ancient lich
183702 | Zig:20   | Noticed an ancient lich
183702 | Zig:20   | Noticed a dread lich
183703 | Zig:20   | Noticed a dread lich
183703 | Zig:20   | Noticed a dread lich
183703 | Zig:20   | Noticed an ancient lich
183704 | Zig:20   | Killed an ancient lich
183704 | Zig:20   | Killed an ancient lich
183704 | Zig:20   | Noticed an ancient lich
183704 | Zig:20   | Noticed a dread lich
183705 | Zig:20   | Killed a dread lich
183705 | Zig:20   | Killed a dread lich
183705 | Zig:20   | Killed a dread lich
183705 | Zig:20   | Killed an ancient lich
183706 | Zig:20   | Killed a dread lich
183706 | Zig:20   | Killed an ancient lich
183706 | Zig:20   | Killed an ancient lich
183706 | Zig:20   | Killed an ancient lich
183706 | Zig:20   | Killed a dread lich
183707 | Zig:20   | Noticed a dread lich
183707 | Zig:20   | Noticed an ancient lich
183708 | Zig:20   | Noticed a dread lich
183708 | Zig:20   | Noticed an ancient lich
183708 | Zig:20   | Noticed an ancient lich
183708 | Zig:20   | Noticed a dread lich
183709 | Zig:20   | Killed a dread lich
183709 | Zig:20   | Killed an ancient lich
183709 | Zig:20   | Killed an ancient lich
183709 | Zig:20   | Killed a dread lich
183709 | Zig:20   | Killed a dread lich
183709 | Zig:20   | Noticed an ancient lich
183710 | Zig:20   | Noticed a dread lich
183710 | Zig:20   | Killed an ancient lich
183711 | Zig:20   | Killed an ancient lich
183711 | Zig:20   | Killed a dread lich
183711 | Zig:20   | Noticed a dread lich
183712 | Zig:20   | Noticed a dread lich
183713 | Zig:20   | Killed a dread lich
183714 | Zig:20   | Killed a dread lich
183714 | Zig:20   | Noticed a dread lich
183715 | Zig:20   | Noticed an ancient lich
183716 | Zig:20   | Killed a dread lich
183717 | Zig:20   | Killed an ancient lich
183717 | Zig:20   | Noticed an ancient lich
183718 | Zig:20   | Noticed a dread lich
183718 | Zig:20   | Noticed a dread lich
183719 | Zig:20   | Killed an ancient lich
183719 | Zig:20   | Killed a dread lich
183720 | Zig:20   | Killed a dread lich
183720 | Zig:20   | Noticed an ancient lich
183722 | Zig:20   | Killed an ancient lich
183726 | Zig:20   | Noticed an ancient lich
183726 | Zig:20   | Killed an ancient lich
183731 | Zig:20   | Noticed an ancient lich
183731 | Zig:20   | Noticed an ancient lich
183733 | Zig:20   | Killed an ancient lich
183734 | Zig:20   | Noticed a dread lich
183734 | Zig:20   | Killed an ancient lich
183735 | Zig:20   | Killed a dread lich
183974 | Zig:20   | Identified the +9 spear "Jellybane" {elec, rC++ Int+4
                  | Dex-4}
183977 | Zig:20   | Identified the +1 ring mail of Doxzyq {rC+ Str+2}
183981 | Zig:20   | Identified the +3 morningstar of Wycaewk {elec, rPois Will+
                  | Int-5 Dex+5}
184003 | Zig:20   | Identified the +6 whip of the Immovable Wars {elec, rF++}
184005 | Zig:20   | Identified the +11 dagger of Eternal Harmony {heavy, Will+
                  | Str+3 Dex+2}
184021 | Zig:20   | Identified the +4 halberd "Xosixuh" {drain, *Rage Fly
                  | Int+2}
184024 | Zig:20   | Identified the amulet of the Open Hand {Regen+ Int+3 Dex+2}
184036 | Zig:20   | Identified the ring of Butchery {rC+ MP+9}
184037 | Zig:20   | Identified the +16 storm dragon scales of Dogmatism {rElec
                  | Will+ Str-3 Dex+2 Stlth+}
184154 | Zig:21   | Entered Level 21 of a ziggurat
184617 | Zig:21   | Identified the +1 hand axe of the Little People {flame,
                  | rPois rC+ Int+2}
184622 | Zig:21   | Identified the ring of the Tired Mouths {AC+4 Slay+5}
184623 | Zig:21   | Identified the +9 quarterstaff of Dismemberment {flame,
                  | *Rage rC+ Will++ Str+3}
184624 | Zig:21   | Identified the +4 fire dragon scales of Wuilaze {rF++ rC-
                  | Dex+4}
184625 | Zig:21   | Identified the +3 ring mail of Leaves {*Slow +Blink Dex-5
                  | Stlth+}
184630 | Zig:21   | Identified the ring "Gyn Dedwea" {rElec rC+ Will- rCorr
                  | AC+4}
184633 | Zig:21   | Identified the +9 mace "Upamoar" {speed, Int+5}
184670 | Zig:22   | Entered Level 22 of a ziggurat
185216 | Zig:22   | Identified the +1 scale mail of the Boiling Point {Int+4}
185219 | Zig:22   | Identified the +7 whip "Guasif Nuor" {vamp, rElec Int+3}
185232 | Zig:22   | Identified the ring "Cimis" {Fly rN+}
185237 | Zig:22   | Identified the +3 dagger "Boyril" {flame, rF+ Dex+3}
185241 | Zig:22   | Identified the ring "Huekkomi" {Wiz rN+ Str+2 Dex+2}
185248 | Zig:22   | Identified the amulet "Niroeq" {RegenMP Contam Fly Regen+
                  | Dex+5}
185269 | Zig:22   | Identified the +4 battleaxe "Cetryhaa" {pain, Int+2 Stlth+}
185272 | Zig:22   | Identified the +0 scale mail "Ojeunlie" {Harm Will++}
185280 | Zig:22   | Identified the +3 scimitar of Hacking and Slashing
                  | {protect, rPois Dex+3}
185369 | Zig:23   | Entered Level 23 of a ziggurat
185376 | Zig:23   | Noticed Cuuz the pandemonium lord
185376 | Zig:23   | Noticed Koce the pandemonium lord
185377 | Zig:23   | Noticed Waoddy the pandemonium lord
185377 | Zig:23   | Noticed Holos the pandemonium lord
185377 | Zig:23   | Noticed Ejankoer the pandemonium lord
185378 | Zig:23   | Noticed Cubbos the pandemonium lord
185378 | Zig:23   | Noticed Aprufungu the pandemonium lord
185378 | Zig:23   | Noticed Xitueje the pandemonium lord
185378 | Zig:23   | Noticed Ninoqe Oziti the pandemonium lord
185379 | Zig:23   | Noticed Caxextot the pandemonium lord
185379 | Zig:23   | Noticed Wuibejy the pandemonium lord
185379 | Zig:23   | Noticed Leanim the pandemonium lord
185379 | Zig:23   | Noticed Juro the pandemonium lord
185379 | Zig:23   | Noticed Enoal the pandemonium lord
185380 | Zig:23   | Noticed Xoisong the pandemonium lord
185380 | Zig:23   | Noticed Coituesova the pandemonium lord
185380 | Zig:23   | Noticed Anosm the pandemonium lord
185380 | Zig:23   | Noticed Jylop the pandemonium lord
185380 | Zig:23   | Noticed Nivue the pandemonium lord
185380 | Zig:23   | Noticed Woqoun the pandemonium lord
185380 | Zig:23   | Noticed Kicob the pandemonium lord
185380 | Zig:23   | Noticed Ytauk the pandemonium lord
185380 | Zig:23   | Noticed Xennyl the pandemonium lord
185380 | Zig:23   | Noticed Peaqelia the pandemonium lord
185380 | Zig:23   | Noticed Enosux the pandemonium lord
185380 | Zig:23   | Noticed Dumnom the pandemonium lord
185380 | Zig:23   | Noticed Dijus the pandemonium lord
185380 | Zig:23   | Noticed Jyozoir the pandemonium lord
185381 | Zig:23   | Killed Dumnom the pandemonium lord
185381 | Zig:23   | Noticed Oggyigh the pandemonium lord
185382 | Zig:23   | Killed Anosm the pandemonium lord
185382 | Zig:23   | Noticed Adeixis the pandemonium lord
185382 | Zig:23   | Noticed Eteng the pandemonium lord
185383 | Zig:23   | Noticed Yselakhlaz the pandemonium lord
185383 | Zig:23   | Noticed Kuebb the pandemonium lord
185383 | Zig:23   | Noticed Lahyr the pandemonium lord
185383 | Zig:23   | Noticed Zinasuat the pandemonium lord
185383 | Zig:23   | Noticed King the pandemonium lord
185383 | Zig:23   | Noticed Capnuq the pandemonium lord
185384 | Zig:23   | Noticed Fubal the pandemonium lord
185385 | Zig:23   | Noticed Umir the pandemonium lord
185387 | Zig:23   | Noticed Ceiph the pandemonium lord
185387 | Zig:23   | Noticed Xaveul the pandemonium lord
185389 | Zig:23   | Killed Ceiph the pandemonium lord
185389 | Zig:23   | Killed Juro the pandemonium lord
185389 | Zig:23   | Killed Enoal the pandemonium lord
185389 | Zig:23   | Killed Koce the pandemonium lord
185389 | Zig:23   | Killed Kicob the pandemonium lord
185390 | Zig:23   | Killed Ytauk the pandemonium lord
185390 | Zig:23   | Noticed Wicamea the pandemonium lord
185391 | Zig:23   | Killed Xaveul the pandemonium lord
185391 | Zig:23   | Killed Zinasuat the pandemonium lord
185391 | Zig:23   | Killed Nivue the pandemonium lord
185391 | Zig:23   | Killed Dijus the pandemonium lord
185391 | Zig:23   | Killed Lahyr the pandemonium lord
185391 | Zig:23   | Killed Jyozoir the pandemonium lord
185392 | Zig:23   | Killed Wuibejy the pandemonium lord
185393 | Zig:23   | Noticed Asuer the pandemonium lord
185394 | Zig:23   | Killed Wicamea the pandemonium lord
185394 | Zig:23   | Killed Kuebb the pandemonium lord
185394 | Zig:23   | Noticed Medemut the pandemonium lord
185394 | Zig:23   | Noticed Umey the pandemonium lord
185395 | Zig:23   | Killed Xennyl the pandemonium lord
185395 | Zig:23   | Killed Capnuq the pandemonium lord
185395 | Zig:23   | Killed Adeixis the pandemonium lord
185395 | Zig:23   | Noticed Arifuur the pandemonium lord
185396 | Zig:23   | Killed King the pandemonium lord
185396 | Zig:23   | Killed Coituesova the pandemonium lord
185396 | Zig:23   | Killed Woqoun the pandemonium lord
185396 | Zig:23   | Killed Peaqelia the pandemonium lord
185396 | Zig:23   | Killed Oggyigh the pandemonium lord
185396 | Zig:23   | Killed Xoisong the pandemonium lord
185396 | Zig:23   | Noticed Beinuopa the pandemonium lord
185397 | Zig:23   | Noticed Deanwui the pandemonium lord
185397 | Zig:23   | Killed Umey the pandemonium lord
185397 | Zig:23   | Killed Arifuur the pandemonium lord
185397 | Zig:23   | Killed Yselakhlaz the pandemonium lord
185397 | Zig:23   | Killed Enosux the pandemonium lord
185397 | Zig:23   | Noticed Citi the pandemonium lord
185397 | Zig:23   | Noticed Jiwkueck the pandemonium lord
185398 | Zig:23   | Killed Medemut the pandemonium lord
185398 | Zig:23   | Killed Asuer the pandemonium lord
185398 | Zig:23   | Noticed Azyses the pandemonium lord
185398 | Zig:23   | Noticed Irati the pandemonium lord
185399 | Zig:23   | Killed Cuuz the pandemonium lord
185399 | Zig:23   | Killed Jylop the pandemonium lord
185399 | Zig:23   | Killed Fubal the pandemonium lord
185399 | Zig:23   | Noticed Maeb the pandemonium lord
185400 | Zig:23   | Noticed Nitim the pandemonium lord
185400 | Zig:23   | Killed Beinuopa the pandemonium lord
185400 | Zig:23   | Killed Azyses the pandemonium lord
185400 | Zig:23   | Killed Xitueje the pandemonium lord
185400 | Zig:23   | Killed Leanim the pandemonium lord
185400 | Zig:23   | Killed Aprufungu the pandemonium lord
185400 | Zig:23   | Killed Ejankoer the pandemonium lord
185400 | Zig:23   | Noticed Wujuacas the pandemonium lord
185401 | Zig:23   | Killed Eteng the pandemonium lord
185402 | Zig:23   | Killed Wujuacas the pandemonium lord
185402 | Zig:23   | Killed Caxextot the pandemonium lord
185402 | Zig:23   | Killed Citi the pandemonium lord
185402 | Zig:23   | Killed Nitim the pandemonium lord
185402 | Zig:23   | Noticed Kogatrip the pandemonium lord
185402 | Zig:23   | Noticed Acioz the pandemonium lord
185404 | Zig:23   | Killed Deanwui the pandemonium lord
185404 | Zig:23   | Killed Maeb the pandemonium lord
185404 | Zig:23   | Noticed Cisawo the pandemonium lord
185405 | Zig:23   | Noticed Juczepy the pandemonium lord
185405 | Zig:23   | Noticed Coicveleefy the pandemonium lord
185406 | Zig:23   | Noticed Mel Laa the pandemonium lord
185406 | Zig:23   | Killed Irati the pandemonium lord
185406 | Zig:23   | Killed Cubbos the pandemonium lord
185406 | Zig:23   | Killed Kogatrip the pandemonium lord
185406 | Zig:23   | Killed Acioz the pandemonium lord
185406 | Zig:23   | Killed Ninoqe Oziti the pandemonium lord
185406 | Zig:23   | Noticed Soyngo the pandemonium lord
185407 | Zig:23   | Noticed Yqatsoer the pandemonium lord
185409 | Zig:23   | Noticed Tuvvibips the pandemonium lord
185410 | Zig:23   | Killed Mel Laa the pandemonium lord
185410 | Zig:23   | Killed Jiwkueck the pandemonium lord
185410 | Zig:23   | Noticed Fezou the pandemonium lord
185410 | Zig:23   | Noticed Uxutog the pandemonium lord
185411 | Zig:23   | Noticed Gair the pandemonium lord
185411 | Zig:23   | Noticed Tuyseeq the pandemonium lord
185411 | Zig:23   | Noticed Ecil the pandemonium lord
185412 | Zig:23   | Killed Coicveleefy the pandemonium lord
185412 | Zig:23   | Noticed Qesurch the pandemonium lord
185413 | Zig:23   | Killed Soyngo the pandemonium lord
185413 | Zig:23   | Killed Juczepy the pandemonium lord
185414 | Zig:23   | Killed Fezou the pandemonium lord
185414 | Zig:23   | Killed Yqatsoer the pandemonium lord
185414 | Zig:23   | Noticed Erin the pandemonium lord
185415 | Zig:23   | Killed Waoddy the pandemonium lord
185415 | Zig:23   | Killed Tuvvibips the pandemonium lord
185415 | Zig:23   | Killed Tuyseeq the pandemonium lord
185415 | Zig:23   | Killed Gair the pandemonium lord
185415 | Zig:23   | Killed Ecil the pandemonium lord
185415 | Zig:23   | Noticed Udghapp the pandemonium lord
185415 | Zig:23   | Noticed Kumiciul the pandemonium lord
185415 | Zig:23   | Noticed Erasul the pandemonium lord
185417 | Zig:23   | Noticed Eriklas the pandemonium lord
185417 | Zig:23   | Noticed Tikkivorhy the pandemonium lord
185417 | Zig:23   | Noticed Ebujan the pandemonium lord
185418 | Zig:23   | Killed Uxutog the pandemonium lord
185418 | Zig:23   | Killed Erin the pandemonium lord
185418 | Zig:23   | Noticed Pipp the pandemonium lord
185421 | Zig:23   | Noticed Paeri the pandemonium lord
185423 | Zig:23   | Killed Kumiciul the pandemonium lord
185424 | Zig:23   | Killed Erasul the pandemonium lord
185424 | Zig:23   | Noticed Fealliur the pandemonium lord
185424 | Zig:23   | Noticed Jom Kelo the pandemonium lord
185424 | Zig:23   | Noticed Cilay the pandemonium lord
185425 | Zig:23   | Killed Qesurch the pandemonium lord
185425 | Zig:23   | Killed Cisawo the pandemonium lord
185425 | Zig:23   | Noticed Diotiuno the pandemonium lord
185426 | Zig:23   | Killed Tikkivorhy the pandemonium lord
185426 | Zig:23   | Killed Eriklas the pandemonium lord
185426 | Zig:23   | Killed Pipp the pandemonium lord
185426 | Zig:23   | Killed Udghapp the pandemonium lord
185427 | Zig:23   | Killed Ebujan the pandemonium lord
185428 | Zig:23   | Noticed Opedyaro the pandemonium lord
185428 | Zig:23   | Killed Cilay the pandemonium lord
185429 | Zig:23   | Noticed Ivvum the pandemonium lord
185430 | Zig:23   | Killed Paeri the pandemonium lord
185430 | Zig:23   | Killed Holos the pandemonium lord
185430 | Zig:23   | Killed Diotiuno the pandemonium lord
185432 | Zig:23   | Noticed Hifajutegi the pandemonium lord
185432 | Zig:23   | Noticed Keibb the pandemonium lord
185432 | Zig:23   | Killed Hifajutegi the pandemonium lord
185432 | Zig:23   | Killed Fealliur the pandemonium lord
185432 | Zig:23   | Killed Opedyaro the pandemonium lord
185432 | Zig:23   | Killed Ivvum the pandemonium lord
185432 | Zig:23   | Noticed Husam the pandemonium lord
185433 | Zig:23   | Noticed Louch the pandemonium lord
185433 | Zig:23   | Noticed Zishreab the pandemonium lord
185434 | Zig:23   | Killed Louch the pandemonium lord
185435 | Zig:23   | Killed Keibb the pandemonium lord
185435 | Zig:23   | Killed Umir the pandemonium lord
185436 | Zig:23   | Noticed Lulyvogu the pandemonium lord
185437 | Zig:23   | Killed Husam the pandemonium lord
185437 | Zig:23   | Killed Zishreab the pandemonium lord
185438 | Zig:23   | Killed Lulyvogu the pandemonium lord
185439 | Zig:23   | Noticed Cint the pandemonium lord
185440 | Zig:23   | Noticed Vaitaf the pandemonium lord
185441 | Zig:23   | Noticed Obbetifa the pandemonium lord
185442 | Zig:23   | Noticed Foes the pandemonium lord
185443 | Zig:23   | Killed Cint the pandemonium lord
185443 | Zig:23   | Killed Obbetifa the pandemonium lord
185444 | Zig:23   | Killed Vaitaf the pandemonium lord
185444 | Zig:23   | Noticed Velu the pandemonium lord
185446 | Zig:23   | Killed Velu the pandemonium lord
185448 | Zig:23   | Killed Foes the pandemonium lord
185448 | Zig:23   | Killed Jom Kelo the pandemonium lord
185450 | Zig:23   | Noticed Awiuzat the pandemonium lord
185452 | Zig:23   | Noticed Pebycaudd the pandemonium lord
185454 | Zig:23   | Noticed Aluupn the pandemonium lord
185456 | Zig:23   | Killed Awiuzat the pandemonium lord
185456 | Zig:23   | Noticed Baj Kece the pandemonium lord
185457 | Zig:23   | Noticed Emifan the pandemonium lord
185457 | Zig:23   | Killed Pebycaudd the pandemonium lord
185458 | Zig:23   | Killed Emifan the pandemonium lord
185459 | Zig:23   | Noticed Usarhom the pandemonium lord
185461 | Zig:23   | Killed Aluupn the pandemonium lord
185462 | Zig:23   | Killed Baj Kece the pandemonium lord
185463 | Zig:23   | Killed Usarhom the pandemonium lord
185464 | Zig:23   | Noticed Fienkar the pandemonium lord
185464 | Zig:23   | Noticed Xemuoxuo the pandemonium lord
185467 | Zig:23   | Noticed Yrutt the pandemonium lord
185467 | Zig:23   | Noticed Uhoruo the pandemonium lord
185467 | Zig:23   | Killed Uhoruo the pandemonium lord
185467 | Zig:23   | Killed Xemuoxuo the pandemonium lord
185467 | Zig:23   | Killed Fienkar the pandemonium lord
185468 | Zig:23   | Killed Yrutt the pandemonium lord
185475 | Zig:23   | Noticed Ygoozexen the pandemonium lord
185476 | Zig:23   | Noticed Goymnioci the pandemonium lord
185476 | Zig:23   | Noticed Gamy the pandemonium lord
185477 | Zig:23   | Noticed Wasoa the pandemonium lord
185477 | Zig:23   | Noticed Miatt the pandemonium lord
185478 | Zig:23   | Killed Gamy the pandemonium lord
185479 | Zig:23   | Killed Ygoozexen the pandemonium lord
185480 | Zig:23   | Noticed Dinyibro the pandemonium lord
185480 | Zig:23   | Killed Wasoa the pandemonium lord
185480 | Zig:23   | Killed Goymnioci the pandemonium lord
185481 | Zig:23   | Killed Dinyibro the pandemonium lord
185483 | Zig:23   | Killed Miatt the pandemonium lord
185483 | Zig:23   | Noticed Rutzoggu the pandemonium lord
185488 | Zig:23   | Killed Rutzoggu the pandemonium lord
185490 | Zig:23   | Noticed Innu the pandemonium lord
185491 | Zig:23   | Noticed Jyqesuen the pandemonium lord
185493 | Zig:23   | Killed Innu the pandemonium lord
185493 | Zig:23   | Killed Jyqesuen the pandemonium lord
185494 | Zig:23   | Noticed Geunar Asupp the pandemonium lord
185499 | Zig:23   | Killed Geunar Asupp the pandemonium lord
185511 | Zig:23   | Noticed Roanelae the pandemonium lord
185514 | Zig:23   | Noticed Wosaadghupp the pandemonium lord
185516 | Zig:23   | Killed Wosaadghupp the pandemonium lord
185520 | Zig:23   | Killed Roanelae the pandemonium lord
185743 | Zig:23   | Identified the +4 hand axe of Defiance {venom, *Noise rElec
                  | rF+ Str+4}
185750 | Zig:23   | Identified the +0 hat "Mecus" {Str+4 Slay+3}
185762 | Zig:23   | Identified the +3 leather armour of the Big Bang {rElec
                  | rN++}
185765 | Zig:23   | Identified the +3 flail "Lumut" {drain, rN+ Dex+3 SInv}
185767 | Zig:23   | Identified the +1 quick blade of Osiac {flame, Int+3 Dex+3}
185769 | Zig:23   | Identified the ring of Darkness {rC+ AC+4 Str+2}
185774 | Zig:23   | Identified the ring "Wufaont" {Will+ MP+9 Str-3 Dex+7}
185776 | Zig:23   | Identified the ring "Myppit" {Will+ Str+6 Dex+3}
185783 | Zig:23   | Identified the +1 robe of Maurhil {Dex+5}
185831 | Zig:24   | Entered Level 24 of a ziggurat
185948 | Zig:24   | Identified the ring "Faatoy" {rElec rPois rC+ Int+3}
185949 | Zig:24   | Identified the +3 flail of the Keeping Lamprey {heavy,
                  | rPois Int+5 Dex-2 SInv}
185953 | Zig:24   | Identified the amulet of Qyet {RegenMP rN+}
185954 | Zig:24   | Identified the +7 long sword of the Ecumenical Temple
                  | {heavy, rPois rN+}
186343 | Zig:24   | Identified the +7 sling of Gallantry {heavy, rElec rPois
                  | rF- Stlth+}
186349 | Zig:24   | Identified the +4 great sword "Zerouvvi" {venom, rC+ rCorr
                  | Int+5}
186356 | Zig:24   | Identified the +9 dagger "Ilanejil" {protect, rElec rC+
                  | MP-9 Str+2}
186359 | Zig:24   | Identified the +4 morningstar "Lex Norgh" {drain, Dex+2}
186360 | Zig:24   | Identified the amulet of Sezixitz {RegenMP -Tele rPois
                  | Will+ Dex+5}
186387 | Zig:24   | Identified the +5 long sword of Grandeur {freeze, rC++
                  | Int+3}
186452 | Zig:25   | Entered Level 25 of a ziggurat
186501 | Zig:25   | Killed a starcursed mass
186501 | Zig:25   | Killed a starcursed mass
186551 | Zig:25   | Identified the +0 robe "Mympeyj" {Str-2 Int+3}
186566 | Zig:25   | Identified the ring of the Traitor {rElec rPois Str+2 Dex+5
                  | Slay-4}
186579 | Zig:26   | Entered Level 26 of a ziggurat
186590 | Zig:26   | Paralysed by an air elemental for 1 turns
186618 | Zig:26   | Paralysed by an air elemental for 1 turns
186623 | Zig:26   | Paralysed by an air elemental for 1 turns
186679 | Zig:26   | Acquired 659 gold pieces
186680 | Zig:26   | Acquired 552 gold pieces
186682 | Zig:26   | Acquired 429 gold pieces
186683 | Zig:26   | Acquired 694 gold pieces
186684 | Zig:26   | Acquired 1045 gold pieces
186685 | Zig:26   | Acquired 672 gold pieces
186699 | Zig:26   | Identified the +0 arbalest of the Sage {drain, Str+2}
186707 | Zig:26   | Identified the ring of Seonoeck {Ice rPois Dex+4}
186709 | Zig:26   | Identified the +9 halberd of Ointment {antimagic, Will+
                  | Dex+3}
186730 | Zig:27   | Entered Level 27 of a ziggurat
186739 | Zig:27   | Noticed a dread lich
186740 | Zig:27   | Noticed a dread lich
186741 | Zig:27   | Noticed a dread lich
186744 | Zig:27   | Noticed a dread lich
186745 | Zig:27   | Noticed a dread lich
186745 | Zig:27   | Noticed a dread lich
186747 | Zig:27   | Killed a dread lich
186747 | Zig:27   | Killed a dread lich
186747 | Zig:27   | Killed a dread lich
186747 | Zig:27   | Killed a dread lich
186747 | Zig:27   | Noticed an ancient lich
186748 | Zig:27   | Killed a dread lich
186748 | Zig:27   | Killed a dread lich
186749 | Zig:27   | Killed an ancient lich
186749 | Zig:27   | Noticed an ancient lich
186750 | Zig:27   | Noticed a dread lich
186750 | Zig:27   | Noticed a dread lich
186752 | Zig:27   | Noticed an ancient lich
186752 | Zig:27   | Noticed an ancient lich
186752 | Zig:27   | Noticed an ancient lich
186752 | Zig:27   | Noticed a dread lich
186753 | Zig:27   | Killed a dread lich
186753 | Zig:27   | Killed an ancient lich
186753 | Zig:27   | Killed an ancient lich
186753 | Zig:27   | Killed a dread lich
186753 | Zig:27   | Noticed an ancient lich
186754 | Zig:27   | Killed an ancient lich
186754 | Zig:27   | Killed a dread lich
186754 | Zig:27   | Killed an ancient lich
186755 | Zig:27   | Killed an ancient lich
186755 | Zig:27   | Noticed a dread lich
186755 | Zig:27   | Noticed a dread lich
186755 | Zig:27   | Noticed an ancient lich
186756 | Zig:27   | Noticed a dread lich
186756 | Zig:27   | Noticed a dread lich
186756 | Zig:27   | Noticed a dread lich
186757 | Zig:27   | Killed a dread lich
186757 | Zig:27   | Killed a dread lich
186757 | Zig:27   | Killed a dread lich
186758 | Zig:27   | Killed an ancient lich
186758 | Zig:27   | Killed a dread lich
186759 | Zig:27   | Killed a dread lich
186760 | Zig:27   | Noticed an ancient lich
186763 | Zig:27   | Noticed an ancient lich
186763 | Zig:27   | Noticed a dread lich
186763 | Zig:27   | Noticed an ancient lich
186763 | Zig:27   | Noticed a dread lich
186764 | Zig:27   | Noticed an ancient lich
186764 | Zig:27   | Killed an ancient lich
186764 | Zig:27   | Killed an ancient lich
186764 | Zig:27   | Killed an ancient lich
186764 | Zig:27   | Killed an ancient lich
186765 | Zig:27   | Killed a dread lich
186766 | Zig:27   | Noticed an ancient lich
186767 | Zig:27   | Killed a dread lich
186767 | Zig:27   | Noticed a dread lich
186767 | Zig:27   | Noticed an ancient lich
186768 | Zig:27   | Killed an ancient lich
186768 | Zig:27   | Killed an ancient lich
186769 | Zig:27   | Noticed an ancient lich
186770 | Zig:27   | Killed a dread lich
186770 | Zig:27   | Noticed an ancient lich
186770 | Zig:27   | Noticed a dread lich
186770 | Zig:27   | Noticed an ancient lich
186771 | Zig:27   | Noticed an ancient lich
186772 | Zig:27   | Killed an ancient lich
186772 | Zig:27   | Killed a dread lich
186772 | Zig:27   | Killed an ancient lich
186772 | Zig:27   | Noticed a dread lich
186773 | Zig:27   | Noticed a dread lich
186774 | Zig:27   | Killed an ancient lich
186774 | Zig:27   | Killed a dread lich
186775 | Zig:27   | Killed an ancient lich
186775 | Zig:27   | Killed a dread lich
186775 | Zig:27   | Noticed an ancient lich
186775 | Zig:27   | Noticed an ancient lich
186776 | Zig:27   | Killed an ancient lich
186777 | Zig:27   | Killed an ancient lich
186778 | Zig:27   | Noticed a dread lich
186779 | Zig:27   | Killed a dread lich
186779 | Zig:27   | Noticed an ancient lich
186782 | Zig:27   | Killed an ancient lich
186786 | Zig:27   | Noticed a dread lich
186787 | Zig:27   | Noticed an ancient lich
186787 | Zig:27   | Noticed an ancient lich
186788 | Zig:27   | Killed a dread lich
186788 | Zig:27   | Killed an ancient lich
186791 | Zig:27   | Killed an ancient lich
186810 | Zig:27   | Identified the +9 scale mail of the Many Nightcaps {Rampage
                  | rPois Will+ Int-3}
186836 | Zig:27   | Identified the ring of the Mutiny {rN+ Will+++ MP+9 Str+3
                  | Int-2}
186840 | Zig:27   | Acquired 1261 gold pieces
186848 | Zig:27   | Identified the +9 short sword of Com Cug {venom, Str+4
                  | Dex+8 Stlth-}
186867 | Zig:1    | Entered Level 1 of a ziggurat
186934 | Zig:2    | Entered Level 2 of a ziggurat
186936 | Zig:2    | Noticed Uciemual the pandemonium lord
186941 | Zig:2    | Killed Uciemual the pandemonium lord
186977 | Zig:3    | Entered Level 3 of a ziggurat
186979 | Zig:3    | Noticed Estroz the pandemonium lord
186983 | Zig:3    | Killed Estroz the pandemonium lord
187004 | Zig:4    | Entered Level 4 of a ziggurat
187023 | Zig:4    | Identified the +7 rapier of Ignis's Brutal Revenge {freeze,
                  | Str+3 Dex+2}
187028 | Zig:5    | Entered Level 5 of a ziggurat
187028 | Zig:5    | Noticed an ancient lich
187028 | Zig:5    | Noticed an ancient lich
187030 | Zig:5    | Killed an ancient lich
187031 | Zig:5    | Killed an ancient lich
187074 | Zig:6    | Entered Level 6 of a ziggurat
187094 | Zig:6    | Identified the amulet "Wiosock" {Reflect rElec Dex+4 SH+5}
187098 | Zig:6    | Identified the amulet of Zin's Scorn {Spirit rCorr Int-5
                  | Slay+5}
187103 | Zig:7    | Entered Level 7 of a ziggurat
187129 | Zig:7    | Killed a starcursed mass
187139 | Zig:7    | Identified the ring "Onnoj" {rF+++ Int+2 Slay-3 SInv}
187143 | Zig:7    | Identified the ring of Ulituog {Fly Stlth+}
187154 | Zig:7    | Identified the ring "Yteuwkap" {Will+ AC+4 Str+3 Int+3}
187172 | Zig:8    | Entered Level 8 of a ziggurat
187172 | Zig:8    | Noticed a royal mummy
187172 | Zig:8    | Noticed a royal mummy
187172 | Zig:8    | Noticed a royal mummy
187173 | Zig:8    | Killed a royal mummy
187173 | Zig:8    | Killed a royal mummy
187173 | Zig:8    | Killed a royal mummy
187174 | Zig:8    | Noticed a royal mummy
187176 | Zig:8    | Noticed a royal mummy
187178 | Zig:8    | Noticed a royal mummy
187179 | Zig:8    | Killed a royal mummy
187179 | Zig:8    | Killed a royal mummy
187180 | Zig:8    | Noticed a royal mummy
187186 | Zig:8    | Killed a royal mummy
187187 | Zig:8    | Killed a royal mummy
187258 | Zig:9    | Entered Level 9 of a ziggurat
187258 | Zig:9    | Noticed a royal mummy
187258 | Zig:9    | Noticed a royal mummy
187258 | Zig:9    | Noticed a royal mummy
187258 | Zig:9    | Noticed a royal mummy
187258 | Zig:9    | Noticed a royal mummy
187258 | Zig:9    | Noticed a royal mummy
187258 | Zig:9    | Noticed a royal mummy
187259 | Zig:9    | Killed a royal mummy
187259 | Zig:9    | Killed a royal mummy
187259 | Zig:9    | Killed a royal mummy
187259 | Zig:9    | Killed a royal mummy
187259 | Zig:9    | Killed a royal mummy
187259 | Zig:9    | Killed a royal mummy
187260 | Zig:9    | Noticed a royal mummy
187262 | Zig:9    | Noticed a royal mummy
187262 | Zig:9    | Noticed a royal mummy
187263 | Zig:9    | Noticed a royal mummy
187264 | Zig:9    | Killed a royal mummy
187264 | Zig:9    | Killed a royal mummy
187264 | Zig:9    | Killed a royal mummy
187266 | Zig:9    | Killed a royal mummy
187266 | Zig:9    | Killed a royal mummy
187266 | Zig:9    | Noticed a royal mummy
187266 | Zig:9    | Noticed a royal mummy
187270 | Zig:9    | Noticed a royal mummy
187271 | Zig:9    | Killed a royal mummy
187273 | Zig:9    | Killed a royal mummy
187275 | Zig:9    | Killed a royal mummy
187297 | Zig:9    | Acquired 689 gold pieces
187305 | Zig:10   | Entered Level 10 of a ziggurat
187345 | Zig:10   | Identified the +10 battleaxe of Xeulopn {antimagic, Dex+3}
187350 | Zig:10   | Identified the +7 mace of Agutz {venom, Str+2 Int+4}
187396 | Zig:11   | Entered Level 11 of a ziggurat
187431 | Zig:11   | Identified the +4 robe "Ecvisal" {+Blink}
187439 | Zig:11   | Identified the +4 arbalest of Impatience {penet, rElec}
187450 | Zig:11   | Identified the +3 spear of Malaise {flame, rPois}
187467 | Zig:11   | Identified the +7 quarterstaff of Insufficient Pleasure
                  | {flame, +Blink Str+4 Int+2}
187468 | Zig:11   | Identified the +3 dagger of the Bouncing Mouths {drain, rC+
                  | Int+5}
187477 | Zig:11   | Identified the +7 flail "Faxtakhe" {freeze, rN+}
187518 | Zig:12   | Entered Level 12 of a ziggurat
187560 | Zig:12   | Acquired 588 gold pieces
187570 | Zig:12   | Identified the +2 chain mail of the Jackalope {rC- rN+++
                  | Will- Int+3}
187571 | Zig:12   | Identified the +5 dire flail of the Vase {elec, SInv}
187578 | Zig:12   | Identified the +1 falchion "Meuppud" {freeze, rF+ rN+
                  | rCorr}
187589 | Zig:12   | Identified the ring of Qairph {rN+ Dex+3}
187591 | Zig:12   | Identified the +0 falchion of Disarray {flame, rElec Int-3
                  | Dex+5}
187592 | Zig:12   | Identified the +1 morningstar "Ryegufev" {venom, +Blink rC-
                  | rN+++ Str+3}
187608 | Zig:13   | Entered Level 13 of a ziggurat
187608 | Zig:13   | Noticed a juggernaut
187608 | Zig:13   | Noticed a juggernaut
187610 | Zig:13   | Killed a juggernaut
187610 | Zig:13   | Noticed a juggernaut
187611 | Zig:13   | Noticed a juggernaut
187612 | Zig:13   | Noticed a juggernaut
187614 | Zig:13   | Killed a juggernaut
187614 | Zig:13   | Killed a juggernaut
187614 | Zig:13   | Killed a juggernaut
187614 | Zig:13   | Noticed a juggernaut
187616 | Zig:13   | Killed a juggernaut
187616 | Zig:13   | Noticed a juggernaut
187617 | Zig:13   | Noticed a juggernaut
187618 | Zig:13   | Killed a juggernaut
187619 | Zig:13   | Noticed a juggernaut
187620 | Zig:13   | Killed a juggernaut
187620 | Zig:13   | Killed a juggernaut
187624 | Zig:13   | Killed a juggernaut
187631 | Zig:13   | Identified the +2 falchion of the Skies Above {freeze,
                  | rPois rN+}
187657 | Zig:13   | Identified the ring of the Everdark {rPois rN+ Will- rCorr
                  | SInv}
187664 | Zig:13   | Identified the +2 pair of boots "Ezaapte" {rF+ Int+2}
187670 | Zig:14   | Entered Level 14 of a ziggurat
187670 | Zig:14   | Noticed a royal mummy
187670 | Zig:14   | Noticed a royal mummy
187670 | Zig:14   | Noticed a royal mummy
187670 | Zig:14   | Noticed a royal mummy
187670 | Zig:14   | Noticed a royal mummy
187671 | Zig:14   | Killed a royal mummy
187671 | Zig:14   | Killed a royal mummy
187671 | Zig:14   | Killed a royal mummy
187671 | Zig:14   | Killed a royal mummy
187671 | Zig:14   | Killed a royal mummy
187672 | Zig:14   | Noticed a royal mummy
187672 | Zig:14   | Noticed a royal mummy
187673 | Zig:14   | Noticed a royal mummy
187673 | Zig:14   | Noticed a royal mummy
187673 | Zig:14   | Noticed a royal mummy
187673 | Zig:14   | Noticed a royal mummy
187674 | Zig:14   | Noticed a royal mummy
187675 | Zig:14   | Noticed a royal mummy
187676 | Zig:14   | Noticed a royal mummy
187676 | Zig:14   | Noticed a royal mummy
187676 | Zig:14   | Noticed a royal mummy
187676 | Zig:14   | Noticed a royal mummy
187677 | Zig:14   | Killed a royal mummy
187677 | Zig:14   | Killed a royal mummy
187677 | Zig:14   | Noticed a royal mummy
187678 | Zig:14   | Noticed a royal mummy
187679 | Zig:14   | Killed a royal mummy
187679 | Zig:14   | Killed a royal mummy
187679 | Zig:14   | Killed a royal mummy
187679 | Zig:14   | Killed a royal mummy
187679 | Zig:14   | Killed a royal mummy
187679 | Zig:14   | Killed a royal mummy
187679 | Zig:14   | Killed a royal mummy
187679 | Zig:14   | Killed a royal mummy
187679 | Zig:14   | Killed a royal mummy
187679 | Zig:14   | Noticed a royal mummy
187679 | Zig:14   | Noticed a royal mummy
187680 | Zig:14   | Killed a royal mummy
187680 | Zig:14   | Killed a royal mummy
187680 | Zig:14   | Killed a royal mummy
187682 | Zig:14   | Killed a royal mummy
187682 | Zig:14   | Killed a royal mummy
187686 | Zig:14   | Noticed a royal mummy
187689 | Zig:14   | Noticed a royal mummy
187691 | Zig:14   | Killed a royal mummy
187691 | Zig:14   | Killed a royal mummy
187713 | Zig:14   | Identified the +5 ring mail "Kyaduw" {Will- Regen+ Stlth+}
187727 | Zig:14   | Identified the ring "Guodan" {rF+ rN+ Dex+2}
187795 | Zig:15   | Entered Level 15 of a ziggurat
187795 | Zig:15   | Noticed Jaiti the pandemonium lord
187795 | Zig:15   | Noticed Qiacloez the pandemonium lord
187795 | Zig:15   | Noticed Norchy the pandemonium lord
187795 | Zig:15   | Noticed Eluviek the pandemonium lord
187795 | Zig:15   | Noticed Pural the pandemonium lord
187795 | Zig:15   | Noticed Cediw the pandemonium lord
187795 | Zig:15   | Noticed Vale the pandemonium lord
187795 | Zig:15   | Noticed Losodi Pyup the pandemonium lord
187795 | Zig:15   | Noticed Siob the pandemonium lord
187795 | Zig:15   | Noticed Buvvy the pandemonium lord
187795 | Zig:15   | Noticed Xequwnic the pandemonium lord
187795 | Zig:15   | Noticed Haqanyvai the pandemonium lord
187795 | Zig:15   | Noticed Igowi the pandemonium lord
187795 | Zig:15   | Noticed Jupnioch the pandemonium lord
187795 | Zig:15   | Noticed Zytoxamn the pandemonium lord
187795 | Zig:15   | Noticed Ereep the pandemonium lord
187795 | Zig:15   | Noticed Feuggupta the pandemonium lord
187795 | Zig:15   | Noticed Gueda the pandemonium lord
187795 | Zig:15   | Noticed Gipheviu the pandemonium lord
187795 | Zig:15   | Noticed Leruxt the pandemonium lord
187795 | Zig:15   | Noticed Zomo the pandemonium lord
187797 | Zig:15   | Noticed Meomucw the pandemonium lord
187797 | Zig:15   | Killed Buvvy the pandemonium lord
187797 | Zig:15   | Killed Norchy the pandemonium lord
187797 | Zig:15   | Killed Gipheviu the pandemonium lord
187797 | Zig:15   | Killed Xequwnic the pandemonium lord
187797 | Zig:15   | Killed Pural the pandemonium lord
187797 | Zig:15   | Noticed Yhak the pandemonium lord
187798 | Zig:15   | Noticed Gyuge the pandemonium lord
187798 | Zig:15   | Killed Zomo the pandemonium lord
187798 | Zig:15   | Killed Gueda the pandemonium lord
187798 | Zig:15   | Killed Siob the pandemonium lord
187798 | Zig:15   | Killed Jaiti the pandemonium lord
187799 | Zig:15   | Noticed Jyghae the pandemonium lord
187800 | Zig:15   | Killed Gyuge the pandemonium lord
187800 | Zig:15   | Killed Feuggupta the pandemonium lord
187800 | Zig:15   | Killed Eluviek the pandemonium lord
187800 | Zig:15   | Noticed Coinnarch the pandemonium lord
187800 | Zig:15   | Noticed Iseunosh the pandemonium lord
187801 | Zig:15   | Killed Leruxt the pandemonium lord
187801 | Zig:15   | Killed Igowi the pandemonium lord
187801 | Zig:15   | Killed Meomucw the pandemonium lord
187801 | Zig:15   | Killed Vale the pandemonium lord
187801 | Zig:15   | Noticed Okaf the pandemonium lord
187801 | Zig:15   | Noticed Quddo the pandemonium lord
187801 | Zig:15   | Noticed Qiciad the pandemonium lord
187801 | Zig:15   | Noticed Eryni the pandemonium lord
187801 | Zig:15   | Noticed Nicelynk the pandemonium lord
187802 | Zig:15   | Killed Haqanyvai the pandemonium lord
187802 | Zig:15   | Killed Jupnioch the pandemonium lord
187802 | Zig:15   | Killed Cediw the pandemonium lord
187802 | Zig:15   | Noticed Nebbevosch the pandemonium lord
187802 | Zig:15   | Noticed Waham the pandemonium lord
187803 | Zig:15   | Killed Zytoxamn the pandemonium lord
187803 | Zig:15   | Killed Ereep the pandemonium lord
187803 | Zig:15   | Noticed Abul the pandemonium lord
187804 | Zig:15   | Killed Qiacloez the pandemonium lord
187804 | Zig:15   | Killed Coinnarch the pandemonium lord
187804 | Zig:15   | Killed Nicelynk the pandemonium lord
187804 | Zig:15   | Killed Losodi Pyup the pandemonium lord
187804 | Zig:15   | Noticed Qoudd the pandemonium lord
187804 | Zig:15   | Noticed Zuamnyu the pandemonium lord
187805 | Zig:15   | Killed Quddo the pandemonium lord
187805 | Zig:15   | Killed Okaf the pandemonium lord
187805 | Zig:15   | Killed Waham the pandemonium lord
187805 | Zig:15   | Killed Iseunosh the pandemonium lord
187806 | Zig:15   | Killed Qoudd the pandemonium lord
187806 | Zig:15   | Killed Yhak the pandemonium lord
187806 | Zig:15   | Noticed Tuczuena the pandemonium lord
187806 | Zig:15   | Noticed Kaetov the pandemonium lord
187807 | Zig:15   | Noticed Rastrad the pandemonium lord
187807 | Zig:15   | Killed Jyghae the pandemonium lord
187807 | Zig:15   | Killed Abul the pandemonium lord
187807 | Zig:15   | Killed Eryni the pandemonium lord
187808 | Zig:15   | Noticed Acecihos the pandemonium lord
187809 | Zig:15   | Killed Tuczuena the pandemonium lord
187810 | Zig:15   | Killed Qiciad the pandemonium lord
187810 | Zig:15   | Killed Kaetov the pandemonium lord
187810 | Zig:15   | Noticed Soilir the pandemonium lord
187810 | Zig:15   | Noticed Axo Masogag the pandemonium lord
187810 | Zig:15   | Noticed Reilavow the pandemonium lord
187811 | Zig:15   | Noticed Ryl Dif the pandemonium lord
187812 | Zig:15   | Noticed Huahag the pandemonium lord
187812 | Zig:15   | Noticed Zeuly the pandemonium lord
187812 | Zig:15   | Killed Rastrad the pandemonium lord
187813 | Zig:15   | Killed Acecihos the pandemonium lord
187813 | Zig:15   | Killed Reilavow the pandemonium lord
187813 | Zig:15   | Noticed Haceklef the pandemonium lord
187814 | Zig:15   | Noticed Kalob the pandemonium lord
187814 | Zig:15   | Noticed Wedgh the pandemonium lord
187814 | Zig:15   | Noticed Tiucag the pandemonium lord
187816 | Zig:15   | Noticed Talulupn the pandemonium lord
187817 | Zig:15   | Noticed Hikogis the pandemonium lord
187818 | Zig:15   | Noticed Ohaajiuv the pandemonium lord
187818 | Zig:15   | Killed Axo Masogag the pandemonium lord
187819 | Zig:15   | Noticed Boumniz the pandemonium lord
187820 | Zig:15   | Noticed Nysy the pandemonium lord
187821 | Zig:15   | Killed Nebbevosch the pandemonium lord
187821 | Zig:15   | Killed Huahag the pandemonium lord
187821 | Zig:15   | Noticed Desourir the pandemonium lord
187821 | Zig:15   | Noticed Fupuj the pandemonium lord
187823 | Zig:15   | Killed Ryl Dif the pandemonium lord
187823 | Zig:15   | Killed Kalob the pandemonium lord
187823 | Zig:15   | Killed Tiucag the pandemonium lord
187823 | Zig:15   | Noticed Jasypap the pandemonium lord
187824 | Zig:15   | Noticed Tyereled the pandemonium lord
187824 | Zig:15   | Noticed Icak the pandemonium lord
187825 | Zig:15   | Killed Ohaajiuv the pandemonium lord
187825 | Zig:15   | Killed Zeuly the pandemonium lord
187825 | Zig:15   | Killed Zuamnyu the pandemonium lord
187825 | Zig:15   | Killed Wedgh the pandemonium lord
187826 | Zig:15   | Noticed Huig the pandemonium lord
187826 | Zig:15   | Noticed Lyomebat the pandemonium lord
187826 | Zig:15   | Killed Boumniz the pandemonium lord
187826 | Zig:15   | Killed Fupuj the pandemonium lord
187826 | Zig:15   | Killed Hikogis the pandemonium lord
187826 | Zig:15   | Killed Desourir the pandemonium lord
187826 | Zig:15   | Killed Talulupn the pandemonium lord
187826 | Zig:15   | Killed Haceklef the pandemonium lord
187826 | Zig:15   | Killed Soilir the pandemonium lord
187827 | Zig:15   | Noticed Juuhelidd the pandemonium lord
187827 | Zig:15   | Killed Huig the pandemonium lord
187827 | Zig:15   | Noticed Goerch the pandemonium lord
187828 | Zig:15   | Killed Nysy the pandemonium lord
187828 | Zig:15   | Killed Tyereled the pandemonium lord
187829 | Zig:15   | Killed Lyomebat the pandemonium lord
187829 | Zig:15   | Noticed Xeqer Dim the pandemonium lord
187830 | Zig:15   | Killed Juuhelidd the pandemonium lord
187830 | Zig:15   | Killed Jasypap the pandemonium lord
187830 | Zig:15   | Killed Icak the pandemonium lord
187831 | Zig:15   | Noticed Maorhao the pandemonium lord
187831 | Zig:15   | Noticed Lien the pandemonium lord
187832 | Zig:15   | Killed Goerch the pandemonium lord
187832 | Zig:15   | Noticed Ipeacha the pandemonium lord
187832 | Zig:15   | Noticed Buep Neo the pandemonium lord
187833 | Zig:15   | Noticed Dynegoloeq the pandemonium lord
187834 | Zig:15   | Killed Buep Neo the pandemonium lord
187835 | Zig:15   | Noticed Viasm the pandemonium lord
187837 | Zig:15   | Killed Xeqer Dim the pandemonium lord
187838 | Zig:15   | Killed Ipeacha the pandemonium lord
187838 | Zig:15   | Killed Viasm the pandemonium lord
187839 | Zig:15   | Killed Dynegoloeq the pandemonium lord
187840 | Zig:15   | Killed Maorhao the pandemonium lord
187845 | Zig:15   | Killed Lien the pandemonium lord
187854 | Zig:15   | Identified the +2 sling "Impbane" {elec, rElec}
187855 | Zig:15   | Identified the +0 arbalest of the Freezing Gods {penet,
                  | *Corrode rC+ MP+9}
187869 | Zig:15   | Identified the +3 chain mail of Lanot {Contam Harm rElec
                  | Int+4}
187870 | Zig:15   | Identified the +1 buckler of Joy {rF+ rC+ rN+ Int+4}
187871 | Zig:15   | Identified the +8 chain mail of Least Resistance {Int+4}
187874 | Zig:15   | Identified the +5 morningstar of Callousness {drain, *Noise
                  | Fly Str+4 Int+5}
187882 | Zig:15   | Identified the +13 crystal plate armour "Wianooba" {+Inv
                  | rPois MP+9 Stlth+}
188028 | Zig:16   | Entered Level 16 of a ziggurat
188028 | Zig:16   | Noticed a dread lich
188028 | Zig:16   | Noticed an ancient lich
188028 | Zig:16   | Noticed a dread lich
188028 | Zig:16   | Noticed an ancient lich
188028 | Zig:16   | Noticed an ancient lich
188028 | Zig:16   | Noticed a dread lich
188028 | Zig:16   | Noticed a dread lich
188028 | Zig:16   | Noticed an ancient lich
188028 | Zig:16   | Noticed an ancient lich
188028 | Zig:16   | Noticed an ancient lich
188029 | Zig:16   | Killed an ancient lich
188029 | Zig:16   | Killed an ancient lich
188029 | Zig:16   | Killed a dread lich
188029 | Zig:16   | Killed an ancient lich
188029 | Zig:16   | Noticed an ancient lich
188030 | Zig:16   | Killed an ancient lich
188030 | Zig:16   | Killed an ancient lich
188030 | Zig:16   | Killed an ancient lich
188030 | Zig:16   | Killed a dread lich
188030 | Zig:16   | Killed a dread lich
188030 | Zig:16   | Noticed an ancient lich
188030 | Zig:16   | Noticed a dread lich
188031 | Zig:16   | Killed a dread lich
188031 | Zig:16   | Killed an ancient lich
188031 | Zig:16   | Killed an ancient lich
188031 | Zig:16   | Noticed a dread lich
188032 | Zig:16   | Noticed an ancient lich
188032 | Zig:16   | Noticed an ancient lich
188032 | Zig:16   | Noticed an ancient lich
188033 | Zig:16   | Killed a dread lich
188033 | Zig:16   | Killed an ancient lich
188034 | Zig:16   | Killed an ancient lich
188034 | Zig:16   | Killed an ancient lich
188035 | Zig:16   | Killed a dread lich
188035 | Zig:16   | Noticed an ancient lich
188035 | Zig:16   | Noticed a dread lich
188036 | Zig:16   | Killed a dread lich
188036 | Zig:16   | Noticed an ancient lich
188038 | Zig:16   | Killed an ancient lich
188038 | Zig:16   | Noticed a dread lich
188039 | Zig:16   | Killed an ancient lich
188039 | Zig:16   | Killed a dread lich
188040 | Zig:16   | Noticed an ancient lich
188040 | Zig:16   | Noticed an ancient lich
188041 | Zig:16   | Killed an ancient lich
188041 | Zig:16   | Noticed a dread lich
188041 | Zig:16   | Noticed an ancient lich
188042 | Zig:16   | Killed an ancient lich
188043 | Zig:16   | Noticed an ancient lich
188043 | Zig:16   | Killed an ancient lich
188043 | Zig:16   | Killed an ancient lich
188043 | Zig:16   | Killed a dread lich
188044 | Zig:16   | Noticed a dread lich
188045 | Zig:16   | Noticed an ancient lich
188046 | Zig:16   | Noticed an ancient lich
188048 | Zig:16   | Killed a dread lich
188048 | Zig:16   | Killed an ancient lich
188048 | Zig:16   | Killed an ancient lich
188049 | Zig:16   | Noticed a dread lich
188053 | Zig:16   | Killed a dread lich
188053 | Zig:16   | Noticed a dread lich
188054 | Zig:16   | Killed a dread lich
188076 | Zig:16   | Identified the +4 halberd of the Mouth {antimagic, Str+7}
188077 | Zig:16   | Identified the +5 short sword of Springtime {speed, Drain
                  | Str+4 Int+7}
188105 | Zig:16   | Identified the +7 scimitar "Oraof" {protect, Stlth+}
188108 | Zig:16   | Identified the +10 quarterstaff "Looread" {flame, Contam
                  | rF- rN+++ Stlth+}
188110 | Zig:16   | Identified the ring of Waon {rC+ AC+4 Int+5}
188111 | Zig:16   | Identified the +2 robe of Polytheism {rElec rPois rF-
                  | Int-4}
188177 | Zig:17   | Entered Level 17 of a ziggurat
188227 | Zig:17   | Identified the +4 halberd "Daonwez" {heavy, Dex+2}
188228 | Zig:17   | Identified the +5 sling "Couhehux" {heavy, Fly rC+ Str+3}
188229 | Zig:17   | Identified the +9 quarterstaff of Melee {heavy, *Rage rCorr
                  | Dex+6}
188237 | Zig:17   | Identified the ring of Discretion {Ice Drain rElec rN++
                  | Slay+2}
188239 | Zig:17   | Identified the +3 hand axe of Xebaf {freeze, rC+}
188240 | Zig:17   | Identified the +6 great sword of Anguish {elec, rElec rN+
                  | Dex+2 Stlth+}
188292 | Zig:18   | Entered Level 18 of a ziggurat
188302 | Zig:18   | Paralysed by an air elemental for 1 turns
188328 | Zig:18   | Identified the +1 robe "Jouruin" {Rampage MP+9 SInv}
188332 | Zig:18   | Identified the +1 dagger "Simorph" {venom, rCorr Int+3}
188336 | Zig:18   | Identified the ring of Zaylafys {*Slow rC+ Str-3 Int+8
                  | Stlth+}
188337 | Zig:18   | Identified the +0 sling of Kismet {flame, rCorr Int+5}
188340 | Zig:18   | Identified the +3 war axe of Makhleb's Grace {heavy, Will+}
188342 | Zig:18   | Identified the +1 ring mail of the Vaults {Regen+}
188449 | Zig:19   | Entered Level 19 of a ziggurat
188491 | Zig:19   | Identified the amulet "Puyroew" {Rampage Will- Regen+ MP+9
                  | Dex+3}
188493 | Zig:19   | Identified the +9 whip of Sulphur {protect, rC+ rN+ Stlth+}
188496 | Zig:19   | Identified the +7 long sword "Musamm" {heavy, Stlth+}
188509 | Zig:19   | Identified the ring of Balance {Wiz MP+9 Dex+4}
188511 | Zig:19   | Identified the +8 sling "Mud Pie of Death" {flame, rPois
                  | Stlth+}
188513 | Zig:19   | Acquired 756 gold pieces
188514 | Zig:19   | Acquired the +1 Delatra's gloves {ID++}
188514 | Zig:19   | Found the +1 Delatra's gloves {ID++}
188515 | Zig:19   | Acquired 726 gold pieces
188539 | Zig:20   | Entered Level 20 of a ziggurat
188546 | Zig:20   | Paralysed by an air elemental for 1 turns
188564 | Zig:20   | Paralysed by an air elemental for 1 turns
188605 | Zig:20   | Identified the +2 robe of Naobbioc {Int+3}
188608 | Zig:20   | Identified the +1 shadow dragon scales of Kikubaaqudgha's
                  | Scorn {rN+ Int-2 Slay+4 Stlth++++}
188609 | Zig:20   | Identified the ring of Zoim {rF+ Str+6 Dex+3}
188611 | Zig:20   | Identified the ring "Qores" {*Corrode rF++ MP+9 Dex+4}
188612 | Zig:20   | Identified the ring "Temaje" {*Slow rC+ AC+4 Dex+4 SInv}
188614 | Zig:20   | Identified the +4 scale mail of the Sunfish {Rampage rC-
                  | Stlth+}
188619 | Zig:20   | Identified the +0 leather armour of Chimes {rC+ Regen+
                  | Int+2}
188620 | Zig:20   | Identified the +5 scale mail of Kucitac {+Inv rC- rCorr
                  | Int-5}
188621 | Zig:20   | Identified the +0 plate armour "Inuu" {Will+ Int+4}
188626 | Zig:20   | Identified the +2 sling of Cruel Justice {antimagic, +Blink
                  | rF+ Will+ Int+3}
188717 | Zig:21   | Entered Level 21 of a ziggurat
188771 | Zig:21   | Identified the +6 trident of Wu Jian's Esteem {elec, rF+++
                  | Will- Str+4}
188775 | Zig:21   | Identified the +0 plate armour "Alluxoeh" {rElec rPois
                  | Stlth-}
188781 | Zig:21   | Identified the +9 quick blade "Bekopt" {drain, rC+}
188783 | Zig:21   | Identified the +7 flail of the Augurer {drain, rF- rN++
                  | Int+2 Stlth+}
188794 | Zig:21   | Identified the +1 leather armour of the Journeyman {Rampage
                  | rF+++ rC+ Dex-5}
188798 | Zig:21   | Identified the +1 long sword of the Solstice {drain, Str+7}
188799 | Zig:21   | Identified the +3 ring mail "Osoanwir" {-Cast +Inv rF-
                  | rN++}
188804 | Zig:21   | Identified the +6 short sword of Grandeur {drain, Will-
                  | Int+5 Dex+3}
188810 | Zig:21   | Identified the +0 robe "Huonuc" {Harm rElec MP+9 Str-4}
188816 | Zig:21   | Identified the +2 battleaxe of the Pyrrhic Victory {flame,
                  | +Blink}
188897 | Zig:22   | Entered Level 22 of a ziggurat
189034 | Zig:22   | Identified the +7 short sword of Edieh {flame, rN+ Str+6}
189039 | Zig:22   | Identified the ring "Runapnik" {rF+ Will- Int+4 Dex+6}
189040 | Zig:22   | Identified the ring "Qovvu" {Fire Slay+4}
189048 | Zig:22   | Identified the +2 short sword "Tavon" {heavy, *Corrode
                  | Str+5}
189057 | Zig:22   | Identified the +0 plate armour "Uheox" {rElec Str+3}
189058 | Zig:22   | Identified the +4 trident "Weowigekh" {freeze, Drain rF+
                  | rN+}
189125 | Zig:22   | Identified the +1 helmet "Jitweyme" {Regen+ Dex-2 Slay+3}
189130 | Zig:23   | Entered Level 23 of a ziggurat
189183 | Zig:23   | Identified the +3 short sword "Giseun" {vamp, rN+ rCorr
                  | Dex-3}
189184 | Zig:23   | Identified the +4 ring mail of Idealism {Str+3 Dex+3}
189189 | Zig:23   | Identified the +5 glaive "Wuggomai" {flame, rElec rPois
                  | Int+4 Stlth-}
189192 | Zig:23   | Identified the +9 quarterstaff of Imbalance {flame, rPois
                  | rC++ Int+3 Stlth+}
189193 | Zig:23   | Identified the +7 rapier "Beastbane" {heavy, rElec}
189205 | Zig:23   | Identified the ring of Otetydan {rElec rPois Str-5 Int+6
                  | Slay+2}
189250 | Zig:24   | Entered Level 24 of a ziggurat
189250 | Zig:24   | Noticed an ancient lich
189251 | Zig:24   | Killed an ancient lich
189275 | Zig:24   | Noticed an ancient lich
189277 | Zig:24   | Killed an ancient lich
189298 | Zig:24   | Noticed a dread lich
189299 | Zig:24   | Killed a dread lich
189311 | Zig:24   | Paralysed by accursed screaming for 1 turns
189321 | Zig:24   | Identified the +2 hand axe of Roifel {spect, *Corrode Str+2
                  | Int+3}
189336 | Zig:24   | Identified the ring of the Everdark {Ice Contam Fly rN+
                  | Will+}
189345 | Zig:24   | Identified the +5 sling "Luguj" {freeze, Fly rN+}
189353 | Zig:24   | Identified the amulet "Usush" {Reflect Will+ SH+5}
189362 | Zig:24   | Identified the +0 robe "Tauroymn" {Rampage Int+3}
189372 | Zig:24   | Identified the +7 spear of Flying Extinguishment {venom,
                  | rF+ MP+9 Int-2}
189377 | Zig:24   | Identified the +11 arbalest of Xuremaf {drain, Int+2 SInv}
189382 | Zig:24   | Identified the +0 plate armour of the Blue God {rCorr}
189383 | Zig:24   | Identified the +2 double sword "Azxaotzu" {vamp, rC+ Str+6}
189384 | Zig:24   | Identified the +3 rapier of Contention {flame, *Noise rElec
                  | rCorr}
189386 | Zig:24   | Identified the +1 arbalest of Karma {freeze, MP+9 Dex+4}
189434 | Zig:24   | Identified the amulet of Nebeb {Will+ Regen+}
189435 | Zig:24   | Identified the +7 scimitar "Mopox" {freeze, *Slow Str+8
                  | Dex+3}
189474 | Zig:25   | Entered Level 25 of a ziggurat
189474 | Zig:25   | Noticed an ancient lich
189474 | Zig:25   | Noticed an ancient lich
189474 | Zig:25   | Noticed a dread lich
189475 | Zig:25   | Noticed an ancient lich
189475 | Zig:25   | Noticed an ancient lich
189475 | Zig:25   | Noticed an ancient lich
189475 | Zig:25   | Noticed a dread lich
189476 | Zig:25   | Noticed a dread lich
189476 | Zig:25   | Noticed a dread lich
189477 | Zig:25   | Killed a dread lich
189477 | Zig:25   | Killed a dread lich
189477 | Zig:25   | Killed a dread lich
189478 | Zig:25   | Killed an ancient lich
189478 | Zig:25   | Killed an ancient lich
189478 | Zig:25   | Killed an ancient lich
189478 | Zig:25   | Killed an ancient lich
189478 | Zig:25   | Killed an ancient lich
189479 | Zig:25   | Killed a dread lich
189479 | Zig:25   | Noticed an ancient lich
189479 | Zig:25   | Noticed a dread lich
189480 | Zig:25   | Noticed an ancient lich
189480 | Zig:25   | Noticed an ancient lich
189480 | Zig:25   | Noticed a dread lich
189480 | Zig:25   | Noticed an ancient lich
189481 | Zig:25   | Noticed a dread lich
189481 | Zig:25   | Killed a dread lich
189481 | Zig:25   | Killed an ancient lich
189481 | Zig:25   | Killed a dread lich
189482 | Zig:25   | Killed an ancient lich
189482 | Zig:25   | Killed an ancient lich
189482 | Zig:25   | Killed a dread lich
189482 | Zig:25   | Killed an ancient lich
189485 | Zig:25   | Noticed a dread lich
189485 | Zig:25   | Noticed an ancient lich
189486 | Zig:25   | Killed a dread lich
189486 | Zig:25   | Noticed a dread lich
189487 | Zig:25   | Noticed a dread lich
189489 | Zig:25   | Noticed an ancient lich
189490 | Zig:25   | Killed an ancient lich
189490 | Zig:25   | Killed a dread lich
189490 | Zig:25   | Killed a dread lich
189490 | Zig:25   | Noticed a dread lich
189492 | Zig:25   | Killed an ancient lich
189492 | Zig:25   | Killed a dread lich
189492 | Zig:25   | Noticed a dread lich
189493 | Zig:25   | Noticed an ancient lich
189494 | Zig:25   | Killed an ancient lich
189494 | Zig:25   | Noticed a dread lich
189495 | Zig:25   | Noticed an ancient lich
189495 | Zig:25   | Noticed an ancient lich
189496 | Zig:25   | Killed a dread lich
189497 | Zig:25   | Killed a dread lich
189497 | Zig:25   | Killed an ancient lich
189497 | Zig:25   | Killed an ancient lich
189498 | Zig:25   | Noticed a dread lich
189498 | Zig:25   | Noticed an ancient lich
189498 | Zig:25   | Noticed a dread lich
189499 | Zig:25   | Killed a dread lich
189501 | Zig:25   | Noticed a dread lich
189503 | Zig:25   | Killed a dread lich
189504 | Zig:25   | Noticed a dread lich
189504 | Zig:25   | Killed an ancient lich
189504 | Zig:25   | Killed a dread lich
189504 | Zig:25   | Killed a dread lich
189508 | Zig:25   | Noticed an ancient lich
189508 | Zig:25   | Noticed an ancient lich
189510 | Zig:25   | Killed an ancient lich
189510 | Zig:25   | Killed an ancient lich
189543 | Zig:25   | Identified the +1 cloak of Fortitude {rPois rF- rCorr}
189546 | Zig:25   | Identified the amulet of Jiewik {Acrobat -Cast rN+ rCorr}
189549 | Zig:25   | Identified the +5 dagger "Uloteseq" {protect, rN+}
189652 | Zig:25   | Identified the ring of Deilo {rElec Will+}
189662 | Zig:25   | Identified the amulet of Gidin {Reflect Regen+ Int+2 Dex-2
                  | SH+5}
189667 | Zig:25   | Identified the +1 robe "Wefec" {rN+ Dex+4}
189669 | Zig:25   | Identified the +0 lajatang "Cilyhel" {venom, Str+5 Int+4
                  | Dex-3 Stlth+}
189670 | Zig:25   | Identified the +6 morningstar "Myeg" {heavy, *Noise Dex+5}
189675 | Zig:25   | Identified the +4 steam dragon scales of Mosteute {rElec
                  | MP-9 Dex+2}
189676 | Zig:25   | Identified the +9 bardiche "Cukhlisey" {protect, Str+2
                  | Int+4}
189686 | Zig:25   | Identified the +5 shortbow "Pesuen" {flame, Str+6}
189698 | Zig:25   | Identified the ring of Xosh {Wiz Fly rElec Str+2 Dex+3}
189699 | Zig:25   | Identified the +1 ring mail of Fuvvuity {rC+}
189702 | Zig:25   | Identified the +1 robe "Neugak" {rC+ Dex+2 Archmagi}
189773 | Zig:26   | Entered Level 26 of a ziggurat
189950 | Zig:26   | Identified the +6 flail of Skirmishing {vamp, rPois Dex+5}
189952 | Zig:26   | Identified the amulet of Springtime {Spirit rC+ Int+3}
189959 | Zig:26   | Identified the +5 scimitar "Teoc" {venom, rN+}
189963 | Zig:26   | Identified the +6 shortbow of the Eternal Warrior {flame,
                  | Dex+7}
189973 | Zig:26   | Identified the amulet of Suspected Treachery {Regen+ rCorr
                  | SInv Stlth+}
189979 | Zig:26   | Identified the +2 ring mail "Loqaetheczau" {rN+ Will-
                  | Int+6}
189987 | Zig:26   | Identified the ring "Lisk" {Will- Str+6 Int+3}
189992 | Zig:26   | Identified the +1 mace "Wiemuci" {protect, rPois}
189996 | Zig:26   | Identified the +2 quarterstaff of a wizard's laboratory
                  | {freeze, rF+ rN+}
190003 | Zig:26   | Identified the +6 battleaxe of Himpuffu {vamp, rCorr Str+3}
190009 | Zig:26   | Identified the +11 arbalest of Suemiroo {freeze, +Blink
                  | Int+5}
190010 | Zig:26   | Identified the +1 chain mail of Fiatwaly {Will+ Dex+2}
190031 | Zig:26   | Identified the amulet of Midwinter {Acrobat -Cast rC+++
                  | Str+4 Int-2}
190084 | Zig:27   | Entered Level 27 of a ziggurat
190140 | Zig:27   | Identified the +7 dagger of Nijuutick {venom, rCorr Str+4}
190141 | Zig:27   | Identified the +1 leather armour "Hafuukarr" {Harm rN+}
190159 | Zig:27   | Identified the +1 great sword of Crusades {heavy, rPois rF+
                  | rC+}
190162 | Zig:27   | Identified the +1 leather armour "Oxuonu" {rElec Will+
                  | Dex-2 SInv}
190177 | Zig:27   | Identified the ring "Timipacw" {Fire rPois Str+3 Int+3
                  | Dex-2}
190181 | Zig:27   | Identified the ring "Unutiut" {rF+ rC+ Str-2 Int+6}
190183 | Zig:27   | Identified the +2 scale mail of Masuepem {rPois rN+++ Will-
                  | rCorr}
190191 | Zig:27   | Identified the ring "Ohitiy" {Fly rElec Will+}
190192 | Zig:27   | Identified the +3 whip "Gofoucza" {protect, rCorr Str+3}
190198 | Zig:27   | Identified the +2 pair of boots "Boeduosui" {rF+}
190199 | Zig:27   | Identified the +5 sling "Unywy" {freeze, rF+ Stlth+}
190204 | Zig:27   | Identified the +6 long sword of the Valley of Death
                  | {antimagic, Dex+3}
190207 | Zig:27   | Identified the +1 battleaxe "Kuehied" {drain, Will+ Str+4}
190456 | Zot:5    | Got the Orb of Zot
190544 | Zot:5    | Noticed Novveaff the pandemonium lord
190548 | Zot:5    | Killed Novveaff the pandemonium lord
190569 | Zot:5    | Noticed Huluutixt the pandemonium lord
190907 | D:13     | Noticed Fyov the pandemonium lord
190911 | D:13     | Killed Fyov the pandemonium lord
191193 | Zig:1    | Entered Level 1 of a ziggurat
191215 | Zig:2    | Entered Level 2 of a ziggurat
191215 | Zig:2    | Noticed a juggernaut
191215 | Zig:2    | Noticed a juggernaut
191215 | Zig:2    | Noticed a juggernaut
191215 | Zig:2    | Noticed a juggernaut
191215 | Zig:2    | Noticed a juggernaut
191215 | Zig:2    | Noticed a juggernaut
191216 | Zig:2    | Noticed a juggernaut
191218 | Zig:2    | Killed a juggernaut
191218 | Zig:2    | Killed a juggernaut
191218 | Zig:2    | Killed a juggernaut
191219 | Zig:2    | Killed a juggernaut
191219 | Zig:2    | Killed a juggernaut
191219 | Zig:2    | Killed a juggernaut
191219 | Zig:2    | Killed a juggernaut
191238 | Zig:2    | Identified the ring "Benoal" {rN+ Str+3}
191240 | Zig:2    | Identified the +3 ring mail of Dyphuh {Drain Regen+ Str+4}
191243 | Zig:2    | Identified the amulet "Vumpaewo" {Spirit +Inv rPois Regen+
                  | MP-9}
191254 | Zig:3    | Entered Level 3 of a ziggurat
191257 | Zig:3    | Noticed Lioqen the pandemonium lord
191264 | Zig:3    | Killed Lioqen the pandemonium lord
191315 | Zig:4    | Entered Level 4 of a ziggurat
191315 | Zig:4    | Noticed an ancient lich
191315 | Zig:4    | Noticed a dread lich
191315 | Zig:4    | Noticed an ancient lich
191315 | Zig:4    | Noticed a dread lich
191315 | Zig:4    | Noticed an ancient lich
191315 | Zig:4    | Noticed a dread lich
191315 | Zig:4    | Noticed an ancient lich
191316 | Zig:4    | Killed an ancient lich
191316 | Zig:4    | Killed an ancient lich
191316 | Zig:4    | Killed a dread lich
191317 | Zig:4    | Noticed an ancient lich
191317 | Zig:4    | Killed a dread lich
191317 | Zig:4    | Killed an ancient lich
191319 | Zig:4    | Killed a dread lich
191319 | Zig:4    | Killed an ancient lich
191319 | Zig:4    | Killed an ancient lich
191319 | Zig:4    | Noticed an ancient lich
191320 | Zig:4    | Killed an ancient lich
191347 | Zig:5    | Entered Level 5 of a ziggurat
191361 | Zig:5    | Identified the +1 helmet "Tonk" {-Tele Regen+ Str+2 Int+3}
191368 | Zig:6    | Entered Level 6 of a ziggurat
191385 | Zig:6    | Identified the +8 bardiche of Perversion {drain, Str+6
                  | Int+3}
191405 | Zig:7    | Entered Level 7 of a ziggurat
191438 | Zig:7    | Identified the +1 leather armour of Life {Int+2 SInv}
191447 | Zig:7    | Acquired 585 gold pieces
191450 | Zig:8    | Entered Level 8 of a ziggurat
191450 | Zig:8    | Noticed a juggernaut
191450 | Zig:8    | Noticed a juggernaut
191450 | Zig:8    | Noticed a juggernaut
191452 | Zig:8    | Killed a juggernaut
191452 | Zig:8    | Killed a juggernaut
191453 | Zig:8    | Noticed a juggernaut
191454 | Zig:8    | Killed a juggernaut
191456 | Zig:8    | Killed a juggernaut
191545 | Zig:8    | Identified the +1 ring mail of Free Will {Str+4}
191556 | Zig:8    | Identified the ring of the Shining Light {rElec rN+ Will++
                  | rCorr}
191565 | Zig:8    | Identified the +9 quarterstaff of Yredelemnul, Singing
                  | {flame, Stlth+}
191567 | Zig:8    | Identified the +4 short sword "Aremm" {spect, rPois rN+
                  | SInv}
191587 | Zig:8    | Noticed a seraph
191589 | Zig:8    | Killed a seraph
191595 | Zig:9    | Entered Level 9 of a ziggurat
191595 | Zig:9    | Noticed a royal mummy
191595 | Zig:9    | Noticed a royal mummy
191595 | Zig:9    | Noticed a royal mummy
191595 | Zig:9    | Noticed a royal mummy
191595 | Zig:9    | Noticed a royal mummy
191595 | Zig:9    | Noticed a royal mummy
191595 | Zig:9    | Noticed a royal mummy
191595 | Zig:9    | Noticed a royal mummy
191595 | Zig:9    | Noticed a royal mummy
191595 | Zig:9    | Noticed a royal mummy
191595 | Zig:9    | Noticed a royal mummy
191596 | Zig:9    | Killed a royal mummy
191596 | Zig:9    | Killed a royal mummy
191596 | Zig:9    | Killed a royal mummy
191596 | Zig:9    | Killed a royal mummy
191596 | Zig:9    | Killed a royal mummy
191596 | Zig:9    | Killed a royal mummy
191596 | Zig:9    | Killed a royal mummy
191596 | Zig:9    | Killed a royal mummy
191596 | Zig:9    | Killed a royal mummy
191596 | Zig:9    | Killed a royal mummy
191596 | Zig:9    | Noticed a royal mummy
191599 | Zig:9    | Noticed a royal mummy
191599 | Zig:9    | Noticed a royal mummy
191599 | Zig:9    | Noticed a royal mummy
191600 | Zig:9    | Killed a royal mummy
191600 | Zig:9    | Killed a royal mummy
191600 | Zig:9    | Killed a royal mummy
191602 | Zig:9    | Noticed a royal mummy
191604 | Zig:9    | Noticed a royal mummy
191606 | Zig:9    | Killed a royal mummy
191606 | Zig:9    | Killed a royal mummy
191606 | Zig:9    | Noticed a royal mummy
191606 | Zig:9    | Noticed a royal mummy
191608 | Zig:9    | Killed a royal mummy
191608 | Zig:9    | Killed a royal mummy
191609 | Zig:9    | Noticed a royal mummy
191610 | Zig:9    | Killed a royal mummy
191611 | Zig:9    | Killed a royal mummy
191612 | Zig:9    | Noticed Puvaw the pandemonium lord
191612 | Zig:9    | Killed a royal mummy
191616 | Zig:9    | Killed Puvaw the pandemonium lord
191632 | Zig:9    | Identified the +9 demon trident of the Grinning Gnat {pain,
                  | rF- rC+ Str+2}
191633 | Zig:9    | Identified the +3 lajatang of the Wizarding Gods {drain,
                  | rElec}
191635 | Zig:9    | Identified the +12 glaive "Ytoila" {drain, rPois Stlth+}
191637 | Zig:9    | Identified the ring of Xom's Scorn {*Slow rF+ rC+ EV+5
                  | Int+4}
191647 | Zig:9    | Identified the +4 leather armour of Noon {Str+2 Int+6}
191715 | Zig:10   | Entered Level 10 of a ziggurat
191742 | Zig:10   | Killed Xaeniof the pandemonium lord
191772 | Zig:10   | Identified the amulet of Uskayaw's Supremacy {RegenMP rF+
                  | Slay-4 SInv}
191776 | Zig:10   | Identified the +8 ring mail "Fubaul" {Dex+5 Stlth+}
191777 | Zig:10   | Identified the +5 chain mail of Defence {rElec rCorr Str+4}
191785 | Zig:11   | Entered Level 11 of a ziggurat
191848 | Zig:11   | Identified the +7 trident of Compassion {freeze, Stlth+}
191849 | Zig:11   | Identified the +1 leather armour of Articulation {Str+5}
191850 | Zig:11   | Identified the ring "Jaitsut" {rElec rF+ rC+ AC+4 Str-5}
191918 | Zig:11   | Noticed Zoxurrehin the pandemonium lord
191921 | Zig:11   | Killed Zoxurrehin the pandemonium lord
191953 | Zig:11   | Learned a level 9 spell: Dragon's Call
191957 | Zig:12   | Entered Level 12 of a ziggurat
191986 | Zig:12   | Identified the +8 plate armour "Arygauhi" {-Tele rF+ Dex+2}
192012 | Zig:12   | Identified the ring "Sutroopo" {rN+ EV+5 Dex+2}
192029 | Zig:13   | Entered Level 13 of a ziggurat
192044 | Zig:13   | Paralysed by a wendigo for 1 turns
192067 | Zig:13   | Identified the +2 ice dragon scales of Refuge {rF- rC++
                  | Int+4 Slay-3 Stlth+}
192070 | Zig:13   | Identified the amulet "Ebounomn" {Acrobat rElec rF+ rN+}
192074 | Zig:13   | Identified the amulet of Starshine {Faith Dex+2}
192082 | Zig:13   | Identified the amulet "Desyjodgh" {Acrobat Str+3 Slay+5}
192088 | Zig:13   | Identified the +3 trident of Flawed Execution {venom, rN++}
192113 | Zig:14   | Entered Level 14 of a ziggurat
192115 | Zig:14   | Paralysed by accursed screaming for 2 turns
192119 | Zig:14   | Noticed an ancient lich
192119 | Zig:14   | Killed an ancient lich
192141 | Zig:14   | Noticed a dread lich
192145 | Zig:14   | Killed a dread lich
192185 | Zig:14   | Identified the +2 scimitar of Attainder {protect, Fly rF+
                  | Str+3}
192187 | Zig:14   | Identified the ring "Leafygg" {*Corrode Str+6 Dex+4 SInv}
192199 | Zig:15   | Entered Level 15 of a ziggurat
192249 | Zig:15   | Identified the +2 trident of Rostroin {drain, rF+ rN+
                  | Int+2}
192279 | Zig:15   | Identified the +0 pearl dragon scales "Gainwir" {rN+ rCorr
                  | Int+4}
192290 | Zig:16   | Entered Level 16 of a ziggurat
192346 | Zig:16   | Identified the +2 robe "Dyjutet" {Harm rC+ Regen+}
192347 | Zig:16   | Identified the +0 ring mail of Zimeam {Slay+6}
192351 | Zig:16   | Identified the ring "Bokilel" {rN+ rCorr SInv}
192354 | Zig:16   | Identified the +3 trident "Duxt" {elec, rElec}
192355 | Zig:16   | Identified the +5 arbalest "Ript" {elec, rC+ rN+ Will+
                  | Str+2 Dex-5}
192359 | Zig:16   | Identified the +1 pair of boots of the Tormentor {Str+5}
192362 | Zig:16   | Identified the ring of Lugonu's Supremacy {rPois rF+ rCorr
                  | Dex-2 SInv}
192365 | Zig:16   | Identified the +3 leather armour of Miryan {rElec rN+ Will+
                  | Dex-2}
192539 | Zig:17   | Entered Level 17 of a ziggurat
192542 | Zig:17   | Noticed Paxtanwa the pandemonium lord
192542 | Zig:17   | Noticed Ilothem the pandemonium lord
192542 | Zig:17   | Noticed Isegedya the pandemonium lord
192543 | Zig:17   | Noticed Guontun the pandemonium lord
192543 | Zig:17   | Noticed Momiul the pandemonium lord
192543 | Zig:17   | Noticed Fohest the pandemonium lord
192544 | Zig:17   | Noticed Qakh the pandemonium lord
192544 | Zig:17   | Noticed Erhov the pandemonium lord
192544 | Zig:17   | Noticed Zegaur the pandemonium lord
192544 | Zig:17   | Noticed Wiuthro the pandemonium lord
192544 | Zig:17   | Noticed Viafih the pandemonium lord
192544 | Zig:17   | Noticed Hifitocu the pandemonium lord
192545 | Zig:17   | Noticed Xeonnon the pandemonium lord
192545 | Zig:17   | Noticed Caisonun the pandemonium lord
192545 | Zig:17   | Noticed Kiofiem the pandemonium lord
192546 | Zig:17   | Noticed Osmile the pandemonium lord
192546 | Zig:17   | Noticed Fellimic the pandemonium lord
192546 | Zig:17   | Noticed Boliowiu the pandemonium lord
192546 | Zig:17   | Noticed Yrowk the pandemonium lord
192549 | Zig:17   | Noticed Jagriden the pandemonium lord
192549 | Zig:17   | Killed Viafih the pandemonium lord
192549 | Zig:17   | Noticed Huleob the pandemonium lord
192549 | Zig:17   | Killed Zegaur the pandemonium lord
192549 | Zig:17   | Killed Paxtanwa the pandemonium lord
192549 | Zig:17   | Noticed Owushet the pandemonium lord
192549 | Zig:17   | Noticed Riskam the pandemonium lord
192549 | Zig:17   | Noticed Plog the pandemonium lord
192550 | Zig:17   | Noticed Rotoq the pandemonium lord
192550 | Zig:17   | Noticed Liomump the pandemonium lord
192550 | Zig:17   | Killed Fohest the pandemonium lord
192550 | Zig:17   | Killed Momiul the pandemonium lord
192550 | Zig:17   | Killed Hifitocu the pandemonium lord
192550 | Zig:17   | Noticed Zerchesu the pandemonium lord
192550 | Zig:17   | Noticed Tofoesk the pandemonium lord
192550 | Zig:17   | Noticed Lobocoim the pandemonium lord
192551 | Zig:17   | Killed Guontun the pandemonium lord
192551 | Zig:17   | Killed Erhov the pandemonium lord
192551 | Zig:17   | Killed Isegedya the pandemonium lord
192551 | Zig:17   | Noticed Naedesism the pandemonium lord
192552 | Zig:17   | Noticed Ruarr the pandemonium lord
192554 | Zig:17   | Killed Osmile the pandemonium lord
192554 | Zig:17   | Killed Kiofiem the pandemonium lord
192554 | Zig:17   | Killed Fellimic the pandemonium lord
192557 | Zig:17   | Killed Qakh the pandemonium lord
192557 | Zig:17   | Killed Yrowk the pandemonium lord
192557 | Zig:17   | Killed Ilothem the pandemonium lord
192557 | Zig:17   | Killed Boliowiu the pandemonium lord
192558 | Zig:17   | Killed Owushet the pandemonium lord
192558 | Zig:17   | Killed Caisonun the pandemonium lord
192558 | Zig:17   | Killed Huleob the pandemonium lord
192559 | Zig:17   | Noticed Arugo Imy the pandemonium lord
192559 | Zig:17   | Killed Plog the pandemonium lord
192559 | Zig:17   | Killed Ruarr the pandemonium lord
192559 | Zig:17   | Killed Jagriden the pandemonium lord
192559 | Zig:17   | Killed Zerchesu the pandemonium lord
192560 | Zig:17   | Killed Liomump the pandemonium lord
192560 | Zig:17   | Killed Riskam the pandemonium lord
192560 | Zig:17   | Killed Wiuthro the pandemonium lord
192560 | Zig:17   | Noticed Hicugugept the pandemonium lord
192560 | Zig:17   | Noticed Copatwubb the pandemonium lord
192561 | Zig:17   | Noticed Worode the pandemonium lord
192562 | Zig:17   | Killed Tofoesk the pandemonium lord
192562 | Zig:17   | Noticed Toabiet the pandemonium lord
192562 | Zig:17   | Noticed Pizouc the pandemonium lord
192563 | Zig:17   | Noticed Mynywak the pandemonium lord
192563 | Zig:17   | Killed Naedesism the pandemonium lord
192563 | Zig:17   | Killed Rotoq the pandemonium lord
192563 | Zig:17   | Killed Copatwubb the pandemonium lord
192564 | Zig:17   | Killed Arugo Imy the pandemonium lord
192564 | Zig:17   | Noticed Facaatech the pandemonium lord
192564 | Zig:17   | Noticed Kaot the pandemonium lord
192564 | Zig:17   | Noticed Ocuoddin the pandemonium lord
192566 | Zig:17   | Killed Worode the pandemonium lord
192567 | Zig:17   | Noticed Juabad the pandemonium lord
192567 | Zig:17   | Killed Ocuoddin the pandemonium lord
192567 | Zig:17   | Noticed Esor the pandemonium lord
192567 | Zig:17   | Noticed Ahec the pandemonium lord
192568 | Zig:17   | Noticed Jilukiw the pandemonium lord
192568 | Zig:17   | Killed Hicugugept the pandemonium lord
192568 | Zig:17   | Noticed Dimnet the pandemonium lord
192568 | Zig:17   | Noticed Ceofuc the pandemonium lord
192569 | Zig:17   | Noticed Joth the pandemonium lord
192569 | Zig:17   | Noticed Mozig the pandemonium lord
192570 | Zig:17   | Killed Xeonnon the pandemonium lord
192570 | Zig:17   | Killed Ceofuc the pandemonium lord
192571 | Zig:17   | Noticed Esistrypn the pandemonium lord
192571 | Zig:17   | Noticed an ancient lich
192571 | Zig:17   | Killed Pizouc the pandemonium lord
192571 | Zig:17   | Killed Mynywak the pandemonium lord
192571 | Zig:17   | Noticed Limnashi the pandemonium lord
192571 | Zig:17   | Noticed Jeamyotohi the pandemonium lord
192571 | Zig:17   | Noticed Bipt the pandemonium lord
192571 | Zig:17   | Noticed Xaevefueho the pandemonium lord
192572 | Zig:17   | Killed an ancient lich
192572 | Zig:17   | Killed Jilukiw the pandemonium lord
192572 | Zig:17   | Killed Toabiet the pandemonium lord
192572 | Zig:17   | Killed Ahec the pandemonium lord
192572 | Zig:17   | Killed Facaatech the pandemonium lord
192572 | Zig:17   | Noticed War Kar the pandemonium lord
192573 | Zig:17   | Killed Esistrypn the pandemonium lord
192573 | Zig:17   | Killed Joth the pandemonium lord
192573 | Zig:17   | Killed Xaevefueho the pandemonium lord
192573 | Zig:17   | Killed Kaot the pandemonium lord
192573 | Zig:17   | Noticed Ecwib the pandemonium lord
192573 | Zig:17   | Noticed Aboghasm the pandemonium lord
192574 | Zig:17   | Noticed Ala Wal the pandemonium lord
192575 | Zig:17   | Noticed Doeffadi the pandemonium lord
192575 | Zig:17   | Killed Mozig the pandemonium lord
192576 | Zig:17   | Killed Lobocoim the pandemonium lord
192576 | Zig:17   | Killed Ala Wal the pandemonium lord
192576 | Zig:17   | Noticed Fenwusy the pandemonium lord
192577 | Zig:17   | Killed Juabad the pandemonium lord
192577 | Zig:17   | Killed Esor the pandemonium lord
192577 | Zig:17   | Killed Dimnet the pandemonium lord
192577 | Zig:17   | Killed Ecwib the pandemonium lord
192577 | Zig:17   | Noticed Oseiduth the pandemonium lord
192579 | Zig:17   | Noticed Nuhu the pandemonium lord
192579 | Zig:17   | Noticed Tuojo the pandemonium lord
192580 | Zig:17   | Killed Jeamyotohi the pandemonium lord
192580 | Zig:17   | Killed Aboghasm the pandemonium lord
192580 | Zig:17   | Killed War Kar the pandemonium lord
192580 | Zig:17   | Killed Limnashi the pandemonium lord
192580 | Zig:17   | Killed Oseiduth the pandemonium lord
192580 | Zig:17   | Noticed Rebraxal the pandemonium lord
192581 | Zig:17   | Noticed Dyomas the pandemonium lord
192581 | Zig:17   | Noticed Istrig the pandemonium lord
192581 | Zig:17   | Noticed Ynisypu the pandemonium lord
192581 | Zig:17   | Noticed Onopt the pandemonium lord
192581 | Zig:17   | Killed Bipt the pandemonium lord
192581 | Zig:17   | Noticed Kismoiti the pandemonium lord
192582 | Zig:17   | Killed Doeffadi the pandemonium lord
192583 | Zig:17   | Noticed Ganech the pandemonium lord
192583 | Zig:17   | Noticed Ikian the pandemonium lord
192583 | Zig:17   | Noticed Gubutwufim the pandemonium lord
192583 | Zig:17   | Noticed Feegauth the pandemonium lord
192584 | Zig:17   | Killed Nuhu the pandemonium lord
192584 | Zig:17   | Killed Gubutwufim the pandemonium lord
192586 | Zig:17   | Killed Ynisypu the pandemonium lord
192586 | Zig:17   | Killed Ganech the pandemonium lord
192586 | Zig:17   | Killed Feegauth the pandemonium lord
192586 | Zig:17   | Killed Dyomas the pandemonium lord
192587 | Zig:17   | Killed Fenwusy the pandemonium lord
192587 | Zig:17   | Killed Kismoiti the pandemonium lord
192587 | Zig:17   | Killed Tuojo the pandemonium lord
192587 | Zig:17   | Killed Istrig the pandemonium lord
192587 | Zig:17   | Noticed Kohahape the pandemonium lord
192588 | Zig:17   | Noticed Ceh Jiq the pandemonium lord
192589 | Zig:17   | Killed Onopt the pandemonium lord
192589 | Zig:17   | Killed Rebraxal the pandemonium lord
192589 | Zig:17   | Noticed Janenud the pandemonium lord
192590 | Zig:17   | Killed Ikian the pandemonium lord
192590 | Zig:17   | Noticed Seiceim the pandemonium lord
192591 | Zig:17   | Noticed Akikazeg the pandemonium lord
192591 | Zig:17   | Noticed Fiwoh the pandemonium lord
192591 | Zig:17   | Killed Kohahape the pandemonium lord
192592 | Zig:17   | Killed Ceh Jiq the pandemonium lord
192593 | Zig:17   | Noticed Xanitar the pandemonium lord
192594 | Zig:17   | Killed Seiceim the pandemonium lord
192594 | Zig:17   | Killed Akikazeg the pandemonium lord
192594 | Zig:17   | Killed Fiwoh the pandemonium lord
192596 | Zig:17   | Killed Janenud the pandemonium lord
192601 | Zig:17   | Killed Xanitar the pandemonium lord
192607 | Zig:17   | Noticed Zeesys the pandemonium lord
192609 | Zig:17   | Noticed Arhuil the pandemonium lord
192614 | Zig:17   | Killed Zeesys the pandemonium lord
192614 | Zig:17   | Killed Arhuil the pandemonium lord
192638 | Zig:17   | Identified the ring of Lugonu's Inspiration {rCorr Str-2
                  | Int+7 Dex+3}
192650 | Zig:18   | Entered Level 18 of a ziggurat
192716 | Zig:18   | Identified the ring of Harmony {rElec rPois Int+4 Slay-5}
192720 | Zig:18   | Identified the ring of Bayh {rC+ rCorr}
192724 | Zig:18   | Identified the +8 war axe "Pendulum" {heavy, +Blink rCorr
                  | Dex-4 Stlth+}
192730 | Zig:19   | Entered Level 19 of a ziggurat
192789 | Zig:19   | Killed a starcursed mass
192855 | Zig:19   | Identified the +9 quarterstaff of Dehuocw {holy, Fly rF+
                  | MP+9 Stlth-}
192856 | Zig:19   | Identified the +8 glaive of Prudence {protect, rF- Str+7}
192868 | Zig:19   | Identified the +0 spear of Itadwad {heavy, rF+ Int+4}
192869 | Zig:19   | Identified the +1 leather armour of Lifelessness {rN+
                  | Dex+5}
192882 | Zig:20   | Entered Level 20 of a ziggurat
192890 | Zig:20   | Noticed a juggernaut
192890 | Zig:20   | Noticed a juggernaut
192890 | Zig:20   | Noticed a juggernaut
192891 | Zig:20   | Noticed a juggernaut
192892 | Zig:20   | Noticed a juggernaut
192892 | Zig:20   | Noticed a juggernaut
192893 | Zig:20   | Noticed a juggernaut
192893 | Zig:20   | Killed a juggernaut
192893 | Zig:20   | Killed a juggernaut
192893 | Zig:20   | Noticed a juggernaut
192893 | Zig:20   | Noticed a juggernaut
192893 | Zig:20   | Noticed a juggernaut
192893 | Zig:20   | Noticed a juggernaut
192894 | Zig:20   | Killed a juggernaut
192894 | Zig:20   | Killed a juggernaut
192894 | Zig:20   | Killed a juggernaut
192894 | Zig:20   | Noticed a juggernaut
192894 | Zig:20   | Noticed a juggernaut
192894 | Zig:20   | Noticed a juggernaut
192894 | Zig:20   | Noticed a juggernaut
192894 | Zig:20   | Noticed a juggernaut
192895 | Zig:20   | Killed a juggernaut
192895 | Zig:20   | Killed a juggernaut
192895 | Zig:20   | Killed a juggernaut
192895 | Zig:20   | Killed a juggernaut
192895 | Zig:20   | Killed a juggernaut
192896 | Zig:20   | Noticed a juggernaut
192896 | Zig:20   | Noticed a juggernaut
192896 | Zig:20   | Noticed a juggernaut
192896 | Zig:20   | Noticed a juggernaut
192897 | Zig:20   | Noticed a juggernaut
192897 | Zig:20   | Noticed a juggernaut
192897 | Zig:20   | Noticed a juggernaut
192897 | Zig:20   | Killed a juggernaut
192897 | Zig:20   | Killed a juggernaut
192897 | Zig:20   | Killed a juggernaut
192898 | Zig:20   | Noticed a juggernaut
192898 | Zig:20   | Killed a juggernaut
192898 | Zig:20   | Killed a juggernaut
192898 | Zig:20   | Killed a juggernaut
192898 | Zig:20   | Killed a juggernaut
192898 | Zig:20   | Killed a juggernaut
192898 | Zig:20   | Killed a juggernaut
192898 | Zig:20   | Killed a juggernaut
192898 | Zig:20   | Noticed a juggernaut
192899 | Zig:20   | Killed a juggernaut
192899 | Zig:20   | Killed a juggernaut
192899 | Zig:20   | Noticed a juggernaut
192900 | Zig:20   | Noticed a juggernaut
192900 | Zig:20   | Noticed a juggernaut
192900 | Zig:20   | Noticed a juggernaut
192901 | Zig:20   | Noticed a juggernaut
192901 | Zig:20   | Killed a juggernaut
192901 | Zig:20   | Killed a juggernaut
192901 | Zig:20   | Killed a juggernaut
192901 | Zig:20   | Noticed a juggernaut
192901 | Zig:20   | Noticed a juggernaut
192902 | Zig:20   | Killed a juggernaut
192902 | Zig:20   | Killed a juggernaut
192902 | Zig:20   | Noticed a juggernaut
192902 | Zig:20   | Noticed a juggernaut
192903 | Zig:20   | Killed a juggernaut
192903 | Zig:20   | Killed a juggernaut
192903 | Zig:20   | Killed a juggernaut
192903 | Zig:20   | Killed a juggernaut
192903 | Zig:20   | Noticed a juggernaut
192904 | Zig:20   | Killed a juggernaut
192904 | Zig:20   | Killed a juggernaut
192904 | Zig:20   | Noticed a juggernaut
192904 | Zig:20   | Noticed a juggernaut
192904 | Zig:20   | Noticed a juggernaut
192905 | Zig:20   | Noticed a juggernaut
192906 | Zig:20   | Noticed a juggernaut
192906 | Zig:20   | Killed a juggernaut
192906 | Zig:20   | Noticed a juggernaut
192907 | Zig:20   | Killed a juggernaut
192907 | Zig:20   | Killed a juggernaut
192907 | Zig:20   | Killed a juggernaut
192907 | Zig:20   | Killed a juggernaut
192907 | Zig:20   | Noticed a juggernaut
192907 | Zig:20   | Noticed a juggernaut
192907 | Zig:20   | Noticed a juggernaut
192908 | Zig:20   | Killed a juggernaut
192908 | Zig:20   | Killed a juggernaut
192908 | Zig:20   | Noticed a juggernaut
192909 | Zig:20   | Noticed a juggernaut
192909 | Zig:20   | Noticed a juggernaut
192909 | Zig:20   | Noticed a juggernaut
192910 | Zig:20   | Noticed a juggernaut
192910 | Zig:20   | Killed a juggernaut
192910 | Zig:20   | Killed a juggernaut
192910 | Zig:20   | Noticed a juggernaut
192911 | Zig:20   | Killed a juggernaut
192911 | Zig:20   | Killed a juggernaut
192911 | Zig:20   | Killed a juggernaut
192911 | Zig:20   | Killed a juggernaut
192911 | Zig:20   | Noticed a juggernaut
192912 | Zig:20   | Killed a juggernaut
192912 | Zig:20   | Killed a juggernaut
192912 | Zig:20   | Killed a juggernaut
192912 | Zig:20   | Killed a juggernaut
192915 | Zig:20   | Noticed a juggernaut
192915 | Zig:20   | Killed a juggernaut
192918 | Zig:20   | Killed a juggernaut
192934 | Zig:20   | Found the +7 Kryia's mail coat {PotionHeal*2 rC+}
192936 | Zig:20   | Identified the ring "Fexketahe" {rCorr Str+2 Int-4 Dex+2
                  | SInv}
192938 | Zig:20   | Identified the amulet "Vell" {Faith Regen+}
192961 | Zig:20   | Identified the +1 battleaxe of the Ring {flame, MP+9 Str+2
                  | Int+2}
192970 | Zig:20   | Identified the ring of Boquat {rCorr EV+5}
192973 | Zig:20   | Identified the ring "Ikhluapemp" {rPois rN+ Dex+4 Slay+4}
192989 | Zig:21   | Entered Level 21 of a ziggurat
193035 | Zig:21   | Noticed Adum the pandemonium lord
193038 | Zig:21   | Killed Adum the pandemonium lord
193103 | Zig:21   | Identified the +10 morningstar of Saikkos {protect, Will+
                  | Str+2}
193112 | Zig:21   | Identified the ring of Dithmenos's Hatred {rC+ Will+ Dex+2}
193117 | Zig:21   | Noticed Raskil the pandemonium lord
193122 | Zig:21   | Killed Raskil the pandemonium lord
193159 | Zig:22   | Entered Level 22 of a ziggurat
193159 | Zig:22   | Noticed a juggernaut
193159 | Zig:22   | Noticed a juggernaut
193159 | Zig:22   | Noticed a juggernaut
193160 | Zig:22   | Noticed a juggernaut
193160 | Zig:22   | Noticed a juggernaut
193160 | Zig:22   | Noticed a juggernaut
193163 | Zig:22   | Killed a juggernaut
193163 | Zig:22   | Killed a juggernaut
193163 | Zig:22   | Killed a juggernaut
193163 | Zig:22   | Killed a juggernaut
193163 | Zig:22   | Killed a juggernaut
193163 | Zig:22   | Noticed a juggernaut
193164 | Zig:22   | Noticed a juggernaut
193164 | Zig:22   | Noticed a juggernaut
193165 | Zig:22   | Noticed a juggernaut
193167 | Zig:22   | Noticed a juggernaut
193167 | Zig:22   | Killed a juggernaut
193167 | Zig:22   | Killed a juggernaut
193167 | Zig:22   | Killed a juggernaut
193167 | Zig:22   | Killed a juggernaut
193168 | Zig:22   | Noticed a juggernaut
193168 | Zig:22   | Noticed a juggernaut
193168 | Zig:22   | Noticed a juggernaut
193169 | Zig:22   | Killed a juggernaut
193169 | Zig:22   | Noticed a juggernaut
193170 | Zig:22   | Noticed a juggernaut
193171 | Zig:22   | Killed a juggernaut
193171 | Zig:22   | Noticed a juggernaut
193172 | Zig:22   | Noticed a juggernaut
193172 | Zig:22   | Noticed a juggernaut
193173 | Zig:22   | Noticed a juggernaut
193173 | Zig:22   | Killed a juggernaut
193173 | Zig:22   | Killed a juggernaut
193173 | Zig:22   | Killed a juggernaut
193173 | Zig:22   | Killed a juggernaut
193173 | Zig:22   | Noticed a juggernaut
193174 | Zig:22   | Noticed a juggernaut
193174 | Zig:22   | Noticed a juggernaut
193176 | Zig:22   | Noticed a juggernaut
193176 | Zig:22   | Noticed a juggernaut
193177 | Zig:22   | Killed a juggernaut
193177 | Zig:22   | Killed a juggernaut
193177 | Zig:22   | Killed a juggernaut
193177 | Zig:22   | Noticed a juggernaut
193178 | Zig:22   | Noticed a juggernaut
193179 | Zig:22   | Killed a juggernaut
193179 | Zig:22   | Killed a juggernaut
193179 | Zig:22   | Killed a juggernaut
193179 | Zig:22   | Killed a juggernaut
193179 | Zig:22   | Killed a juggernaut
193179 | Zig:22   | Killed a juggernaut
193180 | Zig:22   | Noticed a juggernaut
193180 | Zig:22   | Noticed a juggernaut
193181 | Zig:22   | Killed a juggernaut
193181 | Zig:22   | Killed a juggernaut
193181 | Zig:22   | Noticed a juggernaut
193181 | Zig:22   | Noticed a juggernaut
193182 | Zig:22   | Killed a juggernaut
193183 | Zig:22   | Noticed a juggernaut
193184 | Zig:22   | Killed a juggernaut
193184 | Zig:22   | Killed a juggernaut
193184 | Zig:22   | Killed a juggernaut
193184 | Zig:22   | Killed a juggernaut
193185 | Zig:22   | Noticed a juggernaut
193187 | Zig:22   | Noticed a juggernaut
193188 | Zig:22   | Killed a juggernaut
193188 | Zig:22   | Killed a juggernaut
193189 | Zig:22   | Noticed a juggernaut
193189 | Zig:22   | Noticed a juggernaut
193190 | Zig:22   | Killed a juggernaut
193191 | Zig:22   | Noticed a juggernaut
193192 | Zig:22   | Killed a juggernaut
193192 | Zig:22   | Killed a juggernaut
193192 | Zig:22   | Noticed a juggernaut
193193 | Zig:22   | Noticed a juggernaut
193193 | Zig:22   | Noticed a juggernaut
193194 | Zig:22   | Killed a juggernaut
193196 | Zig:22   | Killed a juggernaut
193196 | Zig:22   | Noticed a juggernaut
193198 | Zig:22   | Killed a juggernaut
193198 | Zig:22   | Killed a juggernaut
193200 | Zig:22   | Killed a juggernaut
193215 | Zig:22   | Identified the +5 long sword of Impatience {flame, Fragile
                  | rPois rCorr}
193239 | Zig:22   | Identified the +6 falchion "Baigru" {pain, rN+ Int+2 Dex+5}
193245 | Zig:22   | Noticed Zoramuuph the pandemonium lord
193250 | Zig:22   | Killed Zoramuuph the pandemonium lord
193259 | Zig:23   | Entered Level 23 of a ziggurat
193259 | Zig:23   | Noticed a royal mummy
193259 | Zig:23   | Noticed a royal mummy
193259 | Zig:23   | Noticed a royal mummy
193259 | Zig:23   | Noticed a royal mummy
193259 | Zig:23   | Noticed a royal mummy
193259 | Zig:23   | Noticed a royal mummy
193259 | Zig:23   | Noticed a royal mummy
193259 | Zig:23   | Noticed a royal mummy
193259 | Zig:23   | Noticed a royal mummy
193259 | Zig:23   | Noticed a royal mummy
193259 | Zig:23   | Noticed a royal mummy
193259 | Zig:23   | Noticed a royal mummy
193259 | Zig:23   | Noticed a royal mummy
193259 | Zig:23   | Noticed a royal mummy
193259 | Zig:23   | Noticed a royal mummy
193259 | Zig:23   | Noticed a royal mummy
193259 | Zig:23   | Noticed a royal mummy
193262 | Zig:23   | Noticed a royal mummy
193262 | Zig:23   | Noticed a royal mummy
193262 | Zig:23   | Noticed a royal mummy
193263 | Zig:23   | Killed a royal mummy
193263 | Zig:23   | Killed a royal mummy
193263 | Zig:23   | Killed a royal mummy
193263 | Zig:23   | Killed a royal mummy
193263 | Zig:23   | Killed a royal mummy
193263 | Zig:23   | Killed a royal mummy
193263 | Zig:23   | Killed a royal mummy
193263 | Zig:23   | Killed a royal mummy
193265 | Zig:23   | Killed a royal mummy
193265 | Zig:23   | Killed a royal mummy
193265 | Zig:23   | Killed a royal mummy
193265 | Zig:23   | Killed a royal mummy
193265 | Zig:23   | Killed a royal mummy
193265 | Zig:23   | Killed a royal mummy
193265 | Zig:23   | Killed a royal mummy
193265 | Zig:23   | Killed a royal mummy
193265 | Zig:23   | Killed a royal mummy
193265 | Zig:23   | Killed a royal mummy
193265 | Zig:23   | Killed a royal mummy
193265 | Zig:23   | Noticed a royal mummy
193265 | Zig:23   | Noticed a royal mummy
193266 | Zig:23   | Noticed a royal mummy
193266 | Zig:23   | Noticed a royal mummy
193268 | Zig:23   | Killed a royal mummy
193268 | Zig:23   | Killed a royal mummy
193268 | Zig:23   | Killed a royal mummy
193268 | Zig:23   | Noticed a royal mummy
193270 | Zig:23   | Killed a royal mummy
193270 | Zig:23   | Killed a royal mummy
193270 | Zig:23   | Noticed a royal mummy
193272 | Zig:23   | Killed a royal mummy
193272 | Zig:23   | Killed a royal mummy
193273 | Zig:23   | Noticed a royal mummy
193274 | Zig:23   | Noticed a royal mummy
193275 | Zig:23   | Noticed a royal mummy
193275 | Zig:23   | Noticed a royal mummy
193275 | Zig:23   | Noticed a royal mummy
193276 | Zig:23   | Noticed a royal mummy
193278 | Zig:23   | Noticed a royal mummy
193278 | Zig:23   | Noticed a royal mummy
193278 | Zig:23   | Noticed a royal mummy
193278 | Zig:23   | Noticed a royal mummy
193279 | Zig:23   | Noticed a royal mummy
193281 | Zig:23   | Killed a royal mummy
193281 | Zig:23   | Killed a royal mummy
193281 | Zig:23   | Killed a royal mummy
193281 | Zig:23   | Killed a royal mummy
193281 | Zig:23   | Killed a royal mummy
193281 | Zig:23   | Killed a royal mummy
193281 | Zig:23   | Killed a royal mummy
193281 | Zig:23   | Killed a royal mummy
193281 | Zig:23   | Killed a royal mummy
193281 | Zig:23   | Killed a royal mummy
193281 | Zig:23   | Noticed a royal mummy
193281 | Zig:23   | Noticed a royal mummy
193282 | Zig:23   | Noticed a royal mummy
193282 | Zig:23   | Noticed a royal mummy
193282 | Zig:23   | Noticed a royal mummy
193283 | Zig:23   | Noticed a royal mummy
193283 | Zig:23   | Noticed a royal mummy
193283 | Zig:23   | Noticed a royal mummy
193284 | Zig:23   | Noticed a royal mummy
193285 | Zig:23   | Noticed a royal mummy
193285 | Zig:23   | Noticed a royal mummy
193285 | Zig:23   | Noticed a royal mummy
193285 | Zig:23   | Noticed a royal mummy
193285 | Zig:23   | Noticed a royal mummy
193285 | Zig:23   | Noticed a royal mummy
193286 | Zig:23   | Noticed a royal mummy
193286 | Zig:23   | Noticed a royal mummy
193286 | Zig:23   | Noticed a royal mummy
193286 | Zig:23   | Noticed a royal mummy
193287 | Zig:23   | Noticed a royal mummy
193287 | Zig:23   | Noticed a royal mummy
193287 | Zig:23   | Noticed a royal mummy
193288 | Zig:23   | Noticed a royal mummy
193288 | Zig:23   | Noticed a royal mummy
193288 | Zig:23   | Noticed a royal mummy
193288 | Zig:23   | Noticed a royal mummy
193288 | Zig:23   | Noticed a royal mummy
193288 | Zig:23   | Noticed a royal mummy
193288 | Zig:23   | Noticed a royal mummy
193288 | Zig:23   | Noticed a royal mummy
193289 | Zig:23   | Killed a royal mummy
193289 | Zig:23   | Noticed a royal mummy
193289 | Zig:23   | Noticed a royal mummy
193289 | Zig:23   | Noticed a royal mummy
193290 | Zig:23   | Killed a royal mummy
193290 | Zig:23   | Killed a royal mummy
193290 | Zig:23   | Killed a royal mummy
193290 | Zig:23   | Killed a royal mummy
193290 | Zig:23   | Killed a royal mummy
193290 | Zig:23   | Killed a royal mummy
193290 | Zig:23   | Killed a royal mummy
193290 | Zig:23   | Killed a royal mummy
193290 | Zig:23   | Killed a royal mummy
193290 | Zig:23   | Killed a royal mummy
193290 | Zig:23   | Killed a royal mummy
193290 | Zig:23   | Killed a royal mummy
193290 | Zig:23   | Killed a royal mummy
193290 | Zig:23   | Killed a royal mummy
193290 | Zig:23   | Killed a royal mummy
193290 | Zig:23   | Noticed a royal mummy
193290 | Zig:23   | Noticed a royal mummy
193291 | Zig:23   | Killed a royal mummy
193291 | Zig:23   | Killed a royal mummy
193291 | Zig:23   | Killed a royal mummy
193291 | Zig:23   | Killed a royal mummy
193291 | Zig:23   | Killed a royal mummy
193291 | Zig:23   | Killed a royal mummy
193291 | Zig:23   | Killed a royal mummy
193291 | Zig:23   | Killed a royal mummy
193291 | Zig:23   | Killed a royal mummy
193291 | Zig:23   | Killed a royal mummy
193291 | Zig:23   | Killed a royal mummy
193291 | Zig:23   | Killed a royal mummy
193291 | Zig:23   | Killed a royal mummy
193291 | Zig:23   | Noticed a royal mummy
193292 | Zig:23   | Killed a royal mummy
193292 | Zig:23   | Killed a royal mummy
193292 | Zig:23   | Killed a royal mummy
193292 | Zig:23   | Killed a royal mummy
193292 | Zig:23   | Killed a royal mummy
193293 | Zig:23   | Killed a royal mummy
193293 | Zig:23   | Killed a royal mummy
193293 | Zig:23   | Noticed a royal mummy
193293 | Zig:23   | Noticed a royal mummy
193294 | Zig:23   | Killed a royal mummy
193294 | Zig:23   | Noticed a royal mummy
193294 | Zig:23   | Noticed a royal mummy
193295 | Zig:23   | Killed a royal mummy
193295 | Zig:23   | Killed a royal mummy
193295 | Zig:23   | Noticed a royal mummy
193296 | Zig:23   | Killed a royal mummy
193297 | Zig:23   | Killed a royal mummy
193297 | Zig:23   | Noticed a royal mummy
193297 | Zig:23   | Noticed a royal mummy
193298 | Zig:23   | Killed a royal mummy
193298 | Zig:23   | Noticed a royal mummy
193298 | Zig:23   | Noticed a royal mummy
193299 | Zig:23   | Killed a royal mummy
193299 | Zig:23   | Noticed a royal mummy
193299 | Zig:23   | Noticed a royal mummy
193300 | Zig:23   | Killed a royal mummy
193300 | Zig:23   | Killed a royal mummy
193300 | Zig:23   | Noticed a royal mummy
193301 | Zig:23   | Killed a royal mummy
193301 | Zig:23   | Killed a royal mummy
193301 | Zig:23   | Killed a royal mummy
193301 | Zig:23   | Noticed a royal mummy
193302 | Zig:23   | Noticed a royal mummy
193302 | Zig:23   | Noticed a royal mummy
193302 | Zig:23   | Noticed a royal mummy
193302 | Zig:23   | Noticed a royal mummy
193302 | Zig:23   | Noticed a royal mummy
193303 | Zig:23   | Killed a royal mummy
193303 | Zig:23   | Noticed a royal mummy
193304 | Zig:23   | Noticed a royal mummy
193305 | Zig:23   | Killed a royal mummy
193305 | Zig:23   | Killed a royal mummy
193305 | Zig:23   | Noticed a royal mummy
193306 | Zig:23   | Killed a royal mummy
193306 | Zig:23   | Killed a royal mummy
193306 | Zig:23   | Killed a royal mummy
193306 | Zig:23   | Killed a royal mummy
193306 | Zig:23   | Noticed a royal mummy
193306 | Zig:23   | Noticed a royal mummy
193307 | Zig:23   | Killed a royal mummy
193307 | Zig:23   | Killed a royal mummy
193308 | Zig:23   | Killed a royal mummy
193308 | Zig:23   | Noticed a royal mummy
193309 | Zig:23   | Noticed a royal mummy
193310 | Zig:23   | Killed a royal mummy
193310 | Zig:23   | Killed a royal mummy
193310 | Zig:23   | Noticed a royal mummy
193312 | Zig:23   | Killed a royal mummy
193313 | Zig:23   | Noticed a royal mummy
193316 | Zig:23   | Killed a royal mummy
193316 | Zig:23   | Killed a royal mummy
193316 | Zig:23   | Noticed a royal mummy
193317 | Zig:23   | Noticed a royal mummy
193318 | Zig:23   | Killed a royal mummy
193322 | Zig:23   | Killed a royal mummy
193322 | Zig:23   | Killed a royal mummy
193336 | Zig:23   | Noticed Ulexuo Sirul the pandemonium lord
193338 | Zig:23   | Killed Ulexuo Sirul the pandemonium lord
193346 | Zig:23   | Identified the ring "Quorr" {*Slow rF+ rN+ Slay+5}
193382 | Zig:24   | Entered Level 24 of a ziggurat
193382 | Zig:24   | Noticed a royal mummy
193382 | Zig:24   | Noticed a royal mummy
193382 | Zig:24   | Noticed a royal mummy
193382 | Zig:24   | Noticed a royal mummy
193382 | Zig:24   | Noticed a royal mummy
193382 | Zig:24   | Noticed a royal mummy
193382 | Zig:24   | Noticed a royal mummy
193382 | Zig:24   | Noticed a royal mummy
193382 | Zig:24   | Noticed a royal mummy
193382 | Zig:24   | Noticed a royal mummy
193382 | Zig:24   | Noticed a royal mummy
193382 | Zig:24   | Noticed a royal mummy
193382 | Zig:24   | Noticed a royal mummy
193382 | Zig:24   | Noticed a royal mummy
193382 | Zig:24   | Noticed a royal mummy
193382 | Zig:24   | Noticed a royal mummy
193382 | Zig:24   | Noticed a royal mummy
193382 | Zig:24   | Noticed a royal mummy
193382 | Zig:24   | Noticed a royal mummy
193382 | Zig:24   | Noticed a royal mummy
193382 | Zig:24   | Noticed a royal mummy
193382 | Zig:24   | Noticed a royal mummy
193382 | Zig:24   | Noticed a royal mummy
193383 | Zig:24   | Noticed a royal mummy
193383 | Zig:24   | Noticed a royal mummy
193383 | Zig:24   | Noticed a royal mummy
193383 | Zig:24   | Noticed a royal mummy
193383 | Zig:24   | Noticed a royal mummy
193384 | Zig:24   | Killed a royal mummy
193384 | Zig:24   | Killed a royal mummy
193384 | Zig:24   | Killed a royal mummy
193384 | Zig:24   | Killed a royal mummy
193384 | Zig:24   | Killed a royal mummy
193384 | Zig:24   | Killed a royal mummy
193384 | Zig:24   | Killed a royal mummy
193384 | Zig:24   | Killed a royal mummy
193384 | Zig:24   | Killed a royal mummy
193384 | Zig:24   | Killed a royal mummy
193384 | Zig:24   | Killed a royal mummy
193384 | Zig:24   | Killed a royal mummy
193384 | Zig:24   | Killed a royal mummy
193384 | Zig:24   | Killed a royal mummy
193384 | Zig:24   | Killed a royal mummy
193384 | Zig:24   | Killed a royal mummy
193384 | Zig:24   | Killed a royal mummy
193384 | Zig:24   | Lost strength.
193385 | Zig:24   | Noticed a royal mummy
193386 | Zig:24   | Noticed a royal mummy
193386 | Zig:24   | Noticed a royal mummy
193386 | Zig:24   | Noticed a royal mummy
193387 | Zig:24   | Noticed a royal mummy
193387 | Zig:24   | Noticed a royal mummy
193388 | Zig:24   | Killed a royal mummy
193388 | Zig:24   | Killed a royal mummy
193388 | Zig:24   | Killed a royal mummy
193388 | Zig:24   | Killed a royal mummy
193388 | Zig:24   | Killed a royal mummy
193388 | Zig:24   | Killed a royal mummy
193388 | Zig:24   | Killed a royal mummy
193388 | Zig:24   | Killed a royal mummy
193388 | Zig:24   | Noticed a royal mummy
193391 | Zig:24   | Killed a royal mummy
193391 | Zig:24   | Killed a royal mummy
193391 | Zig:24   | Killed a royal mummy
193391 | Zig:24   | Killed a royal mummy
193391 | Zig:24   | Killed a royal mummy
193391 | Zig:24   | Killed a royal mummy
193391 | Zig:24   | Killed a royal mummy
193391 | Zig:24   | Killed a royal mummy
193391 | Zig:24   | Noticed a royal mummy
193392 | Zig:24   | Noticed a royal mummy
193392 | Zig:24   | Noticed a royal mummy
193392 | Zig:24   | Noticed a royal mummy
193393 | Zig:24   | Killed a royal mummy
193393 | Zig:24   | Killed a royal mummy
193393 | Zig:24   | Killed a royal mummy
193393 | Zig:24   | Killed a royal mummy
193393 | Zig:24   | Noticed a royal mummy
193394 | Zig:24   | Noticed a royal mummy
193395 | Zig:24   | Noticed a royal mummy
193395 | Zig:24   | Noticed a royal mummy
193396 | Zig:24   | Killed a royal mummy
193396 | Zig:24   | Killed a royal mummy
193396 | Zig:24   | Noticed a royal mummy
193396 | Zig:24   | Noticed a royal mummy
193397 | Zig:24   | Killed a royal mummy
193397 | Zig:24   | Killed a royal mummy
193398 | Zig:24   | Noticed a royal mummy
193399 | Zig:24   | Noticed a royal mummy
193399 | Zig:24   | Noticed a royal mummy
193399 | Zig:24   | Noticed a royal mummy
193399 | Zig:24   | Noticed a royal mummy
193399 | Zig:24   | Noticed a royal mummy
193399 | Zig:24   | Noticed a royal mummy
193400 | Zig:24   | Noticed a royal mummy
193407 | Zig:24   | Killed a royal mummy
193410 | Zig:24   | Killed a royal mummy
193410 | Zig:24   | Killed a royal mummy
193410 | Zig:24   | Killed a royal mummy
193410 | Zig:24   | Killed a royal mummy
193411 | Zig:24   | Killed a royal mummy
193412 | Zig:24   | Killed a royal mummy
193412 | Zig:24   | Killed a royal mummy
193417 | Zig:24   | Killed a royal mummy
193418 | Zig:24   | Killed a royal mummy
193418 | Zig:24   | Killed a royal mummy
193418 | Zig:24   | Killed a royal mummy
193420 | Zig:24   | Noticed a royal mummy
193420 | Zig:24   | Noticed an ancient lich
193421 | Zig:24   | Noticed a royal mummy
193421 | Zig:24   | Noticed a royal mummy
193421 | Zig:24   | Killed an ancient lich
193421 | Zig:24   | Noticed a royal mummy
193421 | Zig:24   | Noticed a royal mummy
193422 | Zig:24   | Killed a royal mummy
193422 | Zig:24   | Killed a royal mummy
193422 | Zig:24   | Killed a royal mummy
193422 | Zig:24   | Killed a royal mummy
193422 | Zig:24   | Killed a royal mummy
193424 | Zig:24   | Noticed a royal mummy
193424 | Zig:24   | Noticed a royal mummy
193424 | Zig:24   | Noticed a royal mummy
193424 | Zig:24   | Noticed a royal mummy
193425 | Zig:24   | Killed a royal mummy
193425 | Zig:24   | Noticed a royal mummy
193426 | Zig:24   | Killed a royal mummy
193426 | Zig:24   | Killed a royal mummy
193426 | Zig:24   | Killed a royal mummy
193426 | Zig:24   | Noticed a royal mummy
193427 | Zig:24   | Noticed a royal mummy
193427 | Zig:24   | Noticed a royal mummy
193428 | Zig:24   | Noticed a royal mummy
193428 | Zig:24   | Noticed a royal mummy
193429 | Zig:24   | Killed a royal mummy
193429 | Zig:24   | Killed a royal mummy
193429 | Zig:24   | Noticed a royal mummy
193429 | Zig:24   | Noticed a royal mummy
193429 | Zig:24   | Noticed a royal mummy
193431 | Zig:24   | Killed a royal mummy
193431 | Zig:24   | Killed a royal mummy
193431 | Zig:24   | Killed a royal mummy
193431 | Zig:24   | Killed a royal mummy
193432 | Zig:24   | Noticed a royal mummy
193432 | Zig:24   | Noticed a royal mummy
193433 | Zig:24   | Killed a royal mummy
193433 | Zig:24   | Killed a royal mummy
193433 | Zig:24   | Killed a royal mummy
193433 | Zig:24   | Killed a royal mummy
193433 | Zig:24   | Noticed a royal mummy
193434 | Zig:24   | Noticed a royal mummy
193435 | Zig:24   | Killed a royal mummy
193435 | Zig:24   | Killed a royal mummy
193435 | Zig:24   | Noticed a royal mummy
193435 | Zig:24   | Noticed a royal mummy
193436 | Zig:24   | Noticed a royal mummy
193436 | Zig:24   | Noticed a royal mummy
193437 | Zig:24   | Killed a royal mummy
193437 | Zig:24   | Killed a royal mummy
193437 | Zig:24   | Killed a royal mummy
193437 | Zig:24   | Noticed a royal mummy
193437 | Zig:24   | Noticed a royal mummy
193438 | Zig:24   | Noticed a royal mummy
193439 | Zig:24   | Killed a royal mummy
193439 | Zig:24   | Killed a royal mummy
193439 | Zig:24   | Killed a royal mummy
193439 | Zig:24   | Killed a royal mummy
193441 | Zig:24   | Killed a royal mummy
193441 | Zig:24   | Killed a royal mummy
193441 | Zig:24   | Killed a royal mummy
193443 | Zig:24   | Noticed a royal mummy
193443 | Zig:24   | Noticed a royal mummy
193444 | Zig:24   | Noticed a dread lich
193444 | Zig:24   | Noticed a royal mummy
193444 | Zig:24   | Noticed a royal mummy
193444 | Zig:24   | Noticed a royal mummy
193445 | Zig:24   | Noticed a royal mummy
193445 | Zig:24   | Noticed a royal mummy
193447 | Zig:24   | Killed a royal mummy
193447 | Zig:24   | Killed a dread lich
193447 | Zig:24   | Killed a royal mummy
193447 | Zig:24   | Killed a royal mummy
193447 | Zig:24   | Noticed a royal mummy
193447 | Zig:24   | Noticed a royal mummy
193449 | Zig:24   | Killed a royal mummy
193449 | Zig:24   | Killed a royal mummy
193449 | Zig:24   | Killed a royal mummy
193451 | Zig:24   | Killed a royal mummy
193451 | Zig:24   | Killed a royal mummy
193451 | Zig:24   | Noticed a royal mummy
193451 | Zig:24   | Noticed a royal mummy
193452 | Zig:24   | Noticed a royal mummy
193453 | Zig:24   | Killed a royal mummy
193453 | Zig:24   | Noticed a royal mummy
193454 | Zig:24   | Noticed a royal mummy
193455 | Zig:24   | Killed a royal mummy
193455 | Zig:24   | Killed a royal mummy
193456 | Zig:24   | Noticed a royal mummy
193457 | Zig:24   | Killed a royal mummy
193457 | Zig:24   | Killed a royal mummy
193457 | Zig:24   | Noticed a royal mummy
193459 | Zig:24   | Killed a royal mummy
193459 | Zig:24   | Noticed a royal mummy
193460 | Zig:24   | Noticed Buw Ygin the pandemonium lord
193460 | Zig:24   | Killed a royal mummy
193460 | Zig:24   | Killed a royal mummy
193460 | Zig:24   | Noticed a royal mummy
193460 | Zig:24   | Noticed a royal mummy
193461 | Zig:24   | Killed a royal mummy
193461 | Zig:24   | Noticed a royal mummy
193462 | Zig:24   | Killed a royal mummy
193463 | Zig:24   | Killed Buw Ygin the pandemonium lord
193463 | Zig:24   | Killed a royal mummy
193464 | Zig:24   | Noticed a royal mummy
193465 | Zig:24   | Killed a royal mummy
193466 | Zig:24   | Noticed a royal mummy
193467 | Zig:24   | Killed a royal mummy
193469 | Zig:24   | Killed a royal mummy
193509 | Zig:24   | Identified the +6 great sword "Jeif" {elec, Stlth+}
193535 | Zig:24   | Identified the +0 arbalest of Vekirph {flame, rPois rC-
                  | Str+9 Int-5}
193543 | Zig:25   | Entered Level 25 of a ziggurat
193553 | Zig:25   | Noticed Qomnifom the pandemonium lord
193554 | Zig:25   | Noticed Dashreuge the pandemonium lord
193554 | Zig:25   | Noticed Vial the pandemonium lord
193555 | Zig:25   | Noticed Onewaneq the pandemonium lord
193556 | Zig:25   | Noticed Tybiu the pandemonium lord
193557 | Zig:25   | Noticed Posch the pandemonium lord
193558 | Zig:25   | Noticed Ipel the pandemonium lord
193558 | Zig:25   | Noticed Wuda the pandemonium lord
193559 | Zig:25   | Killed Tybiu the pandemonium lord
193559 | Zig:25   | Noticed Sesiref the pandemonium lord
193559 | Zig:25   | Noticed Junay the pandemonium lord
193560 | Zig:25   | Killed Onewaneq the pandemonium lord
193560 | Zig:25   | Killed Vial the pandemonium lord
193560 | Zig:25   | Noticed Epnumif the pandemonium lord
193561 | Zig:25   | Killed Dashreuge the pandemonium lord
193561 | Zig:25   | Killed Qomnifom the pandemonium lord
193561 | Zig:25   | Killed Posch the pandemonium lord
193561 | Zig:25   | Noticed Vutusen the pandemonium lord
193561 | Zig:25   | Noticed Getraoq the pandemonium lord
193562 | Zig:25   | Noticed Qeoneihohek the pandemonium lord
193562 | Zig:25   | Noticed Alliasy the pandemonium lord
193562 | Zig:25   | Noticed Cifeiva the pandemonium lord
193562 | Zig:25   | Noticed Wighuc the pandemonium lord
193562 | Zig:25   | Noticed Vemaply the pandemonium lord
193562 | Zig:25   | Noticed Xiujaus the pandemonium lord
193562 | Zig:25   | Noticed Doen the pandemonium lord
193563 | Zig:25   | Noticed Weroegh the pandemonium lord
193563 | Zig:25   | Killed Wuda the pandemonium lord
193563 | Zig:25   | Killed Ipel the pandemonium lord
193564 | Zig:25   | Noticed Loceger the pandemonium lord
193564 | Zig:25   | Noticed Tuos the pandemonium lord
193564 | Zig:25   | Noticed Lom Hue the pandemonium lord
193565 | Zig:25   | Noticed Jyworuz the pandemonium lord
193565 | Zig:25   | Noticed Toehow the pandemonium lord
193565 | Zig:25   | Killed Getraoq the pandemonium lord
193565 | Zig:25   | Killed Jyworuz the pandemonium lord
193565 | Zig:25   | Noticed Uqoely the pandemonium lord
193565 | Zig:25   | Noticed Xeemuterph the pandemonium lord
193566 | Zig:25   | Noticed Lodaipyu the pandemonium lord
193566 | Zig:25   | Noticed Ciumac the pandemonium lord
193566 | Zig:25   | Killed Toehow the pandemonium lord
193566 | Zig:25   | Killed Sesiref the pandemonium lord
193566 | Zig:25   | Noticed Voticve the pandemonium lord
193567 | Zig:25   | Noticed Jepyripn the pandemonium lord
193567 | Zig:25   | Noticed Wyaklas the pandemonium lord
193567 | Zig:25   | Noticed Zuufeze the pandemonium lord
193567 | Zig:25   | Killed Jepyripn the pandemonium lord
193567 | Zig:25   | Killed Junay the pandemonium lord
193567 | Zig:25   | Killed Lom Hue the pandemonium lord
193567 | Zig:25   | Killed Doen the pandemonium lord
193567 | Zig:25   | Killed Epnumif the pandemonium lord
193567 | Zig:25   | Killed Vutusen the pandemonium lord
193567 | Zig:25   | Killed Wighuc the pandemonium lord
193567 | Zig:25   | Killed Xiujaus the pandemonium lord
193567 | Zig:25   | Killed Alliasy the pandemonium lord
193567 | Zig:25   | Noticed Woeladie the pandemonium lord
193567 | Zig:25   | Noticed Evir the pandemonium lord
193567 | Zig:25   | Noticed Xepem the pandemonium lord
193568 | Zig:25   | Killed Lodaipyu the pandemonium lord
193568 | Zig:25   | Killed Xeemuterph the pandemonium lord
193568 | Zig:25   | Killed Wyaklas the pandemonium lord
193568 | Zig:25   | Killed Ciumac the pandemonium lord
193568 | Zig:25   | Killed Vemaply the pandemonium lord
193568 | Zig:25   | Killed Cifeiva the pandemonium lord
193568 | Zig:25   | Killed Tuos the pandemonium lord
193568 | Zig:25   | Noticed Pazonul the pandemonium lord
193568 | Zig:25   | Noticed Dishoxzi the pandemonium lord
193568 | Zig:25   | Noticed Beurin the pandemonium lord
193568 | Zig:25   | Noticed Xakheggeu the pandemonium lord
193568 | Zig:25   | Noticed Dooxam the pandemonium lord
193569 | Zig:25   | Killed Uqoely the pandemonium lord
193569 | Zig:25   | Killed Evir the pandemonium lord
193569 | Zig:25   | Noticed Qeheoh the pandemonium lord
193569 | Zig:25   | Noticed Qosmemaj the pandemonium lord
193570 | Zig:25   | Noticed Nuabbelo the pandemonium lord
193570 | Zig:25   | Noticed Ijoat the pandemonium lord
193570 | Zig:25   | Noticed Umokoifex the pandemonium lord
193570 | Zig:25   | Noticed Nemp the pandemonium lord
193570 | Zig:25   | Noticed Howeim the pandemonium lord
193570 | Zig:25   | Noticed Obloal the pandemonium lord
193570 | Zig:25   | Noticed Ykkudghokuq the pandemonium lord
193570 | Zig:25   | Noticed Fergheny the pandemonium lord
193570 | Zig:25   | Noticed Zelas the pandemonium lord
193570 | Zig:25   | Noticed Tuven the pandemonium lord
193571 | Zig:25   | Noticed Hijah the pandemonium lord
193571 | Zig:25   | Noticed Ytooliul the pandemonium lord
193571 | Zig:25   | Noticed Xoninad the pandemonium lord
193571 | Zig:25   | Noticed Sigipn the pandemonium lord
193571 | Zig:25   | Noticed Urowul the pandemonium lord
193571 | Zig:25   | Noticed Hynwyoha the pandemonium lord
193572 | Zig:25   | Killed Qeoneihohek the pandemonium lord
193572 | Zig:25   | Killed Loceger the pandemonium lord
193572 | Zig:25   | Killed Dishoxzi the pandemonium lord
193572 | Zig:25   | Noticed Qusewk the pandemonium lord
193573 | Zig:25   | Noticed Piarom the pandemonium lord
193573 | Zig:25   | Killed Xakheggeu the pandemonium lord
193573 | Zig:25   | Killed Nuabbelo the pandemonium lord
193573 | Zig:25   | Killed Dooxam the pandemonium lord
193573 | Zig:25   | Noticed Lugir the pandemonium lord
193573 | Zig:25   | Noticed Zirui the pandemonium lord
193573 | Zig:25   | Noticed Zaco the pandemonium lord
193573 | Zig:25   | Noticed Gianaur the pandemonium lord
193574 | Zig:25   | Noticed Qefyst the pandemonium lord
193574 | Zig:25   | Noticed Avogh the pandemonium lord
193575 | Zig:25   | Killed Qeheoh the pandemonium lord
193575 | Zig:25   | Killed Obloal the pandemonium lord
193575 | Zig:25   | Killed Pazonul the pandemonium lord
193575 | Zig:25   | Killed Howeim the pandemonium lord
193575 | Zig:25   | Noticed Xejagaura the pandemonium lord
193576 | Zig:25   | Killed Woeladie the pandemonium lord
193576 | Zig:25   | Killed Hijah the pandemonium lord
193576 | Zig:25   | Killed Zuufeze the pandemonium lord
193576 | Zig:25   | Killed Beurin the pandemonium lord
193576 | Zig:25   | Killed Weroegh the pandemonium lord
193576 | Zig:25   | Noticed Inazowot the pandemonium lord
193576 | Zig:25   | Noticed Vomessak the pandemonium lord
193577 | Zig:25   | Noticed Iwoipedgh the pandemonium lord
193577 | Zig:25   | Noticed Wor Bim the pandemonium lord
193579 | Zig:25   | Killed Avogh the pandemonium lord
193579 | Zig:25   | Killed Sigipn the pandemonium lord
193579 | Zig:25   | Killed Piarom the pandemonium lord
193579 | Zig:25   | Killed Ijoat the pandemonium lord
193579 | Zig:25   | Killed Ykkudghokuq the pandemonium lord
193579 | Zig:25   | Killed Fergheny the pandemonium lord
193580 | Zig:25   | Killed Qosmemaj the pandemonium lord
193580 | Zig:25   | Killed Xoninad the pandemonium lord
193580 | Zig:25   | Killed Qefyst the pandemonium lord
193580 | Zig:25   | Killed Zelas the pandemonium lord
193580 | Zig:25   | Killed Umokoifex the pandemonium lord
193580 | Zig:25   | Noticed Aqewk the pandemonium lord
193581 | Zig:25   | Noticed Xaopovot the pandemonium lord
193581 | Zig:25   | Killed Gianaur the pandemonium lord
193581 | Zig:25   | Killed Lugir the pandemonium lord
193581 | Zig:25   | Killed Xepem the pandemonium lord
193581 | Zig:25   | Killed Voticve the pandemonium lord
193581 | Zig:25   | Killed Qusewk the pandemonium lord
193581 | Zig:25   | Noticed Zonlox the pandemonium lord
193581 | Zig:25   | Noticed Ytadonti the pandemonium lord
193582 | Zig:25   | Killed Ytooliul the pandemonium lord
193582 | Zig:25   | Killed Tuven the pandemonium lord
193582 | Zig:25   | Killed Hynwyoha the pandemonium lord
193582 | Zig:25   | Noticed Ropu the pandemonium lord
193583 | Zig:25   | Noticed Ypeix the pandemonium lord
193583 | Zig:25   | Noticed Dydiuz the pandemonium lord
193583 | Zig:25   | Noticed Fupromi the pandemonium lord
193584 | Zig:25   | Killed Urowul the pandemonium lord
193584 | Zig:25   | Noticed Idus the pandemonium lord
193585 | Zig:25   | Noticed Josmuti the pandemonium lord
193585 | Zig:25   | Killed Xejagaura the pandemonium lord
193585 | Zig:25   | Noticed Tekkink the pandemonium lord
193585 | Zig:25   | Noticed Peledag the pandemonium lord
193585 | Zig:25   | Noticed Pyoj the pandemonium lord
193586 | Zig:25   | Noticed Hidid the pandemonium lord
193586 | Zig:25   | Noticed Naifezisk the pandemonium lord
193586 | Zig:25   | Noticed Ibboajaeh the pandemonium lord
193586 | Zig:25   | Noticed Fuprytil the pandemonium lord
193586 | Zig:25   | Noticed Ypheic the pandemonium lord
193586 | Zig:25   | Noticed Egennute the pandemonium lord
193586 | Zig:25   | Noticed Sagolets the pandemonium lord
193586 | Zig:25   | Killed Ytadonti the pandemonium lord
193587 | Zig:25   | Noticed Yboebeik the pandemonium lord
193587 | Zig:25   | Killed Ropu the pandemonium lord
193587 | Zig:25   | Killed Nemp the pandemonium lord
193587 | Zig:25   | Killed Xaopovot the pandemonium lord
193587 | Zig:25   | Killed Vomessak the pandemonium lord
193587 | Zig:25   | Killed Wor Bim the pandemonium lord
193587 | Zig:25   | Killed Zaco the pandemonium lord
193587 | Zig:25   | Killed Iwoipedgh the pandemonium lord
193587 | Zig:25   | Noticed Kam Deymuo the pandemonium lord
193588 | Zig:25   | Killed Zirui the pandemonium lord
193588 | Zig:25   | Killed Aqewk the pandemonium lord
193588 | Zig:25   | Killed Ypeix the pandemonium lord
193589 | Zig:25   | Killed Ypheic the pandemonium lord
193589 | Zig:25   | Killed Peledag the pandemonium lord
193589 | Zig:25   | Killed Hidid the pandemonium lord
193589 | Zig:25   | Killed Inazowot the pandemonium lord
193589 | Zig:25   | Noticed Uhacw the pandemonium lord
193589 | Zig:25   | Noticed Ysynuuveg the pandemonium lord
193590 | Zig:25   | Killed Idus the pandemonium lord
193590 | Zig:25   | Killed Ibboajaeh the pandemonium lord
193590 | Zig:25   | Killed Zonlox the pandemonium lord
193590 | Zig:25   | Killed Egennute the pandemonium lord
193590 | Zig:25   | Killed Naifezisk the pandemonium lord
193590 | Zig:25   | Killed Pyoj the pandemonium lord
193590 | Zig:25   | Noticed Warph the pandemonium lord
193591 | Zig:25   | Killed Sagolets the pandemonium lord
193591 | Zig:25   | Killed Tekkink the pandemonium lord
193591 | Zig:25   | Noticed Toojemoi the pandemonium lord
193592 | Zig:25   | Killed Kam Deymuo the pandemonium lord
193592 | Zig:25   | Killed Fuprytil the pandemonium lord
193592 | Zig:25   | Noticed Guxtos the pandemonium lord
193592 | Zig:25   | Noticed Emafeg Kita the pandemonium lord
193592 | Zig:25   | Noticed Anathied the pandemonium lord
193594 | Zig:25   | Noticed Cuixt the pandemonium lord
193594 | Zig:25   | Noticed Ughuw the pandemonium lord
193596 | Zig:25   | Killed Fupromi the pandemonium lord
193597 | Zig:25   | Killed Josmuti the pandemonium lord
193597 | Zig:25   | Killed Warph the pandemonium lord
193597 | Zig:25   | Killed Uhacw the pandemonium lord
193597 | Zig:25   | Noticed Cepuvuu the pandemonium lord
193597 | Zig:25   | Noticed Veyruof the pandemonium lord
193599 | Zig:25   | Noticed Gux Boo the pandemonium lord
193599 | Zig:25   | Noticed Ihumem the pandemonium lord
193604 | Zig:25   | Killed Yboebeik the pandemonium lord
193605 | Zig:25   | Noticed Alat the pandemonium lord
193606 | Zig:25   | Killed Toojemoi the pandemonium lord
193606 | Zig:25   | Killed Ysynuuveg the pandemonium lord
193607 | Zig:25   | Noticed Torocod the pandemonium lord
193608 | Zig:25   | Killed Emafeg Kita the pandemonium lord
193608 | Zig:25   | Noticed Gesuah the pandemonium lord
193609 | Zig:25   | Killed Veyruof the pandemonium lord
193609 | Zig:25   | Killed Guxtos the pandemonium lord
193609 | Zig:25   | Killed Cuixt the pandemonium lord
193609 | Zig:25   | Killed Ughuw the pandemonium lord
193609 | Zig:25   | Killed Dydiuz the pandemonium lord
193609 | Zig:25   | Killed Gux Boo the pandemonium lord
193609 | Zig:25   | Noticed Dilin the pandemonium lord
193610 | Zig:25   | Noticed Adeklyeb the pandemonium lord
193611 | Zig:25   | Noticed Neung the pandemonium lord
193611 | Zig:25   | Killed Anathied the pandemonium lord
193611 | Zig:25   | Noticed Liov the pandemonium lord
193612 | Zig:25   | Noticed Boiz the pandemonium lord
193612 | Zig:25   | Noticed Wishaleal the pandemonium lord
193612 | Zig:25   | Noticed Xosawkeu the pandemonium lord
193612 | Zig:25   | Noticed Fuxon the pandemonium lord
193612 | Zig:25   | Noticed Sozeleke the pandemonium lord
193612 | Zig:25   | Noticed Qauqix the pandemonium lord
193613 | Zig:25   | Killed Cepuvuu the pandemonium lord
193613 | Zig:25   | Killed Gesuah the pandemonium lord
193613 | Zig:25   | Noticed Reghel the pandemonium lord
193613 | Zig:25   | Noticed Soxt the pandemonium lord
193614 | Zig:25   | Killed Alat the pandemonium lord
193614 | Zig:25   | Killed Ihumem the pandemonium lord
193614 | Zig:25   | Noticed Muvuzoro the pandemonium lord
193615 | Zig:25   | Noticed Usick the pandemonium lord
193615 | Zig:25   | Killed Dilin the pandemonium lord
193615 | Zig:25   | Killed Fuxon the pandemonium lord
193615 | Zig:25   | Killed Torocod the pandemonium lord
193615 | Zig:25   | Noticed Hoxygoc the pandemonium lord
193616 | Zig:25   | Noticed Gotuciqu the pandemonium lord
193616 | Zig:25   | Killed Xosawkeu the pandemonium lord
193616 | Zig:25   | Killed Liov the pandemonium lord
193618 | Zig:25   | Noticed Akah the pandemonium lord
193618 | Zig:25   | Noticed Latyc the pandemonium lord
193618 | Zig:25   | Noticed Xeubreann the pandemonium lord
193618 | Zig:25   | Noticed Ifalian the pandemonium lord
193618 | Zig:25   | Noticed Payqail the pandemonium lord
193619 | Zig:25   | Noticed Gasui the pandemonium lord
193619 | Zig:25   | Killed Neung the pandemonium lord
193619 | Zig:25   | Killed Boiz the pandemonium lord
193619 | Zig:25   | Killed Wishaleal the pandemonium lord
193619 | Zig:25   | Killed Adeklyeb the pandemonium lord
193619 | Zig:25   | Killed Qauqix the pandemonium lord
193619 | Zig:25   | Killed Sozeleke the pandemonium lord
193619 | Zig:25   | Noticed Yragg the pandemonium lord
193620 | Zig:25   | Noticed Xielewn the pandemonium lord
193620 | Zig:25   | Noticed Genubluf the pandemonium lord
193620 | Zig:25   | Noticed Wuoras the pandemonium lord
193620 | Zig:25   | Noticed Ukaoxurph the pandemonium lord
193620 | Zig:25   | Noticed Civo the pandemonium lord
193622 | Zig:25   | Noticed Uliutos the pandemonium lord
193622 | Zig:25   | Noticed Xaucely the pandemonium lord
193622 | Zig:25   | Noticed Vaetsafat the pandemonium lord
193622 | Zig:25   | Noticed Woseurph the pandemonium lord
193622 | Zig:25   | Noticed Qaxoz the pandemonium lord
193622 | Zig:25   | Noticed Pauqus the pandemonium lord
193622 | Zig:25   | Noticed Zexy the pandemonium lord
193622 | Zig:25   | Noticed Zularamuph the pandemonium lord
193623 | Zig:25   | Noticed Ixoepp the pandemonium lord
193623 | Zig:25   | Killed Muvuzoro the pandemonium lord
193623 | Zig:25   | Killed Soxt the pandemonium lord
193624 | Zig:25   | Killed Yragg the pandemonium lord
193624 | Zig:25   | Killed Hoxygoc the pandemonium lord
193624 | Zig:25   | Killed Usick the pandemonium lord
193624 | Zig:25   | Killed Gotuciqu the pandemonium lord
193624 | Zig:25   | Killed Latyc the pandemonium lord
193624 | Zig:25   | Killed Xielewn the pandemonium lord
193624 | Zig:25   | Noticed Niti the pandemonium lord
193624 | Zig:25   | Noticed Ecih the pandemonium lord
193625 | Zig:25   | Killed Payqail the pandemonium lord
193625 | Zig:25   | Killed Civo the pandemonium lord
193625 | Zig:25   | Killed Ifalian the pandemonium lord
193625 | Zig:25   | Noticed Poet the pandemonium lord
193626 | Zig:25   | Killed Akah the pandemonium lord
193626 | Zig:25   | Killed Xeubreann the pandemonium lord
193626 | Zig:25   | Killed Genubluf the pandemonium lord
193626 | Zig:25   | Killed Vaetsafat the pandemonium lord
193627 | Zig:25   | Noticed Pifuxa the pandemonium lord
193627 | Zig:25   | Killed Xaucely the pandemonium lord
193627 | Zig:25   | Killed Qaxoz the pandemonium lord
193627 | Zig:25   | Killed Ixoepp the pandemonium lord
193627 | Zig:25   | Killed Wuoras the pandemonium lord
193627 | Zig:25   | Killed Woseurph the pandemonium lord
193627 | Zig:25   | Killed Ukaoxurph the pandemonium lord
193627 | Zig:25   | Killed Uliutos the pandemonium lord
193627 | Zig:25   | Killed Zularamuph the pandemonium lord
193627 | Zig:25   | Noticed Zuwkead the pandemonium lord
193628 | Zig:25   | Killed Pauqus the pandemonium lord
193628 | Zig:25   | Killed Pifuxa the pandemonium lord
193628 | Zig:25   | Killed Zexy the pandemonium lord
193629 | Zig:25   | Killed Gasui the pandemonium lord
193629 | Zig:25   | Killed Poet the pandemonium lord
193630 | Zig:25   | Killed Niti the pandemonium lord
193630 | Zig:25   | Noticed Duod the pandemonium lord
193631 | Zig:25   | Noticed Qoteth the pandemonium lord
193632 | Zig:25   | Noticed Covugin the pandemonium lord
193632 | Zig:25   | Noticed Nelaku the pandemonium lord
193632 | Zig:25   | Noticed Zurey the pandemonium lord
193632 | Zig:25   | Noticed Eredi the pandemonium lord
193633 | Zig:25   | Noticed Nobeutosm the pandemonium lord
193641 | Zig:25   | Killed Zuwkead the pandemonium lord
193641 | Zig:25   | Killed Reghel the pandemonium lord
193641 | Zig:25   | Killed Ecih the pandemonium lord
193642 | Zig:25   | Killed Eredi the pandemonium lord
193643 | Zig:25   | Noticed Riasokud the pandemonium lord
193644 | Zig:25   | Killed Duod the pandemonium lord
193644 | Zig:25   | Killed Qoteth the pandemonium lord
193644 | Zig:25   | Killed Nelaku the pandemonium lord
193645 | Zig:25   | Killed Nobeutosm the pandemonium lord
193645 | Zig:25   | Killed Covugin the pandemonium lord
193645 | Zig:25   | Killed Zurey the pandemonium lord
193645 | Zig:25   | Noticed Udoup the pandemonium lord
193646 | Zig:25   | Noticed Xarumugh the pandemonium lord
193646 | Zig:25   | Noticed Qeontigo the pandemonium lord
193646 | Zig:25   | Noticed Baplar the pandemonium lord
193646 | Zig:25   | Noticed Xusoud the pandemonium lord
193649 | Zig:25   | Killed Riasokud the pandemonium lord
193649 | Zig:25   | Noticed Mosmeiff the pandemonium lord
193650 | Zig:25   | Noticed Hasuwait the pandemonium lord
193650 | Zig:25   | Noticed Ixaresunt the pandemonium lord
193650 | Zig:25   | Noticed Doedoam the pandemonium lord
193650 | Zig:25   | Killed Xusoud the pandemonium lord
193650 | Zig:25   | Killed Xarumugh the pandemonium lord
193651 | Zig:25   | Killed Qeontigo the pandemonium lord
193651 | Zig:25   | Killed Hasuwait the pandemonium lord
193651 | Zig:25   | Killed Baplar the pandemonium lord
193652 | Zig:25   | Killed Doedoam the pandemonium lord
193652 | Zig:25   | Noticed Yxty the pandemonium lord
193652 | Zig:25   | Noticed Ujeczuse the pandemonium lord
193654 | Zig:25   | Noticed Niuf the pandemonium lord
193656 | Zig:25   | Killed Mosmeiff the pandemonium lord
193657 | Zig:25   | Killed Ixaresunt the pandemonium lord
193657 | Zig:25   | Killed Ujeczuse the pandemonium lord
193657 | Zig:25   | Killed Yxty the pandemonium lord
193658 | Zig:25   | Killed Niuf the pandemonium lord
193660 | Zig:25   | Killed Udoup the pandemonium lord
193707 | Zig:25   | Identified the ring "Hoiwaum" {rElec Int+6}
193708 | Zig:25   | Identified the amulet "Bireqexi" {Acrobat rC+ rN+ Will-
                  | SInv}
193711 | Zig:25   | Identified the +6 war axe of Pyssoif {freeze, rPois rF-
                  | Str+7}
193718 | Zig:25   | Identified the ring of Xathrese {MP+9 Dex+3}
193727 | Zig:25   | Identified the +5 spear of the Two Names {freeze, *Noise
                  | rF- rN+++ Stlth+}
193747 | Zig:26   | Entered Level 26 of a ziggurat
193748 | Zig:26   | Noticed a royal mummy
193749 | Zig:26   | Noticed a royal mummy
193750 | Zig:26   | Noticed a royal mummy
193750 | Zig:26   | Noticed a royal mummy
193750 | Zig:26   | Noticed a royal mummy
193751 | Zig:26   | Noticed a royal mummy
193752 | Zig:26   | Noticed a royal mummy
193752 | Zig:26   | Noticed a royal mummy
193752 | Zig:26   | Noticed a royal mummy
193752 | Zig:26   | Noticed a royal mummy
193753 | Zig:26   | Noticed a royal mummy
193753 | Zig:26   | Noticed a royal mummy
193753 | Zig:26   | Noticed a royal mummy
193755 | Zig:26   | Noticed a royal mummy
193755 | Zig:26   | Noticed a royal mummy
193756 | Zig:26   | Killed a royal mummy
193756 | Zig:26   | Killed a royal mummy
193756 | Zig:26   | Killed a royal mummy
193756 | Zig:26   | Killed a royal mummy
193756 | Zig:26   | Killed a royal mummy
193756 | Zig:26   | Killed a royal mummy
193756 | Zig:26   | Killed a royal mummy
193756 | Zig:26   | Killed a royal mummy
193756 | Zig:26   | Noticed a royal mummy
193757 | Zig:26   | Noticed a royal mummy
193757 | Zig:26   | Noticed a royal mummy
193757 | Zig:26   | Noticed a royal mummy
193757 | Zig:26   | Noticed a royal mummy
193757 | Zig:26   | Noticed a royal mummy
193758 | Zig:26   | Killed a royal mummy
193758 | Zig:26   | Killed a royal mummy
193758 | Zig:26   | Killed a royal mummy
193758 | Zig:26   | Killed a royal mummy
193758 | Zig:26   | Killed a royal mummy
193758 | Zig:26   | Killed a royal mummy
193758 | Zig:26   | Killed a royal mummy
193759 | Zig:26   | Noticed a royal mummy
193759 | Zig:26   | Noticed a royal mummy
193759 | Zig:26   | Noticed a royal mummy
193759 | Zig:26   | Noticed a royal mummy
193760 | Zig:26   | Noticed a royal mummy
193760 | Zig:26   | Noticed a royal mummy
193760 | Zig:26   | Noticed a royal mummy
193761 | Zig:26   | Noticed a royal mummy
193761 | Zig:26   | Noticed a royal mummy
193761 | Zig:26   | Noticed a royal mummy
193762 | Zig:26   | Killed a royal mummy
193762 | Zig:26   | Killed a royal mummy
193762 | Zig:26   | Killed a royal mummy
193762 | Zig:26   | Killed a royal mummy
193762 | Zig:26   | Killed a royal mummy
193762 | Zig:26   | Killed a royal mummy
193762 | Zig:26   | Killed a royal mummy
193762 | Zig:26   | Killed a royal mummy
193762 | Zig:26   | Killed a royal mummy
193762 | Zig:26   | Killed a royal mummy
193762 | Zig:26   | Killed a royal mummy
193763 | Zig:26   | Noticed a royal mummy
193763 | Zig:26   | Noticed a royal mummy
193764 | Zig:26   | Noticed a royal mummy
193764 | Zig:26   | Noticed a royal mummy
193765 | Zig:26   | Noticed a royal mummy
193765 | Zig:26   | Noticed a royal mummy
193766 | Zig:26   | Noticed a royal mummy
193767 | Zig:26   | Killed a royal mummy
193767 | Zig:26   | Killed a royal mummy
193767 | Zig:26   | Killed a royal mummy
193767 | Zig:26   | Killed a royal mummy
193767 | Zig:26   | Killed a royal mummy
193767 | Zig:26   | Killed a royal mummy
193767 | Zig:26   | Noticed a royal mummy
193767 | Zig:26   | Noticed a royal mummy
193767 | Zig:26   | Noticed a royal mummy
193769 | Zig:26   | Noticed a royal mummy
193769 | Zig:26   | Noticed a royal mummy
193769 | Zig:26   | Noticed a royal mummy
193770 | Zig:26   | Noticed a royal mummy
193770 | Zig:26   | Noticed a royal mummy
193771 | Zig:26   | Killed a royal mummy
193771 | Zig:26   | Killed a royal mummy
193771 | Zig:26   | Killed a royal mummy
193771 | Zig:26   | Killed a royal mummy
193771 | Zig:26   | Killed a royal mummy
193771 | Zig:26   | Killed a royal mummy
193771 | Zig:26   | Killed a royal mummy
193771 | Zig:26   | Killed a royal mummy
193771 | Zig:26   | Killed a royal mummy
193771 | Zig:26   | Noticed a royal mummy
193771 | Zig:26   | Noticed a royal mummy
193772 | Zig:26   | Noticed a royal mummy
193772 | Zig:26   | Noticed a royal mummy
193772 | Zig:26   | Noticed a royal mummy
193772 | Zig:26   | Noticed a royal mummy
193772 | Zig:26   | Noticed a royal mummy
193773 | Zig:26   | Noticed a royal mummy
193773 | Zig:26   | Noticed a royal mummy
193773 | Zig:26   | Noticed a royal mummy
193773 | Zig:26   | Noticed a royal mummy
193773 | Zig:26   | Noticed a royal mummy
193774 | Zig:26   | Noticed a royal mummy
193774 | Zig:26   | Noticed a royal mummy
193774 | Zig:26   | Noticed a royal mummy
193774 | Zig:26   | Noticed a royal mummy
193775 | Zig:26   | Killed a royal mummy
193775 | Zig:26   | Killed a royal mummy
193775 | Zig:26   | Killed a royal mummy
193775 | Zig:26   | Killed a royal mummy
193775 | Zig:26   | Killed a royal mummy
193775 | Zig:26   | Killed a royal mummy
193775 | Zig:26   | Killed a royal mummy
193775 | Zig:26   | Killed a royal mummy
193775 | Zig:26   | Killed a royal mummy
193775 | Zig:26   | Killed a royal mummy
193775 | Zig:26   | Killed a royal mummy
193775 | Zig:26   | Killed a royal mummy
193775 | Zig:26   | Killed a royal mummy
193775 | Zig:26   | Killed a royal mummy
193775 | Zig:26   | Noticed a royal mummy
193775 | Zig:26   | Noticed a royal mummy
193775 | Zig:26   | Noticed a royal mummy
193776 | Zig:26   | Noticed a royal mummy
193776 | Zig:26   | Noticed a royal mummy
193776 | Zig:26   | Noticed a royal mummy
193777 | Zig:26   | Noticed a royal mummy
193777 | Zig:26   | Noticed a royal mummy
193778 | Zig:26   | Noticed a royal mummy
193778 | Zig:26   | Noticed a royal mummy
193778 | Zig:26   | Noticed a royal mummy
193778 | Zig:26   | Noticed a royal mummy
193779 | Zig:26   | Killed a royal mummy
193779 | Zig:26   | Killed a royal mummy
193779 | Zig:26   | Killed a royal mummy
193779 | Zig:26   | Killed a royal mummy
193779 | Zig:26   | Killed a royal mummy
193779 | Zig:26   | Killed a royal mummy
193779 | Zig:26   | Killed a royal mummy
193779 | Zig:26   | Killed a royal mummy
193779 | Zig:26   | Noticed a royal mummy
193780 | Zig:26   | Killed a royal mummy
193780 | Zig:26   | Killed a royal mummy
193780 | Zig:26   | Killed a royal mummy
193780 | Zig:26   | Killed a royal mummy
193780 | Zig:26   | Killed a royal mummy
193781 | Zig:26   | Killed a royal mummy
193781 | Zig:26   | Killed a royal mummy
193781 | Zig:26   | Killed a royal mummy
193781 | Zig:26   | Killed a royal mummy
193781 | Zig:26   | Killed a royal mummy
193781 | Zig:26   | Killed a royal mummy
193781 | Zig:26   | Killed a royal mummy
193781 | Zig:26   | Noticed a royal mummy
193781 | Zig:26   | Noticed a royal mummy
193781 | Zig:26   | Noticed a royal mummy
193781 | Zig:26   | Noticed a royal mummy
193781 | Zig:26   | Noticed a royal mummy
193782 | Zig:26   | Noticed a royal mummy
193782 | Zig:26   | Noticed a royal mummy
193782 | Zig:26   | Noticed a royal mummy
193782 | Zig:26   | Noticed a royal mummy
193783 | Zig:26   | Killed a royal mummy
193783 | Zig:26   | Killed a royal mummy
193783 | Zig:26   | Noticed a royal mummy
193783 | Zig:26   | Noticed a royal mummy
193783 | Zig:26   | Noticed a royal mummy
193784 | Zig:26   | Killed a royal mummy
193784 | Zig:26   | Killed a royal mummy
193784 | Zig:26   | Killed a royal mummy
193784 | Zig:26   | Noticed a royal mummy
193784 | Zig:26   | Noticed a royal mummy
193784 | Zig:26   | Noticed a royal mummy
193785 | Zig:26   | Killed a royal mummy
193785 | Zig:26   | Killed a royal mummy
193785 | Zig:26   | Killed a royal mummy
193785 | Zig:26   | Killed a royal mummy
193785 | Zig:26   | Killed a royal mummy
193785 | Zig:26   | Noticed a royal mummy
193786 | Zig:26   | Killed a royal mummy
193786 | Zig:26   | Killed a royal mummy
193786 | Zig:26   | Killed a royal mummy
193786 | Zig:26   | Killed a royal mummy
193786 | Zig:26   | Noticed a royal mummy
193787 | Zig:26   | Killed a royal mummy
193787 | Zig:26   | Killed a royal mummy
193787 | Zig:26   | Noticed a royal mummy
193788 | Zig:26   | Noticed a royal mummy
193788 | Zig:26   | Noticed a royal mummy
193789 | Zig:26   | Noticed a royal mummy
193791 | Zig:26   | Killed a royal mummy
193791 | Zig:26   | Killed a royal mummy
193791 | Zig:26   | Killed a royal mummy
193792 | Zig:26   | Killed a royal mummy
193792 | Zig:26   | Killed a royal mummy
193792 | Zig:26   | Noticed a royal mummy
193792 | Zig:26   | Noticed a royal mummy
193792 | Zig:26   | Noticed a royal mummy
193793 | Zig:26   | Noticed a royal mummy
193793 | Zig:26   | Noticed a royal mummy
193794 | Zig:26   | Noticed a royal mummy
193795 | Zig:26   | Noticed a royal mummy
193796 | Zig:26   | Noticed a royal mummy
193796 | Zig:26   | Noticed a royal mummy
193797 | Zig:26   | Killed a royal mummy
193797 | Zig:26   | Killed a royal mummy
193797 | Zig:26   | Killed a royal mummy
193797 | Zig:26   | Noticed a royal mummy
193797 | Zig:26   | Noticed a royal mummy
193798 | Zig:26   | Killed a royal mummy
193798 | Zig:26   | Killed a royal mummy
193798 | Zig:26   | Killed a royal mummy
193798 | Zig:26   | Killed a royal mummy
193798 | Zig:26   | Killed a royal mummy
193799 | Zig:26   | Killed a royal mummy
193799 | Zig:26   | Killed a royal mummy
193800 | Zig:26   | Killed a royal mummy
193822 | Zig:26   | Identified the +10 sling "Ymeanara" {flame, MP+9 Dex+2
                  | Stlth+}
193823 | Zig:26   | Identified the ring of the Final Chapter {rPois rC- rN+++
                  | Str+2 Dex+6}
193838 | Zig:26   | Identified the +1 flail "Xoveh" {heavy, MP+9 Int+3}
193906 | Zig:27   | Entered Level 27 of a ziggurat
193916 | Zig:27   | Noticed Vedi the pandemonium lord
193916 | Zig:27   | Noticed a dread lich
193917 | Zig:27   | Noticed a dread lich
193917 | Zig:27   | Noticed a dread lich
193917 | Zig:27   | Noticed a dread lich
193917 | Zig:27   | Noticed a dread lich
193918 | Zig:27   | Noticed a dread lich
193918 | Zig:27   | Noticed an ancient lich
193919 | Zig:27   | Noticed a dread lich
193919 | Zig:27   | Noticed an ancient lich
193920 | Zig:27   | Noticed a dread lich
193920 | Zig:27   | Noticed an ancient lich
193920 | Zig:27   | Noticed an ancient lich
193920 | Zig:27   | Noticed a dread lich
193920 | Zig:27   | Noticed a dread lich
193920 | Zig:27   | Noticed an ancient lich
193920 | Zig:27   | Noticed an ancient lich
193921 | Zig:27   | Noticed a dread lich
193921 | Zig:27   | Killed a dread lich
193921 | Zig:27   | Killed a dread lich
193921 | Zig:27   | Killed a dread lich
193921 | Zig:27   | Killed an ancient lich
193921 | Zig:27   | Killed an ancient lich
193922 | Zig:27   | Killed a dread lich
193922 | Zig:27   | Killed a dread lich
193922 | Zig:27   | Killed an ancient lich
193922 | Zig:27   | Killed a dread lich
193922 | Zig:27   | Killed an ancient lich
193922 | Zig:27   | Killed an ancient lich
193922 | Zig:27   | Killed an ancient lich
193922 | Zig:27   | Killed a dread lich
193922 | Zig:27   | Killed a dread lich
193922 | Zig:27   | Noticed an ancient lich
193922 | Zig:27   | Noticed a dread lich
193923 | Zig:27   | Killed a dread lich
193923 | Zig:27   | Killed a dread lich
193923 | Zig:27   | Killed a dread lich
193923 | Zig:27   | Killed an ancient lich
193923 | Zig:27   | Noticed an ancient lich
193923 | Zig:27   | Noticed an ancient lich
193923 | Zig:27   | Noticed an ancient lich
193923 | Zig:27   | Noticed a dread lich
193923 | Zig:27   | Noticed an ancient lich
193924 | Zig:27   | Killed a dread lich
193924 | Zig:27   | Killed an ancient lich
193924 | Zig:27   | Killed a dread lich
193924 | Zig:27   | Killed an ancient lich
193925 | Zig:27   | Killed an ancient lich
193925 | Zig:27   | Killed an ancient lich
193926 | Zig:27   | Noticed a dread lich
193926 | Zig:27   | Noticed an ancient lich
193928 | Zig:27   | Killed a dread lich
193928 | Zig:27   | Killed Vedi the pandemonium lord
193928 | Zig:27   | Killed an ancient lich
193928 | Zig:27   | Noticed an ancient lich
193928 | Zig:27   | Noticed an ancient lich
193928 | Zig:27   | Noticed a dread lich
193929 | Zig:27   | Noticed a dread lich
193929 | Zig:27   | Noticed a dread lich
193929 | Zig:27   | Noticed an ancient lich
193930 | Zig:27   | Noticed a dread lich
193930 | Zig:27   | Killed a dread lich
193930 | Zig:27   | Killed a dread lich
193931 | Zig:27   | Killed an ancient lich
193931 | Zig:27   | Killed a dread lich
193931 | Zig:27   | Killed an ancient lich
193931 | Zig:27   | Killed a dread lich
193931 | Zig:27   | Noticed an ancient lich
193931 | Zig:27   | Noticed a dread lich
193932 | Zig:27   | Killed an ancient lich
193932 | Zig:27   | Killed an ancient lich
193932 | Zig:27   | Noticed a dread lich
193932 | Zig:27   | Noticed a dread lich
193933 | Zig:27   | Noticed an ancient lich
193933 | Zig:27   | Noticed a dread lich
193933 | Zig:27   | Noticed an ancient lich
193933 | Zig:27   | Noticed an ancient lich
193934 | Zig:27   | Killed a dread lich
193934 | Zig:27   | Killed a dread lich
193935 | Zig:27   | Noticed a dread lich
193935 | Zig:27   | Noticed a dread lich
193935 | Zig:27   | Noticed an ancient lich
193935 | Zig:27   | Noticed a dread lich
193936 | Zig:27   | Noticed an ancient lich
193936 | Zig:27   | Killed a dread lich
193936 | Zig:27   | Killed a dread lich
193936 | Zig:27   | Killed an ancient lich
193936 | Zig:27   | Killed an ancient lich
193936 | Zig:27   | Killed an ancient lich
193936 | Zig:27   | Killed a dread lich
193937 | Zig:27   | Noticed an ancient lich
193937 | Zig:27   | Noticed an ancient lich
193938 | Zig:27   | Noticed an ancient lich
193938 | Zig:27   | Killed an ancient lich
193938 | Zig:27   | Killed a dread lich
193938 | Zig:27   | Killed a dread lich
193938 | Zig:27   | Killed an ancient lich
193938 | Zig:27   | Killed an ancient lich
193938 | Zig:27   | Killed an ancient lich
193938 | Zig:27   | Noticed an ancient lich
193938 | Zig:27   | Noticed a dread lich
193938 | Zig:27   | Noticed an ancient lich
193939 | Zig:27   | Noticed a dread lich
193940 | Zig:27   | Killed an ancient lich
193940 | Zig:27   | Killed a dread lich
193940 | Zig:27   | Killed an ancient lich
193940 | Zig:27   | Noticed an ancient lich
193940 | Zig:27   | Noticed a dread lich
193940 | Zig:27   | Noticed an ancient lich
193942 | Zig:27   | Killed a dread lich
193942 | Zig:27   | Killed an ancient lich
193942 | Zig:27   | Killed a dread lich
193942 | Zig:27   | Noticed a dread lich
193942 | Zig:27   | Noticed an ancient lich
193943 | Zig:27   | Killed an ancient lich
193943 | Zig:27   | Killed an ancient lich
193943 | Zig:27   | Noticed a dread lich
193944 | Zig:27   | Killed an ancient lich
193944 | Zig:27   | Killed a dread lich
193944 | Zig:27   | Killed a dread lich
193944 | Zig:27   | Noticed a dread lich
193944 | Zig:27   | Noticed a dread lich
193945 | Zig:27   | Noticed a dread lich
193945 | Zig:27   | Killed a dread lich
193945 | Zig:27   | Killed a dread lich
193945 | Zig:27   | Killed a dread lich
193946 | Zig:27   | Noticed a dread lich
193946 | Zig:27   | Noticed a dread lich
193947 | Zig:27   | Noticed an ancient lich
193947 | Zig:27   | Noticed a dread lich
193947 | Zig:27   | Noticed a dread lich
193948 | Zig:27   | Noticed an ancient lich
193948 | Zig:27   | Killed a dread lich
193948 | Zig:27   | Killed a dread lich
193949 | Zig:27   | Noticed a dread lich
193949 | Zig:27   | Noticed an ancient lich
193950 | Zig:27   | Killed a dread lich
193950 | Zig:27   | Killed an ancient lich
193950 | Zig:27   | Killed a dread lich
193950 | Zig:27   | Killed an ancient lich
193950 | Zig:27   | Killed a dread lich
193951 | Zig:27   | Noticed an ancient lich
193951 | Zig:27   | Noticed a dread lich
193951 | Zig:27   | Noticed an ancient lich
193951 | Zig:27   | Noticed a dread lich
193952 | Zig:27   | Killed an ancient lich
193952 | Zig:27   | Killed an ancient lich
193952 | Zig:27   | Noticed a dread lich
193953 | Zig:27   | Noticed a dread lich
193953 | Zig:27   | Noticed an ancient lich
193953 | Zig:27   | Noticed a dread lich
193953 | Zig:27   | Noticed an ancient lich
193954 | Zig:27   | Killed an ancient lich
193954 | Zig:27   | Killed a dread lich
193954 | Zig:27   | Killed a dread lich
193954 | Zig:27   | Noticed a dread lich
193955 | Zig:27   | Noticed a dread lich
193956 | Zig:27   | Killed a dread lich
193956 | Zig:27   | Killed a dread lich
193956 | Zig:27   | Killed an ancient lich
193956 | Zig:27   | Killed a dread lich
193956 | Zig:27   | Killed an ancient lich
193956 | Zig:27   | Killed a dread lich
193958 | Zig:27   | Killed a dread lich
193959 | Zig:27   | Noticed an ancient lich
193959 | Zig:27   | Noticed a dread lich
193959 | Zig:27   | Noticed an ancient lich
193961 | Zig:27   | Noticed an ancient lich
193961 | Zig:27   | Noticed an ancient lich
193962 | Zig:27   | Noticed an ancient lich
193963 | Zig:27   | Killed an ancient lich
193964 | Zig:27   | Killed a dread lich
193964 | Zig:27   | Killed an ancient lich
193964 | Zig:27   | Killed an ancient lich
193964 | Zig:27   | Killed an ancient lich
193965 | Zig:27   | Killed an ancient lich
193982 | Zig:27   | Identified the +0 shortbow of Responsibility {heavy, *Slow
                  | rF+ rC++ rN+}
193999 | Zig:27   | Identified the ring of Cuurugg {Will+ Str+3}
194007 | Zig:27   | Identified the amulet "Dod Jaerr" {RegenMP Int-5 Dex+2
                  | Slay+3}
194035 | Zig:27   | Identified the +5 morningstar "No More Talking" {holy,
                  | Dex+4}
194075 | Zig:27   | Identified the +10 shortbow "Jots" {freeze, Will+ Str+3
                  | SInv}
194089 | Zig:27   | Identified the +8 falchion of the Grey Skies {distort,
                  | *Rage Will++}
194092 | Zig:27   | Identified the +1 shortbow of Lihouc {freeze, Drain +Blink
                  | rPois rN++}
194096 | Zig:27   | Identified the ring of Guuloig {rC- rCorr EV+5 Dex-2
                  | Slay+6}
194135 | Zig:27   | Identified the +9 shortbow "Koyph" {drain, rN+ Dex-2 SInv
                  | Stlth+}
194244 | D:1      | Noticed Muschait the pandemonium lord
194246 | D:1      | Killed Muschait the pandemonium lord
194311 | D:$      | Escaped with the Orb!

Illustrated notes

Levels and vault maps discovered:
D:1:      dpeg_arrival_three_same_balls, layout_basic
D:2:      minmay_alternating_diamond, layout_basic
D:3:      layout_loops_corners, gammafunk_ghost_nasty_kobolds,
          ebering_ecumenical_altar_hall, uniq_terence
D:4:      layout_basic, minmay_pentangle
D:5:      layout_basic, hangedman_minor_gate_pass
D:6:      layout_basic, minivault_14, minmay_joined_circles
D:7:      layout_basic, mainiacjoe_overflow_cross_hatched,
          grunt_dithmenos_smoke, minmay_temple_entry_glass, dk_noncrumbling_2
D:8:      layout_basic, tgw_sif, serial_shops, nicolae_diamond_shop,
          minmay_misc_feat_doors, bh_walls_and_bars
D:9:      layout_cave_pools, nzn_wu_jian_council_hall
D:10:     layout_irregular_city, mainiacjoe_overflow_boulevard,
          hangedman_decor_lopped, uniq_lodul
D:11:     layout_stronghold, minmay_lair_entry_grove, orc_0_dummy, serial_shops,
          shop, minivault_13
D:12:     gammafunk_worm_tunnel, layout_basic, mikee_hates_you, uniq_nergalle
D:13:     minmay_connected_boxes_in_corner, layout_gridville,
          grunt_vaults_entry_tiered, uniq_snorg
D:14:     layout_cave_pools, serial_column_ruins, column_ruins_square_medium,
          column_ruins_grid_4, column_ruins_corridor_straight,
          column_ruins_columns_dead_end, column_ruins_grid_1,
          column_ruins_grid_1, column_ruins_grid_1, lemuel_old_faithful,
          uniq_kirke, uniq_louise, uniq_agnes
D:15:     gammafunk_depths_entry_grave, layout_irregular_city,
          chequers_serial_rivers_micro_d, serial_ice, serial_ice_n,
          serial_ice_i, serial_ice_g, serial_ice_a, serial_ice_o, serial_ice_b,
          portal_ice_cave_entry_pillars_2, zin_statuary
Temple:   sentei_temple_godly_chess
Lair:1:   layout_hall_layers, gauntlet_entry_generic, uniq_fannar, uniq_sonja
Lair:2:   layout_cave_shapes, minmay_shoals_entry_lonely_mermaid,
          grunt_megastairs_4, infiniplex_staircase_pool_2
Lair:3:   layout_misc_corridors, hellmonk_spider_entry_life_and_decay,
          serial_bayou_shore_a, lemuel_fruit_tree
Lair:4:   layout_hall_layers, slime_entry_1, grunt_forest_stairs_clearing
Lair:5:   due_jungle_book, layout_long_grid, nicolae_lair_grazing_beasts
          [nicolae_sub_lair_graze_edge, nicolae_sub_lair_graze_edge,
          nicolae_sub_lair_graze_edge, nicolae_sub_lair_graze_edge],
          grunt_megastairs_2
Shoals:1: layout_shoals, serial_shops, nicolae_shop_hallway_plus,
          nicolae_take_the_stairs, nicolae_shop_behind_doors,
          nicolae_shop_waterfront, nicolae_shop_waterfront, uniq_roxanne
Shoals:2: layout_shoals, uniq_mlioglotl, uniq_ilsuiw
Shoals:3: layout_shoals
Shoals:4: shoals_end_hellmonk_lost_city
Spider:1: layout_spider_delve
Spider:2: layout_spider_delve, hangedman_spider_tarantella_strand, uniq_jorgrun,
          uniq_aizul, uniq_arachne
Spider:3: layout_spider_delve, einodemon_crawler_minivault
Spider:4: grunt_spider_rune_parallel, nicolae_spider_webbed_stairs
Slime:1:  layout_caves
Slime:2:  layout_caves, amcnicky_altar_lugonu_corruption, uniq_dissolution
Slime:3:  layout_caves
Slime:4:  layout_caves, nicolae_slime_welcoming_committee
Slime:5
Orc:1:    layout_caves, serial_shops, nicolae_square_shop, mines1_david
Orc:2:    pf_orc_diabolical, layout_diamond_mine, serial_shops, shop_statue,
          nicolae_shop_clearance
Elf:1:    nicolae_elf_arrival_aired_out, layout_loops_ring, serial_shops,
          nicolae_shop_behind_doors, nicolae_shop_crystal,
          hangedman_elf_represent, nicolae_shop_vocational, minmay_shop_grove
Elf:2:    nicolae_elf_blades_crystal_corner, layout_loops_cross, special_room
          [special_room_orc]
Elf:3:    minmay_elf_hall_furrowed, layout_onion_city
Vaults:1: nicolae_vaults_back_hallway, nicolae_vaults_angled_halls,
          ontoclasm_vaults_pinch, v_misc_25, v_misc_32, hangedman_vaults_unwind,
          v_misc_17, ontoclasm_vaults_decontamination,
          ontoclasm_vaults_ligature, layout_vaults_omnibox, serial_shops,
          nicolae_shop_overgrown_old_shop, shop, nicolae_shop_waterfront
Vaults:2: ebering_ghost_xom, v_misc_28, v_misc_31,
          nicolae_vaults_little_squares_5, vaults_dpeg_diagonal,
          nicolae_vaults_little_squares_1, vaults_room_ringed_pool,
          hangedman_vaults_capsules, v_misc_29, hangedman_vaults_stagger,
          v_misc_23, hangedman_vaults_pinch, nicolae_vaults_little_squares_1,
          vaults_room_fancy_cross, vaults_dpeg_doors,
          nicolae_vaults_little_squares_2, nicolae_vaults_little_ls,
          layout_vaults_big_cross
Vaults:3: gammafunk_ghost_arena, vaults_room_stairs_pillars,
          hangedman_vaults_nails, vaults_room_stairs_pillars, v_pattern_3,
          minmay_crypt_entry_simple_walls, v_misc_1, vaults_room_fancy_cross,
          vaults_standard_mumra_enter_the_diamond, vaults_room_hallway,
          nicolae_vaults_three_branches, ontoclasm_vaults_ring_small,
          vaults_dpeg_hooks, v_misc_15, nicolae_vaults_circle_grid_a,
          ontoclasm_vaults_chip, layout_vaults_maze
Vaults:4: v_pattern_4, vaults_dpeg_spiral, nicolae_vaults_octagons,
          dpeg_vaults_monster_row, v_misc_26, vaults_mumra_minichess, v_misc_19,
          vaults_mumra_hexcomb, hangedman_vaults_stream,
          nicolae_vaults_specimen_jars, vaults_room_stairs_pillars,
          vaults_dpeg_ring, layout_vaults_ring, serial_shops, shop, uniq_boris
Vaults:5: serial_shops
Crypt:1:  nicolae_crypt_knochenhaus, layout_gridlike, lemuel_upstairs_altar
Crypt:2:  gammafunk_the_bubble [the_bubble_gammafunk_crates],
          layout_misc_corridors, uniq_jory
Crypt:3:  david_glass_crypt, layout_chaotic_city,
          nicolae_tomb_entry_grand_gallery, ebering_ghost_inner_flame,
          grunt_megastairs_3
Tomb:1
Tomb:2
Tomb:3
Depths:1: layout_twisted_cross, serial_glass, glass_columns_b, glass_columns_a,
          pf_vacation_house_of_asmodeus, serial_shops, shop,
          rand_demon_pan_entry_8, drop_trap, nicolae_wooded_promenade,
          kennysheep_generic_room_3
Depths:2: minmay_skeleton_keep, layout_gridlike, abyss_entry,
          columned_hall_lemuel, serial_shops, nicolae_shop_hallway_plus,
          hellmouth_2, rand_demon_pan_entry_5, uniq_grunn
Depths:3: minmay_triangles_in_corner, layout_cave_shapes, enter_ziggurat_f,
          hell_entry, lemuel_doored_altar, abyss_entry, grunt_megastairs_5,
          infiniplex_staircase_9_rooms, uniq_mennas
Depths:4: evilmike_zot_entry_castle, layout_basic, rand_demon_pan_entry_3,
          nicolae_qazlal_scattered_showers,
          nicolae_abyss_entry_one_way_or_another, nicolae_trove_entry_diagonal,
          hell_entry, lightli_minifort
Hell
Dis:1:    layout_gridville
Dis:2:    layout_gridville, nicolae_dis_spooky_hallway
Dis:3:    layout_jigsaw
Dis:4:    layout_gridville
Dis:5:    hangedman_dis_monolith, layout_regular_city
Dis:6:    layout_jigsaw
Dis:7:    dis_grunt_layers
Geh:1:    layout_gehenna_pools_basic
Geh:2:    layout_gehenna_pools_basic, nicolae_geh_gnashing_of_teeth
Geh:3:    layout_gehenna_pools_triple
Geh:4:    layout_gehenna_pools_box, nicolae_geh_lava_rosette
Geh:5:    layout_gehenna_lava_caves
Geh:6:    layout_gehenna_pools_basic
Geh:7:    geh_grunt
Coc:1:    layout_cocytus_water_paths
Coc:2:    layout_ice_bergs
Coc:3:    layout_cocytus_water_paths
Coc:4:    nicolae_coc_through_the_icewall, layout_cocytus_water_paths
Coc:5:    layout_ice_bergs
Coc:6:    layout_cocytus_delve
Coc:7:    coc_old
Tar:1:    layout_cathedral_of_symmetry
Tar:2:    nicolae_tar_tart_auras, layout_cathedral_of_symmetry
Tar:3:    layout_grid_maze, nicolae_hells_hurtin_island
Tar:4:    layout_catacombs, nicolae_tar_cuneiform_sun
Tar:5:    layout_catacombs
Tar:6:    layout_honeycomb, door_vault
Tar:7:    tar_grunt_cathedral
Zot:1:    lemuel_halls_of_wrath, layout_misc_corridors,
          hangedman_zot_decor_slant, grunt_ministairs_3
Zot:2:    layout_cathedral_of_symmetry, uniq_tiamat
Zot:3:    layout_basic
Zot:4:    layout_gridlike, nicolae_lava_and_water, hangedman_zot_wheel_spokes,
          grunt_ministairs_6, st_stairs_8
Zot:5:    layout_gridville

Skill      XL: |  1  2  3  4  5  6  7  8  9 10 11 12 13 14 15 16 17 18 19 20 21 22 23 24 25 26 27 |
---------------+----------------------------------------------------------------------------------+-----
Spellcasting   | 3 4 6 8 9 11 13 15 20 27 | 27.0
Conjurations   | 5 6 7 8 9 11 14 15 16 18 19 20 22 23 27 | 27.0
Translocations | 2 3 7 8 27 | 27.0
Stealth        | 5 27 | 27.0
Fighting       | 5 6 9 10 12 16 17 27 | 27.0
Dodging        | 2 5 6 9 10 27 | 27.0
Summonings     | 2 6 9 11 13 14 27 | 27.0
Hexes          | 4 6 27 | 27.0
Armour         | 1 4 27 | 27.0
Shields        | 5 27 | 27.0
Earth Magic    | 7 8 11 12 15 27 | 27.0
Long Blades    | 3 4 27 | 27.0
Necromancy     | 8 27 | 27.0
Fire Magic     | 4 11 16 19 20 21 23 27 | 27.0
Transmutations | 27 | 27.0
Air Magic      | 27 | 27.0
Evocations     | 27 | 27.0
Throwing       | 27 | 27.0
Polearms       | 27 | 27.0
Staves         | 27 | 27.0
Ice Magic      | 27 | 27.0
Poison Magic   | 27 | 27.0
Invocations    | 27 | 27.0
Short Blades   | 27 | 27.0
Axes           | 27 | 27.0
Maces & Flails | 27 | 27.0
Unarmed Combat | 27 | 27.0
Ranged Weapons | 27 | 27.0

Action                     |  1- 3 |  4- 6 |  7- 9 | 10-12 | 13-15 | 16-18 | 19-21 | 22-24 | 25-27 || total
---------------------------+-------+-------+-------+-------+-------+-------+-------+-------+-------++-------
  Melee: Dagger            |    17 |    11 |    14 |    14 |       |       |       |       |       ||    56
         Demon blade       |       |       |       |    78 |   139 |   299 |   275 |    34 |    31 ||   856
         Punch             |       |       |       |     1 |     1 |       |       |       |       ||     2
         Staff             |       |       |       |       |       |       |       |       |   251 ||   251
         Lance             |       |       |       |       |       |       |       |       |   278 ||   278
  Throw: Throwing net      |       |       |       |     1 |     3 |     2 |       |       |       ||     6
         Dart              |       |       |       |     7 |    15 |     1 |       |       |       ||    23
         Javelin           |       |       |       |       |       |       |       |       |    79 ||    79
   Cast: Magic Dart        |    84 |   122 |   107 |   139 |   371 |   180 |       |       |       ||  1003
         Searing Ray       |     1 |    12 |    55 |    78 |    70 |     6 |       |       |       ||   222
         Iskenderun's Myst |       |       |     8 |   124 |   254 |   144 |   144 |    19 |    34 ||   727
         Iskenderun's Batt |       |       |       |    49 |   102 |    26 |       |       |       ||   177
         Fulminant Prism   |       |       |       |    11 |    74 |    19 |       |       |       ||   104
         Spellforged Servi |       |       |       |       |    29 |    81 |    84 |   106 |    44 ||   344
         Iron Shot         |       |       |       |       |       |   140 |   243 |   511 |   129 ||  1023
         Borgnjor's Vile C |       |       |       |       |       |       |   225 |   474 |    28 ||   727
         Fire Storm        |       |       |       |       |       |       |       |       |  1127 ||  1127
         Shatter           |       |       |       |       |       |       |       |       |  4041 ||  4041
         Chain Lightning   |       |       |       |       |       |       |       |       |  1032 ||  1032
         Lehudib's Crystal |       |       |       |       |       |       |       |       |   923 ||   923
         Ignition          |       |       |       |       |       |       |       |       |   600 ||   600
         Necromutation     |       |       |       |       |       |       |       |       |   544 ||   544
         Polar Vortex      |       |       |       |       |       |       |       |       |    12 ||    12
         Wereblood         |       |       |       |       |       |       |       |       |     1 ||     1
         Dragon's Call     |       |       |       |       |       |       |       |       |     1 ||     1
 Invoke: Call Merchant     |       |       |       |       |       |       |     4 |       |     1 ||     5
         Potion Petition   |       |       |       |       |       |       |       |       |   286 ||   286
Ability: Hurl Damnation    |       |       |       |       |       |       |       |       |     1 ||     1
         End Transformatio |       |       |       |       |       |       |       |       |    18 ||    18
         Evoke Blink       |       |       |       |       |       |       |       |       |     8 ||     8
  Evoke: Wand              |       |     1 |     3 |     1 |       |       |     4 |     1 |     4 ||    14
         Condenser vane    |       |       |       |       |     2 |     1 |     1 |     1 |    21 ||    26
         Phial of floods   |       |       |       |       |     2 |       |       |     1 |     1 ||     4
         Tin of tremorston |       |       |       |       |       |     1 |     2 |       |     1 ||     4
         Phantom mirror    |       |       |       |       |       |       |       |     2 |     6 ||     8
         Figurine of a zig |       |       |       |       |       |       |       |       |    12 ||    12
    Use: Scroll            |       |     4 |    11 |    15 |     9 |     4 |     4 |     4 |   113 ||   164
         Potion            |       |       |       |       |       |     1 |    10 |     7 |   127 ||   145
   Stab: Sleeping          |       |       |       |     2 |       |       |       |       |       ||     2
         Distracted        |       |       |       |       |     2 |     4 |    10 |     2 |    11 ||    29
         Invisible         |       |       |       |       |       |       |     2 |       |       ||     2
 Armour: Robe              |     3 |     6 |    23 |    31 |   193 |   240 |   241 |   144 |   349 ||  1230
         Leather armour    |       |       |       |   104 |       |       |       |       |       ||   104
         Ring mail         |       |       |       |       |       |       |       |     4 |       ||     4
         Skin              |       |       |       |       |       |       |       |    38 |       ||    38
         Storm dragon scal |       |       |       |       |       |       |       |       |   706 ||   706
         Pearl dragon scal |       |       |       |       |       |       |       |       |   588 ||   588
         Scale mail        |       |       |       |       |       |       |       |       |   178 ||   178
  Dodge: Dodged            |    21 |    19 |    52 |   193 |   281 |   573 |   454 |   240 |  2119 ||  3952
  Block: Buckler           |       |       |       |       |    39 |   222 |   249 |   134 |   528 ||  1172
         Reflection        |       |       |       |       |       |    17 |       |       |       ||    17
         Tower shield      |       |       |       |       |       |       |       |       |  2110 ||  2110

Table legend: (Time is in decaauts)
 A = Elapsed time spent in this place.
 B = Non-inter-level travel time spent in this place.
 C = Inter-level travel time spent in this place.
 D = Time resting spent in this place.
 E = Time spent auto-exploring this place.
 F = Levels seen in this place.
 G = Mean time per level.
                   A        B        C        D        E       F      G
               +--------+--------+--------+--------+--------+-----+--------+
         Total | 193462 | 176011 |  17451 |  12200 | 120073 | 461 |  419.7 |
       Dungeon |  23237 |  20054 |   3183 |   2481 |  13779 |  15 | 1549.1 |
        Temple |     16 |     13 |      3 |      0 |      0 |   1 |   16.0 |
          Lair |   7743 |   6819 |    924 |    589 |   4925 |   5 | 1548.6 |
        Shoals |   6993 |   6416 |    577 |   1838 |   3289 |   4 | 1748.2 |
   Spider Nest |   5916 |   5190 |    726 |    484 |   3310 |   4 | 1479.0 |
    Slime Pits |   3496 |   3229 |    267 |     95 |   2515 |   5 |  699.2 |
  Orcish Mines |   2197 |   2091 |    106 |    104 |   1342 |   2 | 1098.5 |
   Elven Halls |   3200 |   2991 |    209 |     10 |   2239 |   3 | 1066.7 |
        Vaults |  10587 |   8471 |   2116 |    470 |   5941 |   5 | 2117.4 |
         Crypt |   4600 |   3427 |   1173 |     76 |   2367 |   3 | 1533.3 |
          Tomb |   3266 |   2907 |    359 |    239 |   2109 |   3 | 1088.7 |
        Depths |   9072 |   6413 |   2659 |    355 |   4300 |   4 | 2268.0 |
          Hell |    868 |    690 |    178 |     45 |    531 |   1 |  868.0 |
           Dis |   3199 |   3080 |    119 |    257 |   2299 |   7 |  457.0 |
       Gehenna |   3919 |   3799 |    120 |    467 |   2592 |   7 |  559.9 |
       Cocytus |   3209 |   3079 |    130 |    225 |   2389 |   7 |  458.4 |
      Tartarus |   4180 |   4050 |    130 |    730 |   2334 |   7 |  597.1 |
           Zot |  11216 |   6750 |   4466 |    640 |   4582 |   5 | 2243.2 |
         Abyss |   1592 |   1592 |      0 |     10 |    189 |   4 |  398.0 |
   Pandemonium |   5835 |   5835 |      0 |    127 |   2734 |  15 |  389.0 |
      Ziggurat |  76807 |  76807 |      0 |   2537 |  55384 | 351 |  218.8 |
         Trove |     53 |     53 |      0 |      0 |     26 |   1 |   53.0 |
      Ice Cave |   1319 |   1319 |      0 |    243 |    476 |   1 | 1319.0 |
      Gauntlet |    928 |    928 |      0 |    177 |    418 |   1 |  928.0 |
               +--------+--------+--------+--------+--------+-----+--------+

Top non-repeatable levels by time:
  Zig:25: 5181 daAuts
  Zig:21: 5068 daAuts
  Zig:27: 4992 daAuts
  Zig:24: 4814 daAuts
  Zig:23: 4765 daAuts
  Zig:26: 4742 daAuts
  Zig:22: 4521 daAuts
   Zot:5: 4135 daAuts
  Zig:20: 4095 daAuts
    D:13: 3987 daAuts
  Zig:18: 3579 daAuts
Depths:4: 3523 daAuts
  Zig:19: 3371 daAuts
Shoals:3: 3270 daAuts
  Zig:17: 3263 daAuts
